 Dungeon Crawl Stone Soup version 0.31.0-12-g77e489cdc1 (webtiles) character file.

Game seed: 1750126437858829107

8585055 occam the Annihilator (level 27, 249/249 HPs)
             Began as a Demonspawn Alchemist on Feb 13, 2024.
             Was an Initiate of Gozag.
             Escaped with the Orb
             ... and 15 runes on Feb 15, 2024!
             The game lasted 19:09:03 (219005 turns).

occam the Annihilator (Demonspawn Alchemist)      Turns: 219005, Time: 19:09:03

Health: 249/249    AC: 53    Str: 29    XL:     27
Magic:  34/54      EV: 17    Int: 46    God:    Gozag
Gold:   197846     SH:  0    Dex: 12    Spells: 16/80 levels left

rFire   + + +        V - staff of Vanity {rF+ Will+ Str+8 Dex-4 Fire}
rCold   + + .        a - orb {mayhem}
rNeg    + + +        Y - +8 orange crystal plate armour {Archmagi, Int+3 Clar}
rPois   ∞            (helmet unavailable)
rElec   +            I - scarf of Malifuc {harm, Int+4 Dex+3 Stlth+}
rCorr   +            D - +0 pair of gloves of the Treeataur {rC+ Str+5}
SInv    +            C - +3 pair of seven-league boots {Rampage+∞}
Will    +++++        h - macabre finger necklace {Finger+ rN+}
Stlth   +            F - ring "Maclom" {^Drain rElec rF+++ AC+4 Stlth-}
HPRegen 0.61/turn    R - ring "Zalyujiukob" {+Blink rCorr MP+9 Str-4 Int+8 Stlth-}
MPRegen 0.68/turn    y - ring of Pathexod {Will+ MP-9 Str+6 Int+2 SInv}

%: harm (+30% outgoing, +20% incoming), mayhem, clarity, guardian spirit,
rampage+∞, archmagi
@: death-form, gold aura, studying 2 skills
A: vile attack, torment immunity, no potions, horns 3, powered by death 3,
augmentation 3, magic shield, magic regeneration, magic link, sharp scales 3,
clever 1, strong 1, heat vulnerability 1
0: Orb of Zot
}: 15/15 runes: barnacled, slimy, silver, golden, iron, obsidian, icy, bone,
abyssal, demonic, glowing, magical, fiery, dark, gossamer
a: Siphon Essence, Begin Untransformation, Renounce Religion, Evoke Blink,
Potion Petition, Call Merchant, Bribe Branch


You escaped.
You worshipped Gozag.
Gozag was exalted by your worship.
You were an undying horror.
You visited 18 branches of the dungeon, and saw 88 of its levels.
You visited Pandemonium 2 times, and saw 55 of its levels.
You visited the Abyss 2 times.
You visited 2 bazaars.
You completed 13 ziggurats, and saw 351 of their levels.
You also visited: Volcano and Desolation.

You collected 328826 gold pieces.
You spent 7438 gold pieces at shops.
You paid 123542 gold pieces to Gozag.

Inventory:

Hand Weapons
 e - a +2 flail of distortion
 g - a +1 falchion of distortion
 i - the +3 Elemental Staff {ele, rElec rF+ rC+ AC+3}
   (You found it on level 19 of a ziggurat)

   AC+3:      It affects your AC (+3).
   rF+:       It protects you from fire.
   rC+:       It protects you from cold.
   rElec:     It insulates you from electricity.
Missiles
 z - 253 silver javelins
Armour
 a - an orb of mayhem (worn)
 C - the +3 pair of seven-league boots (worn) {Rampage+∞}
   (You found it on level 23 of a ziggurat)

   Rampage+∞: When moving toward enemies, its wearer moves as far as possible,
   alerting their target en route.
 D - the +0 pair of gloves of the Treeataur (worn) {rC+ Str+5}
   (You found it on level 9 of a ziggurat)

   Str+5:     It affects your strength (+5).
   rC+:       It protects you from cold.
 I - the scarf of Malifuc (worn) {harm, Int+4 Dex+3 Stlth+}
   (You acquired it on level 1 of the Depths)

   Int+4:     It affects your intelligence (+4).
   Dex+3:     It affects your dexterity (+3).
   Stlth+:    It makes you more stealthy.
 P - the +8 pearl dragon scales of Curiosity {rN+ Int+6}
   (You found it on level 19 of a ziggurat)

   Int+6:     It affects your intelligence (+6).
   rN+:       It protects you from negative energy.
 Y - the +8 orange crystal plate armour (worn) {Archmagi, Int+3 Clar}
   (You found it on level 26 of a ziggurat)

   Int+3:     It affects your intelligence (+3).
   Clar:      It protects you from confusion, rage, mesmerisation and fear.
Magical Staves
 n - the staff "Inelaomn" {rPois Will+ MP+9 Tloc Air Alchemy}
   (You found it on level 5 of the Vaults)

   [staff of alchemy]

   Base accuracy: +5 Base damage: 5 Base attack delay: 1.2 This weapon's minimum
   attack delay (0.6) is reached at skill level 12.
   rPois:     It protects you from poison Will+: It increases your willpower.
   MP+9:      It affects your magic capacity (+9).
   Tloc:      It increases the power of your Translocations spells.
   Air:       It increases the power of your Air spells.
   Alchemy:   It increases the power of your Alchemy spells.
   It falls into the 'Staves' category.
   It is a one-handed weapon.
 A - the staff of Valour {rF+ Will++ Int+4 Dex-4 Fire}
   (You found it on level 14 of a ziggurat)

   [staff of fire]

   Base accuracy: +5 Base damage: 5 Base attack delay: 1.2 This weapon's minimum
   attack delay (0.6) is reached at skill level 12.
   Int+4:     It affects your intelligence (+4).
   Dex-4:     It affects your dexterity (-4).
   rF+:       It protects you from fire.
   Will++:    It greatly increases your willpower.
   Fire:      It increases the power of your Fire spells.
   It falls into the 'Staves' category.
   It is a one-handed weapon.
 V - the staff of Vanity (weapon) {rF+ Will+ Str+8 Dex-4 Fire}
   (You found it on level 19 of a ziggurat)

   [staff of fire]

   Base accuracy: +5 Base damage: 5 Base attack delay: 1.2 This weapon's minimum
   attack delay (0.6) is reached at skill level 12.
   Str+8:     It affects your strength (+8).
   Dex-4:     It affects your dexterity (-4).
   rF+:       It protects you from fire.
   Will+:     It increases your willpower.
   Fire:      It increases the power of your Fire spells.
   It falls into the 'Staves' category.
   It is a one-handed weapon.
Jewellery
 h - the macabre finger necklace (around neck) {Finger+ rN+}
   (You found it on level 17 of a ziggurat)

   [amulet of nothing]

   Finger+:   It enables you to equip an extra ring.
   rN+:       It protects you from negative energy.
 s - the ring "Apaudgheclo" {Wiz Will+ Str+2}
   (You bought it in a shop on level 1 of the Elven Halls)

   [ring of wizardry]

   Wiz:       It improves your spell success rate.
   Str+2:     It affects your strength (+2).
   Will+:     It increases your willpower.
 t - the amulet of Vitality {RegenMP++ Regen++}
   (You found it on level 4 of the Vaults)

   [amulet of magic regeneration]

   RegenMP:   It increases your rate of magic regeneration.
   Regen++:   It increases your rate of health regeneration.
 y - the ring of Pathexod (on amulet) {Will+ MP-9 Str+6 Int+2 SInv}
   (You found it on level 10 of a ziggurat)

   [ring of strength]

   Str+6:     It affects your strength (+6).
   Int+2:     It affects your intelligence (+2).
   Will+:     It increases your willpower.
   MP-9:      It affects your magic capacity (-9).
   SInv:      It lets you see invisible.
 F - the ring "Maclom" (left hand) {^Drain rElec rF+++ AC+4 Stlth-}
   (You bought it in a shop on level 4 of the Vaults)

   [ring of protection]

   AC+4:      It affects your AC (+4).
   rF+++:     It renders you almost immune to fire.
   rElec:     It insulates you from electricity.
   ^Drain:    It drains your maximum health when unequipped.
   Stlth-:    It makes you less stealthy.
 G - the dreamshard necklace {Acrobat *Dream}
   (You found it on level 12 of a ziggurat)

   [amulet of the acrobat]

   *Dream:    It absorbs a single lethal wound into itself, holding its wearer
   just short of death and releasing dream-creatures to guard them.
   Acrobat:   It increases your evasion while moving and waiting.
 N - the ring of the Enormous Longan {+Blink rPois rF- rCorr Str+4}
   (You found it on level 5 of a ziggurat)

   [ring of resist corrosion]

   Str+4:     It affects your strength (+4).
   rF-:       It makes you vulnerable to fire.
   rPois:     It protects you from poison +Blink: It lets you blink.
   rCorr:     It protects you from acid and corrosion.
 O - the ring "Wicid" {Wiz Str+6}
   (You found it on level 12 of a ziggurat)

   [ring of wizardry]

   Wiz:       It improves your spell success rate.
   Str+6:     It affects your strength (+6).
 R - the ring "Zalyujiukob" (right hand) {+Blink rCorr MP+9 Str-4 Int+8 Stlth-}
   (You found it on level 23 of a ziggurat)

   [ring of magical power]

   Str-4:     It affects your strength (-4).
   Int+8:     It affects your intelligence (+8).
   MP+9:      It affects your magic capacity (+9).
   +Blink:    It lets you blink.
   rCorr:     It protects you from acid and corrosion.
   Stlth-:    It makes you less stealthy.
 T - the ring of the Mage {Wiz Archmagi}
   (You found it on level 19 of a ziggurat)

   [ring of wizardry]

   Wiz:       It improves your spell success rate.
   Archmagi:  It increases the power of your magical spells.
Talismans
 b - a talisman of death (active)
Wands
 E - a wand of digging (250)
 M - a wand of quicksilver (363)
Scrolls
 j - 196 scrolls of fog
 l - 231 scrolls of teleportation
 m - 124 scrolls of blinking
 o - 4 scrolls of summoning
 p - 27 scrolls of fear
 r - 115 scrolls of enchant armour
 w - 43 scrolls of vulnerability
 x - 25 scrolls of silence
 B - 88 scrolls of amnesia
 X - 101 scrolls of revelation
 Z - a scroll of acquirement
Potions
 c - 27 potions of enlightenment
 d - 74 potions of heal wounds
 f - 61 potions of haste
 k - 101 potions of curing
 u - 7 potions of resistance
 v - 4 potions of experience
 H - 17 potions of attraction
 J - 182 potions of mutation
 K - 11 potions of invisibility
 L - 45 potions of magic
 Q - 23 potions of brilliance
 U - 15 potions of lignification
 W - 31 potions of cancellation
Miscellaneous
 q - a tin of tremorstones (2/2)
 S - a +13 figurine of a ziggurat


   Skills:
 O Level 27 Fighting
 O Level 27 Short Blades
 O Level 27 Long Blades
 O Level 27 Axes
 O Level 27 Maces & Flails
 O Level 27 Polearms
 O Level 27 Staves
 O Level 27 Ranged Weapons
 O Level 27 Throwing
 O Level 27 Armour
 O Level 27 Dodging
 O Level 27 Stealth
 O Level 27 Shields
 O Level 27 Unarmed Combat
 O Level 27 Spellcasting
 O Level 27 Conjurations
 O Level 27 Hexes
 O Level 27 Summonings
 O Level 27 Necromancy
 O Level 27 Translocations
 O Level 27 Fire Magic
 O Level 27 Ice Magic
 O Level 27 Air Magic
 O Level 27 Earth Magic
 O Level 27 Alchemy
 O Level 27 Invocations
 O Level 27 Evocations
 O Level 27 Shapeshifting


You had 16 spell levels left.
You knew the following spells:

 Your Spells              Type           Power      Damage    Failure   Level
a - Ignition              Fire           100%       3d25      1%          8
b - Passage of Golubria   Tloc           100%       N/A       0%          4
c - Shatter               Erth           100%       3d71*     1%          9
d - Chain Lightning       Conj/Air       100%       3d133     1%          9
e - Blink                 Tloc           100%       N/A       0%          2
f - Disjunction           Tloc           100%       N/A       1%          8
g - Death's Door          Necr           100%       N/A       1%          9
i - Polar Vortex          Ice            100%       12d13*    1%          9
j - Plasma Beam           Fire/Air       100%       2x1d120   0%          6

Your spell library contained the following spells:

 Spells                   Type           Power      Damage    Failure   Level
 Apportation              Tloc           100%       N/A       0%          1
 Foxfire                  Conj/Fire      100%       2x1d9     0%          1
 Freeze                   Ice            100%       1d10      0%          1
 Kiss of Death            Conj/Necr      100%       2d13      0%          1
 Magic Dart               Conj           100%       1d8       0%          1
 Necrotise                Necr           100%       1d9       0%          1
 Sandblast                Erth           100%       2d20      0%          1
 Shock                    Conj/Air       100%       1d9       0%          1
 Slow                     Hex            100%       N/A       0%          1
 Sting                    Conj/Alch      100%       1d9       0%          1
 Summon Small Mammal      Summ           100%       N/A       0%          1
 Call Imp                 Summ           100%       N/A       0%          2
 Cigotuvi's Dreadful Rot  Necr/Alch/Air  100%       N/A       0%          2
 Ensorcelled Hibernation  Hex/Ice        100%       N/A       0%          2
 Jinxbite                 Hex            100%       N/A       0%          2
 Lesser Beckoning         Tloc           100%       N/A       0%          2
 Mercury Vapours          Alch/Air       100%       N/A       0%          2
 Momentum Strike          Conj/Tloc      100%       3d10      0%          2
 Scorch                   Fire           100%       2d9       0%          2
 Searing Ray              Conj           100%       2d8       0%          2
 Static Discharge         Conj/Air       100%       3-8/arc   0%          2
 Sublimation of Blood     Necr           100%       N/A       0%          2
 Call Canine Familiar     Summ           100%       N/A       0%          3
 Confusing Touch          Hex            100%       N/A       0%          3
 Dazzling Flash           Conj/Hex       100%       N/A       0%          3
 Frozen Ramparts          Ice            100%       1d16      0%          3
 Fugue of the Fallen      Necr           100%       N/A       0%          3
 Gell's Gravitas          Tloc           100%       N/A       0%          3
 Hailstorm                Conj/Ice       100%       3d16      0%          3
 Inner Flame              Hex/Fire       100%       N/A       0%          3
 Mephitic Cloud           Conj/Alch/Air  100%       N/A       0%          3
 Ozocubu's Armour         Ice            100%       N/A       0%          3
 Passwall                 Erth           100%       N/A       0%          3
 Sigil of Binding         Hex            100%       N/A       0%          3
 Stone Arrow              Conj/Erth      100%       3d13      0%          3
 Summon Ice Beast         Ice/Summ       100%       N/A       0%          3
 Swiftness                Air            100%       N/A       0%          3
 Teleport Other           Tloc           100%       N/A       0%          3
 Tukima's Dance           Hex            100%       N/A       0%          3
 Vampiric Draining        Necr           100%       2d13      0%          3
 Volatile Blastmotes      Fire/Tloc      100%       2d18      0%          3
 Airstrike                Air            100%       2d(15-31) 0%          4
 Anguish                  Hex/Necr       100%       N/A       0%          4
 Animate Armour           Summ/Erth      100%       N/A       0%          4
 Brom's Barrelling Bould  Conj/Erth      100%       2d11      0%          4
 Cause Fear               Hex            100%       N/A       0%          4
 Dimensional Bullseye     Hex/Tloc       100%       N/A       0%          4
 Dispel Undead            Necr           100%       3d31      0%          4
 Flame Wave               Conj/Fire      100%       2d21      0%          4
 Fulminant Prism          Conj/Alch      100%       3d40      0%          4
 Ignite Poison            Fire/Alch      100%       N/A       0%          4
 Iskenderun's Mystic Bla  Conj/Tloc      100%       2d19      0%          4
 Leda's Liquefaction      Alch/Erth      100%       N/A       0%          4
 Manifold Assault         Tloc           100%       N/A       0%          4
 Martyr's Knell           Necr/Summ      100%       N/A       0%          4
 Olgreb's Toxic Radiance  Alch           100%       N/A       0%          4
 Petrify                  Alch/Erth      100%       N/A       0%          4
 Sticky Flame             Fire/Alch      100%       2d15      0%          4
 Summon Blazeheart Golem  Fire/Summ      100%       N/A       0%          4
 Summon Lightning Spire   Summ/Air       100%       N/A       0%          4
 Vhi's Electric Charge    Tloc/Air       100%       N/A       0%          4
 Alistair's Intoxication  Alch           100%       N/A       0%          5
 Arcjolt                  Conj/Air       100%       1d110     0%          5
 Borgnjor's Vile Clutch   Necr/Erth      100%       N/A       0%          5
 Curse of Agony           Necr           100%       N/A       0%          5
 Fireball                 Conj/Fire      100%       3d36      0%          5
 Freezing Cloud           Conj/Ice/Air   100%       6-21      0%          5
 Irradiate                Conj/Alch      100%       3d45      0%          5
 Iskenderun's Battlesphe  Conj           100%       2d15      0%          5
 Lee's Rapid Deconstruct  Erth           100%       3d44*     0%          5
 Metabolic Englaciation   Hex/Ice        100%       N/A       0%          5
 Silence                  Hex/Air        100%       N/A       0%          5
 Summon Forest            Summ/Tloc      100%       N/A       0%          5
 Summon Mana Viper        Hex/Summ       100%       N/A       0%          5
 Yara's Violent Unravell  Hex/Alch       100%       3d36      0%          5
 Bombard                  Conj/Erth      100%       9d16      0%          6
 Conjure Ball Lightning   Conj/Air       100%       3x3d38    0%          6
 Death Channel            Necr           100%       N/A       0%          6
 Dispersal                Tloc           100%       N/A       0%          6
 Eringya's Noxious Bog    Alch           100%       4d6       0%          6
 Sculpt Simulacrum        Ice/Alch       100%       N/A       0%          6
 Starburst                Conj/Fire      100%       6d25      0%          6
 Summon Cactus Giant      Summ           100%       N/A       0%          6
 Enfeeble                 Hex            100%       N/A       0%          7
 Haunt                    Necr/Summ      100%       N/A       0%          7
 Malign Gateway           Summ/Tloc      100%       N/A       0%          7
 Monstrous Menagerie      Summ           100%       N/A       0%          7
 Orb of Destruction       Conj           100%       9d21      0%          7
 Ozocubu's Refrigeration  Ice            100%       4d29      0%          7
 Spellforged Servitor     Conj/Summ      100%       N/A       0%          7
 Summon Hydra             Summ           100%       N/A       0%          7
 Borgnjor's Revivificati  Necr           100%       N/A       1%          8
 Discord                  Hex            100%       N/A       1%          8
 Infestation              Necr           100%       N/A       1%          8
 Lehudib's Crystal Spear  Conj/Erth      100%       10d22     1%          8
 Maxwell's Capacitive Co  Air            100%       ∞         1%          8
 Summon Horrible Things   Summ           100%       N/A       1%          8
 Dragon's Call            Summ           100%       N/A       1%          9
 Fire Storm               Conj/Fire      100%       8d25      1%          9
 Animate Dead             Necr           Unusable   N/A       N/A         4

Dungeon Overview and Level Annotations

Branches:
Dungeon (15/15)            Temple (1/1) D:6            Lair (5/5) D:9
 Shoals (4/4) Lair:2       Spider (4/4) Lair:2        Slime (5/5) Lair:5
    Orc (2/2) D:10            Elf (3/3) Orc:2        Vaults (5/5) D:14
  Crypt (3/3) Vaults:3       Tomb (3/3) Crypt:3      Depths (4/4) D:15
   Hell (visited)             Dis (7/7) Hell            Geh (7/7) Hell
    Coc (7/7) Hell            Tar (7/7) Hell            Zot (5/5) Depths:4
Volcano (visited)         Desolation (visited)

Altars:
Ashenzari
Cheibriados
Dithmenos
Fedhas
Gozag
Hepliaklqana
Kikubaaqudgha
Makhleb
Nemelex Xobeh
Okawaru
Qazlal
Ru
Sif Muna
Trog
Uskayaw
Vehumet
Wu Jian
Xom
Yredelemnul
Jiyva

Shops:
D:4 *   D:9 *   Orc:2 [([**?   Elf:1 =:=   Elf:2 [*   Elf:3 *((*   Lair:2 !:
Shoals:1 [   Shoals:3 !   Vaults:1 (   Vaults:4 **==

Portals:
Hell: Depths:1 Depths:2 Depths:3 Depths:4
Abyss: Depths:3
Pandemonium: Depths:2
Trove: D:12 (give +3 storm dragon scales)

Annotations:
Dis:5 36 runed translucent doors
Zot:5 2 exclusions


Innate Abilities, Weirdness & Mutations

You are an undying horror.
Your melee and unarmed attacks drain, slow and weaken victims.
You are immune to unholy pain and torment.
You cannot drink.
You are immune to poison.
You have a pair of large horns on your head.
You regenerate a lot of health from kills.
Your magical and physical power is greatly enhanced at high health.
When hurt, damage is shared between your health and your magic reserves.
You regenerate magic rapidly.
When low on magic, you restore magic in place of health.
You are completely covered in razor-sharp scales. (AC +3, Slay +3)
Your mind is acute. (Int +4, Str/Dex -1)
Your muscles are strong. (Str +4, Int/Dex -1)
You are vulnerable to heat. (rF-)


Message History

Casting: Chain Lightning (dangerous; 1% risk of failure)
Confirm with . or Enter, or press ? or * to list all spells.
You feel a surge of power! Lightning arcs from your hands!
The bolt of lightning hits the sun demon!!!!
The sun demon resists.
You kill the sun demon!
A lich comes into view.
Casting: Chain Lightning (dangerous; 1% risk of failure)
Confirm with . or Enter, or press ? or * to list all spells.
You feel a surge of power! Lightning arcs from your hands!
The bolt of lightning hits the lich!!!!!
You destroy the lich!
The bolt of lightning hits you! You resist.
You now have 197839 gold pieces (gained 7).
HP restored.
You now have 197846 gold pieces (gained 7).
Magic restored.
A hellephant comes into view.
Casting: Chain Lightning (dangerous; 1% risk of failure)
Confirm with . or Enter, or press ? or * to list all spells.
You feel a surge of power! Lightning arcs from your hands!
The bolt of lightning hits the hellephant!!!
The hellephant is moderately wounded.
Casting: Chain Lightning (dangerous; 1% risk of failure)
Confirm with . or Enter, or press ? or * to list all spells.
You feel a surge of power! Lightning arcs from your hands!
The bolt of lightning hits the hellephant!!!!
You kill the hellephant!
Casting: Chain Lightning (dangerous; 1% risk of failure)
Confirm with . or Enter, or press ? or * to list all spells.
You feel a surge of power!
Nothing appears to happen.
There is a staircase leading out of the dungeon here.
What are your orders? t - Shout!
Orders for allies: a - Attack new target. r - Retreat! s - Stop attacking. g - Guard the area. f - Follow me.
Anything else - Cancel.
You shout for attention!
You have escaped!

# #.#####
#..$..#....# # #.#
##....+..### # #.#
##...##.# ###.####
###..##.# ..#....#
####.##.##.# ..####.#
#....##.#..#
..####.###.##..#.####
.............#.#.#
...............#z#
...............###
#.####.####...## #.#
#.#####.###### #.#
#............# #.#
#######.####.# #.#
#.##...# #.# #.##.###
..##########.##.#


There were no monsters in sight!

Vanquished Creatures
  Cerebov (Pan)
  Antaeus (Coc:7)
  The ghost of Kaut the Shapeless Human, a legendary HuCj of Gozag (Zig:6)
  the Royal Jelly (Slime:5)
  Asmodeus (Geh:7)
  Mnoleg (Pan)
  Ereshkigal (Tar:7)
  Gloorx Vloq (Pan)
  Ignacio (Pan)
  Lom Lobon (Pan)
  39 seraphim the Serpent of Hell (Geh:7)
  Dispater (Dis:7)
  506 dread liches
  Khufu (Tomb:1)
  The ghost of Jingleheimer the Archmage, a legendary OpSh of Gozag (Zig:17)
  69 orbs of fire
  Tiamat (Zot:4)
  The ghost of Wjakstry the Slayer, a legendary MiBe of Trog (Zig:17)
  Mennas (Pan)
  464 ancient liches
  The ghost of Hinur the Ruinous, a legendary TeBe of Gozag (Zig:6)
  233 juggernauts
  385 pandemonium lords
  The ghost of jimmypageman the Conqueror, a legendary MiFi of the Shining One (Zig:17)
  379 royal mummies
  The ghost of Qihuus the Skullcrusher, a legendary GrFi of the Shining One (Zig:6)
  The ghost of Mojoaz the Skullcrusher, a legendary GrFi of the Shining One (Zig:17)
  The ghost of Pummusk the Skullcrusher, a legendary GrFi of the Shining One (Zig:17)
  The ghost of Heseo the Skullcrusher, a legendary GrFi of the Shining One (Zig:17)
  The ghost of Heseo the Skullcrusher, a legendary GrFi of the Shining One (Zig:6)
  The ghost of Puerubac the Skullcrusher, a legendary GrFi of the Shining One (Zig:6)
  The ghost of peterlawrence the Conqueror, a veteran MiFi of Okawaru (Zig:17)
  The ghost of jimmypageman the Skullcrusher, a legendary GrFi of the Shining One (Zig:17)
  159 shard shrikes
  Margery (Crypt:1)
  148 Killer Klowns
  Vv (Depths:3)
  Geryon (Hell)
  14 curse toes
  The ghost of Zonian the Slayer, an adept HOFi of Beogh (Vaults:3)
  429 caustic shrikes
  289 pearl dragons
  346 golden dragons
  The ghost of Jimoer the Warrior, an adept DsHu of Gozag (Depths:1)
  49 profane servitors
  120 doom hounds
  201 Tzitzimimeh
  31 electric golems
  234 bone dragons
  194 iron giants
  Arachne (Spider:1)
  226 Brimstone Fiends
  4 spectral shard shrikes
  455 hellephants
  An iron giant (shapeshifter) (Zig:2)
  The ghost of Upahu the Minotaur Blade, an adept MiBe of Trog (Elf:1)
  The ghost of Rusiuc the Minotaur Blade, an adept MiBe of Trog (Elf:1)
  307 Ice Fiends
  394 tentacled monstrosities
  Zenata (Elf:2)
  298 Hell Sentinels
  3 walking crystal tomes
  109 tainted leviathans
  Mlioglotl (Spider:1)
  27 Orb Guardians
  447 deep elf master archers
  367 titans
  3 walking earthen tomes
  230 liches
  131 quicksilver dragons
  60 walking frostbound tomes
  181 searing wretches
  Rupert (D:12)
  6 quicksilver dragons (shapeshifter)
  3 krakens
  An acid blob (shapeshifter) (Zig:16)
  2 walking divine tomes
  719 acid blobs
  317 deep elf blademasters
  Polyphemus (Shoals:3)
  203 Executioners
  Gastronok (D:12)
  3 shadow dragons (shapeshifter)
  10 sphinxes (shapeshifter)
  The ghost of peterlawrence the Slayer, an adept MiFi of Okawaru (Elf:2)
  136 sphinxes
  161 tentacled starspawn
  265 ancient champions
  19 thorn hunters
  6 eldritch tentacles
  3 death cobs
  The ghost of Hihelu the Executioner, an adept MiBe of Trog (Elf:1)
  Kirke (D:15)
  73 shadow dragons
  2 storm dragons (shapeshifter)
  84 storm dragons
  10 fenstrider witches (shapeshifter)
  187 azure jellies
  201 rockslimes
  101 narguns
  89 tengu reavers
  Donald (Slime:2)
  198 demonspawn warmongers
  228 draconian monks
  4 azure jellies (shapeshifter)
  150 fire giants
  147 fenstrider witches
  5 fire giants (shapeshifter)
  150 protean progenitors
  467 revenants
  554 nagarajas
  Ilsuiw (Shoals:3)
  278 daevas
  64 deep elf sorcerers
  271 draconian scorchers
  8 frost giants (shapeshifter)
  111 quicksilver elementals
  347 draconian knights
  349 emperor scorpions
  18 deep elf elementalists
  240 draconian shifters
  175 frost giants
  An iron dragon (shapeshifter) (Zig:22)
  6 spectral juggernauts
  95 iron dragons
  An imperial myrmidon (Desolation)
  14 caustic shrike zombies
  2 emperor scorpions (shapeshifter) (Zig:14)
  349 balrugs
  The ghost of SafestHooves the Brawler, a journeyman CeMo of Okawaru (D:15)
  16 juggernaut zombies
  654 ghost moths
  359 curse skulls
  119 vault wardens
  282 demonspawn corrupters
  181 cacodemons
  3 shard shrike simulacra
  129 angels
  8 spectral caustic shrikes
  251 draconian stormcallers
  307 reapers
  280 draconian annihilators
  56 ghouls
  90 ironbound preservers
  419 orc warlords
  413 stone giants
  155 quicksilver oozes
  166 ophanim
  21 juggernaut skeletons
  57 broodmothers
  206 demonspawn blood saints
  138 very ugly things
  5 formless jellyfish (shapeshifter)
  61 formless jellyfish
  26 caustic shrike skeletons
  3 spectral titans
  6 ironbound thunderhulks
  12 stone giants (shapeshifter)
  A very ugly thing (shapeshifter) (Zig:16)
  125 putrid mouths
  276 vampire knights
  10 eleionomae (shapeshifter)
  25 elemental wellsprings
  217 deep elf demonologists
  171 demonspawn black suns
  102 black draconians
  107 green draconians
  A starflower (Abyss:3)
  The ghost of xianbchi the Cleaver, a journeyman OnRe of Qazlal (D:11)
  A dire elephant (shapeshifter) (Zig:22)
  149 apis
  62 eleionomae
  A white draconian (shapeshifter) (Zig:8)
  76 spark wasps
  100 bennus
  150 deep elf death magi
  102 war gargoyles
  104 red draconians
  86 wendigos
  283 deep elf annihilators
  65 bunyips
  190 dire elephants
  183 lorocyprocas
  The ghost of LilYaldabaoth01 the Severer, a journeyman HOFi of Nemelex Xobeh (Lair:1)
  108 white draconians
  104 yellow draconians
  A minotaur (shapeshifter) (Zig:9)
  94 purple draconians
  5 halazid warlocks
  282 eidola
  2 spark wasps (shapeshifter)
  280 mummy priests
  154 iron golems
  A shapeshifter (Zig:4)
  An ettin (shapeshifter) (Zig:22)
  39 crystal guardians
  87 merfolk impalers
  135 ettins
  5 spectral quicksilver dragons
  396 entropy weavers
  54 jiangshi
  257 blizzard demons
  355 green deaths
  9 quicksilver dragon zombies
  2 entropy weavers (shapeshifter)
  5 spectral krakens
  Josephine (D:15)
  3 spectral golden dragons
  254 merfolk javelineers
  308 shambling mangroves
  126 hydras
  3 fire dragons (shapeshifter)
  6 ragged hierophants (Desolation)
  52 great orbs of eyes
  34 fire dragons
  11 rakshasas
  The ghost of jimmypageman the Basher, a journeyman MiFi of Okawaru (D:11)
  152 yaktaur captains
  A fenstrider witch zombie (Crypt:3)
  A spectral sphinx (Zig:19)
  304 deep elf high priests
  45 ice dragons
  16 quicksilver dragon skeletons
  473 salamander tyrants
  The ghost of Zoobame the Devastator, a journeyman DEHW of Sif Muna (Lair:2)
  12 peacekeepers
  24 ironbound frosthearts
  3 hydras (shapeshifter)
  15 spectral spriggans
  47 vault guards
  A radroach (shapeshifter) (Zig:14)
  2 ice dragons (shapeshifter)
  108 hell beasts
  6 servants of whispers
  2 jorogumos (shapeshifter)
  2 alligators (shapeshifter)
  A catoblepas (shapeshifter) (Zig:22)
  25 caustic shrike simulacra
  24 stokers
  35 ghost crabs
  49 jorogumos
  39 ogre magi
  2 spectral shadow dragons (Zig:25)
  60 spriggan air magi
  26 juggernaut simulacra
  9 sphinx zombies
  3 anacondas (shapeshifter)
  33 spriggan skeletons
  38 centaur warriors
  21 merfolk avatars
  11 alligator snapping turtles (shapeshifter)
  79 anacondas
  99 naga warriors
  17 alligator snapping turtles
  152 death scarabs
  411 merfolk aquamancers
  3 death knights
  8 two-headed ogres (shapeshifter)
  59 boulder beetles
  60 alligators
  A spectral frost giant (Zig:10)
  229 catoblepae
  24 deep troll earth magi
  123 satyrs
  A satyr (shapeshifter) (Zig:8)
  40 death yaks
  79 radroaches
  8 tengu warriors
  88 hell hogs
  24 sphinx skeletons
  9 deep troll shamans
  9 spriggan berserkers
  2 death yaks (shapeshifter)
  158 shock serpents
  253 naga sharpshooters
  415 dancing weapons
  445 orc high priests
  16 shock serpents (shapeshifter)
  21 titan zombies
  208 demonic crawlers
  3 spectral dire elephants
  298 vampire magi
  13 occultists
  121 thrashing horrors
  37 two-headed ogres
  8 spectral storm dragons
  3 spectral emperor scorpions (Pan)
  370 sun demons
  244 deep elf knights
  7 spectral nagas
  48 spriggans
  68 hell knights
  308 soul eaters
  136 pharaoh ants
  208 skysharks
  9 storm dragon zombies
  160 shadow wraiths
  14 storm dragon skeletons
  20 golden dragon zombies
  46 fire crabs
  A fire crab (shapeshifter) (Zig:18)
  4 hellephant skeletons (Pan)
  21 skeletal warriors
  114 iron trolls
  Amaemon (Lair:1)
  71 crystal echidnas
  50 goliath frogs
  13 skysharks (shapeshifter)
  A spectral bunyip (Crypt:3)
  21 titan skeletons
  7 iron trolls (shapeshifter)
  143 sixfirhies
  99 sea snakes
  41 deep trolls
  5 deep trolls (shapeshifter)
  3 anaconda zombies
  192 flayed ghosts
  A spectral spark wasp (Zig:10)
  39 spatial maelstroms
  11 quicksilver dragon simulacra
  3 spark wasp zombies
  161 cherubim
  8 death drakes (shapeshifter)
  2 goliath frogs (shapeshifter) (Zig:22)
  2 spectral anacondas (Tar:1)
  286 spriggan druids
  220 deep elf archers
  233 wretched stars
  8 orb spiders (shapeshifter)
  19 arcanists
  7 swamp dragons (shapeshifter)
  27 death drakes
  6 mana vipers (shapeshifter)
  47 mana vipers
  9 sea snakes (shapeshifter)
  3 kraken simulacra
  101 orb spiders
  22 bog bodies
  10 glowing orange brains (shapeshifter)
  A spectral alligator (Crypt:3)
  18 obsidian statues
  2 spectral iron dragons
  16 shadow dragon zombies
  29 salamander mystics
  147 shadow demons
  41 sun moths
  26 orange crystal statues
  90 swamp dragons
  53 naga ritualists
  52 glowing orange brains
  15 spriggan simulacra
  7 steelbarb worms (shapeshifter)
  3 harpies (shapeshifter)
  A fenstrider witch simulacrum (Hell)
  137 orc knights
  An iron giant skeleton (Crypt:3)
  2 sun moths (shapeshifter)
  9 lindwurms
  348 deep elf zephyrmancers
  53 necromancers
  46 harpies
  24 golden dragon skeletons
  147 phantasmal warriors
  145 steelbarb worms
  2 sphinx simulacra
  2 frost giant zombies
  189 wolf spiders
  3 glowing shapeshifters
  87 ironbound convokers
  353 deep elf pyromancers
  An ugly thing (shapeshifter) (Zig:22)
  14 lightning spires
  An anaconda skeleton (Crypt:1)
  An alligator zombie (Hell)
  A fire giant zombie (Hell)
  A wolf spider (shapeshifter) (Zig:22)
  15 iron dragon zombies
  18 tengu zombies
  253 orc sorcerers
  122 fauns
  6 lindwurms (shapeshifter)
  94 will-o-the-wisps
  14 worldbinders
  A stone giant zombie (Hell)
  19 tengu skeletons
  52 ugly things
  12 oklob plants (Zig:20)
  3 cyclopes (shapeshifter)
  105 manticores
  A salamander (shapeshifter) (Zig:14)
  18 shadow dragon skeletons
  121 shining eyes
  9 shining eyes (shapeshifter)
  6 fauns (shapeshifter)
  33 salamanders
  A spectral alligator snapping turtle (Tar:2)
  44 elephants
  44 meliai
  2 spectral ettins
  3 alligator skeletons (Hell)
  328 moths of wrath
  4 moths of wrath (shapeshifter)
  2 dire elephant zombies
  3 manticores (shapeshifter)
  214 kobold blastminers
  2 spectral centaurs
  117 cyclopes
  5 frost giant skeletons
  13 iron dragon skeletons
  A toenail golem (Zig:24)
  3 fire giant skeletons
  168 guardian serpents
  4 Executioner simulacra (Pan)
  99 apocalypse crabs
  60 merfolk sirens
  6 meliai (shapeshifter)
  4 elephants (shapeshifter)
  396 black mambas
  48 rust devils
  136 cane toads
  14 molten gargoyles
  13 titan simulacra
  7 guardian serpents (shapeshifter)
  3 cane toads (shapeshifter)
  159 naga magi
  A stone giant skeleton (Crypt:2)
  498 water nymphs
  A black mamba (shapeshifter) (Zig:26)
  129 orange demons
  343 smoke demons
  22 gargoyles
  34 ice statues
  70 vault sentinels
  9 water nymphs (shapeshifter)
  An emperor scorpion simulacrum (Coc:1)
  284 hellions
  8 torpor snails (shapeshifter)
  522 torpor snails
  10 eyes of devastation (shapeshifter)
  69 eyes of devastation
  A naga skeleton (Tomb:2)
  A shock serpent skeleton (Crypt:2)
  341 large abominations
  A grey draconian zombie (Crypt:1)
  8 storm dragon simulacra
  2 centaur skeletons
  An orb spider zombie (Crypt:3)
  A sea snake zombie (Hell)
  46 rime drakes
  3 komodo dragons (shapeshifter)
  239 tormentors
  A redback zombie (Crypt:2)
  108 komodo dragons
  5 unseen horrors (shapeshifter)
  6 golden dragon simulacra
  An unseen horror (D:10)
  76 yaktaurs
  3 kobold demonologists
  52 freezing wraiths
  4 spectral glowing shapeshifters
  54 efreet
  3 spark wasp simulacra
  A spectral deep troll (Tar:1)
  A steelbarb worm zombie (Crypt:1)
  7 anaconda simulacra
  60 ice devils
  2 iron giant simulacra
  34 silent spectres
  2 yaktaurs (shapeshifter)
  172 merfolk
  47 red devils
  134 ancient zymes
  4 tengu conjurers
  562 guardian mummies
  A pale draconian skeleton (Crypt:1)
  43 tyrant leeches
  A white draconian skeleton (Crypt:3)
  45 polar bears
  3 queen bees (shapeshifter)
  A sea snake skeleton (Hell)
  20 bloated husks
  124 hellwings
  12 spectral harpies
  A troll (shapeshifter) (Zig:23)
  A tyrant leech (shapeshifter) (Zig:22)
  3 wind drakes (shapeshifter)
  83 wind drakes
  2 hydra skeletons
  7 merfolk (shapeshifter)
  2 tarantellas (shapeshifter)
  5 shadow dragon simulacra
  40 saltlings (Desolation)
  133 trolls
  7 tengu simulacra
  2 harpy skeletons
  2 harpy zombies
  145 tarantellas
  2 hornets (shapeshifter)
  A raiju (shapeshifter) (Zig:9)
  A hydra zombie (Tomb:1)
  507 hornets
  71 snapping turtles
  69 blink frogs
  3 ettin zombies
  8 snapping turtles (shapeshifter)
  94 glass eyes
  6 dream sheep (shapeshifter)
  78 raiju
  4 iron dragon simulacra
  14 spriggan zombies
  3 glass eyes (shapeshifter)
  41 dream sheep
  501 slime creatures
  2 centaur simulacra
  145 jumping spiders
  An ettin skeleton (Zig:2)
  A fire giant simulacrum (Zig:9)
  A slime creature (shapeshifter) (Zig:17)
  116 culicivoras
  5 jumping spiders (shapeshifter)
  A guardian serpent skeleton (Crypt:1)
  A shadow (Zig:25)
  A spriggan (shapeshifter) (Zig:5)
  87 air elementals
  A wyvern (shapeshifter) (Zig:22)
  111 yaks
  3 culicivoras (shapeshifter)
  3 dire elephant simulacra
  210 ushabtiu
  3 small abominations (Abyss:3)
  2 vampires
  54 wyverns
  26 wraiths
  A human (shapeshifter) (Zig:4)
  32 basilisks
  133 water elementals
  227 ynoxinuls
  Grum (D:11)
  A basilisk (shapeshifter) (Zig:18)
  144 wargs
  4 yaks (shapeshifter)
  83 fire elementals
  202 redbacks
  A black mamba skeleton (Crypt:2)
  10 fire bats
  2 golden eyes (shapeshifter)
  A hog (shapeshifter) (Zig:18)
  2 humans (D:14)
  161 neqoxecs
  A steam dragon (shapeshifter) (Zig:19)
  65 golden eyes
  8 redbacks (shapeshifter)
  7 vampire mosquitoes
  3 wargs (shapeshifter)
  22 steam dragons
  7 hogs (D:15)
  19 spatial vortices
  Menkaure (D:5)
  86 nagas
  235 chaos spawn
  16 acid dragons
  21 harpy simulacra
  14 glowing shapeshifter zombies
  3 human zombies
  A deep troll zombie (Crypt:3)
  10 swamp worms (shapeshifter)
  4 water moccasins (shapeshifter)
  21 glowing shapeshifter skeletons
  4 hydra simulacra
  173 water moccasins
  7 hell hounds
  3 human skeletons (Zig:9)
  744 orc warriors
  20 swamp drakes
  2 black bears (shapeshifter)
  A sky beast (shapeshifter) (Zig:6)
  An ice beast (D:6)
  A two-headed ogre skeleton (Crypt:1)
  2 black bears
  An ice beast (shapeshifter) (Zig:18)
  A sky beast (D:6)
  38 laughing skulls
  336 ogres
  A tengu (D:5)
  An ogre (shapeshifter) (Zig:9)
  A tengu (shapeshifter) (Zig:17)
  2 boggarts
  18 centaurs
  An elephant skeleton (Crypt:3)
  5 ettin simulacra
  38 wolves
  A crocodile (shapeshifter) (Zig:26)
  3 phantoms
  Blork the orc (D:5)
  5 kobold brigands
  6 naga simulacra
  14 bullfrogs
  2 brain worms (Abyss:3)
  4 gnoll sergeants
  88 earth elementals
  2 glowing shapeshifter simulacra
  4 scorpions
  A salamander skeleton (Crypt:2)
  A water moccasin zombie (Crypt:2)
  A human simulacrum (Zig:8)
  3 wights
  A raiju zombie (Crypt:1)
  A yak zombie (Crypt:2)
  3 killer bees (D:9)
  10 howler monkeys
  4 jellies
  A crimson imp (Zig:24)
  2 hounds
  6 lava snakes (Volcano)
  2 quasits (Abyss:3)
  A bombardier beetle (D:3)
  A gnoll bouda (D:8)
  131 orc priests
  A sleepcap (D:5)
  272 starcursed masses
  2 iron imps (Abyss:3)
  22 hell rats
  2 iguanas
  116 orc wizards
  A deep dwarf zombie (Crypt:1)
  3 naga zombies
  An acid dragon skeleton (Crypt:1)
  938 mummies
  29 gnolls
  8 adders
  15 white imps
  3 ufetubi
  An iguana skeleton (Crypt:1)
  3 ribbon worms
  A ribbon worm (shapeshifter) (Zig:25)
  2 dart slugs
  103 orcs
  13 endoplasms
  6 giant cockroaches
  8 goblins
  10 hobgoblins
  A quokka (D:1)
  3 ball pythons
  10 bats
  An endoplasm zombie (Crypt:3)
  A frilled lizard (D:1)
  15 kobolds
  5 rats
  288 aspiring fleshes
  A ball lightning (Pan)
  2 butterflies
  9 creeping infernos
  9 fulminant prisms
  A lurking horror (Abyss:3)
  A spectral weapon (Zig:9)
  42 starspawn tentacles
  15 tentacles
50293 creatures vanquished.

Vanquished Creatures (collateral kills)
  35 pandemonium lords
  19 seraphim
  12 dread liches
  10 ancient liches
  18 juggernauts
  The ghost of Lithraos the Shapeless Octopus, a legendary OpSh of Gozag (Zig:6)
  55 royal mummies
  A shard shrike (Zig:15)
  8 Killer Klowns
  3 curse toes
  47 caustic shrikes
  21 golden dragons
  A profane servitor (Zig:14)
  5 bone dragons
  41 pearl dragons
  38 Brimstone Fiends
  11 Tzitzimimeh
  7 doom hounds
  2 electric golems (Zig:22)
  18 hellephants
  12 iron giants
  30 Hell Sentinels
  5 Ice Fiends
  21 tentacled monstrosities
  8 titans
  5 tainted leviathans
  6 liches
  A deep elf master archer (Zig:27)
  A deep elf blademaster (Zig:26)
  10 searing wretches
  A quicksilver dragon (Zig:20)
  A sphinx (shapeshifter) (Zig:16)
  A walking frostbound tome (Zig:19)
  6 ancient champions
  15 acid blobs
  An eldritch tentacle (Zig:16)
  A sphinx (Zig:19)
  10 Executioners
  2 shadow dragons
  2 tengu reavers
  3 storm dragons
  30 daevas
  4 nagarajas
  7 revenants
  An azure jelly (Zig:23)
  12 demonspawn warmongers
  A fenstrider witch (Zig:23)
  29 rockslimes
  5 protean progenitors
  3 draconian monks
  31 fire giants
  3 narguns
  13 draconian scorchers
  5 draconian knights
  A fire giant (shapeshifter) (Zig:22)
  9 draconian shifters
  2 frost giants
  3 vault wardens
  3 quicksilver elementals
  A ghoul (Zig:11)
  2 ghost moths
  5 iron dragons
  8 emperor scorpions
  16 angels
  A deep elf sorcerer (Zig:19)
  8 curse skulls
  46 balrugs
  2 caustic shrike zombies (Zig:26)
  7 draconian stormcallers
  4 draconian annihilators
  10 cacodemons
  An ironbound preserver (Zig:19)
  6 reapers
  13 demonspawn corrupters
  14 orc warlords
  3 vampire knights
  10 demonspawn blood saints
  A caustic shrike skeleton (Zig:10)
  3 very ugly things
  5 quicksilver oozes
  A juggernaut skeleton (Zig:18)
  21 apis
  2 broodmothers
  11 stone giants
  2 stone giants (shapeshifter)
  13 ophanim
  6 deep elf demonologists
  10 putrid mouths
  6 green draconians
  7 red draconians
  3 lorocyprocas
  5 black draconians
  5 demonspawn black suns
  A deep elf death mage (Zig:25)
  2 wendigos (Zig:23)
  3 deep elf annihilators
  A purple draconian (Zig:25)
  4 white draconians
  A war gargoyle (Zig:23)
  17 dire elephants
  38 bennus
  A spark wasp (Zig:16)
  4 starcursed masses
  4 eidola
  A bunyip (Zig:9)
  6 green deaths
  4 iron golems
  9 fire dragons
  9 blizzard demons
  19 mummy priests
  4 ettins
  A merfolk impaler (Zig:20)
  7 shambling mangroves
  2 crystal guardians
  2 jiangshi
  2 entropy weavers (Zig:20)
  5 deep elf high priests
  A yaktaur captain (Zig:19)
  2 hell beasts
  A caustic shrike simulacrum (Zig:19)
  3 great orbs of eyes
  6 hydras
  2 ice dragons
  8 salamander tyrants
  2 juggernaut simulacra
  12 catoblepae
  2 spriggan air magi
  A merfolk avatar (Zig:27)
  An ogre mage (Zig:21)
  An alligator snapping turtle (shapeshifter) (Zig:9)
  3 stokers
  An alligator (Zig:14)
  A naga warrior (Zig:21)
  A two-headed ogre (shapeshifter) (Zig:16)
  A radroach (Zig:27)
  11 death scarabs
  4 boulder beetles
  7 hell hogs
  9 dancing weapons
  3 vampire magi
  3 sphinx skeletons
  6 thrashing horrors
  4 demonic crawlers
  2 hell knights
  4 shock serpents
  2 titan zombies
  9 soul eaters
  13 orc high priests
  3 storm dragon zombies
  3 skysharks
  4 iron trolls
  19 sun demons
  2 fire crabs
  A crystal echidna (Zig:23)
  3 titan skeletons
  3 sixfirhies
  3 shadow wraiths
  2 pharaoh ants
  4 wretched stars
  A salamander mystic (Zig:10)
  A spectral spark wasp (Zig:10)
  3 golden dragon zombies
  2 iron trolls (shapeshifter)
  2 spatial maelstroms
  5 shadow demons
  A storm dragon skeleton (Zig:18)
  2 sun moths (shapeshifter)
  A sea snake (Zig:20)
  24 cherubim
  A goliath frog (Zig:12)
  6 swamp dragons
  A death drake (Zig:20)
  3 flayed ghosts
  2 naga ritualists
  10 spriggan druids
  2 tengu zombies
  A deep elf archer (Zig:18)
  A shadow dragon zombie (Zig:9)
  A spriggan simulacrum (Zig:19)
  2 golden dragon skeletons (Zig:26)
  A phantasmal warrior (Zig:4)
  2 ironbound convokers
  An orc knight (Zig:22)
  A fire giant zombie (Zig:11)
  4 steelbarb worms
  5 deep elf zephyrmancers
  A wolf spider (Zig:16)
  A lindwurm (shapeshifter) (Zig:16)
  3 necromancers
  4 shining eyes (Zig:22)
  9 orc sorcerers
  A deep elf pyromancer (Zig:25)
  2 manticores (shapeshifter)
  2 shining eyes (shapeshifter)
  An oklob plant (Zig:17)
  A tengu skeleton (Zig:10)
  3 elephants
  An iron dragon zombie (Zig:23)
  2 shadow dragon skeletons
  6 will-o-the-wisps
  11 moths of wrath
  A manticore (Zig:20)
  4 kobold blastminers
  4 rust devils
  2 cyclopes
  10 apocalypse crabs
  3 vault sentinels
  5 black mambas
  2 iron dragon skeletons
  A frost giant skeleton (Zig:11)
  A guardian serpent (Zig:20)
  An eye of devastation (Zig:17)
  5 water nymphs
  7 cane toads
  14 smoke demons
  A titan simulacrum (Zig:13)
  3 gargoyles (Zig:14)
  12 torpor snails
  An efreet (Zig:27)
  4 large abominations
  An orange demon (Zig:27)
  17 hellions
  13 tormentors
  3 rime drakes
  A komodo dragon (shapeshifter) (Zig:27)
  3 komodo dragons
  3 ancient zymes
  3 ice devils
  15 red devils
  2 silent spectres
  32 guardian mummies
  3 merfolk
  3 polar bears
  3 hellwings
  10 hornets
  2 trolls
  A shadow dragon simulacrum (Zig:23)
  3 wind drakes (Zig:20)
  A tengu simulacrum (Zig:7)
  A dream sheep (Zig:25)
  A blink frog (Zig:25)
  3 glass eyes (Zig:22)
  A jumping spider (Zig:12)
  An iron dragon simulacrum (Zig:20)
  11 slime creatures
  11 ynoxinuls
  An air elemental (Zig:23)
  2 wyverns
  A water elemental (Zig:27)
  19 ushabtiu
  2 culicivoras (Zig:16)
  A fire elemental (Zig:27)
  3 basilisks
  2 yaks
  A redback (shapeshifter) (Zig:16)
  5 wargs
  5 golden eyes
  4 redbacks
  2 chaos spawn
  A steam dragon (Zig:25)
  5 neqoxecs
  2 swamp worms (shapeshifter)
  A spatial vortex (Zig:12)
  An acid dragon (Zig:25)
  2 glowing shapeshifter zombies
  3 nagas
  5 water moccasins
  A human skeleton (Zig:11)
  A swamp drake (Zig:23)
  A glowing shapeshifter skeleton (Zig:21)
  A laughing skull (Zig:12)
  8 ogres
  15 orc warriors
  4 earth elementals
  2 orc priests
  An iguana (D:5)
  A hell rat (Zig:26)
  2 orc wizards
  106 mummies
  A river rat (shapeshifter) (Zig:25)
  17 aspiring fleshes
  2 ball lightnings (Zig:14)
  2 fire vortices (Zig:14)
  A starspawn tentacle (Zig:12)
1832 creatures vanquished.

Vanquished Creatures (others)
  6 dread liches
  3 seraphim
  2 orbs of fire
  7 ancient liches
  8 juggernauts
  18 royal mummies
  3 Killer Klowns
  45 caustic shrikes
  2 curse toes (Zig:25)
  A profane servitor (Zig:19)
  25 golden dragons
  9 bone dragons
  4 doom hounds
  12 pearl dragons
  24 pandemonium lords
  23 hellephants
  29 tentacled monstrosities
  10 Brimstone Fiends
  9 Tzitzimimeh
  14 Hell Sentinels
  7 tainted leviathans
  8 iron giants
  2 Ice Fiends
  2 deep elf blademasters
  3 quicksilver dragons
  6 searing wretches
  11 titans
  A deep elf master archer (Zig:19)
  11 acid blobs
  3 liches
  A sphinx (Zig:16)
  6 Executioners
  3 ancient champions
  A protean progenitor (Zig:16)
  2 tengu reavers
  5 fire giants
  6 daevas
  2 revenants
  A storm dragon (Zig:22)
  6 demonspawn warmongers
  6 rockslimes
  5 nagarajas
  A draconian monk (Zig:24)
  9 draconian knights
  An iron dragon (Zig:20)
  A frost giant (Zig:12)
  3 draconian scorchers
  A juggernaut zombie (Tomb:3)
  A vault warden (Zig:11)
  3 orc warlords
  23 balrugs
  3 ghost moths
  7 emperor scorpions
  6 angels
  2 curse skulls
  2 ghouls
  4 broodmothers
  5 ophanim
  A reaper (Zig:25)
  2 draconian annihilators
  A very ugly thing (Zig:14)
  3 demonspawn corrupters
  7 cacodemons
  6 demonspawn blood saints
  A formless jellyfish (Zig:27)
  3 stone giants
  3 apis
  5 putrid mouths
  4 demonspawn black suns
  3 vampire knights
  A deep elf death mage (Zig:12)
  3 starcursed masses
  A black draconian (Zig:24)
  2 war gargoyles
  3 lorocyprocas
  A purple draconian (Zig:13)
  17 bennus
  A yellow draconian (Zig:24)
  A bunyip (Zig:12)
  3 dire elephants (Zig:26)
  An eleionoma (shapeshifter) (Zig:9)
  A deep elf annihilator (Zig:26)
  A white draconian (Zig:20)
  4 eidola
  4 red draconians
  A spark wasp (Zig:9)
  A blizzard demon (Zig:23)
  A merfolk javelineer (Zig:27)
  An ettin (Zig:20)
  A fire dragon (Zig:20)
  A shambling mangrove (Zig:26)
  2 green deaths
  11 mummy priests
  3 deep elf high priests
  2 yaktaur captains
  15 entropy weavers
  A hydra (Zig:11)
  2 hell beasts
  A great orb of eyes (Zig:21)
  9 salamander tyrants
  A jorogumo (Zig:12)
  5 catoblepae
  An anaconda (Zig:16)
  A centaur warrior (Vaults:1)
  2 boulder beetles
  An ironbound frostheart (Zig:19)
  3 death scarabs
  3 merfolk aquamancers
  An orc high priest (Zig:23)
  A dancing weapon (Zig:18)
  2 vampire magi
  2 hell hogs
  A thrashing horror (Zig:18)
  3 demonic crawlers
  2 naga sharpshooters
  5 wretched stars
  3 shock serpents
  A hell knight (Zig:23)
  A soul eater (Zig:24)
  4 skysharks
  2 skeletal warriors (Tomb:3)
  9 sun demons
  An iron troll (Zig:22)
  A spatial maelstrom (Zig:17)
  2 cherubim
  2 bog bodies
  A crystal echidna (Zig:21)
  3 sixfirhies
  A quicksilver dragon simulacrum (Coc:7)
  2 shadow demons
  A pharaoh ant (Zig:21)
  A sea snake (Zig:27)
  A flayed ghost (Zig:19)
  A golden dragon skeleton (Zig:26)
  A swamp dragon (Zig:3)
  A lindwurm (Zig:12)
  A spriggan druid (Zig:25)
  4 sun moths
  A mana viper (Zig:20)
  A steelbarb worm (Zig:24)
  An orange crystal statue (Zig:12)
  2 tengu zombies (Zig:18)
  A deep troll (shapeshifter) (Zig:18)
  A deep elf archer (Zig:15)
  3 deep elf pyromancers
  A glowing shapeshifter (Zig:9)
  An iron dragon zombie (Zig:26)
  2 manticores
  A tengu skeleton (Zig:21)
  A will-o-the-wisp (Zig:22)
  An orc sorcerer (Zig:23)
  A shining eye (Zig:21)
  A worldbinder (Zig:17)
  A titan simulacrum (Zig:5)
  3 moths of wrath
  3 rust devils
  A water nymph (Zig:27)
  A guardian serpent (Zig:23)
  3 apocalypse crabs
  A torpor snail (Zig:5)
  8 smoke demons
  An eye of devastation (Zig:21)
  5 hellions
  A rime drake (Zig:25)
  An efreet (Zig:19)
  22 guardian mummies
  2 red devils
  An ice devil (Zig:23)
  An ancient zyme (Zig:19)
  A troll (shapeshifter) (Zig:9)
  A hellwing (Zig:27)
  11 hornets
  A tarantella (shapeshifter) (Zig:17)
  A tyrant leech (Zig:15)
  An iron dragon simulacrum (Zig:26)
  A blink frog (Zig:13)
  A glass eye (shapeshifter) (Zig:16)
  A snapping turtle (Zig:20)
  A slime creature (shapeshifter) (Zig:16)
  An air elemental (Zig:18)
  A dire elephant simulacrum (Tomb:3)
  A spriggan (Zig:12)
  A wyvern (shapeshifter) (Zig:17)
  A ynoxinul (Zig:27)
  18 ushabtiu
  2 water elementals (Zig:23)
  A basilisk (Zig:26)
  3 chaos spawn (Zig:9)
  A warg (Zig:23)
  A naga (Zig:22)
  A hell hound (Zig:22)
  2 laughing skulls
  An iron imp (Abyss:3)
  A hell rat (Zig:20)
  13 mummies
  4 aspiring fleshes
  22 ball lightnings
  A creeping inferno (Geh:4)
  3 fire vortices (Zig:14)
  30 foxfires
  770 fulminant prisms
  2 spectral weapons
  20 starspawn tentacles
  14 tentacles
1646 creatures vanquished.

Grand Total: 53771 creatures vanquished

Notes
Turn   | Place    | Note
-------+----------+-------------------------------------------
     0 | D:1      | occam the Demonspawn Alchemist began the quest for the Orb.
     0 | D:1      | Reached XP level 1. HP: 13/13 MP: 3/3
   209 | D:1      | Gained mutation: You regenerate a little health from kills.
                  | [demonic ancestry]
   209 | D:1      | Reached XP level 2. HP: 19/19 MP: 1/5
   212 | D:1      | Learned a level 2 spell: Mercury Vapours
  1051 | D:1      | Reached XP level 3. HP: 24/24 MP: 3/6
  1278 | D:1      | Found a faded altar of an unknown god.
  1671 | D:2      | Learned a level 3 spell: Mephitic Cloud
  2011 | D:2      | Found a blossoming altar of Fedhas.
  2444 | D:2      | Gained mutation: You have a pair of small horns on your
                  | head. [demonic ancestry]
  2444 | D:2      | Reached XP level 4. HP: 26/30 MP: 4/8
  3527 | D:3      | Gained mutation: You are partially covered in razor-sharp
                  | scales. (AC +1, Slay +1) [demonic ancestry]
  3527 | D:3      | Reached XP level 5. HP: 35/35 MP: 2/9
  4560 | D:4      | Noticed a black bear
  4614 | D:4      | Noticed a phantom
  4670 | D:4      | Learned a level 2 spell: Momentum Strike
  4680 | D:4      | Killed a phantom
  4681 | D:4      | Gained mutation: You have a pair of horns on your head.
                  | [demonic ancestry]
  4681 | D:4      | Reached XP level 6. HP: 23/41 MP: 0/10
  4813 | D:4      | Learned a level 2 spell: Blink
  5111 | D:4      | Noticed a water moccasin
  5124 | D:4      | Killed a water moccasin
  5125 | D:4      | Reached skill level 5 in Conjurations
  5229 | D:4      | Found Imem's Neck Hole.
  5246 | D:4      | Bought a scarf of shadows for 132 gold pieces
  5289 | D:4      | Reached skill level 5 in Alchemy
  5289 | D:4      | Gained mutation: You regenerate magic rapidly. [demonic
                  | ancestry]
  5289 | D:4      | Reached XP level 7. HP: 18/46 MP: 4/11
  5402 | D:4      | Reached skill level 1 in Air Magic
  5821 | D:5      | Entered Level 5 of the Dungeon
  5858 | D:5      | Found a hide-covered altar of Uskayaw.
  6108 | D:5      | Reached skill level 1 in Fire Magic
  6142 | D:5      | Noticed a hornet
  6386 | D:5      | Killed a hornet
  6387 | D:5      | Reached XP level 8. HP: 41/52 MP: 4/13
  6501 | D:5      | Noticed Blork the orc
  6540 | D:5      | Killed Blork the orc
  6546 | D:5      | Learned a level 4 spell: Olgreb's Toxic Radiance
  6628 | D:5      | Noticed Menkaure
  6681 | D:5      | Killed Menkaure
  6826 | D:5      | Got Sif Muna's Dissertation on Turbulence
  7140 | D:5      | Reached skill level 5 in Fire Magic
  7470 | D:6      | Identified the ring "Ekhiliur" {Fly rElec rCorr Str+6
                  | Dex-3}
  7779 | D:6      | Gained mutation: When hurt, damage is shared between your
                  | health and your magic reserves. [demonic ancestry]
  7779 | D:6      | Reached XP level 9. HP: 50/57 MP: 7/15
  7889 | D:6      | Found a broken altar of Ashenzari.
  8120 | D:6      | Found a staircase to the Ecumenical Temple.
  8125 | Temple   | Entered the Ecumenical Temple
  8324 | D:7      | Found a radiant altar of Vehumet.
  8510 | D:7      | Reached skill level 5 in Spellcasting
  8552 | D:7      | Learned a level 4 spell: Ignite Poison
  9238 | D:7      | Found a snail-covered altar of Cheibriados.
  9377 | D:8      | Reached skill level 1 in Fighting
  9421 | D:8      | Reached skill level 1 in Translocations
  9605 | D:8      | Found an opulent altar of Gozag.
  9609 | D:8      | Became a worshipper of Gozag Ym Sagoz the Greedy
  9615 | D:8      | Found a hazy altar of Hepliaklqana.
 10333 | D:8      | Found a bloodstained altar of Trog.
 11230 | D:9      | Noticed an elephant
 11235 | D:9      | Killed an elephant
 11236 | D:9      | Reached XP level 10. HP: 71/71 MP: 4/19
 11325 | D:9      | Noticed a two-headed ogre
 11330 | D:9      | Killed a two-headed ogre
 11369 | D:9      | Found a staircase to the Lair.
 11845 | D:9      | Reached skill level 10 in Alchemy
 11927 | D:9      | Found Wuyq Yni's Assorted Antiques.
 12104 | D:10     | Entered Level 10 of the Dungeon
 12237 | D:10     | Reached XP level 11. HP: 77/77 MP: 7/20
 12839 | D:9      | Learned a level 4 spell: Fulminant Prism
 13548 | D:10     | Found a staircase to the Orcish Mines.
 13629 | Lair:1   | Entered Level 1 of the Lair of Beasts
 13951 | Lair:1   | Reached skill level 5 in Fighting
 14064 | Lair:1   | Reached skill level 5 in Dodging
 14073 | Lair:1   | Noticed Amaemon
 14080 | Lair:1   | Killed Amaemon
 14316 | Lair:1   | Found a transporter.
 14380 | Lair:1   | Noticed a four-headed hydra
 14689 | Lair:1   | Found a transporter.
 14901 | Lair:1   | Noticed LilYaldabaoth01's ghost (journeyman HOFi)
 15126 | Lair:2   | Found a sparkling altar of Nemelex Xobeh.
 15128 | Lair:2   | Identified the +5 trident "Ustrek" {flame, +Blink Int+3}
 15181 | Lair:2   | Gained mutation: You are mostly covered in razor-sharp
                  | scales. (AC +2, Slay +2) [demonic ancestry]
 15181 | Lair:2   | Reached XP level 12. HP: 88/88 MP: 19/22
 15187 | Lair:2   | Noticed Zoobame's ghost (journeyman DEHW)
 15198 | Lair:2   | Found a runed translucent door.
 16121 | Lair:2   | Found a hole to the Spider Nest.
 16134 | Lair:2   | Reached skill level 10 in Fire Magic
 16206 | Lair:2   | Found a staircase to the Shoals.
 16984 | Lair:3   | Noticed a death yak
 16984 | Lair:3   | Noticed a death yak
 16984 | Lair:3   | Noticed a death yak
 16984 | Lair:3   | Noticed a death yak
 16984 | Lair:3   | Noticed a death yak
 16984 | Lair:3   | Noticed a death yak
 17179 | Lair:2   | Killed a death yak
 17179 | Lair:2   | Killed a death yak
 17350 | Lair:3   | Identified the beast talisman of Lipt {Str+3}
 17709 | Lair:3   | Gained mutation: You regenerate health from kills. [demonic
                  | ancestry]
 17709 | Lair:3   | Reached XP level 13. HP: 99/99 MP: 16/23
 17731 | Lair:3   | Reached skill level 10 in Conjurations
 18214 | Lair:4   | Identified the +4 ring mail of the Abyss {Int+2 Dex+9}
 18828 | Lair:5   | Entered Level 5 of the Lair of Beasts
 18936 | Lair:5   | Found a runed translucent door.
 18936 | Lair:5   | Noticed an acid blob
 19212 | Lair:5   | Reached skill level 10 in Fighting
 19399 | Lair:5   | Reached skill level 10 in Dodging
 20704 | Lair:5   | Found a staircase to the Slime Pits.
 21004 | D:9      | Bought a scroll of identify for 44 gold pieces
 21004 | D:9      | Bought a pearl ring for 110 gold pieces
 21004 | D:9      | Bought a potion of curing for 66 gold pieces
 21004 | D:9      | Bought a forked glass wand for 88 gold pieces
 21065 | Orc:1    | Entered Level 1 of the Orcish Mines
 21208 | Orc:1    | Found a dark tunnel.
 21222 | Volcano  | Entered a volcano
 21267 | Volcano  | Found a burning altar of Makhleb.
 21309 | Volcano  | Gained mutation: You have a pair of large horns on your
                  | head. [demonic ancestry]
 21309 | Volcano  | Reached XP level 14. HP: 92/110 MP: 10/24
 22247 | Orc:2    | Entered Level 2 of the Orcish Mines
 22635 | Orc:2    | Found Ecioh's Magic Scroll Shop.
 22658 | Orc:2    | Bought a scroll of teleportation for 39 gold pieces
 22658 | Orc:2    | Bought a scroll of teleportation for 39 gold pieces
 22658 | Orc:2    | Bought a scroll of revelation for 97 gold pieces
 22658 | Orc:2    | Bought a scroll of revelation for 97 gold pieces
 22658 | Orc:2    | Bought a scroll of revelation for 97 gold pieces
 22658 | Orc:2    | Bought a scroll of enchant armour for 97 gold pieces
 22658 | Orc:2    | Bought a scroll of poison for 52 gold pieces
 22899 | Orc:2    | Found a staircase to the Elven Halls.
 23030 | Orc:2    | Noticed an orc warlord
 23037 | Orc:2    | Killed an orc warlord
 23049 | Orc:2    | Found Baar Rargh's Antique Weapon Emporium.
 23085 | Orc:2    | Found Xejao's Antique Armour Shoppe.
 23332 | Orc:2    | Found Qysosu's Antique Armour Boutique.
 23349 | Orc:2    | Bought a glowing cloak for 217 gold pieces
 23349 | Orc:2    | Bought the +3 pair of mountain boots {steadfast, rC+} for
                  | 971 gold pieces
 23349 | Orc:2    | Found the +3 pair of mountain boots {steadfast, rC+}
 24346 | D:11     | Found the +5 scythe "Finisher" {speed, execute}
 24362 | D:11     | Noticed Grum
 24368 | D:11     | Killed Grum
 24615 | D:11     | Found a runed translucent gate.
 24615 | D:11     | Found a runed translucent gate.
 24615 | D:11     | Found a runed translucent gate.
 24617 | D:11     | Noticed jimmypageman's ghost (journeyman MiFi)
 24617 | D:11     | Noticed xianbchi's ghost (journeyman OnRe)
 25243 | Shoals:1 | Entered Level 1 of the Shoals
 25348 | Shoals:1 | Identified the +1 arbalest of the Apocalypse {speed, *Slow
                  | rPois Int+4 Dex+2}
 25382 | Shoals:1 | Identified the +2 ring mail of Failure {Will+ Str-3 SInv}
 26161 | Shoals:1 | Found Ecacwaf's Armour Boutique.
 26489 | Shoals:2 | Reached XP level 15. HP: 106/115 MP: 13/28
 26648 | Shoals:2 | Reached skill level 10 in Spellcasting
 26717 | Shoals:2 | Identified the ring of Vymuinax {rF+ rN+ MP+9 Str+3}
 27914 | Shoals:3 | Noticed Ilsuiw
 27929 | Shoals:3 | Killed Ilsuiw
 28485 | Shoals:3 | Noticed Polyphemus
 28499 | Shoals:3 | Reached skill level 15 in Alchemy
 28513 | Shoals:3 | Killed Polyphemus
 28943 | Shoals:3 | Found Sidwycoxic's Distillery.
 28952 | Shoals:3 | Bought a potion of curing for 51 gold pieces
 28952 | Shoals:3 | Bought a potion of invisibility for 136 gold pieces
 29259 | Shoals:4 | Entered Level 4 of the Shoals
 29264 | Shoals:4 | Reached XP level 16. HP: 110/122 MP: 22/30
 29297 | Shoals:3 | Learned a level 6 spell: Eringya's Noxious Bog
 29540 | Shoals:4 | Reached skill level 1 in Shields
 30075 | Shoals:4 | Got Sif Muna's Guide on Tinctures and Conjury
 30114 | Shoals:4 | Reached skill level 5 in Shields
 30256 | Shoals:4 | Noticed a kraken
 30264 | Shoals:4 | Killed a kraken
 30342 | Shoals:4 | Identified the +1 dagger of Law {antimagic, rCorr Str-5
                  | Dex-4 SInv}
 30641 | Shoals:4 | Got a barnacled rune of Zot
 31005 | Spider:1 | Entered Level 1 of the Spider Nest
 31258 | Spider:1 | Noticed Mlioglotl
 31264 | Spider:1 | Noticed a bone dragon
 31264 | Spider:1 | Noticed a tentacled starspawn
 31269 | Spider:1 | Killed Mlioglotl
 33568 | Spider:2 | Noticed Arachne
 33587 | Spider:1 | Killed Arachne
 33642 | Spider:2 | Reached XP level 17. HP: 131/131 MP: 30/31
 33960 | Spider:2 | Identified the +0 leather armour of Eluonupp {+Inv rC-
                  | Dex+3 Stlth+}
 34807 | D:12     | Noticed Gastronok
 34815 | D:12     | Killed Gastronok
 35552 | D:12     | Noticed Rupert
 35594 | D:12     | Killed Rupert
 36738 | D:12     | Found a portal to a secret trove of treasure.
 37194 | D:13     | Reached skill level 5 in Air Magic
 37743 | D:14     | Identified the +0 helmet of the True Pharaoh {^Contam rN+
                  | Int+3 Dex+3}
 37835 | D:14     | Found a gate to the Vaults.
 38522 | Vaults:1 | Entered Level 1 of the Vaults
 39625 | Vaults:1 | Found Veappib's Weapon Shop.
 39752 | Vaults:1 | Gained mutation: You are completely covered in razor-sharp
                  | scales. (AC +3, Slay +3) [demonic ancestry]
 39752 | Vaults:1 | Reached XP level 18. HP: 125/140 MP: 28/32
 39841 | Vaults:1 | Identified the ring "Fic Qah" {rC+ Int+4 Dex+6}
 39971 | Vaults:1 | Reached skill level 10 in Air Magic
 42196 | Vaults:2 | Paralysed by a formless jellyfish for 1 turns
 42198 | Vaults:2 | Paralysed by a formless jellyfish for 1 turns
 44266 | Vaults:3 | Found a runed translucent gate.
 44267 | Vaults:3 | Found a runed translucent gate.
 44268 | Vaults:3 | Found a runed translucent gate.
 44273 | Vaults:3 | Noticed Zonian's ghost (adept HOFi)
 44273 | Vaults:3 | Identified the +0 shortbow of Huokk {speed, rN++ MP+9 Int-3
                  | Dex+2}
 44275 | Vaults:3 | Found the +0 mask of the Dragon {Will+ Slay+3 SInv}
 44318 | Vaults:3 | Gained mutation: Your magical and physical power is
                  | slightly enhanced at high health. [demonic ancestry]
 44318 | Vaults:3 | Reached XP level 19. HP: 144/146 MP: 30/33
 44869 | Vaults:3 | Found a staircase to the Crypt.
 45544 | Vaults:3 | Found an iron altar of Okawaru.
 45586 | Vaults:3 | Learned a level 6 spell: Plasma Beam
 45626 | Crypt:1  | Entered Level 1 of the Crypt
 45687 | Vaults:4 | Found a crumbling gateway.
 45700 | Desolati | Entered the Desolation of Salt
 45757 | Desolati | Reached skill level 15 in Fire Magic
 46226 | Desolati | Identified the ring "Ciffiav" {Fly rElec rN+}
 46334 | Desolati | Identified the +10 flail of Eteaffuria {vamp, rC+ rCorr}
 46352 | Desolati | Identified the +11 sling of Subjectivity {freeze, rN+ Will+
                  | Str-2 Stlth+}
 46493 | Desolati | Got the Meditations on Attendants and Shadows
 46673 | Desolati | Identified the amulet "Jof Zyko" {RegenMP rElec Int+4}
 46719 | Desolati | Got Oloer's Folio of the Brume and Superposition
 46720 | Desolati | Identified the ring of Xom's Bemusement {Fly Str+4}
 46960 | Vaults:4 | Identified the +1 leather armour "Peroette" {^Contam rF+
                  | Dex+5}
 47652 | Vaults:4 | Found the amulet of Vitality {RegenMP++ Regen++}
 49221 | Vaults:4 | Bought a potion of heal wounds for 215 gold pieces
 49856 | Spider:3 | Gained mutation: Your magical and physical power is
                  | enhanced at high health. [demonic ancestry]
 49856 | Spider:3 | Reached XP level 20. HP: 153/153 MP: 33/34
 50575 | Spider:4 | Entered Level 4 of the Spider Nest
 50967 | Spider:4 | Reached skill level 15 in Conjurations
 51247 | Spider:4 | Got a gossamer rune of Zot
 52244 | D:15     | Entered Level 15 of the Dungeon
 52315 | D:15     | Found a staircase to the Depths.
 52644 | D:15     | Noticed Kirke
 52649 | D:15     | Killed Kirke
 52690 | D:15     | Noticed SafestHooves's ghost (journeyman CeMo)
 52693 | D:15     | Found a runed translucent gate.
 52693 | D:15     | Found a runed translucent gate.
 52693 | D:15     | Found a runed translucent gate.
 52718 | D:15     | Reached skill level 1 in Armour
 52722 | D:15     | Noticed Josephine
 52728 | D:15     | Killed Josephine
 53405 | Vaults:5 | Entered Level 5 of the Vaults
 53774 | Vaults:5 | Identified the ring "Bohunetwi" {Fly rCorr}
 53797 | Vaults:5 | Noticed an ancient lich
 53806 | Vaults:5 | Killed an ancient lich
 53807 | Vaults:5 | Gained mutation: You regenerate a lot of health from kills.
                  | [demonic ancestry]
 53807 | Vaults:5 | Reached XP level 21. HP: 147/161 MP: 4/35
 53933 | Vaults:5 | Identified the +4 great sword "Miseovu" {heavy, SInv}
 54117 | Vaults:5 | Identified the +9 long sword "Qoem" {elec, Fly rF++}
 54454 | Vaults:5 | Noticed a golden dragon
 54464 | Vaults:5 | Identified the staff "Jeat Foe" {rPois rF+ Int+3 Tloc
                  | Alchemy}
 54468 | Vaults:5 | Killed a golden dragon
 55169 | Vaults:5 | Identified the staff "Inelaomn" {rPois Will+ MP+9 Tloc Air
                  | Alchemy}
 55952 | Vaults:5 | Got a silver rune of Zot
 56346 | Orc:2    | Bought a scroll of blinking for 135 gold pieces
 56352 | Orc:2    | Bought a pitted brass ring for 210 gold pieces
 56352 | Orc:2    | Identified the ring of Elyvilon's Delight {EV+5 Str+3
                  | Stlth+} (You bought it in a shop on level 2 of the Orcish
                  | Mines)
 56370 | Elf:1    | Entered Level 1 of the Elven Halls
 56434 | Elf:1    | Identified the +5 ring mail "Goug" {rC+}
 56603 | Elf:1    | Paralysed by an air elemental for 1 turns
 56771 | Elf:1    | Found a runed translucent gate.
 56772 | Elf:1    | Found a runed translucent gate.
 56772 | Elf:1    | Found a runed translucent gate.
 56775 | Elf:1    | Noticed Rusiuc's ghost (adept MiBe)
 56775 | Elf:1    | Noticed Hihelu's ghost (adept MiBe)
 56775 | Elf:1    | Noticed Upahu's ghost (adept MiBe)
 57025 | Elf:1    | Found Ganuocapp's Book Shoppe.
 57026 | Elf:1    | Found Okoxtes's Jewellery Shop.
 57026 | Elf:1    | Found Apaerchug's Jewellery Shop.
 57249 | Elf:2    | Found Pediom's Assorted Antiques.
 57354 | Elf:2    | Bought a crude chain mail for 266 gold pieces
 57354 | Elf:2    | Identified the +2 chain mail "Tegoiqor" {rPois rF- Will+}
                  | (You bought it in a shop on level 2 of the Elven Halls)
 57396 | Elf:2    | Reached skill level 15 in Fighting
 57466 | Elf:2    | Found a runed translucent gate.
 57467 | Elf:2    | Found a runed translucent gate.
 57473 | Elf:2    | Found a runed translucent gate.
 57540 | Elf:2    | Found a bloodstained altar of Trog.
 57551 | Elf:2    | Noticed peterlawrence's ghost (adept MiFi)
 57563 | Elf:2    | Found a transporter.
 57568 | Elf:2    | Identified the +1 leather armour "Enouris" {Will- MP+9
                  | Str+8 Dex+3}
 57569 | Elf:2    | Found a transporter.
 58006 | Elf:2    | Gained mutation: Your magical and physical power is greatly
                  | enhanced at high health. [demonic ancestry]
 58006 | Elf:2    | Reached XP level 22. HP: 175/175 MP: 38/38
 58006 | Elf:2    | Noticed Zenata
 58009 | Elf:2    | Killed Zenata
 58203 | Elf:2    | Identified the blade talisman of Experimentation {*Slow
                  | rPois Str-4 Dex+9}
 58302 | Elf:2    | Reached skill level 15 in Dodging
 58435 | Elf:3    | Entered Level 3 of the Elven Halls
 58466 | Elf:3    | Found Xerchilokh's Antique Weapon Shop.
 58498 | Elf:3    | Found Gibaug's Assorted Antiques.
 58535 | Elf:3    | Found Tyleiwag's Assorted Antiques.
 58562 | Elf:3    | Found a flickering gateway to a bazaar.
 58567 | Bazaar   | Entered a bazaar
 58571 | Bazaar   | Found Foxt's Jewellery Boutique.
 58593 | Bazaar   | Found Yfaowaty's Antique Armour Emporium.
 58613 | Bazaar   | Found Suujeq's Antique Weapon Boutique.
 58633 | Bazaar   | Found Muexif's Antique Weapon Shoppe.
 58860 | Elf:3    | Bought a scroll of summoning for 418 gold pieces
 58921 | Elf:3    | Found Gowats's Weapon Boutique.
 59440 | Elf:3    | Bought a potion of heal wounds for 165 gold pieces
 59731 | Elf:3    | Identified the +3 quarterstaff "Xueqoitha" {venom, rElec
                  | Int+3}
 59735 | Elf:3    | Identified the ring of the Fool {Fly rElec rN+ AC+4}
 59751 | Elf:3    | Identified the ring "Zisaib" {rCorr Dex+6}
 59813 | Elf:3    | Identified the staff "Getipnag" {rElec Will+ Earth}
 59866 | Elf:3    | Identified the +2 chain mail of Ocre {rC+ Regen+ Dex+3}
 59873 | Elf:3    | Identified the +5 dire flail "Xesais" {speed, Str+3}
 59949 | Elf:3    | Identified the staff of the Pyrrhic Victory {rElec Int+2
                  | Air}
 60304 | Depths:1 | Entered Level 1 of the Depths
 60408 | Depths:1 | Found a one-way gateway to a ziggurat.
 60648 | Depths:1 | Found an iron altar of Okawaru.
 60655 | Depths:1 | Found a gateway to Hell.
 61423 | Depths:1 | Found a runed translucent door.
 61424 | Depths:1 | Noticed Jimoer's ghost (adept DsHu)
 61758 | Depths:2 | Noticed a golden dragon
 61787 | Depths:2 | Killed a golden dragon
 61788 | Depths:2 | Reached skill level 15 in Air Magic
 61791 | Depths:2 | Noticed a golden dragon
 61827 | Depths:2 | Killed a golden dragon
 61828 | Depths:2 | Reached skill level 5 in Translocations
 61928 | Depths:2 | Reached XP level 23. HP: 184/184 MP: 39/39
 62388 | Depths:2 | Found a radiant altar of Vehumet.
 62928 | Depths:2 | Identified the +6 demon whip "Yfeug" {flame, *Rage rF+
                  | Will++ Str+4}
 63192 | Depths:3 | Found a one-way gate to the infinite horrors of the Abyss.
 63240 | Depths:3 | Found a flickering gateway to a bazaar.
 63245 | Bazaar   | Entered a bazaar
 63245 | Bazaar   | Found Fefin's Antique Armour Emporium.
 63247 | Bazaar   | Found Viragg's Assorted Antiques.
 63274 | Bazaar   | Found Qapp's Book Boutique.
 63285 | Bazaar   | Found Jiongom's Jewellery Emporium.
 63322 | Bazaar   | Bought a scorched leather armour for 112 gold pieces
 63322 | Bazaar   | Identified the +2 leather armour "Vugufoen" {rN+ Will+}
                  | (You bought it in a shop in a bazaar)
 63322 | Bazaar   | Bought a faintly humming tower shield for 152 gold pieces
 63322 | Bazaar   | Identified the +5 tower shield of the Farrier {rPois} (You
                  | bought it in a shop in a bazaar)
 63448 | Depths:3 | Noticed Vv
 63589 | Depths:3 | Killed Vv
 64135 | Depths:3 | Noticed a juggernaut
 64137 | Depths:3 | Killed a juggernaut
 64326 | Depths:3 | Noticed a caustic shrike
 64329 | Depths:3 | Killed a caustic shrike
 64764 | Depths:4 | Entered Level 4 of the Depths
 65366 | Depths:4 | Found a gate to the Realm of Zot.
 65803 | Zot:1    | Entered Level 1 of the Realm of Zot
 66501 | Zot:1    | Reached XP level 24. HP: 191/191 MP: 40/40
 68214 | Zot:4    | Found the +4 dragonskin cloak
 68214 | Zot:4    | Noticed Tiamat
 68352 | Zot:4    | Noticed an orb of fire
 68411 | Zot:5    | Entered Level 5 of the Realm of Zot
 69092 | Zot:4    | Gained mutation: You are strong-willed. (Will+) [an orb of
                  | fire]
 69190 | Zot:4    | Gained mutation: You occasionally lose the ability to drink
                  | potions when taking damage. [an orb of fire]
 70496 | Crypt:1  | Noticed Margery
 70512 | Crypt:1  | Killed Margery
 70954 | Crypt:1  | Identified a scroll of acquirement
 70978 | Crypt:1  | Acquired 1302 gold pieces
 71012 | Crypt:1  | Got Genaicha's Codex of Polar Reagents
 71021 | Crypt:1  | Got Ympei's Teachings on the Niveous Excursion
 71130 | Crypt:1  | Found a shimmering blue altar of Sif Muna.
 72345 | Crypt:3  | Entered Level 3 of the Crypt
 72400 | Crypt:3  | Reached XP level 25. HP: 197/197 MP: 40/40
 72556 | Crypt:3  | Identified the +8 ring mail of Nihilism {rF++ rC+ Int-4
                  | Slay+2}
 72924 | Crypt:3  | Identified the staff of a Billion Tables {^Contam rN+ Int+4
                  | Necro}
 74056 | Crypt:3  | Found a staircase to the Tomb.
 74603 | Slime:1  | Entered Level 1 of the Pits of Slime
 75021 | Slime:2  | Noticed Donald
 75024 | Slime:2  | Killed Donald
 76741 | Slime:5  | Entered Level 5 of the Pits of Slime
 76806 | Slime:5  | Noticed the Royal Jelly
 77277 | Slime:5  | Found a viscous altar of Jiyva.
 77392 | Slime:5  | Killed the Royal Jelly
 77670 | Slime:5  | Acquired 764 gold pieces
 77689 | Slime:5  | Identified the +1 pair of gloves of the Forgotten Beds
                  | {Dex+4}
 77720 | Slime:5  | Identified the ring of Fode {rPois rF+}
 77730 | Slime:5  | Identified the +0 great sword of the Girdle {flame, rN+
                  | Dex+2}
 77757 | Slime:5  | Identified the +3 ring mail of Compassion {Str+2 Stlth+}
 77763 | Slime:5  | Identified the ring "Zaass" {Fire ^Contam *Slow rPois SInv}
 77775 | Slime:5  | Identified the ring "Anafiraf" {^Contam rElec rN+++ EV+5
                  | Str+2}
 77815 | Slime:5  | Got a slimy rune of Zot
 79518 | Elf:1    | Bought the ring "Apaudgheclo" {Wiz Will+ Str+2} for 561
                  | gold pieces
 79894 | Vaults:4 | Bought the ring "Maclom" {^Drain rElec rF+++ AC+4 Stlth-}
                  | for 1326 gold pieces
 79984 | Vaults:4 | Learned a level 5 spell: Fireball
 79995 | Vaults:4 | Learned a level 9 spell: Chain Lightning
 80006 | Vaults:4 | Learned a level 8 spell: Ignition
 80262 | Depths:3 | Voluntarily entered the Abyss.
 80658 | Abyss:3  | Noticed a dread lich
 80672 | Abyss:3  | Found a corrupted altar of Lugonu.
 80675 | Abyss:3  | Killed a dread lich
 80676 | Abyss:3  | Reached XP level 26. HP: 204/204 MP: 3/40
 80842 | Abyss:3  | Found a corrupted altar of Lugonu.
 80937 | Depths:3 | Escaped the Abyss
 81126 | Depths:3 | Voluntarily entered the Abyss.
 81246 | Abyss:3  | Paralysed by accursed screaming for 1 turns
 81248 | Abyss:3  | Paralysed by accursed screaming for 1 turns
 81255 | Abyss:3  | Got an abyssal rune of Zot
 81271 | Depths:3 | Escaped the Abyss
 81533 | Hell     | Entered the Vestibule of Hell
 81533 | Hell     | Noticed Geryon
 81536 | Hell     | Killed Geryon
 82090 | Hell     | Noticed a dread lich
 82129 | Hell     | Killed a dread lich
 82299 | Hell     | Found a gateway to the freezing wastes of Cocytus.
 82424 | Hell     | Found a gateway to the decaying netherworld of Tartarus.
 82561 | Hell     | Found a gateway to the ashen valley of Gehenna.
 82679 | Hell     | Found a gateway to the Iron City of Dis.
 82853 | Zot:3    | Killed an orb of fire
 83067 | Zot:4    | Killed Tiamat
 83369 | Zot:5    | Noticed an orb of fire
 83379 | Zot:5    | Killed an orb of fire
 83982 | Zot:5    | Noticed an ancient lich
 83988 | Zot:5    | Killed an ancient lich
 83997 | Zot:5    | Noticed an ancient lich
 83999 | Zot:5    | Killed an ancient lich
 84005 | Zot:5    | Noticed an orb of fire
 84022 | Zot:5    | Gained mutation: You are clumsy. (Dex -2) [an orb of fire]
 84149 | Zot:5    | Killed an orb of fire
 84150 | Zot:5    | Gained mutation: When low on magic, you restore magic in
                  | place of health. [demonic ancestry]
 84150 | Zot:5    | Reached XP level 27. HP: 172/210 MP: 18/40
 84271 | Zot:5    | Noticed an orb of fire
 84276 | Zot:5    | Killed an orb of fire
 84432 | Zot:5    | Noticed an orb of fire
 84435 | Zot:5    | Killed an orb of fire
 84481 | Zot:5    | Noticed an ancient lich
 84483 | Zot:5    | Killed an ancient lich
 85313 | Depths:1 | Killed Jimoer's ghost
 85442 | D:15     | Killed SafestHooves's ghost
 85580 | D:11     | Killed xianbchi's ghost
 85582 | D:11     | Killed jimmypageman's ghost
 85726 | Lair:1   | Killed LilYaldabaoth01's ghost
 85834 | Lair:2   | Killed Zoobame's ghost
 86095 | Elf:1    | Killed Rusiuc's ghost
 86096 | Elf:1    | Killed Upahu's ghost
 86098 | Elf:1    | Killed Hihelu's ghost
 86115 | Elf:1    | Got Sif Muna's Codex of Sepulchral Arcane Combat
 86502 | Vaults:3 | Killed Zonian's ghost
 86903 | Elf:2    | Killed peterlawrence's ghost
 86949 | Elf:2    | Identified the +1 leather armour of Lugonu's Delight {rF+
                  | Dex+3}
 87640 | Depths:2 | Found a one-way gate leading to the halls of Pandemonium.
 87650 | Pan      | Entered Pandemonium
 87706 | Pan      | Noticed Zirghiw the pandemonium lord
 87709 | Pan      | Killed Zirghiw the pandemonium lord
 87736 | Pan      | Reached skill level 10 in Shields
 88320 | Pan      | Found an exit through the horrors of the Abyss.
 88639 | Pan      | Found an exit through the horrors of the Abyss.
 89029 | Pan      | Identified the +2 buckler "Jeastiky" {Will+ Int+3}
 89073 | Pan      | Found an opulent altar of Gozag.
 89074 | Pan      | Noticed a dread lich
 89076 | Pan      | Killed a dread lich
 89081 | Pan      | Found Ziponeh's Assorted Sundries.
 89086 | Pan      | Noticed Ziponeh the pandemonium lord
 89088 | Pan      | Killed Ziponeh the pandemonium lord
 89120 | Pan      | Found Ziponeh's Book Shoppe.
 89120 | Pan      | Found an opulent altar of Gozag.
 89150 | Pan      | Found an opulent altar of Gozag.
 89162 | Pan      | Found Ziponeh's Infernal Boutique.
 89186 | Pan      | Found Ziponeh's Demonic Rune Hole.
 89206 | Pan      | Bought a scroll of blinking for 105 gold pieces
 89833 | Pan      | Noticed Fat Cagg the pandemonium lord
 89837 | Pan      | Killed Fat Cagg the pandemonium lord
 90052 | Pan      | Identified the +7 whip "Caocs" {spect, rPois}
 90583 | Pan      | Entered the realm of Mnoleg.
 90604 | Pan      | Gained mutation: You are very clumsy. (Dex -4) [a
                  | cacodemon]
 91044 | Pan      | Gained mutation: Your health recovers twice as slowly from
                  | being drained. [a cacodemon]
 91357 | Pan      | Gained mutation: Your body sometimes deteriorates upon
                  | taking damage. [a cacodemon]
 91722 | Pan      | Noticed Mnoleg
 91735 | Pan      | Killed Mnoleg
 91851 | Pan      | Got a glowing rune of Zot
 91937 | Pan      | Entered the realm of Gloorx Vloq.
 92146 | Pan      | Reached skill level 27 in Conjurations
 92209 | Pan      | Noticed Gloorx Vloq
 92217 | Pan      | Killed Gloorx Vloq
 92218 | Pan      | Reached skill level 15 in Shields
 92263 | Pan      | Got a dark rune of Zot
 92347 | Pan      | Found an exit through the horrors of the Abyss.
 93288 | Pan      | Lost mutation: You are very clumsy. (Dex -4) [potion of
                  | mutation]
 93288 | Pan      | Lost mutation: You occasionally lose the ability to drink
                  | potions when taking damage. [potion of mutation]
 93288 | Pan      | Lost mutation: Your health recovers twice as slowly from
                  | being drained. [potion of mutation]
 93288 | Pan      | Gained mutation: You have supernaturally acute eyesight.
                  | (SInv) [potion of mutation]
 93288 | Pan      | Gained mutation: Your flesh is heat resistant. (rF+)
                  | [potion of mutation]
 93288 | Pan      | Lost mutation: Your body sometimes deteriorates upon taking
                  | damage. [potion of mutation]
 93655 | Pan      | Identified the maw talisman "Ronletz" {Str+3 Stlth+}
 94276 | Pan      | Noticed Hoedoe the pandemonium lord
 94279 | Pan      | Killed Hoedoe the pandemonium lord
 94332 | Pan      | Got a demonic rune of Zot
 94381 | Pan      | Entered the realm of Cerebov.
 94849 | Pan      | Found the +6 sword of Cerebov {flame}
 94849 | Pan      | Noticed Cerebov
 94861 | Pan      | Killed Cerebov
 94862 | Pan      | Reached skill level 27 in Air Magic
 94935 | Pan      | Got a fiery rune of Zot
 95036 | Pan      | Identified the staff of Meijasomn {*Corrode ^Drain Dex+9
                  | Conj Earth}
 95070 | Pan      | Identified the +4 sling of Rotation {drain, rElec Int-3
                  | Dex+6}
 95413 | Pan      | Found an exit through the horrors of the Abyss.
 95453 | Pan      | Reached skill level 1 in Shapeshifting
 95696 | Pan      | Identified the +0 scale mail "Getz" {-Tele Harm rElec
                  | Will++}
 95727 | Pan      | Identified the +1 robe of the Illusory Bounties {+Inv rCorr
                  | MP+9 Int+4}
 95742 | Pan      | Identified the staff of Wazy {rN+ Will- rCorr Str+4 Necro}
 95926 | Pan      | Identified the amulet of Hysics {Faith Regen+}
 96089 | Pan      | Entered the realm of Lom Lobon.
 96593 | Pan      | Found an exit through the horrors of the Abyss.
 96742 | Pan      | Reached skill level 15 in Spellcasting
 97076 | Pan      | Noticed Lom Lobon
 97162 | Pan      | Killed Lom Lobon
 97687 | Pan      | Got a magical rune of Zot
 97948 | Pan      | Noticed Odireshre the pandemonium lord
 97963 | Pan      | Killed Odireshre the pandemonium lord
 98218 | Pan      | Found an exit through the horrors of the Abyss.
 98538 | Pan      | Identified the +6 sling of Contradiction {heavy, rPois rC+
                  | Int+3 Stlth+}
 98575 | Pan      | Identified the +1 scale mail of the Thistle {Dex+2}
 98752 | Pan      | Noticed Qiyvvug the pandemonium lord
 98754 | Pan      | Killed Qiyvvug the pandemonium lord
 98943 | Pan      | Found an exit through the horrors of the Abyss.
 99352 | Pan      | Found an exit through the horrors of the Abyss.
 99397 | Pan      | Noticed Pusekkov the pandemonium lord
 99401 | Pan      | Killed Pusekkov the pandemonium lord
100211 | Depths:2 | Escaped Pandemonium
100298 | Hell     | Learned a level 4 spell: Passage of Golubria
100443 | Pan      | Entered Pandemonium
100456 | Pan      | Reached skill level 1 in Throwing
100467 | Pan      | Noticed Busenoll the pandemonium lord
100470 | Pan      | Killed Busenoll the pandemonium lord
101317 | Pan      | Found an exit through the horrors of the Abyss.
101418 | Pan      | Reached skill level 5 in Throwing
101597 | Pan      | Noticed Lihelib the pandemonium lord
101600 | Pan      | Killed Lihelib the pandemonium lord
101822 | Pan      | Found an exit through the horrors of the Abyss.
101923 | Pan      | Identified the +2 buckler of Emoses {Rampage MP+9 Str-4
                  | Int-5}
102160 | Pan      | Reached skill level 10 in Throwing
102574 | Pan      | Found an exit through the horrors of the Abyss.
102831 | Pan      | Noticed Sosty the pandemonium lord
102841 | Pan      | Killed Sosty the pandemonium lord
103453 | Pan      | Found an exit through the horrors of the Abyss.
103872 | Pan      | Noticed Cocegyt the pandemonium lord
103883 | Pan      | Killed Cocegyt the pandemonium lord
104331 | Pan      | Reached skill level 15 in Throwing
104421 | Pan      | Noticed Tehebb Daam the pandemonium lord
104427 | Pan      | Killed Tehebb Daam the pandemonium lord
105116 | Pan      | Noticed Vogekamn the pandemonium lord
105129 | Pan      | Killed Vogekamn the pandemonium lord
106078 | Pan      | Noticed Ignacio
106095 | Pan      | Found a transporter.
106097 | Pan      | Gained mutation: You have sharp toenails. [a cacodemon]
106125 | Pan      | Found a transporter.
106149 | Pan      | Identified the amulet "Ryeff" {Rampage rElec Regen+ rCorr}
106187 | Pan      | Identified the +2 hat "Moaxuxou" {Will- Str+4 Slay+4}
106189 | Pan      | Identified the ring of Leurawn {rElec rPois rCorr Int-5
                  | Dex-2}
106401 | Pan      | Killed Ignacio
106937 | Pan      | Found an exit through the horrors of the Abyss.
107267 | Pan      | Found an exit through the horrors of the Abyss.
107336 | Pan      | Noticed Pamymnuir the pandemonium lord
107339 | Pan      | Killed Pamymnuir the pandemonium lord
108050 | Pan      | Found an exit through the horrors of the Abyss.
108083 | Pan      | Noticed Monwigguikh the pandemonium lord
108095 | Pan      | Killed Monwigguikh the pandemonium lord
109076 | Pan      | Noticed Eptuq the pandemonium lord
109081 | Pan      | Killed Eptuq the pandemonium lord
109090 | Pan      | Reached skill level 5 in Armour
109221 | Pan      | Found an exit through the horrors of the Abyss.
110349 | Pan      | Found an exit through the horrors of the Abyss.
110423 | Pan      | Noticed Daok Gut the pandemonium lord
110425 | Pan      | Killed Daok Gut the pandemonium lord
111101 | Pan      | Noticed Vedudac the pandemonium lord
111104 | Pan      | Killed Vedudac the pandemonium lord
111225 | Pan      | Found an exit through the horrors of the Abyss.
111554 | Pan      | Noticed Zatz the pandemonium lord
111558 | Pan      | Killed Zatz the pandemonium lord
112039 | Pan      | Noticed Plog the pandemonium lord
112042 | Pan      | Killed Plog the pandemonium lord
113363 | Pan      | Found an exit through the horrors of the Abyss.
113459 | Pan      | Noticed Taseizer the pandemonium lord
113463 | Pan      | Killed Taseizer the pandemonium lord
114227 | Pan      | Noticed Upsonloq the pandemonium lord
114229 | Pan      | Killed Upsonloq the pandemonium lord
114264 | Pan      | Found a runed translucent door.
115254 | Pan      | Reached skill level 10 in Armour
115351 | Pan      | Found an exit through the horrors of the Abyss.
115463 | Pan      | Found a huge runed translucent gate.
115464 | Pan      | Found a huge runed translucent gate.
116109 | Pan      | Found a huge runed translucent gate.
116110 | Pan      | Found a huge runed translucent gate.
116111 | Pan      | Found a huge runed translucent gate.
116112 | Pan      | Found a huge runed translucent gate.
116113 | Pan      | Found a huge runed translucent gate.
116117 | Pan      | Noticed Rolarivu the pandemonium lord
116122 | Pan      | Killed Rolarivu the pandemonium lord
116306 | Pan      | Noticed Peeduusa the pandemonium lord
116313 | Pan      | Killed Peeduusa the pandemonium lord
116661 | Pan      | Found an exit through the horrors of the Abyss.
117703 | Pan      | Found an exit through the horrors of the Abyss.
117763 | Pan      | Identified the +0 lajatang "Baceetz" {flame, rElec rPois
                  | Stlth+}
117774 | Pan      | Identified the +7 arbalest of Courage {penet, rF+ Str+4
                  | Dex+2}
117932 | Pan      | Noticed Tukali the pandemonium lord
117938 | Pan      | Killed Tukali the pandemonium lord
118232 | Pan      | Identified the +3 scale mail "Qusseth" {Int+4 SInv}
118333 | Pan      | Found an exit through the horrors of the Abyss.
119221 | Pan      | Identified the +1 chain mail of Bedevilment {Harm rF++}
119397 | Pan      | Found an exit through the horrors of the Abyss.
119433 | Pan      | Found a runed translucent door.
119437 | Pan      | Noticed Mow Rick the pandemonium lord
119445 | Pan      | Found a runed translucent door.
119450 | Pan      | Found a runed translucent door.
119457 | Pan      | Found a runed translucent door.
119507 | Pan      | Identified the +8 sling of Cietop {elec, Str+6 Dex-4}
120061 | Pan      | Killed Mow Rick the pandemonium lord
120804 | Pan      | Noticed Jerghomn the pandemonium lord
120807 | Pan      | Killed Jerghomn the pandemonium lord
121374 | Pan      | Noticed Fielil the pandemonium lord
121379 | Pan      | Killed Fielil the pandemonium lord
121421 | Pan      | Found an exit through the horrors of the Abyss.
121905 | Pan      | Noticed Ibaelik the pandemonium lord
121909 | Pan      | Killed Ibaelik the pandemonium lord
122043 | Pan      | Noticed Mennas
122046 | Pan      | Killed Mennas
122111 | Pan      | Found an exit through the horrors of the Abyss.
122458 | Pan      | Noticed Vuidobba the pandemonium lord
122462 | Pan      | Killed Vuidobba the pandemonium lord
122842 | Pan      | Found an exit through the horrors of the Abyss.
123472 | Pan      | Noticed Sexkizuqitt the pandemonium lord
123474 | Pan      | Killed Sexkizuqitt the pandemonium lord
123494 | Pan      | Identified the +5 scale mail of the Unbroken {Dex+3}
123537 | Pan      | Noticed Baas Qok the pandemonium lord
123541 | Pan      | Killed Baas Qok the pandemonium lord
123726 | Pan      | Identified the +5 sling of Grim Indomitability {elec, rPois
                  | rC+ Will+ Int-5}
124240 | Pan      | Found an exit through the horrors of the Abyss.
124670 | Pan      | Gained mutation: Your body sometimes deteriorates upon
                  | taking damage. [a cacodemon]
125034 | Pan      | Noticed Hybb the pandemonium lord
125039 | Pan      | Killed Hybb the pandemonium lord
125842 | Pan      | Gained mutation: You are weak. (Str -2) [a cacodemon]
126503 | Pan      | Noticed Lecod the pandemonium lord
126507 | Pan      | Killed Lecod the pandemonium lord
126756 | Pan      | Found an exit through the horrors of the Abyss.
127433 | Pan      | Identified the +4 ring mail of the Twenty Seas {Harm rPois}
127449 | Pan      | Noticed Punir the pandemonium lord
127458 | Pan      | Killed Punir the pandemonium lord
127922 | Pan      | Found an exit through the horrors of the Abyss.
128180 | Pan      | Noticed Giloniosh the pandemonium lord
128185 | Pan      | Killed Giloniosh the pandemonium lord
129070 | Pan      | Found an exit through the horrors of the Abyss.
129131 | Pan      | Noticed Saenno the pandemonium lord
129135 | Pan      | Killed Saenno the pandemonium lord
129573 | Pan      | Identified the +1 pair of boots of Death Resistance {rElec
                  | Int+2}
129833 | Pan      | Noticed Fextef the pandemonium lord
129837 | Pan      | Killed Fextef the pandemonium lord
130299 | Pan      | Acquired 1052 gold pieces
131083 | Pan      | Found an exit through the horrors of the Abyss.
131548 | Pan      | Found a transporter.
131605 | Pan      | Found an exit through the horrors of the Abyss.
131676 | Pan      | Found a transporter.
132274 | Pan      | Gained mutation: You are robust. (+10% HP) [mutagenic glow]
132283 | Pan      | Lost mutation: You are clumsy. (Dex -2) [mutagenic glow]
132293 | Pan      | Gained mutation: You occasionally lose the ability to drink
                  | potions when taking damage. [mutagenic glow]
132313 | Pan      | Gained mutation: Your magical capacity is low. (-10% MP)
                  | [mutagenic glow]
132314 | Pan      | Identified the ring "Qigo" {rC- Str+3 Slay+3 SInv Stlth+}
132325 | Pan      | Identified the ring "Zummayr" {rElec rC- Str+2 Dex+2 SInv}
132332 | Pan      | Identified the +6 quarterstaff of the Lusting Shark
                  | {freeze, *Noise rC+ rCorr}
132537 | Pan      | Noticed Acinyent the pandemonium lord
132546 | Pan      | Killed Acinyent the pandemonium lord
132603 | Pan      | Acquired 1031 gold pieces
133288 | Pan      | Noticed Oschagis the pandemonium lord
133289 | Pan      | Killed Oschagis the pandemonium lord
133415 | Pan      | Gained mutation: Your spells are a little easier to cast,
                  | but a little less powerful. [a neqoxec]
133482 | Pan      | Found an exit through the horrors of the Abyss.
134391 | Pan      | Noticed Moaruis the pandemonium lord
134394 | Pan      | Killed Moaruis the pandemonium lord
135052 | Pan      | Identified the staff "Jetafoci" {rPois rF- rC+ Earth}
135185 | Pan      | Identified the staff of Sharkskin {rElec rN++ Air Alchemy}
135212 | Pan      | Found an exit through the horrors of the Abyss.
135338 | Pan      | Noticed Sota the pandemonium lord
135344 | Pan      | Killed Sota the pandemonium lord
135670 | Pan      | Found an exit through the horrors of the Abyss.
135703 | Pan      | Noticed Cujarac the pandemonium lord
135707 | Pan      | Killed Cujarac the pandemonium lord
135708 | Pan      | Reached skill level 15 in Armour
135980 | Pan      | Identified the +3 leather armour "Xaitaev" {rF+++ rC- rN+
                  | Str+3}
136731 | Pan      | Noticed Cimpon the pandemonium lord
136734 | Pan      | Killed Cimpon the pandemonium lord
136803 | Pan      | Identified the +1 spear "Concordance" {freeze, rN+ Will+
                  | Str-3}
136864 | Pan      | Identified the +2 war axe "Killer Klown's Doom" {speed, Fly
                  | rElec}
137410 | Pan      | Noticed Busmage the pandemonium lord
137416 | Pan      | Killed Busmage the pandemonium lord
137450 | Pan      | Identified the ring of Past Mistakes {rPois rCorr}
137585 | Pan      | Identified the +2 spear of Descent {venom, rF- Dex+7}
138201 | Pan      | Found an exit through the horrors of the Abyss.
138904 | Pan      | Found an exit through the horrors of the Abyss.
139072 | Pan      | Noticed Remoxeirph the pandemonium lord
139075 | Pan      | Killed Remoxeirph the pandemonium lord
139530 | Pan      | Noticed Optiunira the pandemonium lord
139535 | Pan      | Killed Optiunira the pandemonium lord
139674 | Pan      | Found an exit through the horrors of the Abyss.
140036 | Pan      | Identified the +0 robe of the Salmon {rPois}
140338 | Pan      | Gained mutation: You are dopey. (Int -2) [a cacodemon]
140606 | Pan      | Found an exit through the horrors of the Abyss.
140631 | Pan      | Found a runed translucent door.
140959 | Pan      | Noticed Jerch the pandemonium lord
140963 | Pan      | Killed Jerch the pandemonium lord
141084 | Depths:2 | Escaped Pandemonium
141085 | Depths:2 | Lost mutation: You have sharp toenails. [potion of
                  | mutation]
141085 | Depths:2 | Lost mutation: Your spells are a little easier to cast, but
                  | a little less powerful. [potion of mutation]
141085 | Depths:2 | Lost mutation: You are robust. (+10% HP) [potion of
                  | mutation]
141085 | Depths:2 | Gained mutation: Your flesh is cold resistant. (rC+)
                  | [potion of mutation]
141085 | Depths:2 | Lost mutation: Your flesh is heat resistant. (rF+) [potion
                  | of mutation]
141085 | Depths:2 | Gained mutation: You are robust. (+10% HP) [potion of
                  | mutation]
141214 | Tar:1    | Entered Level 1 of Tartarus
141219 | Tar:1    | Reached skill level 1 in Ice Magic
141819 | Tar:3    | Reached skill level 5 in Ice Magic
142219 | Tar:4    | Noticed an ancient lich
142221 | Tar:4    | Killed an ancient lich
142715 | Tar:6    | Noticed an ancient lich
142717 | Tar:6    | Killed an ancient lich
142719 | Tar:6    | Noticed an ancient lich
142721 | Tar:6    | Killed an ancient lich
142941 | Tar:7    | Entered Level 7 of Tartarus
143017 | Tar:7    | Reached skill level 10 in Ice Magic
143082 | Tar:7    | Noticed a dread lich
143085 | Tar:7    | Killed a dread lich
143106 | Tar:7    | Identified the staff "Keoshro" {^Drain rC+ rN++ Stlth+ Ice
                  | Alchemy}
143110 | Tar:7    | Noticed a dread lich
143112 | Tar:7    | Killed a dread lich
143379 | Tar:7    | Noticed Ereshkigal
143387 | Tar:7    | Killed Ereshkigal
143546 | Tar:7    | Got a bone rune of Zot
143560 | Tar:7    | Noticed an ancient lich
143565 | Tar:7    | Killed an ancient lich
143683 | Tar:7    | Reached skill level 15 in Ice Magic
143692 | Tar:7    | Noticed an ancient lich
143695 | Tar:7    | Killed an ancient lich
144207 | Tar:7    | Identified the +0 pearl dragon scales of Infinity {rElec
                  | rN+}
144285 | Tar:7    | Identified the ring "Azeusuage" {^Drain rF+ rC+ Int+2}
144562 | Geh:1    | Entered Level 1 of Gehenna
146135 | Geh:7    | Entered Level 7 of Gehenna
146201 | Geh:7    | Noticed the Serpent of Hell
146206 | Geh:7    | Killed the Serpent of Hell
147007 | Geh:7    | Found the +13 sceptre of Asmodeus
147007 | Geh:7    | Noticed Asmodeus
147014 | Geh:7    | Killed Asmodeus
147093 | Geh:7    | Got an obsidian rune of Zot
148508 | Dis:1    | Entered Level 1 of the Iron City of Dis
149030 | Dis:4    | Noticed a dread lich
149039 | Dis:4    | Killed a dread lich
149184 | Dis:5    | Found a huge runed translucent gate.
149184 | Dis:5    | Found a huge runed translucent gate.
149184 | Dis:5    | Found a huge runed translucent gate.
149232 | Dis:5    | Found a huge runed translucent gate.
149234 | Dis:5    | Found a huge runed translucent gate.
149236 | Dis:5    | Found a huge runed translucent gate.
149236 | Dis:5    | Found a huge runed translucent gate.
149236 | Dis:5    | Found a huge runed translucent gate.
149238 | Dis:5    | Found a huge runed translucent gate.
149238 | Dis:5    | Found a huge runed translucent gate.
149240 | Dis:5    | Found a huge runed translucent gate.
149241 | Dis:5    | Found a huge runed translucent gate.
149245 | Dis:5    | Found a huge runed translucent gate.
149247 | Dis:5    | Found a huge runed translucent gate.
149248 | Dis:5    | Found a huge runed translucent gate.
149249 | Dis:5    | Found a huge runed translucent gate.
149249 | Dis:5    | Found a huge runed translucent gate.
149249 | Dis:5    | Found a huge runed translucent gate.
149249 | Dis:5    | Found a huge runed translucent gate.
149249 | Dis:5    | Found a huge runed translucent gate.
149249 | Dis:5    | Found a huge runed translucent gate.
149255 | Dis:5    | Found a huge runed translucent gate.
149257 | Dis:5    | Found a huge runed translucent gate.
149258 | Dis:5    | Found a huge runed translucent gate.
149259 | Dis:5    | Found a huge runed translucent gate.
149259 | Dis:5    | Found a huge runed translucent gate.
149259 | Dis:5    | Found a huge runed translucent gate.
149259 | Dis:5    | Found a huge runed translucent gate.
149259 | Dis:5    | Found a huge runed translucent gate.
149259 | Dis:5    | Found a huge runed translucent gate.
149259 | Dis:5    | Found a huge runed translucent gate.
149267 | Dis:5    | Found a huge runed translucent gate.
149268 | Dis:5    | Found a huge runed translucent gate.
149269 | Dis:5    | Found a huge runed translucent gate.
149269 | Dis:5    | Found a huge runed translucent gate.
149269 | Dis:5    | Found a huge runed translucent gate.
149839 | Dis:7    | Entered Level 7 of the Iron City of Dis
150685 | Dis:7    | Noticed Dispater
150699 | Dis:7    | Killed Dispater
150800 | Dis:7    | Got an iron rune of Zot
151149 | Dis:7    | Identified the +3 great sword of Turmoil {venom, rPois
                  | Will+ Dex-5}
151232 | Dis:7    | Identified the +0 whip of the Boiling Point {vamp, SInv}
151255 | Dis:7    | Got the Omnibus of Liminal Aeromancy
151264 | Dis:7    | Identified the +3 leather armour of the Constellations
                  | {*Corrode Will++ Dex+5}
151639 | Coc:1    | Entered Level 1 of Cocytus
152051 | Coc:2    | Gained mutation: You occasionally shout uncontrollably at
                  | your foes. [mutagenic glow]
152211 | Coc:3    | Paralysed by a wendigo for 1 turns
152228 | Coc:3    | Paralysed by a wendigo for 1 turns
152893 | Coc:5    | Reached skill level 27 in Ice Magic
152904 | Coc:5    | Reached skill level 1 in Earth Magic
152955 | Coc:5    | Learned a level 9 spell: Polar Vortex
153132 | Coc:5    | Reached skill level 5 in Earth Magic
153507 | Coc:6    | Noticed an ancient lich
153510 | Coc:6    | Killed an ancient lich
153683 | Coc:7    | Entered Level 7 of Cocytus
153864 | Coc:7    | Reached skill level 10 in Earth Magic
153942 | Coc:7    | Paralysed by a wendigo for 1 turns
154422 | Coc:7    | Noticed Antaeus
154432 | Coc:7    | Killed Antaeus
154513 | Coc:7    | Got an icy rune of Zot
155197 | Tomb:1   | Entered Level 1 of the Tomb of the Ancients
155272 | Tomb:1   | Noticed Khufu
155276 | Tomb:1   | Noticed a royal mummy
155277 | Tomb:1   | Killed Khufu
155281 | Tomb:1   | Killed a royal mummy
155412 | Tomb:1   | Noticed a royal mummy
155415 | Tomb:1   | Killed a royal mummy
155433 | Tomb:1   | Noticed a royal mummy
155437 | Tomb:1   | Killed a royal mummy
156230 | Tomb:2   | Noticed a royal mummy
156230 | Tomb:2   | Noticed a royal mummy
156238 | Tomb:2   | Killed a royal mummy
156244 | Tomb:2   | Noticed a royal mummy
156246 | Tomb:2   | Reached skill level 5 in Shapeshifting
156248 | Tomb:2   | Killed a royal mummy
156252 | Tomb:2   | Killed a royal mummy
156252 | Tomb:2   | Noticed a royal mummy
156257 | Tomb:2   | Killed a royal mummy
156851 | Tomb:1   | Noticed a royal mummy
156854 | Tomb:1   | Killed a royal mummy
156860 | Tomb:1   | Noticed a royal mummy
156862 | Tomb:1   | Killed a royal mummy
156883 | Tomb:1   | Noticed a royal mummy
156885 | Tomb:1   | Killed a royal mummy
156922 | Tomb:1   | Noticed a royal mummy
156926 | Tomb:1   | Killed a royal mummy
156929 | Tomb:1   | Noticed a royal mummy
156930 | Tomb:1   | Noticed a royal mummy
156932 | Tomb:1   | Killed a royal mummy
156933 | Tomb:1   | Killed a royal mummy
156933 | Tomb:1   | Noticed a royal mummy
156937 | Tomb:1   | Killed a royal mummy
156945 | Tomb:1   | Noticed a royal mummy
156950 | Tomb:1   | Killed a royal mummy
156986 | Tomb:1   | Noticed a royal mummy
156989 | Tomb:1   | Killed a royal mummy
157092 | Tomb:1   | Noticed a royal mummy
157095 | Tomb:1   | Killed a royal mummy
157105 | Tomb:1   | Noticed a royal mummy
157110 | Tomb:1   | Killed a royal mummy
157121 | Tomb:1   | Noticed a royal mummy
157125 | Tomb:1   | Killed a royal mummy
157187 | Tomb:1   | Noticed a royal mummy
157192 | Tomb:1   | Killed a royal mummy
157193 | Tomb:1   | Reached skill level 10 in Shapeshifting
157225 | Tomb:1   | Noticed a royal mummy
157228 | Tomb:1   | Killed a royal mummy
157229 | Tomb:1   | Noticed a royal mummy
157232 | Tomb:1   | Killed a royal mummy
157237 | Tomb:1   | Noticed a royal mummy
157241 | Tomb:1   | Killed a royal mummy
157294 | Tomb:1   | Noticed a royal mummy
157298 | Tomb:1   | Killed a royal mummy
157309 | Tomb:1   | Noticed a royal mummy
157313 | Tomb:1   | Killed a royal mummy
157317 | Tomb:1   | Noticed a royal mummy
157325 | Tomb:1   | Killed a royal mummy
157482 | Tomb:1   | Noticed a royal mummy
157485 | Tomb:1   | Killed a royal mummy
157488 | Tomb:1   | Noticed a royal mummy
157491 | Tomb:1   | Killed a royal mummy
157700 | Tomb:3   | Entered Level 3 of the Tomb of the Ancients
157726 | Tomb:3   | Noticed a royal mummy
157729 | Tomb:3   | Noticed a royal mummy
157779 | Tomb:3   | Noticed a royal mummy
157781 | Tomb:3   | Noticed a royal mummy
157783 | Tomb:3   | Noticed a royal mummy
157783 | Tomb:3   | Noticed a royal mummy
157784 | Tomb:3   | Noticed a royal mummy
157787 | Tomb:3   | Noticed a royal mummy
157787 | Tomb:3   | Noticed a royal mummy
157796 | Tomb:3   | Killed a royal mummy
157834 | Tomb:3   | Got Boypt's Papyrus of Exothermic Relocation
157835 | Tomb:3   | Identified the +5 hand axe "Omeezov" {freeze, +Blink rPois
                  | Will+ Str-3}
157877 | Tomb:3   | Got the Compilation of Anathema
157883 | Tomb:3   | Identified the +1 chain mail of Veob {^Contam Dex+4}
157906 | Tomb:3   | Identified the +6 rapier of the Fool {flame, rN+ Str+3}
158025 | Tomb:3   | Identified the amulet of the Lion {Spirit rPois rN+}
158177 | Tomb:3   | Identified the +1 robe "Tukh" {Int+5}
158229 | Tomb:3   | Got a golden rune of Zot
158784 | Zig:1    | Entered Level 1 of a ziggurat
158800 | Zig:2    | Entered Level 2 of a ziggurat
158844 | Zig:3    | Entered Level 3 of a ziggurat
158878 | Zig:4    | Entered Level 4 of a ziggurat
158912 | Zig:4    | Got Sif Muna's Octavo of Bones and Causimancy
158918 | Zig:5    | Entered Level 5 of a ziggurat
158922 | Zig:5    | Noticed a royal mummy
158923 | Zig:5    | Noticed a royal mummy
158925 | Zig:5    | Killed a royal mummy
158925 | Zig:5    | Killed a royal mummy
159043 | Zig:6    | Entered Level 6 of a ziggurat
159074 | Zig:6    | Got the Excursus on Hexes and Heat
159075 | Zig:6    | Identified the staff "Hydrabane" {rElec rN+ Will+ Str+3
                  | Conj}
159077 | Zig:6    | Identified the +7 scimitar "Qoacu" {freeze, ^Fragile rCorr
                  | Dex-3 SInv}
159092 | Zig:7    | Entered Level 7 of a ziggurat
159101 | Zig:7    | Noticed an ancient lich
159103 | Zig:7    | Killed an ancient lich
159129 | Zig:7    | Acquired the +0 pair of gloves "Lyeji" {rF+ Stlth+}
159136 | Zig:7    | Identified the ring of Seubusei {rC- rN+ Will+ SInv}
159153 | Zig:8    | Entered Level 8 of a ziggurat
159208 | Zig:9    | Entered Level 9 of a ziggurat
159227 | Zig:9    | Found the +7 sceptre of Torment {pain, torment}
159254 | Zig:9    | Got the Grimoire of the Doomed Salvo
159287 | Zig:10   | Entered Level 10 of a ziggurat
159299 | Zig:10   | Noticed an ancient lich
159300 | Zig:10   | Killed an ancient lich
159335 | Zig:10   | Identified the ring of Pathexod {Will+ MP-9 Str+6 Int+2
                  | SInv}
159341 | Zig:10   | Identified the +2 great sword of Muifump {freeze, rPois
                  | Str+2 SInv}
159343 | Zig:10   | Identified the +1 chain mail of Perpetual Drought {rElec
                  | Str-5 Stlth+}
159344 | Zig:10   | Identified the +0 sling of Sepy {heavy, rPois}
159366 | Zig:11   | Entered Level 11 of a ziggurat
159384 | Zig:11   | Reached skill level 15 in Shapeshifting
159452 | Zig:11   | Identified the +6 arbalest "Leviticus" {speed, rPois rC-
                  | Str+5 Int+3}
159478 | Zig:12   | Entered Level 12 of a ziggurat
159540 | Zig:12   | Identified the staff "Acuykhei" {rF- rC+ Int-5 Dex+7 Fire
                  | Ice}
159542 | Zig:12   | Identified the +11 glaive of Ipliesik {freeze, rF+++ rN+
                  | rCorr Int+2}
159561 | Zig:13   | Entered Level 13 of a ziggurat
159646 | Zig:14   | Entered Level 14 of a ziggurat
159666 | Zig:14   | Noticed an ancient lich
159667 | Zig:14   | Noticed a dread lich
159669 | Zig:14   | Killed an ancient lich
159669 | Zig:14   | Killed a dread lich
159673 | Zig:14   | Noticed an ancient lich
159679 | Zig:14   | Killed an ancient lich
159739 | Zig:14   | Identified the staff "Borun" {rPois Str+4 SInv Conj
                  | Alchemy}
159778 | Zig:15   | Entered Level 15 of a ziggurat
159868 | Zig:15   | Identified the staff of Yredelemnul's Pride {rF+ Will-
                  | Int+2 Dex+2 Fire Air}
159876 | Zig:15   | Identified the staff of Undoing {rPois rF- rC+ Int-5 SInv
                  | Ice}
159883 | Zig:15   | Identified the +9 trident of Floods {venom, Will++ Int+5
                  | Stlth+}
159924 | Zig:16   | Entered Level 16 of a ziggurat
160018 | Zig:16   | Identified the +0 pair of gloves of the Known World {rCorr}
160052 | Zig:17   | Entered Level 17 of a ziggurat
160073 | Zig:17   | Noticed Mojoaz's ghost (legendary GrFi)
160073 | Zig:17   | Noticed Heseo's ghost (legendary GrFi)
160073 | Zig:17   | Noticed Pummusk's ghost (legendary GrFi)
160075 | Zig:17   | Noticed Jingleheimer's ghost (legendary OpSh)
160077 | Zig:17   | Noticed peterlawrence's ghost (veteran MiFi)
160077 | Zig:17   | Noticed jimmypageman's ghost (legendary MiFi)
160080 | Zig:17   | Killed Mojoaz's ghost
160080 | Zig:17   | Killed Pummusk's ghost
160080 | Zig:17   | Killed Jingleheimer's ghost
160080 | Zig:17   | Killed peterlawrence's ghost
160081 | Zig:17   | Killed Heseo's ghost
160081 | Zig:17   | Killed jimmypageman's ghost
160081 | Zig:17   | Noticed Wjakstry's ghost (legendary MiBe)
160084 | Zig:17   | Noticed jimmypageman's ghost (legendary GrFi)
160087 | Zig:17   | Killed jimmypageman's ghost
160089 | Zig:17   | Killed Wjakstry's ghost
160185 | Zig:17   | Acquired 959 gold pieces
160189 | Zig:18   | Entered Level 18 of a ziggurat
160204 | Zig:18   | Noticed an ancient lich
160206 | Zig:18   | Killed an ancient lich
160207 | Zig:18   | Noticed an ancient lich
160208 | Zig:18   | Killed an ancient lich
160208 | Zig:18   | Noticed an ancient lich
160210 | Zig:18   | Killed an ancient lich
160277 | Zig:18   | Identified the +0 cloak "Estaf" {*Corrode Regen+ Dex+3}
160283 | Zig:18   | Identified the +4 cloak "Ottyed" {Rampage rC- Will+ Int+4}
160287 | Zig:18   | Identified the +8 shortbow "Tuyfawk" {drain, rC+ rCorr
                  | Str+2}
160343 | Zig:19   | Entered Level 19 of a ziggurat
160363 | Zig:19   | Found the +4 skin of Zhor {*Englaciate rC+++ SInv}
160396 | Zig:19   | Found the ring of the Mage {Wiz Archmagi}
160407 | Zig:19   | Identified the staff "Fikluquss" {+Blink rC- Int+2 Conj
                  | Summ Air}
160410 | Zig:19   | Identified the ring "Ysirir" {Str+2 Dex+6}
160418 | Zig:19   | Identified the +4 rapier of Eternity {flame, Int+4}
160419 | Zig:19   | Identified the +3 ring mail of the Game of Kings {Will+
                  | Str+3 Dex+3 Stlth+}
160421 | Zig:19   | Identified the +0 leather armour of Fefaj {^Drain Fly rF+++
                  | Stlth+}
160424 | Zig:19   | Identified the +10 longbow of Laskeitrux {flame, rElec
                  | Dex+3}
160426 | Zig:19   | Identified the ring "Xogoxaef" {Ice Will+ Int-5 Dex+3}
160440 | Zig:19   | Identified the +1 morningstar "Giant's Toothpick" {heavy,
                  | Dex+6}
160509 | Zig:20   | Entered Level 20 of a ziggurat
160599 | Zig:20   | Found the +5 woodcutter's axe
160683 | Zig:20   | Identified the ring of Reimbursement {rC+ rN+ rCorr}
160686 | Zig:20   | Identified the +5 whip "Xig Xolin" {vamp, Fly rF+ rC++
                  | Str-2}
160758 | Zig:20   | Gained mutation: Your body often deteriorates upon taking
                  | damage. [mutagenic glow]
160814 | Zig:20   | Lost mutation: Your magical capacity is low. (-10% MP)
                  | [potion of mutation]
160814 | Zig:20   | Lost mutation: Your body often deteriorates upon taking
                  | damage. [potion of mutation]
160814 | Zig:20   | Lost mutation: You occasionally lose the ability to drink
                  | potions when taking damage. [potion of mutation]
160814 | Zig:20   | Gained mutation: You sometimes lose your temper in combat.
                  | [potion of mutation]
160814 | Zig:20   | Gained mutation: You are very robust. (+20% HP) [potion of
                  | mutation]
160815 | Zig:20   | Lost mutation: You are dopey. (Int -2) [potion of mutation]
160815 | Zig:20   | Lost mutation: Your body sometimes deteriorates upon taking
                  | damage. [potion of mutation]
160815 | Zig:20   | Lost mutation: You are strong-willed. (Will+) [potion of
                  | mutation]
160815 | Zig:20   | Gained mutation: Your body sometimes deteriorates upon
                  | taking damage. [potion of mutation]
160845 | Zig:21   | Entered Level 21 of a ziggurat
160970 | Zig:21   | Identified the staff "Zuotiw" {rF+ Str+3 Int+3 Dex-4 Stlth+
                  | Fire}
160975 | Zig:21   | Identified the staff "Kenn" {rElec rC- rN+ Str+2 Hexes
                  | Necro}
160986 | Zig:21   | Identified the +0 robe "Enathruna" {rPois rF- Will- Dex+6}
161033 | Zig:22   | Entered Level 22 of a ziggurat
161051 | Zig:22   | Reached skill level 15 in Earth Magic
161205 | Zig:22   | Identified the +3 scale mail of the Mpinguari {rPois rF+
                  | rN+ Str+2}
161206 | Zig:22   | Identified the +6 sling of Noon {antimagic, rC++ rCorr}
161227 | Zig:22   | Identified the ring of the Harvest {rCorr Str+2 Dex+3
                  | Slay-4}
161272 | Zig:23   | Entered Level 23 of a ziggurat
161344 | Zig:23   | Identified the +0 ring mail of Wazxuru {Harm rF+ Str-2}
161351 | Zig:23   | Identified the +5 great mace "Nistranoth" {flame, Str+5
                  | Dex-3}
161356 | Zig:23   | Identified the +1 ring mail of Intuition {Harm}
161362 | Zig:23   | Identified the +4 dagger of Diesem {flame, Will+ rCorr
                  | Dex+5}
161468 | Zig:24   | Entered Level 24 of a ziggurat
161582 | Zig:24   | Found the +10 dark maul {heavy}
161591 | Zig:24   | Identified the +2 robe "Warydgh" {*Corrode Will+ SInv}
161598 | Zig:24   | Identified the staff "Nidurph" {rF+ rC- Will+++ rCorr Dex-3
                  | Fire}
161602 | Zig:24   | Identified the staff of Amorality {rF+ Int+3 Dex+5 Necro
                  | Fire}
161655 | Zig:25   | Entered Level 25 of a ziggurat
161854 | Zig:25   | Identified the ring of the Shifting Gods {Wiz rN+ Slay-3
                  | Stlth+}
161860 | Zig:25   | Identified the staff of Oczituyr {rElec rF+ Str+3 Dex+2
                  | Air}
161867 | Zig:25   | Identified the +2 great mace of Okawaru, Singing {vamp,
                  | Dex+3}
161877 | Zig:26   | Entered Level 26 of a ziggurat
162029 | Zig:26   | Identified the +6 rapier of the Everdark {freeze, Str+5}
162140 | Zig:27   | Entered Level 27 of a ziggurat
162320 | Zig:27   | Found the +7 Spriggan's Knife {stab, EV+4 Stlth+}
162328 | Zig:27   | Identified the +8 dagger of Juh Niuc {pain, *Slow rElec rC+
                  | Int+2}
162346 | Zig:27   | Identified the +2 robe "Omougra" {^Drain rCorr Str+2 Int+2}
162347 | Zig:27   | Identified the +2 leather armour of Hauzud {rC- Str+3
                  | Int+4}
162362 | Zig:27   | Identified the ring "Paclu" {rPois rC+}
162363 | Zig:27   | Identified the staff "Ilevid" {^Drain rPois rF++ Earth}
162364 | Zig:27   | Identified the ring of Xom's Amusement {Wiz Dex+5}
162574 | Depths:1 | Acquired the scarf of Geunlawn {repulsion, rElec rF+ Str-2
                  | Slay+5}
162575 | Depths:1 | Acquired a manual of Alchemy
163531 | Tomb:3   | Killed a royal mummy
163535 | Tomb:3   | Killed a royal mummy
163536 | Tomb:3   | Reached skill level 27 in Shapeshifting
163536 | Tomb:3   | Killed a royal mummy
163537 | Tomb:3   | Killed a royal mummy
163542 | Tomb:3   | Killed a royal mummy
163545 | Tomb:3   | Killed a royal mummy
164520 | Coc:7    | Learned a level 9 spell: Shatter
164529 | Coc:7    | Learned a level 8 spell: Disjunction
166298 | Vaults:4 | Bought a tin of tremorstones (2/2) for 1440 gold pieces
166466 | Zig:1    | Entered Level 1 of a ziggurat
166467 | Zig:1    | Noticed an ancient lich
166470 | Zig:1    | Killed an ancient lich
166508 | Zig:2    | Entered Level 2 of a ziggurat
166533 | Zig:2    | Identified the +4 orcbow "Hehoff" {antimagic, rN+ Will+
                  | Int-2 Stlth+}
166538 | Zig:3    | Entered Level 3 of a ziggurat
166571 | Zig:4    | Entered Level 4 of a ziggurat
166617 | Zig:5    | Entered Level 5 of a ziggurat
166645 | Zig:5    | Identified the amulet "Urhurhax" {Regen+ Int+3 Dex-4 SInv}
166666 | Zig:6    | Entered Level 6 of a ziggurat
166708 | Zig:6    | Identified the +12 double sword of the Kidney {flame,
                  | ^Fragile rCorr Str-3 Int+6}
166711 | Zig:7    | Entered Level 7 of a ziggurat
166770 | Zig:8    | Entered Level 8 of a ziggurat
166807 | Zig:8    | Identified the +5 whip "Poir Waxo" {drain, rPois Int+4}
166828 | Zig:8    | Identified the +0 spear of Charity {freeze, ^Fragile rPois
                  | rF+}
166957 | Zig:9    | Entered Level 9 of a ziggurat
166991 | Zig:9    | Identified the ring of Nosemir {rF+ rC+ rN+++ Int-3}
167045 | Zig:10   | Entered Level 10 of a ziggurat
167093 | Zig:10   | Identified the +6 ring mail "Pedghaci" {rCorr Dex+6}
167121 | Zig:11   | Entered Level 11 of a ziggurat
167156 | Zig:11   | Identified the +1 tower shield of Eqibud {-Tele rPois Int+8
                  | Stlth-}
167213 | Zig:12   | Entered Level 12 of a ziggurat
167224 | Zig:12   | Noticed an ancient lich
167225 | Zig:12   | Killed an ancient lich
167230 | Zig:12   | Noticed an ancient lich
167232 | Zig:12   | Killed an ancient lich
167274 | Zig:12   | Identified the staff "Ryrcharo" {Dex+3 Earth Alchemy}
167277 | Zig:12   | Identified the +7 war axe of Hacking and Slashing
                  | {antimagic, rPois rC+ rCorr}
167291 | Zig:13   | Entered Level 13 of a ziggurat
167337 | Zig:13   | Identified the amulet of Vaeklakk {Spirit Will+}
167353 | Zig:13   | Identified the +3 spear of the Crafting Seer {protect,
                  | rCorr Int+3}
167354 | Zig:13   | Identified the +1 plate armour of Spite {rF++ Regen+ Int+3}
167408 | Zig:14   | Entered Level 14 of a ziggurat
167503 | Zig:15   | Entered Level 15 of a ziggurat
167533 | Zig:15   | Found the +10 Black Knight's barding {ponderous, rPois rN+}
167569 | Zig:15   | Identified the +5 war axe of Untimely Demise {spect, rCorr
                  | Int+3}
167614 | Zig:16   | Entered Level 16 of a ziggurat
167701 | Zig:16   | Identified the +0 pair of boots of Valour {SInv Stlth+}
167706 | Zig:16   | Identified the +9 spear "Utaon" {protect, rC++ MP+9 Dex+2}
167707 | Zig:16   | Identified the +1 mace of the New World {pain, Dex+3}
167708 | Zig:16   | Identified the ring "Toged" {rPois AC+4}
167733 | Zig:17   | Entered Level 17 of a ziggurat
167747 | Zig:17   | Reached skill level 27 in Earth Magic
167747 | Zig:17   | Noticed Upram the pandemonium lord
167751 | Zig:17   | Killed Upram the pandemonium lord
167880 | Zig:18   | Entered Level 18 of a ziggurat
167912 | Zig:18   | Found the +5 demon whip "Spellbinder" {antimagic, disrupt,
                  | Will+}
167962 | Zig:18   | Identified the +6 falchion of the Peculiar Emperors {elec,
                  | rElec}
167963 | Zig:18   | Identified the staff of Biblets {rElec rN+ Dex+3 Air}
167969 | Zig:18   | Identified the +8 short sword of Puses {vamp, rF+ rN+ rCorr
                  | Int-2}
167972 | Zig:18   | Identified the ring "Pewan" {rPois Dex+4 SInv}
167977 | Zig:18   | Identified the +2 lajatang of Soatwer {speed, rPois SInv}
168005 | Zig:19   | Entered Level 19 of a ziggurat
168127 | Zig:19   | Found the +3 Elemental Staff {ele, rElec rF+ rC+ AC+3}
168139 | Zig:19   | Identified the +8 sling "Rumaok" {freeze, rF+ rC- Will+
                  | Int+7}
168145 | Zig:19   | Identified the amulet "Lomexixe" {Spirit rC++ Str+3 Dex-5
                  | SInv}
168157 | Zig:19   | Identified the staff of Seiranol {rElec rPois rC+ Str+2
                  | Air}
168181 | Zig:20   | Entered Level 20 of a ziggurat
168193 | Zig:20   | Noticed an ancient lich
168193 | Zig:20   | Noticed an ancient lich
168193 | Zig:20   | Noticed an ancient lich
168193 | Zig:20   | Noticed an ancient lich
168194 | Zig:20   | Killed an ancient lich
168194 | Zig:20   | Noticed a dread lich
168195 | Zig:20   | Killed an ancient lich
168195 | Zig:20   | Killed an ancient lich
168195 | Zig:20   | Noticed an ancient lich
168196 | Zig:20   | Killed an ancient lich
168196 | Zig:20   | Killed an ancient lich
168196 | Zig:20   | Killed a dread lich
168198 | Zig:20   | Noticed an ancient lich
168201 | Zig:20   | Killed an ancient lich
168264 | Zig:20   | Identified the +0 scale mail of Hotrumir {*Slow rN+ Slay+3}
168284 | Zig:20   | Identified the +2 robe of Grace {rElec rF+ Will- Dex+2}
168319 | Zig:21   | Entered Level 21 of a ziggurat
168331 | Zig:21   | Noticed an ancient lich
168332 | Zig:21   | Noticed a dread lich
168332 | Zig:21   | Noticed a dread lich
168335 | Zig:21   | Killed a dread lich
168335 | Zig:21   | Killed an ancient lich
168335 | Zig:21   | Killed a dread lich
168336 | Zig:21   | Noticed a dread lich
168338 | Zig:21   | Killed a dread lich
168339 | Zig:21   | Noticed a dread lich
168339 | Zig:21   | Noticed an ancient lich
168339 | Zig:21   | Noticed an ancient lich
168340 | Zig:21   | Noticed a dread lich
168342 | Zig:21   | Killed an ancient lich
168342 | Zig:21   | Killed a dread lich
168342 | Zig:21   | Killed an ancient lich
168342 | Zig:21   | Killed a dread lich
168343 | Zig:21   | Noticed a dread lich
168346 | Zig:21   | Killed a dread lich
168466 | Zig:21   | Identified the +0 robe "Bitu" {rN+ SInv}
168523 | Zig:22   | Entered Level 22 of a ziggurat
168712 | Zig:22   | Identified the +2 leather armour "Wehaod" {Str+2 Dex+2
                  | Stlth+}
168715 | Zig:22   | Identified the +1 spear "Deweozun" {drain, Str+4 Dex+4}
168746 | Zig:22   | Identified the +2 leather armour "Gafoisawk" {Str+2 Int+3}
168793 | Zig:23   | Entered Level 23 of a ziggurat
168803 | Zig:23   | Reached skill level 27 in Fire Magic
168806 | Zig:23   | Noticed a juggernaut
168809 | Zig:23   | Killed a juggernaut
168990 | Zig:23   | Identified the amulet "Vomnivos" {RegenMP -Tele rPois Str+7
                  | Dex-2}
169008 | Zig:23   | Identified the +2 hand axe "Sizoded" {flame, rElec}
169019 | Zig:23   | Identified the ring "Zalyujiukob" {+Blink rCorr MP+9 Str-4
                  | Int+8 Stlth-}
169053 | Zig:24   | Entered Level 24 of a ziggurat
169061 | Zig:24   | Noticed an ancient lich
169063 | Zig:24   | Noticed an ancient lich
169066 | Zig:24   | Noticed a dread lich
169066 | Zig:24   | Noticed an ancient lich
169068 | Zig:24   | Noticed a dread lich
169068 | Zig:24   | Noticed an ancient lich
169070 | Zig:24   | Killed an ancient lich
169070 | Zig:24   | Noticed a dread lich
169071 | Zig:24   | Killed a dread lich
169071 | Zig:24   | Killed an ancient lich
169071 | Zig:24   | Killed an ancient lich
169071 | Zig:24   | Killed an ancient lich
169072 | Zig:24   | Killed a dread lich
169077 | Zig:24   | Killed a dread lich
169154 | Zig:24   | Identified the +6 flail of the Girdle {flame, rN+ Dex+3
                  | SInv}
169164 | Zig:24   | Identified the +1 pair of boots of Tartarus {rElec rC-
                  | Int+4}
169217 | Zig:24   | Identified the +5 battleaxe of the Sun {elec, rF+}
169220 | Zig:24   | Identified the +12 broad axe of the Other Side {speed,
                  | Stlth+}
169222 | Zig:24   | Identified the +6 war axe "Hastry" {elec, rPois rF+++ rC-
                  | Str-2}
169225 | Zig:24   | Identified the +4 rapier of Ojyujoos {flame, SInv}
169237 | Zig:24   | Identified the +1 halberd of Context {antimagic, Int+3}
169287 | Zig:25   | Entered Level 25 of a ziggurat
169329 | Zig:25   | Found the +8 whip "Snakebite" {venom, curare, rPois}
169492 | Zig:25   | Identified the staff "Xyaza" {*Corrode rF+ rC+ Will+ Str+2
                  | Ice}
169499 | Zig:25   | Identified the amulet "Wathies" {Reflect Str+3 SH+5}
169513 | Zig:25   | Identified the +2 giant spiked club of Terra Nullius
                  | {freeze, ^Drain MP+9 Dex+3}
169518 | Zig:25   | Got the Catalogue of the Compass
169540 | Zig:25   | Identified the +0 helmet "Botituc" {rCorr}
169542 | Zig:26   | Entered Level 26 of a ziggurat
169688 | Zig:26   | Identified the +3 rapier of the Imperium {flame, Str+8
                  | Int-3}
169694 | Zig:26   | Identified the +1 leather armour "Upnudauryo" {rF+ rC+
                  | Slay+3 Stlth+}
169700 | Zig:26   | Identified the +7 trident "Foonopp" {flame, Will- Str+5
                  | Stlth+}
169703 | Zig:26   | Identified the +4 quarterstaff of Wozodaeg {flame, rC++
                  | MP-9}
169704 | Zig:26   | Identified the ring "Tigecin" {AC+4 Str+8 Int-3}
169749 | Zig:26   | Identified the +4 war axe of the Reaper {heavy, rF+ Int+3}
169751 | Zig:26   | Identified the +6 great mace "Lasidaa" {drain, rPois Int+3}
169752 | Zig:26   | Identified the +1 spear "Qura" {venom, Int+5}
169758 | Zig:26   | Identified the staff of Dissolution {rN+ Dex+3 Conj}
169763 | Zig:26   | Identified the +0 mace of Faih {vamp, rElec rN+ Str-2}
169764 | Zig:26   | Identified the ring "Huoghuy" {rPois Int+2 Dex+4}
169765 | Zig:26   | Identified the +4 trident "Zeskow" {antimagic, *Noise rElec
                  | Int-2 Stlth+}
169813 | Zig:27   | Entered Level 27 of a ziggurat
169822 | Zig:27   | Noticed an ancient lich
169824 | Zig:27   | Killed an ancient lich
169835 | Zig:27   | Reached skill level 27 in Spellcasting
169860 | Zig:27   | Found the +2 hood of the Assassin {Detect Stab+ Stlth++}
170014 | Zig:27   | Identified the +7 falchion of Runezoex {flame, rF+ rCorr}
170019 | Zig:27   | Identified the +6 morningstar of Eternal Harmony {flame,
                  | *Slow Str+8 Int-5 Dex+2}
170061 | Zig:27   | Identified the +7 flail "Turoal" {vamp, rPois Int+4 Stlth-}
170089 | Depths:1 | Acquired the +0 storm dragon scales "Seeplum" {rElec rPois
                  | rCorr Int+2}
170090 | Depths:1 | Acquired the +1 cloak "Zeeg" {+Blink rElec rF- Str+4}
170122 | Zig:1    | Entered Level 1 of a ziggurat
170145 | Zig:2    | Entered Level 2 of a ziggurat
170162 | Zig:2    | Identified the +5 orcbow "Yzxung" {freeze, rPois Will+}
170182 | Zig:3    | Entered Level 3 of a ziggurat
170182 | Zig:3    | Found the +1 cloak of Starlight {*Dazzle EV+4 Stlth--}
170215 | Zig:4    | Entered Level 4 of a ziggurat
170245 | Zig:4    | Identified the +5 trident "Tixinop" {protect, rF+ Int+4}
170264 | Zig:5    | Entered Level 5 of a ziggurat
170300 | Zig:5    | Identified the +11 spear "Dontem" {venom, ^Drain Int+5}
170321 | Zig:6    | Entered Level 6 of a ziggurat
170326 | Zig:6    | Noticed a dread lich
170326 | Zig:6    | Noticed an ancient lich
170329 | Zig:6    | Killed an ancient lich
170330 | Zig:6    | Reached skill level 27 in Fighting
170331 | Zig:6    | Killed a dread lich
170368 | Zig:6    | Identified the +8 short sword of the Lettuce {flame, Fly
                  | Str+4}
170381 | Zig:7    | Entered Level 7 of a ziggurat
170466 | Zig:8    | Entered Level 8 of a ziggurat
170534 | Zig:8    | Identified the ring of the Evening {*Slow rPois rN+ EV+5}
170539 | Zig:8    | Identified the +5 mace of Iseqynec {elec, Fly Dex+3 Stlth-}
170540 | Zig:8    | Identified the +5 rapier of Roefofra {spect, rPois Will+
                  | Stlth+}
170541 | Zig:8    | Identified the +2 trident of the Evil Eye {elec, Will++
                  | rCorr Str-2 Int+4}
170542 | Zig:8    | Identified the ring "Erghetov" {Str+4 Slay+4}
170554 | Zig:9    | Entered Level 9 of a ziggurat
170605 | Zig:9    | Identified the staff of Valour {^Fragile rC+ Str+5 Int+4
                  | Ice}
170606 | Zig:9    | Identified the +1 scale mail of Resourcefulness {Int+2}
170609 | Zig:9    | Identified the ring of Qannoter {MP+9 Int+2}
170610 | Zig:9    | Identified the ring of Vapsobei {rF+ rN+ Dex+3}
170689 | Zig:10   | Entered Level 10 of a ziggurat
170773 | Zig:10   | Identified the +9 battleaxe of Viny Conscience {spect,
                  | *Corrode rC+++ rN+ Dex+3}
170817 | Zig:11   | Entered Level 11 of a ziggurat
170824 | Zig:11   | Noticed a juggernaut
170825 | Zig:11   | Noticed a juggernaut
170826 | Zig:11   | Killed a juggernaut
170827 | Zig:11   | Killed a juggernaut
170827 | Zig:11   | Noticed a juggernaut
170829 | Zig:11   | Noticed a juggernaut
170829 | Zig:11   | Noticed a juggernaut
170830 | Zig:11   | Killed a juggernaut
170830 | Zig:11   | Killed a juggernaut
170831 | Zig:11   | Killed a juggernaut
170853 | Zig:11   | Found the +4 consecrated labrys {holy, Valiant ^Fragile Fly
                  | SInv}
170965 | Zig:12   | Entered Level 12 of a ziggurat
170977 | Zig:12   | Reached skill level 27 in Dodging
171045 | Zig:12   | Identified the staff of the Lair of Beasts {rF+ rC+ Int+3
                  | Dex-5 Fire Alchemy}
171128 | Zig:13   | Entered Level 13 of a ziggurat
171136 | Zig:13   | Noticed a royal mummy
171136 | Zig:13   | Noticed a royal mummy
171136 | Zig:13   | Noticed a royal mummy
171137 | Zig:13   | Killed a royal mummy
171138 | Zig:13   | Killed a royal mummy
171138 | Zig:13   | Killed a royal mummy
171139 | Zig:13   | Noticed a royal mummy
171139 | Zig:13   | Noticed a royal mummy
171139 | Zig:13   | Noticed a royal mummy
171140 | Zig:13   | Killed a royal mummy
171142 | Zig:13   | Killed a royal mummy
171144 | Zig:13   | Noticed a royal mummy
171146 | Zig:13   | Noticed a royal mummy
171148 | Zig:13   | Killed a royal mummy
171150 | Zig:13   | Killed a royal mummy
171155 | Zig:13   | Killed a royal mummy
171194 | Zig:13   | Found the +8 lance "Wyrmbane" {slay drac, rPois rF+ rC+
                  | AC+3}
171198 | Zig:13   | Found the +5 Lochaber axe {reach-cleave, Poleaxe ^Drain}
171282 | Zig:14   | Entered Level 14 of a ziggurat
171309 | Zig:14   | Found the +8 trishula "Condemnation" {holy, anguish, *Noise
                  | Fly rN+}
171361 | Zig:14   | Identified the +3 long sword "Edwe" {heavy, Str+2 Int+6
                  | Stlth-}
171362 | Zig:14   | Identified the +8 scimitar of Ipse Dixit {freeze, ^Drain
                  | rPois rF+ Str+5}
171363 | Zig:14   | Identified the +2 dagger of Grandeur {venom, Str+2 Int+2}
171369 | Zig:14   | Identified the staff of Pride {rElec Str+2 Air}
171407 | Zig:15   | Entered Level 15 of a ziggurat
171538 | Zig:15   | Identified the ring "Noiboeg" {rF+ rC+ SInv}
171545 | Zig:15   | Identified the ring "Ecuzynt" {rPois Will+ Str+3}
171556 | Zig:15   | Identified the +2 arbalest of Gallantry {freeze, rElec
                  | Str+5 Dex+4 Stlth+}
171633 | Zig:16   | Entered Level 16 of a ziggurat
171655 | Zig:16   | Reached skill level 27 in Armour
171707 | Zig:16   | Found the +3 greatsling "Punk" {acid, rCorr}
171778 | Zig:16   | Identified the +2 rapier "Ledwed" {flame, rF- Str+2 Int+5
                  | Dex+2}
171782 | Zig:16   | Identified the ring "Feufefuz" {Will+ SInv Stlth+}
171784 | Zig:16   | Identified the +0 robe "Feetema" {rCorr}
171786 | Zig:16   | Identified the ring "Afouv" {+Blink Fly rCorr Int-4 SInv}
171796 | Zig:16   | Identified the +5 flail "Zamn" {freeze, rPois rN+++ Int-2
                  | SInv}
171843 | Zig:17   | Entered Level 17 of a ziggurat
171853 | Zig:17   | Noticed Umehepp the pandemonium lord
171855 | Zig:17   | Killed Umehepp the pandemonium lord
171855 | Zig:17   | Noticed Jaorei the pandemonium lord
171856 | Zig:17   | Noticed Ruekheynto the pandemonium lord
171858 | Zig:17   | Noticed Fumabude the pandemonium lord
171859 | Zig:17   | Killed Ruekheynto the pandemonium lord
171859 | Zig:17   | Killed Jaorei the pandemonium lord
171860 | Zig:17   | Noticed Ifaosul the pandemonium lord
171860 | Zig:17   | Noticed Bugufis the pandemonium lord
171861 | Zig:17   | Noticed Jok Qynu the pandemonium lord
171861 | Zig:17   | Killed Bugufis the pandemonium lord
171861 | Zig:17   | Killed Fumabude the pandemonium lord
171861 | Zig:17   | Noticed Deoruel the pandemonium lord
171862 | Zig:17   | Killed Ifaosul the pandemonium lord
171863 | Zig:17   | Noticed Giymawuv the pandemonium lord
171864 | Zig:17   | Killed Deoruel the pandemonium lord
171864 | Zig:17   | Killed Jok Qynu the pandemonium lord
171864 | Zig:17   | Noticed Isanicreytt the pandemonium lord
171864 | Zig:17   | Noticed Dafyrch the pandemonium lord
171865 | Zig:17   | Killed Dafyrch the pandemonium lord
171866 | Zig:17   | Killed Giymawuv the pandemonium lord
171866 | Zig:17   | Noticed Uzxumiaw the pandemonium lord
171868 | Zig:17   | Killed Isanicreytt the pandemonium lord
171868 | Zig:17   | Noticed Ryach the pandemonium lord
171869 | Zig:17   | Noticed Echigama the pandemonium lord
171870 | Zig:17   | Killed Uzxumiaw the pandemonium lord
171870 | Zig:17   | Killed Echigama the pandemonium lord
171870 | Zig:17   | Noticed Ryoliyts the pandemonium lord
171871 | Zig:17   | Killed Ryach the pandemonium lord
171871 | Zig:17   | Noticed Turoxt the pandemonium lord
171872 | Zig:17   | Killed Ryoliyts the pandemonium lord
171874 | Zig:17   | Killed Turoxt the pandemonium lord
172004 | Zig:17   | Identified the +6 flail of Collusion {pain, Int+3}
172009 | Zig:17   | Identified the +5 halberd of Ancient Evil {flame, Dex+3}
172072 | Zig:18   | Entered Level 18 of a ziggurat
172095 | Zig:18   | Reached skill level 5 in Necromancy
172120 | Zig:18   | Reached skill level 10 in Necromancy
172257 | Zig:18   | Identified the ring "Zonepn" {Fly EV+5 Int+2}
172326 | Zig:19   | Entered Level 19 of a ziggurat
172343 | Zig:19   | Reached skill level 10 in Translocations
172383 | Zig:19   | Reached skill level 15 in Necromancy
172553 | Zig:19   | Found the +10 morningstar "Eos" {elec, Halo rElec}
172565 | Zig:19   | Identified the +0 leather armour of Louclosa {Stlth+}
172567 | Zig:19   | Identified the +5 great sword of Ylam {flame, rElec}
172573 | Zig:19   | Identified the +1 broad axe "Ewadihe" {holy, Str+3}
172576 | Zig:19   | Identified the +3 shortbow of Adooshro {heavy, Str+8 Dex-5}
172636 | Zig:20   | Entered Level 20 of a ziggurat
172697 | Zig:20   | Found the +9 staff of Olgreb {rPois∞}
172775 | Zig:20   | Identified the +4 rapier "Raroaroe" {pain, rC- Str+4}
172778 | Zig:20   | Identified the +1 robe of the Shishi {rCorr Int+2 Dex+2}
172856 | Zig:21   | Entered Level 21 of a ziggurat
172900 | Zig:21   | Reached skill level 15 in Translocations
173103 | Zig:21   | Identified the ring of the Tormentor {Int+6 Slay+2}
173190 | Zig:22   | Entered Level 22 of a ziggurat
173412 | Zig:22   | Identified the +4 hand axe "Qynafu" {freeze, Int+4}
173437 | Zig:22   | Identified the +0 robe of Xaecoch {Will++ Str+5}
173468 | Zig:23   | Entered Level 23 of a ziggurat
173492 | Zig:23   | Noticed a juggernaut
173493 | Zig:23   | Killed a juggernaut
173494 | Zig:23   | Noticed a juggernaut
173506 | Zig:23   | Killed a juggernaut
173654 | Zig:23   | Found the necklace of Bloodlust {Fury *Rage Will++ Int-3
                  | Slay+6}
173815 | Zig:23   | Identified the +4 chain mail of Action {rPois rF++ Stlth-}
173818 | Zig:23   | Identified the ring "Wecisic" {Wiz Int+3 Dex+5}
173825 | Zig:23   | Identified the ring "Opny" {Int+6 Dex+6}
173830 | Zig:23   | Identified the staff "Ubruomuw" {rF+ rCorr Fire}
173831 | Zig:23   | Identified the +4 quick blade "Doifrys" {freeze, rC+
                  | Stlth+}
173845 | Zig:23   | Identified the amulet "Cilitz" {Faith Rampage rF+}
173911 | Zig:24   | Entered Level 24 of a ziggurat
173945 | Zig:24   | Noticed Wezagruq the pandemonium lord
173948 | Zig:24   | Killed Wezagruq the pandemonium lord
174121 | Zig:24   | Identified the +3 steam dragon scales of the Enchanted
                  | Forest {rF++ Str+2 Stlth-}
174131 | Zig:24   | Identified the amulet "Ruykeot" {Reflect Harm rElec rC++
                  | Will- SH+5}
174143 | Zig:24   | Identified the amulet "Osounin" {rF- Regen+ MP+9 Str+9}
174181 | Zig:24   | Identified the ring of Wejaemmo {Fly rN+ MP+9 Str+7 Dex-2}
174317 | Zig:25   | Entered Level 25 of a ziggurat
174443 | Zig:25   | Identified the staff of Imbalance {rF++ Stlth+ Conj}
174461 | Zig:25   | Identified the ring "Vatzaddo" {rElec rC+ Str+6 Stlth+}
174465 | Zig:25   | Identified the ring of Yredelemnul's Reproof {Fire Fly
                  | Str+3 Int+4}
174736 | Zig:26   | Entered Level 26 of a ziggurat
174984 | Zig:26   | Identified the +9 quarterstaff "Hifrah" {holy, Str+2}
174988 | Zig:26   | Identified the +9 quarterstaff "Goblinbane" {antimagic,
                  | ^Fragile rF+ Str+3}
174994 | Zig:26   | Identified the +11 sling "Hyixeaf" {heavy, rN+ Dex+7}
174998 | Zig:26   | Identified the +2 flail of Efityriw {freeze, rF- Will+++
                  | MP+9 Int-3}
175004 | Zig:26   | Identified the staff of Lebb {rElec rPois Air}
175008 | Zig:26   | Identified the ring "Cinguw" {Fire Str-4 Int+8 Slay+4 SInv}
175015 | Zig:26   | Identified the staff of the Vendetta {rElec rCorr Int+5 Air
                  | Earth}
175023 | Zig:26   | Identified the +6 spear "Geton" {spect, rN+ Int+5 Dex-2}
175178 | Zig:27   | Entered Level 27 of a ziggurat
175241 | Zig:27   | Found the +7 mace of Variability {chaos, chaos arc}
175482 | Zig:27   | Found the +9 sword of Power {lifebolt}
175488 | Zig:27   | Identified the +7 lajatang of the Salmon {flame, *Noise
                  | rElec Dex+3}
175499 | Zig:27   | Identified the +1 falchion "Qifraakh" {antimagic, rN++
                  | Will+++ Int-3}
175505 | Zig:27   | Identified the +5 longbow of Deflation {drain, *Slow rN+++
                  | rCorr Str+2}
175611 | Depths:1 | Learned a level 9 spell: Death's Door
175620 | Zig:1    | Entered Level 1 of a ziggurat
175642 | Zig:2    | Entered Level 2 of a ziggurat
175646 | Zig:2    | Reached skill level 27 in Necromancy
175686 | Zig:3    | Entered Level 3 of a ziggurat
175688 | Zig:3    | Found the +7 captain's cutlass {speed, disarm}
175742 | Zig:4    | Entered Level 4 of a ziggurat
175743 | Zig:4    | Noticed an ancient lich
175747 | Zig:4    | Killed an ancient lich
175776 | Zig:4    | Identified the +10 rapier "Orim" {pain, rElec Str+2}
175779 | Zig:4    | Identified the +1 pair of boots of Cowardice {Str+4}
175793 | Zig:5    | Entered Level 5 of a ziggurat
175796 | Zig:5    | Noticed a dread lich
175799 | Zig:5    | Killed a dread lich
175821 | Zig:5    | Identified the +3 great sword of the Screaming Gods
                  | {antimagic, rElec}
175856 | Zig:6    | Entered Level 6 of a ziggurat
175910 | Zig:6    | Identified the +4 double sword of Doors {venom, Str+5 SInv}
175919 | Zig:7    | Entered Level 7 of a ziggurat
175924 | Zig:7    | Noticed a dread lich
175924 | Zig:7    | Noticed a dread lich
175924 | Zig:7    | Noticed an ancient lich
175926 | Zig:7    | Noticed a dread lich
175927 | Zig:7    | Killed an ancient lich
175927 | Zig:7    | Killed a dread lich
175927 | Zig:7    | Killed a dread lich
175927 | Zig:7    | Killed a dread lich
175991 | Zig:8    | Entered Level 8 of a ziggurat
175997 | Zig:8    | Noticed an ancient lich
175998 | Zig:8    | Noticed an ancient lich
175998 | Zig:8    | Noticed an ancient lich
175999 | Zig:8    | Killed an ancient lich
175999 | Zig:8    | Killed an ancient lich
176000 | Zig:8    | Killed an ancient lich
176058 | Zig:8    | Identified the staff of Experimentation {rPois rF- rC+ rN+
                  | Hexes Necro}
176073 | Zig:8    | Identified the staff of Res Judicata {rPois SInv Stlth+
                  | Conj}
176077 | Zig:8    | Identified the ring of Fitzowog {rC+ Will- Int+2 Slay+2}
176107 | Zig:9    | Entered Level 9 of a ziggurat
176117 | Zig:9    | Noticed Cubbuh the pandemonium lord
176120 | Zig:9    | Killed Cubbuh the pandemonium lord
176166 | Zig:9    | Identified the +0 pair of gloves of the Treeataur {rC+
                  | Str+5}
176168 | Zig:9    | Identified the +1 shortbow "Tiesux" {freeze, +Blink rN+++
                  | Str-5 Int+3}
176216 | Zig:10   | Entered Level 10 of a ziggurat
176221 | Zig:10   | Noticed a juggernaut
176224 | Zig:10   | Killed a juggernaut
176396 | Zig:11   | Entered Level 11 of a ziggurat
176405 | Zig:11   | Reached skill level 27 in Translocations
176411 | Zig:11   | Reached skill level 5 in Summonings
176487 | Zig:11   | Identified the ring of Itunk {Wiz Will+ Str+4}
176489 | Zig:11   | Identified the +8 long sword "Tomuem" {flame, Dex+6}
176499 | Zig:11   | Identified the +4 arbalest "Zacwir" {antimagic, +Blink
                  | rElec rF- rN++}
176535 | Zig:12   | Entered Level 12 of a ziggurat
176554 | Zig:12   | Reached skill level 10 in Summonings
176587 | Zig:12   | Found the +7 great mace "Undeadhunter" {deathbane, rN+}
176614 | Zig:12   | Identified the +3 dagger "Qyfimne" {heavy, rPois Str+2
                  | SInv}
176649 | Zig:12   | Identified the +1 cloak "Foemmod" {rPois rC+ rN++ Str+3}
176665 | Zig:12   | Identified the +9 mace of Articulation {antimagic, ^Contam
                  | rN+++ Will+++ Int-4}
176697 | Zig:13   | Entered Level 13 of a ziggurat
176813 | Zig:13   | Identified the +2 chain mail of the Tanner {Rampage}
176814 | Zig:13   | Identified the +3 arbalest "Kyapi" {elec, rElec rC+ Int+2
                  | Dex+3}
176815 | Zig:13   | Identified the +3 lajatang of the Coward {flame, rElec
                  | rPois Stlth+}
176821 | Zig:13   | Identified the +2 scimitar "Toir Xeu" {freeze, rF+}
176855 | Zig:14   | Entered Level 14 of a ziggurat
176870 | Zig:14   | Noticed a dread lich
176871 | Zig:14   | Noticed a dread lich
176871 | Zig:14   | Noticed a dread lich
176872 | Zig:14   | Killed a dread lich
176872 | Zig:14   | Killed a dread lich
176874 | Zig:14   | Noticed a dread lich
176875 | Zig:14   | Killed a dread lich
176876 | Zig:14   | Noticed a dread lich
176877 | Zig:14   | Noticed an ancient lich
176877 | Zig:14   | Killed a dread lich
176878 | Zig:14   | Reached skill level 15 in Summonings
176879 | Zig:14   | Killed an ancient lich
176881 | Zig:14   | Killed a dread lich
176962 | Zig:14   | Identified the staff of Valour {rF+ Will++ Int+4 Dex-4
                  | Fire}
176981 | Zig:14   | Identified the +2 triple sword of Guile {speed, *Slow Str-3
                  | Int+8 Stlth+}
177017 | Zig:15   | Entered Level 15 of a ziggurat
177197 | Zig:15   | Identified the +0 buckler of Understanding {rElec Dex+3}
177201 | Zig:15   | Identified the staff of the Heavens {rElec rN+ Int+2 Necro}
177226 | Zig:16   | Entered Level 16 of a ziggurat
177330 | Zig:16   | Identified the amulet "Coeqewn" {Reflect rC+ SH+5}
177385 | Zig:17   | Entered Level 17 of a ziggurat
177390 | Zig:17   | Noticed a royal mummy
177391 | Zig:17   | Noticed a royal mummy
177392 | Zig:17   | Noticed a royal mummy
177393 | Zig:17   | Noticed a royal mummy
177395 | Zig:17   | Killed a royal mummy
177395 | Zig:17   | Killed a royal mummy
177395 | Zig:17   | Noticed a royal mummy
177396 | Zig:17   | Killed a royal mummy
177396 | Zig:17   | Killed a royal mummy
177398 | Zig:17   | Noticed a royal mummy
177400 | Zig:17   | Killed a royal mummy
177400 | Zig:17   | Killed a royal mummy
177401 | Zig:17   | Noticed a royal mummy
177401 | Zig:17   | Noticed a royal mummy
177401 | Zig:17   | Noticed a royal mummy
177401 | Zig:17   | Noticed a royal mummy
177402 | Zig:17   | Noticed a royal mummy
177402 | Zig:17   | Noticed a royal mummy
177403 | Zig:17   | Killed a royal mummy
177403 | Zig:17   | Killed a royal mummy
177403 | Zig:17   | Noticed a royal mummy
177404 | Zig:17   | Killed a royal mummy
177404 | Zig:17   | Killed a royal mummy
177404 | Zig:17   | Killed a royal mummy
177405 | Zig:17   | Killed a royal mummy
177405 | Zig:17   | Killed a royal mummy
177406 | Zig:17   | Killed a royal mummy
177406 | Zig:17   | Noticed a royal mummy
177409 | Zig:17   | Killed a royal mummy
177601 | Zig:17   | Identified the +4 plate armour "Lifa" {rF+ Str+3 Dex+2}
177602 | Zig:17   | Identified the ring "Tafrir" {rC+ AC+4 Str+2 Int-4}
177603 | Zig:17   | Identified the +2 pair of gloves of the Chupacabra {rN+}
177606 | Zig:17   | Identified the +0 robe "Jetsauf" {rC+}
177611 | Zig:17   | Identified the +7 chain mail "Supeyhom" {Int+3}
177615 | Zig:17   | Identified the +9 scimitar "Ufiuk" {freeze, Int+4}
177630 | Zig:18   | Entered Level 18 of a ziggurat
177642 | Zig:18   | Noticed a royal mummy
177644 | Zig:18   | Killed a royal mummy
177647 | Zig:18   | Noticed a royal mummy
177648 | Zig:18   | Noticed a royal mummy
177648 | Zig:18   | Noticed a royal mummy
177648 | Zig:18   | Noticed a royal mummy
177651 | Zig:18   | Killed a royal mummy
177651 | Zig:18   | Noticed a royal mummy
177652 | Zig:18   | Killed a royal mummy
177652 | Zig:18   | Killed a royal mummy
177652 | Zig:18   | Killed a royal mummy
177653 | Zig:18   | Noticed a royal mummy
177653 | Zig:18   | Noticed a royal mummy
177653 | Zig:18   | Noticed an ancient lich
177654 | Zig:18   | Noticed a royal mummy
177654 | Zig:18   | Noticed a royal mummy
177655 | Zig:18   | Killed a royal mummy
177655 | Zig:18   | Killed a royal mummy
177655 | Zig:18   | Killed a royal mummy
177656 | Zig:18   | Killed an ancient lich
177656 | Zig:18   | Killed a royal mummy
177657 | Zig:18   | Killed a royal mummy
177658 | Zig:18   | Noticed a royal mummy
177658 | Zig:18   | Noticed a royal mummy
177663 | Zig:18   | Killed a royal mummy
177663 | Zig:18   | Killed a royal mummy
177757 | Zig:18   | Found the +3 Mad Mage's Maulers {Infuse+∞ VampMP -Cast}
177899 | Zig:19   | Entered Level 19 of a ziggurat
178164 | Zig:19   | Identified the +2 dagger "Xosmavui" {flame, rCorr}
178172 | Zig:19   | Identified the ring of Eki Iric {rC+ MP+9}
178185 | Zig:19   | Identified the +6 flail "Buzowiti" {heavy, ^Drain rN+ Str+3
                  | Dex+2}
178194 | Zig:20   | Entered Level 20 of a ziggurat
178431 | Zig:20   | Identified the staff of Jyrialo {^Contam rPois rC+ Stlth+
                  | Conj Alchemy}
178521 | Zig:21   | Entered Level 21 of a ziggurat
178534 | Zig:21   | Noticed an orb of fire
178534 | Zig:21   | Noticed an orb of fire
178534 | Zig:21   | Noticed an orb of fire
178537 | Zig:21   | Noticed an orb of fire
178538 | Zig:21   | Killed an orb of fire
178540 | Zig:21   | Noticed an orb of fire
178540 | Zig:21   | Killed an orb of fire
178540 | Zig:21   | Noticed an orb of fire
178541 | Zig:21   | Killed an orb of fire
178541 | Zig:21   | Killed an orb of fire
178541 | Zig:21   | Noticed an orb of fire
178542 | Zig:21   | Noticed an orb of fire
178542 | Zig:21   | Noticed an orb of fire
178542 | Zig:21   | Noticed an orb of fire
178543 | Zig:21   | Noticed an orb of fire
178543 | Zig:21   | Killed an orb of fire
178544 | Zig:21   | Killed an orb of fire
178544 | Zig:21   | Killed an orb of fire
178544 | Zig:21   | Noticed an orb of fire
178544 | Zig:21   | Noticed an orb of fire
178545 | Zig:21   | Reached skill level 27 in Alchemy
178545 | Zig:21   | Killed an orb of fire
178545 | Zig:21   | Killed an orb of fire
178546 | Zig:21   | Killed an orb of fire
178546 | Zig:21   | Killed an orb of fire
178547 | Zig:21   | Killed an orb of fire
178547 | Zig:21   | Noticed an orb of fire
178548 | Zig:21   | Killed an orb of fire
178549 | Zig:21   | Noticed an orb of fire
178550 | Zig:21   | Noticed an orb of fire
178555 | Zig:21   | Killed an orb of fire
178556 | Zig:21   | Killed an orb of fire
178557 | Zig:21   | Killed an orb of fire
178685 | Zig:21   | Found the ring of the Hare {EV+10}
178689 | Zig:21   | Identified the ring of Tysebiu {rC++ SInv}
178692 | Zig:21   | Identified the +1 leather armour "Piplone" {rF+ SInv
                  | Stlth+}
178693 | Zig:21   | Identified the +0 chain mail of Rauky {^Drain rC++ Int+2}
178714 | Zig:21   | Identified the +4 orcbow "Jolu" {antimagic, rElec rPois
                  | Str+4}
178717 | Zig:21   | Identified the +1 leather armour of the Leaf {Harm}
178769 | Zig:22   | Entered Level 22 of a ziggurat
178803 | Zig:22   | Reached skill level 27 in Summonings
178803 | Zig:22   | Reached skill level 1 in Short Blades
178803 | Zig:22   | Reached skill level 1 in Axes
178803 | Zig:22   | Reached skill level 1 in Maces & Flails
178803 | Zig:22   | Reached skill level 1 in Polearms
178803 | Zig:22   | Reached skill level 1 in Staves
178803 | Zig:22   | Reached skill level 1 in Ranged Weapons
178803 | Zig:22   | Reached skill level 1 in Invocations
178805 | Zig:22   | Reached skill level 1 in Evocations
178807 | Zig:22   | Reached skill level 1 in Unarmed Combat
178808 | Zig:22   | Reached skill level 1 in Long Blades
178911 | Zig:22   | Found the +2 pair of slick slippers {slick, slippery, EV+4}
178960 | Zig:22   | Identified the staff "Saseapt" {rPois Str+3 Int+2 Dex+2
                  | Alchemy}
178962 | Zig:22   | Identified the ring "Gicwu" {rPois SInv}
178971 | Zig:22   | Identified the +2 spear "Emnaih" {freeze, rC+}
178977 | Zig:22   | Identified the +0 morningstar of the Lost Beasts {elec,
                  | rPois MP+9 Str+3 SInv}
178981 | Zig:22   | Identified the +2 glaive "Dragon's Tongue" {drain, rC+
                  | Str+4}
179040 | Zig:23   | Entered Level 23 of a ziggurat
179074 | Zig:23   | Reached skill level 5 in Stealth
179074 | Zig:23   | Reached skill level 5 in Invocations
179078 | Zig:23   | Reached skill level 5 in Axes
179080 | Zig:23   | Reached skill level 5 in Short Blades
179080 | Zig:23   | Reached skill level 5 in Maces & Flails
179080 | Zig:23   | Reached skill level 5 in Polearms
179080 | Zig:23   | Reached skill level 5 in Staves
179080 | Zig:23   | Reached skill level 5 in Ranged Weapons
179085 | Zig:23   | Found the +3 pair of seven-league boots {Rampage+∞}
179118 | Zig:23   | Identified the amulet of the Madman {rN+ Regen+}
179145 | Zig:23   | Identified the +1 pair of gloves "Oqayr" {Fly}
179149 | Zig:23   | Identified the +6 scale mail of Dramatic Exits {Stlth+}
179187 | Zig:23   | Identified the +1 halberd of Worepy {drain, rC+}
179189 | Zig:23   | Identified the staff of Mymach {rF+ rC+ rN+ Str-5 Summ
                  | Necro Air}
179317 | Zig:24   | Entered Level 24 of a ziggurat
179334 | Zig:24   | Noticed a juggernaut
179335 | Zig:24   | Noticed a juggernaut
179335 | Zig:24   | Killed a juggernaut
179338 | Zig:24   | Noticed a juggernaut
179339 | Zig:24   | Killed a juggernaut
179339 | Zig:24   | Killed a juggernaut
179343 | Zig:24   | Noticed a juggernaut
179346 | Zig:24   | Noticed a juggernaut
179347 | Zig:24   | Killed a juggernaut
179347 | Zig:24   | Killed a juggernaut
179353 | Zig:24   | Found the +5 robe of Night {Dark Will+ SInv}
179356 | Zig:24   | Found the +27 heavy crossbow "Sniper" {heavy, Acc+∞ SInv}
179356 | Zig:24   | Found the +10 zealot's sword {holy, Zealotry, *Rage rN+
                  | EV+3}
179409 | Zig:24   | Found the +9 sword of Zonguldrok {reap}
179417 | Zig:24   | Found the +4 robe of Folly {Brill Will-∞ Int+8}
179581 | Zig:24   | Identified the ring "Ruufak" {Wiz rF+ rN+ Int+4}
179615 | Zig:24   | Identified the +2 plate armour of Makhleb's Benevolence
                  | {Dex+4}
179625 | Zig:24   | Identified the staff "Lichiruj" {rPois Stlth+ Alchemy}
179650 | Zig:24   | Identified the amulet "Pyzije" {Reflect +Inv SH+5}
179695 | Zig:25   | Entered Level 25 of a ziggurat
179712 | Zig:25   | Reached skill level 5 in Evocations
179714 | Zig:25   | Reached skill level 5 in Long Blades
179717 | Zig:25   | Reached skill level 10 in Invocations
179719 | Zig:25   | Reached skill level 5 in Unarmed Combat
179765 | Zig:25   | Found the +8 arc blade {discharge, rElec}
179771 | Zig:25   | Found the crystal ball of Wucad Mu {*channel}
179987 | Zig:25   | Identified the amulet "Womaw" {Reflect rF+ SH+5}
179995 | Zig:25   | Identified the staff "Ippor" {Str+2 Conj}
180004 | Zig:25   | Identified the +10 battleaxe "Hellblazer" {freeze, rN++
                  | Str+2 Dex-3}
180011 | Zig:25   | Identified the ring of Lesser Demons {^Contam rC- rN+ EV+5
                  | Dex+6}
180018 | Zig:25   | Identified the +8 mace of Diet Blood {holy, Int+6 Stlth+}
180029 | Zig:25   | Identified the staff of Conformity {rC+ SInv Ice}
180086 | Zig:26   | Entered Level 26 of a ziggurat
180113 | Zig:26   | Reached skill level 10 in Stealth
180127 | Zig:26   | Reached skill level 10 in Short Blades
180127 | Zig:26   | Reached skill level 10 in Axes
180127 | Zig:26   | Reached skill level 10 in Maces & Flails
180127 | Zig:26   | Reached skill level 10 in Polearms
180127 | Zig:26   | Reached skill level 10 in Staves
180127 | Zig:26   | Reached skill level 10 in Ranged Weapons
180319 | Zig:26   | Identified the +1 triple sword "Megeumic" {freeze, *Slow
                  | Int+5 Dex+4}
180321 | Zig:26   | Identified the +2 ring mail "Suduvvar" {Str+7}
180325 | Zig:26   | Identified the +7 spear "Kaesm" {spect, rF- SInv Stlth+}
180335 | Zig:26   | Identified the ring of Ulydirch {rC- rN+++ EV+5 Dex-2
                  | Stlth+}
180336 | Zig:26   | Identified the amulet of Hofreuw {Faith rC+ Str+6}
180448 | Zig:27   | Entered Level 27 of a ziggurat
180502 | Zig:27   | Found the +8 Wrath of Trog {antimagic, *Rage Rampage}
180731 | Zig:27   | Identified the ring "Ereohuc" {rPois SInv}
180736 | Zig:27   | Identified the +2 rapier of an ossuary {speed, rPois rC-
                  | rN+++ Str+3}
180749 | Zig:27   | Identified the +9 battleaxe of Inefaash {freeze, rPois}
180750 | Zig:27   | Identified the +1 short sword "Kaugien" {antimagic, Dex+5}
180753 | Zig:27   | Identified the amulet of Ruhuch {RegenMP *Slow rElec Will+
                  | Stlth+}
180765 | Zig:27   | Identified the +7 whip of Hospitality {freeze, rPois Str+3}
180844 | Zig:1    | Entered Level 1 of a ziggurat
180861 | Zig:1    | Identified the +5 leather armour of Baof {rC++}
180867 | Zig:2    | Entered Level 2 of a ziggurat
180897 | Zig:2    | Identified the +10 shortbow of Urchea Xoutz {drain, rElec
                  | rN+ Dex+4}
180902 | Zig:3    | Entered Level 3 of a ziggurat
180972 | Zig:4    | Entered Level 4 of a ziggurat
180975 | Zig:4    | Reached skill level 15 in Invocations
181019 | Zig:5    | Entered Level 5 of a ziggurat
181019 | Zig:5    | Found the amulet of the Four Winds {rN+ Will+++ Clar}
181135 | Zig:6    | Entered Level 6 of a ziggurat
181150 | Zig:6    | Found the +3 giant club "Skullcrusher" {speed, Str+7}
181189 | Zig:6    | Identified the +7 whip of Drought {freeze, rF+ Int+3}
181210 | Zig:7    | Entered Level 7 of a ziggurat
181220 | Zig:7    | Found the +8 longbow "Zephyr" {speed, Dex+3 SInv}
181259 | Zig:7    | Identified the +5 rapier of the Eternal Warrior {speed, rF+
                  | Will+}
181262 | Zig:7    | Identified the ring "Ewyvvuy" {AC+4 Stlth+}
181323 | Zig:8    | Entered Level 8 of a ziggurat
181430 | Zig:8    | Identified the +0 cloak of Ryeschoi {rCorr Str+5}
181452 | Zig:9    | Entered Level 9 of a ziggurat
181456 | Zig:9    | Noticed Waimel the pandemonium lord
181456 | Zig:9    | Noticed Tamouwaiz the pandemonium lord
181456 | Zig:9    | Noticed Aghye the pandemonium lord
181457 | Zig:9    | Noticed Ciegid the pandemonium lord
181457 | Zig:9    | Noticed Itsar the pandemonium lord
181458 | Zig:9    | Killed Aghye the pandemonium lord
181460 | Zig:9    | Killed Waimel the pandemonium lord
181460 | Zig:9    | Killed Tamouwaiz the pandemonium lord
181460 | Zig:9    | Noticed Rononano the pandemonium lord
181462 | Zig:9    | Killed Rononano the pandemonium lord
181462 | Zig:9    | Killed Itsar the pandemonium lord
181473 | Zig:9    | Killed Ciegid the pandemonium lord
181520 | Zig:9    | Identified the +0 morningstar of Doubt {protect, rF+ rC-
                  | MP+9 Str+3}
181574 | Zig:10   | Entered Level 10 of a ziggurat
181694 | Zig:10   | Identified the +7 long sword "Transmigrator" {protect,
                  | rElec Str-4 Int+7}
181702 | Zig:11   | Entered Level 11 of a ziggurat
181710 | Zig:11   | Noticed a dread lich
181711 | Zig:11   | Noticed a dread lich
181711 | Zig:11   | Noticed a dread lich
181711 | Zig:11   | Found the +16 obsidian axe {drain, demonic, Mesm ^Drain Fly
                  | SInv}
181712 | Zig:11   | Noticed a dread lich
181713 | Zig:11   | Killed a dread lich
181713 | Zig:11   | Killed a dread lich
181713 | Zig:11   | Killed a dread lich
181713 | Zig:11   | Noticed a dread lich
181713 | Zig:11   | Noticed an ancient lich
181714 | Zig:11   | Noticed a dread lich
181716 | Zig:11   | Killed a dread lich
181717 | Zig:11   | Reached skill level 10 in Unarmed Combat
181717 | Zig:11   | Killed a dread lich
181717 | Zig:11   | Killed a dread lich
181717 | Zig:11   | Killed an ancient lich
181776 | Zig:11   | Identified the +6 halberd of Yhyadas {heavy, Fly rElec
                  | Will++}
181847 | Zig:12   | Entered Level 12 of a ziggurat
181859 | Zig:12   | Reached skill level 10 in Evocations
181860 | Zig:12   | Reached skill level 15 in Stealth
181866 | Zig:12   | Reached skill level 10 in Long Blades
181873 | Zig:12   | Found the +3 warlock's mirror {omnireflect}
181935 | Zig:12   | Identified the staff of Inkecros {rN+ Int+7 Necro}
181955 | Zig:12   | Identified the +10 long sword "Grim" {heavy, Fly Str+3
                  | Int-3}
181957 | Zig:12   | Identified the +1 scale mail of Posaa {rElec rCorr}
181962 | Zig:12   | Identified the +4 sling of the Unstoppable Tales {flame,
                  | rPois Will+ Int+4 Dex+2}
182046 | Zig:13   | Entered Level 13 of a ziggurat
182064 | Zig:13   | Found the +7 lajatang of Order {silver, rMut}
182118 | Zig:13   | Identified the ring "Jatwi" {Ice Will- Int+8 Stlth+}
182121 | Zig:13   | Identified the +7 quarterstaff of Hasiamoe {drain, Will-
                  | Dex+10}
182124 | Zig:13   | Identified the +0 robe of the Abyss {Harm Will+++ MP-9
                  | Dex+2}
182126 | Zig:13   | Identified the +1 sling of the Living Dead {freeze, MP+9
                  | Dex+2}
182212 | Zig:14   | Entered Level 14 of a ziggurat
182225 | Zig:14   | Noticed a juggernaut
182226 | Zig:14   | Noticed a juggernaut
182226 | Zig:14   | Noticed a juggernaut
182226 | Zig:14   | Noticed a juggernaut
182227 | Zig:14   | Killed a juggernaut
182228 | Zig:14   | Killed a juggernaut
182229 | Zig:14   | Killed a juggernaut
182229 | Zig:14   | Killed a juggernaut
182229 | Zig:14   | Noticed a juggernaut
182229 | Zig:14   | Noticed a juggernaut
182232 | Zig:14   | Killed a juggernaut
182233 | Zig:14   | Killed a juggernaut
182484 | Zig:15   | Entered Level 15 of a ziggurat
182509 | Zig:15   | Reached skill level 15 in Axes
182509 | Zig:15   | Reached skill level 15 in Ranged Weapons
182512 | Zig:15   | Reached skill level 15 in Polearms
182513 | Zig:15   | Found the +8 demon trident "Rift" {distort, reach+}
182567 | Zig:15   | Identified the +0 pair of gloves "Rediduba" {^Drain rN+
                  | rCorr Dex+4}
182587 | Zig:15   | Identified the staff of the Divine God {rF+ rN+ Necro Fire}
182704 | Zig:16   | Entered Level 16 of a ziggurat
182722 | Zig:16   | Noticed Huquixt the pandemonium lord
182722 | Zig:16   | Noticed Hujykiorch the pandemonium lord
182722 | Zig:16   | Noticed Liruec the pandemonium lord
182722 | Zig:16   | Noticed Dusiaga the pandemonium lord
182723 | Zig:16   | Noticed Gasagin the pandemonium lord
182724 | Zig:16   | Noticed Rackopu the pandemonium lord
182724 | Zig:16   | Noticed Uchudyqe the pandemonium lord
182724 | Zig:16   | Noticed Bipuzxiffe the pandemonium lord
182725 | Zig:16   | Noticed Duqi the pandemonium lord
182725 | Zig:16   | Noticed Huladghe the pandemonium lord
182725 | Zig:16   | Noticed Ryike the pandemonium lord
182725 | Zig:16   | Noticed Passufai the pandemonium lord
182726 | Zig:16   | Noticed Viapar Cieqa the pandemonium lord
182728 | Zig:16   | Noticed Otutil the pandemonium lord
182730 | Zig:16   | Killed Dusiaga the pandemonium lord
182732 | Zig:16   | Killed Liruec the pandemonium lord
182733 | Zig:16   | Noticed Abugyol the pandemonium lord
182736 | Zig:16   | Killed Uchudyqe the pandemonium lord
182737 | Zig:16   | Killed Viapar Cieqa the pandemonium lord
182737 | Zig:16   | Killed Bipuzxiffe the pandemonium lord
182737 | Zig:16   | Killed Duqi the pandemonium lord
182738 | Zig:16   | Killed Abugyol the pandemonium lord
182738 | Zig:16   | Killed Gasagin the pandemonium lord
182739 | Zig:16   | Killed Ryike the pandemonium lord
182739 | Zig:16   | Killed Huladghe the pandemonium lord
182739 | Zig:16   | Killed Otutil the pandemonium lord
182739 | Zig:16   | Killed Huquixt the pandemonium lord
182740 | Zig:16   | Reached skill level 15 in Short Blades
182740 | Zig:16   | Noticed Doxzies the pandemonium lord
182740 | Zig:16   | Noticed Efoipn the pandemonium lord
182743 | Zig:16   | Killed Hujykiorch the pandemonium lord
182743 | Zig:16   | Noticed Qiohyitofu the pandemonium lord
182745 | Zig:16   | Noticed Paejini the pandemonium lord
182746 | Zig:16   | Killed Qiohyitofu the pandemonium lord
182747 | Zig:16   | Killed Rackopu the pandemonium lord
182747 | Zig:16   | Killed Passufai the pandemonium lord
182747 | Zig:16   | Noticed Jicrio the pandemonium lord
182747 | Zig:16   | Noticed Niatil the pandemonium lord
182748 | Zig:16   | Killed Paejini the pandemonium lord
182748 | Zig:16   | Killed Efoipn the pandemonium lord
182748 | Zig:16   | Noticed Hed Bue the pandemonium lord
182750 | Zig:16   | Killed Jicrio the pandemonium lord
182750 | Zig:16   | Killed Hed Bue the pandemonium lord
182752 | Zig:16   | Noticed Anycrum the pandemonium lord
182755 | Zig:16   | Killed Doxzies the pandemonium lord
182756 | Zig:16   | Killed Laent the pandemonium lord
182764 | Zig:16   | Killed Anycrum the pandemonium lord
182783 | Zig:16   | Killed Niatil the pandemonium lord
182901 | Zig:16   | Identified the +0 shortbow "Taulauxt" {flame, Fly rF+
                  | Will++ Int+3}
182978 | Zig:17   | Entered Level 17 of a ziggurat
182998 | Zig:17   | Noticed a juggernaut
183000 | Zig:17   | Noticed a juggernaut
183000 | Zig:17   | Noticed a juggernaut
183001 | Zig:17   | Killed a juggernaut
183001 | Zig:17   | Killed a juggernaut
183002 | Zig:17   | Killed a juggernaut
183002 | Zig:17   | Noticed a juggernaut
183004 | Zig:17   | Killed a juggernaut
183106 | Zig:17   | Identified the +6 short sword of Resourcefulness {speed,
                  | Int+6}
183114 | Zig:17   | Identified the +2 robe of the Cockatrice {Will+ MP+9 Int+7}
183120 | Zig:17   | Identified the +6 spear "Nazorin" {heavy, rN+ Str-5 Int+2}
183121 | Zig:17   | Identified the +1 halberd "Qyrradoa" {holy, rPois}
183126 | Zig:17   | Identified the ring of Ruvol {*Slow rPois rF++ Will+}
183127 | Zig:17   | Identified the ring of the Shishi {rF+ Str+6}
183291 | Zig:18   | Entered Level 18 of a ziggurat
183306 | Zig:18   | Reached skill level 27 in Throwing
183312 | Zig:18   | Reached skill level 15 in Evocations
183472 | Zig:18   | Found the +3 robe of Clouds {*Thunder rCloud rElec}
183523 | Zig:18   | Identified the ring "Pagik" {rN+ Will+ Str+6 Int+3}
183533 | Zig:18   | Identified the ring of Dudeor {rElec Will+}
183535 | Zig:18   | Identified the ring of Obuegudy {rN++ Will- Int+4 Dex+6}
183542 | Zig:18   | Identified the +2 war axe of Duty {drain, *Slow +Blink
                  | rPois Int-4}
183602 | Zig:19   | Entered Level 19 of a ziggurat
183617 | Zig:19   | Noticed an orb of fire
183620 | Zig:19   | Noticed an orb of fire
183621 | Zig:19   | Noticed an orb of fire
183621 | Zig:19   | Noticed an orb of fire
183622 | Zig:19   | Noticed an orb of fire
183622 | Zig:19   | Noticed an orb of fire
183623 | Zig:19   | Noticed an orb of fire
183623 | Zig:19   | Noticed an orb of fire
183623 | Zig:19   | Noticed an orb of fire
183623 | Zig:19   | Noticed an orb of fire
183623 | Zig:19   | Killed an orb of fire
183623 | Zig:19   | Noticed an orb of fire
183624 | Zig:19   | Noticed an orb of fire
183624 | Zig:19   | Noticed an orb of fire
183625 | Zig:19   | Noticed an orb of fire
183626 | Zig:19   | Noticed an orb of fire
183626 | Zig:19   | Killed an orb of fire
183626 | Zig:19   | Noticed an orb of fire
183626 | Zig:19   | Noticed an orb of fire
183627 | Zig:19   | Killed an orb of fire
183627 | Zig:19   | Killed an orb of fire
183629 | Zig:19   | Killed an orb of fire
183629 | Zig:19   | Noticed an orb of fire
183630 | Zig:19   | Noticed an orb of fire
183630 | Zig:19   | Killed an orb of fire
183630 | Zig:19   | Killed an orb of fire
183630 | Zig:19   | Noticed an orb of fire
183631 | Zig:19   | Killed an orb of fire
183631 | Zig:19   | Killed an orb of fire
183632 | Zig:19   | Killed an orb of fire
183632 | Zig:19   | Killed an orb of fire
183632 | Zig:19   | Killed an orb of fire
183632 | Zig:19   | Killed an orb of fire
183633 | Zig:19   | Killed an orb of fire
183634 | Zig:19   | Killed an orb of fire
183634 | Zig:19   | Killed an orb of fire
183634 | Zig:19   | Killed an orb of fire
183634 | Zig:19   | Killed an orb of fire
183634 | Zig:19   | Killed an orb of fire
183636 | Zig:19   | Killed an orb of fire
183810 | Zig:19   | Identified the +0 ring mail of Sloth {rF+ Will+}
183811 | Zig:19   | Identified the +0 robe of Insurance {rF+ Str+5}
183815 | Zig:19   | Identified the +0 scale mail "Vixim" {Dex+3}
183821 | Zig:19   | Identified the +8 spear "Edwatuot" {vamp, Fly rPois Str+3}
183823 | Zig:19   | Identified the +8 plate armour of Monum {rC- Will+ Str+4
                  | Stlth+}
183836 | Zig:19   | Identified the -1 pair of gloves "Yziabret" {Will+ Int+3
                  | Dex+4}
183842 | Zig:19   | Identified the ring of Odur Ramp {rElec rPois rF- rN+
                  | Dex+4}
183848 | Zig:19   | Identified the ring "Vuzowyun" {rPois rF- rN++ rCorr Str-3}
183904 | Zig:20   | Entered Level 20 of a ziggurat
183921 | Zig:20   | Noticed a juggernaut
183924 | Zig:20   | Noticed a juggernaut
183925 | Zig:20   | Noticed a juggernaut
183925 | Zig:20   | Noticed a juggernaut
183926 | Zig:20   | Noticed a juggernaut
183927 | Zig:20   | Noticed a juggernaut
183927 | Zig:20   | Killed a juggernaut
183927 | Zig:20   | Killed a juggernaut
183927 | Zig:20   | Killed a juggernaut
183927 | Zig:20   | Killed a juggernaut
183927 | Zig:20   | Noticed a juggernaut
183928 | Zig:20   | Killed a juggernaut
183930 | Zig:20   | Killed a juggernaut
183931 | Zig:20   | Noticed a juggernaut
183933 | Zig:20   | Killed a juggernaut
183934 | Zig:20   | Killed a juggernaut
183934 | Zig:20   | Noticed a juggernaut
183940 | Zig:20   | Killed a juggernaut
184182 | Zig:20   | Identified the dragon-blood talisman "Sonk" {Dex-5 Slay+5}
184188 | Zig:20   | Identified the ring of the Giraffatuar {rElec rPois rC+
                  | rCorr Str-3}
184189 | Zig:20   | Identified the ring "Woschi" {rN+ Str-3 Int+2 SInv}
184360 | Zig:21   | Entered Level 21 of a ziggurat
184405 | Zig:21   | Killed a starcursed mass
184457 | Zig:21   | Identified the +9 falchion of Conscience {spect, Str+2
                  | SInv}
184458 | Zig:21   | Identified the +10 shortbow of Flawed Execution {heavy, rN+
                  | Str+3}
184464 | Zig:21   | Identified the +8 great mace of Upheaval {pain, rN+}
184483 | Zig:21   | Identified the staff "Peemyida" {Dex+3 Earth}
184485 | Zig:21   | Identified the +6 quick blade of the Gloaming {protect,
                  | Fly}
184492 | Zig:21   | Identified the staff of Quantum Leap {*Corrode rC+ Int+8
                  | Dex+2 Stlth+ Ice}
184503 | Zig:21   | Identified the ring "Ugilal" {rC++ EV+5 Str+5}
184692 | Zig:22   | Entered Level 22 of a ziggurat
185030 | Zig:22   | Identified the ring "Zuuvaud" {rPois rF+ MP+9}
185036 | Zig:22   | Identified the +11 falchion "Komicoat" {freeze, rF+}
185037 | Zig:22   | Identified the amulet "Viecu" {-Tele rN+ Regen+ rCorr}
185038 | Zig:22   | Identified the staff of Eternal Vigilance {rElec rF- Int+4
                  | Dex+5 Air}
185045 | Zig:22   | Identified the +0 ring mail of Divine Compulsion {rPois
                  | Slay+3 SInv}
185055 | Zig:22   | Identified the ring of Tusyqil {rF+ Slay+2 Stlth+}
185065 | Zig:22   | Identified the +5 falchion of Purpose {vamp, *Corrode rF+
                  | Int+3}
185162 | Zig:23   | Entered Level 23 of a ziggurat
185488 | Zig:23   | Identified the +2 trident of Muxzuril {drain, *Corrode rC+
                  | Int+2 Dex+9}
185495 | Zig:23   | Identified the +1 shortbow of Joyful Slaughter {flame,
                  | rElec rF- Stlth+}
185498 | Zig:23   | Identified the ring of Gyag {rElec rCorr}
185504 | Zig:23   | Identified the +4 ring mail "Xuask" {Dex+4}
185510 | Zig:23   | Identified the +1 robe of Buabuh {Rampage rF+ rC+ Int-5}
185579 | Zig:24   | Entered Level 24 of a ziggurat
185603 | Zig:24   | Reached skill level 27 in Short Blades
185605 | Zig:24   | Noticed Myhek the pandemonium lord
185606 | Zig:24   | Killed Myhek the pandemonium lord
185607 | Zig:24   | Reached skill level 27 in Evocations
185817 | Zig:24   | Identified the +1 cloak of Yterehe {Slay+2}
185828 | Zig:24   | Identified the amulet "Zouniuho" {Regen+ rCorr Int+2 Dex+3
                  | Slay+2}
185830 | Zig:24   | Identified the +6 morningstar of Zylisit {freeze, Dex+2}
185833 | Zig:24   | Identified the +3 ring mail of the Farmer {-Cast Rampage
                  | Will+++ Dex-4}
185876 | Zig:24   | Identified the +0 chain mail of the Beginning {Regen+}
185877 | Zig:24   | Identified the amulet "Gemuki" {Acrobat Str+4}
186034 | Zig:25   | Entered Level 25 of a ziggurat
186251 | Zig:25   | Found the +11 plutonium sword {^Contam Stlth-}
186306 | Zig:25   | Identified the staff of Attainder {rN+ Stlth+ Necro Earth}
186308 | Zig:25   | Identified the ring "Fyim" {rC+ Slay+2 SInv}
186309 | Zig:25   | Identified the +6 short sword of Honeyrae {flame, +Blink}
186310 | Zig:25   | Identified the +3 leather armour of Wenemeny {rC+ Regen+}
186327 | Zig:25   | Identified the +1 arbalest of Anger {drain, rN+ rCorr}
186537 | Zig:26   | Entered Level 26 of a ziggurat
186603 | Zig:26   | Noticed Seaf the pandemonium lord
186615 | Zig:26   | Killed Seaf the pandemonium lord
186623 | Zig:26   | Reached skill level 15 in Maces & Flails
186632 | Zig:26   | Reached skill level 15 in Unarmed Combat
186635 | Zig:26   | Reached skill level 15 in Staves
186857 | Zig:26   | Found the +11 Singing Sword {sonic wave}
186868 | Zig:26   | Identified the +8 flail of the Evil Eye {flame, Will+ Str+5
                  | Dex+4}
186877 | Zig:26   | Identified the +8 quarterstaff of Demand {elec, rC+ Str+3}
186878 | Zig:26   | Identified the +0 leather armour of the New World {+Blink
                  | Int-3 Slay+2}
186884 | Zig:26   | Identified the +7 spear "Plog" {heavy, rN+ Dex+3}
186887 | Zig:26   | Identified the +6 orcbow "Segigiy" {freeze, rPois rN++
                  | Int-5 SInv}
186888 | Zig:26   | Identified the +1 ring mail "Ecrusic" {Harm rCorr Str+3
                  | SInv}
186889 | Zig:26   | Identified the staff of the Harvest {Str+7 Earth}
186890 | Zig:26   | Identified the +7 sling of Wariness {elec, *Corrode Fly
                  | Int+4}
186891 | Zig:26   | Identified the +0 scale mail of the Cooper {Harm rC- Str+2
                  | Dex+2}
186892 | Zig:26   | Identified the ring of the Lily {Fly Will+ Int+3}
186903 | Zig:26   | Identified the +5 leather armour "Orutwula" {-Cast Rampage
                  | rN++ Str+3}
186907 | Zig:26   | Identified the +11 trident "Atiuri" {flame, rElec Stlth+}
186956 | Zig:27   | Entered Level 27 of a ziggurat
187023 | Zig:27   | Noticed Geni the pandemonium lord
187035 | Zig:27   | Killed Geni the pandemonium lord
187346 | Zig:27   | Found the +12 glaive of Prune {freeze, Prune}
187350 | Zig:27   | Found the Hermit's Pendant {Faith Invo=14 Evo=0 MP+5}
187365 | Zig:27   | Identified the staff "Kaihoesi" {rElec rPois rN++ Str-5
                  | Earth}
187367 | Zig:27   | Identified the +2 plate armour of Insecurity {rN+++}
187372 | Zig:27   | Identified the ring "Burupab" {rCorr Int+6}
187373 | Zig:27   | Identified the +8 dagger of Ru's Displeasure {spect, rN++}
187379 | Zig:27   | Identified the +7 mace of the Crushed Blessings {freeze,
                  | rElec}
187382 | Zig:27   | Identified the dragon-blood talisman of Riuv Tenn {Str+6
                  | Slay+3}
187385 | Zig:27   | Identified the +0 robe "Esatsukh" {rPois}
187392 | Zig:27   | Identified the amulet of Foruxzi {Faith Rampage rN+ Will+
                  | Dex+2}
187415 | Zig:27   | Identified the ring "Foli" {Str+4 Slay-6 SInv Stlth+}
187588 | Depths:1 | Acquired a manual of Staves
187589 | Depths:1 | Acquired a manual of Axes
187590 | Depths:1 | Acquired 408 gold pieces
187591 | Depths:1 | Acquired 620 gold pieces
187592 | Depths:1 | Acquired 1394 gold pieces
187602 | Zig:1    | Entered Level 1 of a ziggurat
187625 | Zig:1    | Identified the +0 ring mail "Wimunil" {-Cast rElec Str+5
                  | Dex+3}
187628 | Zig:2    | Entered Level 2 of a ziggurat
187682 | Zig:3    | Entered Level 3 of a ziggurat
187697 | Zig:3    | Identified the +6 glaive of Autumn {venom, Stlth+}
187702 | Zig:3    | Identified the +1 ring mail of the Riding Gods {Fly Str+3
                  | Int-2}
187728 | Zig:4    | Entered Level 4 of a ziggurat
187728 | Zig:4    | Noticed Ufi Tiso the pandemonium lord
187736 | Zig:4    | Killed Ufi Tiso the pandemonium lord
187793 | Zig:5    | Entered Level 5 of a ziggurat
187857 | Zig:5    | Identified the +6 great mace of a Thousand Portals {flame,
                  | Str+4 Dex-4}
187875 | Zig:6    | Entered Level 6 of a ziggurat
187950 | Zig:6    | Identified the +0 shortbow of Grandeur {heavy, rPois rN+}
187965 | Zig:6    | Identified the +0 dagger "Spiderbane" {heavy, Str-4 Dex+6}
187979 | Zig:7    | Entered Level 7 of a ziggurat
187982 | Zig:7    | Noticed an ancient lich
187984 | Zig:7    | Killed an ancient lich
188023 | Zig:7    | Identified the +2 arbalest of Chagrin {heavy, rF++ rCorr
                  | Stlth+}
188088 | Zig:8    | Entered Level 8 of a ziggurat
188176 | Zig:8    | Identified the +3 hand axe of Wounding {holy, Fly rElec rN+
                  | MP+9}
188204 | Zig:9    | Entered Level 9 of a ziggurat
188208 | Zig:9    | Noticed an ancient lich
188208 | Zig:9    | Noticed an ancient lich
188208 | Zig:9    | Noticed a dread lich
188208 | Zig:9    | Noticed an ancient lich
188209 | Zig:9    | Noticed a dread lich
188210 | Zig:9    | Killed an ancient lich
188210 | Zig:9    | Killed an ancient lich
188211 | Zig:9    | Killed an ancient lich
188211 | Zig:9    | Killed a dread lich
188213 | Zig:9    | Killed a dread lich
188213 | Zig:9    | Noticed a dread lich
188214 | Zig:9    | Noticed an ancient lich
188216 | Zig:9    | Killed an ancient lich
188217 | Zig:9    | Killed a dread lich
188245 | Zig:9    | Identified the ring "Diomp" {Wiz Will+}
188250 | Zig:9    | Identified the ring of Ysud {Ice rElec rPois Dex-5}
188255 | Zig:9    | Identified the +2 robe "Roreghi" {+Blink rC+ Int+3 Stlth+}
188278 | Zig:9    | Identified the +4 robe of Slovenliness {Regen+ Dex+4 Slay+2
                  | Archmagi}
188337 | Zig:10   | Entered Level 10 of a ziggurat
188337 | Zig:10   | Noticed a royal mummy
188337 | Zig:10   | Noticed a royal mummy
188337 | Zig:10   | Noticed a royal mummy
188339 | Zig:10   | Killed a royal mummy
188340 | Zig:10   | Killed a royal mummy
188341 | Zig:10   | Noticed a royal mummy
188342 | Zig:10   | Noticed a royal mummy
188343 | Zig:10   | Killed a royal mummy
188343 | Zig:10   | Noticed a royal mummy
188344 | Zig:10   | Killed a royal mummy
188344 | Zig:10   | Noticed a royal mummy
188346 | Zig:10   | Killed a royal mummy
188346 | Zig:10   | Killed a royal mummy
188346 | Zig:10   | Killed a royal mummy
188348 | Zig:10   | Noticed a dread lich
188349 | Zig:10   | Killed a dread lich
188478 | Zig:10   | Identified the ring of Hoserch {rN+ Int+6}
188479 | Zig:10   | Identified the +3 mace of Kaafusk {freeze, Will+}
188480 | Zig:10   | Identified the +9 dagger "Pioquh" {freeze, *Rage rC+++
                  | Int-4 Dex+5}
188489 | Zig:10   | Identified the ring of Esusudi {^Drain rF+ Str+6 Dex+7
                  | Stlth-}
188499 | Zig:11   | Entered Level 11 of a ziggurat
188501 | Zig:11   | Noticed a dread lich
188502 | Zig:11   | Noticed a dread lich
188502 | Zig:11   | Noticed a dread lich
188504 | Zig:11   | Killed a dread lich
188504 | Zig:11   | Killed a dread lich
188504 | Zig:11   | Killed a dread lich
188505 | Zig:11   | Reached skill level 15 in Long Blades
188506 | Zig:11   | Noticed a dread lich
188506 | Zig:11   | Noticed an ancient lich
188507 | Zig:11   | Killed an ancient lich
188508 | Zig:11   | Killed a dread lich
188559 | Zig:11   | Identified the +8 ring mail of the Untouchables {Str+3}
188567 | Zig:11   | Identified the staff "Hicrom" {rElec Dex+3 Air}
188645 | Zig:12   | Entered Level 12 of a ziggurat
188667 | Zig:12   | Found the +8 autumn katana {manifold assault}
188741 | Zig:12   | Found the +2 hat of the Bear Spirit {Spirit, Bear, *Rage
                  | Will++}
188776 | Zig:12   | Identified the +6 longbow "Amidduudgh" {drain, rN+ Int+7}
188781 | Zig:12   | Identified the staff of Nice Eternal Vigilance {rC+ rCorr
                  | MP-9 Fire Ice}
188784 | Zig:12   | Identified the +14 chain mail of Xumizipsau {Int+3}
188796 | Zig:12   | Identified the +1 pair of boots "Asurch" {+Blink}
188838 | Zig:13   | Entered Level 13 of a ziggurat
188840 | Zig:13   | Noticed a dread lich
188841 | Zig:13   | Noticed a dread lich
188842 | Zig:13   | Killed a dread lich
188842 | Zig:13   | Killed a dread lich
188844 | Zig:13   | Noticed a dread lich
188844 | Zig:13   | Noticed an ancient lich
188845 | Zig:13   | Noticed a dread lich
188845 | Zig:13   | Noticed a dread lich
188846 | Zig:13   | Noticed an ancient lich
188847 | Zig:13   | Killed an ancient lich
188847 | Zig:13   | Killed a dread lich
188847 | Zig:13   | Killed a dread lich
188847 | Zig:13   | Killed a dread lich
188847 | Zig:13   | Noticed an ancient lich
188847 | Zig:13   | Noticed a dread lich
188848 | Zig:13   | Noticed a dread lich
188849 | Zig:13   | Noticed a dread lich
188850 | Zig:13   | Noticed an ancient lich
188850 | Zig:13   | Killed an ancient lich
188851 | Zig:13   | Killed an ancient lich
188851 | Zig:13   | Killed a dread lich
188851 | Zig:13   | Killed a dread lich
188851 | Zig:13   | Killed a dread lich
188851 | Zig:13   | Killed an ancient lich
188901 | Zig:13   | Identified the +4 ring mail of Conscience {Int+6}
188902 | Zig:13   | Identified the +2 trident of Wu Jian's Grace {vamp, *Slow
                  | rPois rC++}
188917 | Zig:13   | Identified the +1 halberd of Usuoh {holy, rF+ Str+2 Int-5
                  | SInv}
188918 | Zig:13   | Identified the +10 short sword "Fazimac" {freeze, Fly}
188921 | Zig:13   | Identified the +4 short sword of the Final Decision {vamp,
                  | Will+ Stlth+}
188991 | Zig:13   | Identified the staff "Duyrhal" {rF+ rC- Dex+9 Fire}
189020 | Zig:14   | Entered Level 14 of a ziggurat
189040 | Zig:14   | Found the +8 mithril axe "Arga" {speed, Will+}
189046 | Zig:14   | Found the +8 demon blade "Leech" {evervamp, Harm ^Drain
                  | rN+}
189200 | Zig:14   | Identified the +1 leather armour "Wiubo" {rElec rPois rC+
                  | Will+}
189237 | Zig:15   | Entered Level 15 of a ziggurat
189296 | Zig:15   | Identified the +6 rapier of Extinguishment {protect, Will++
                  | Dex+3}
189300 | Zig:15   | Identified the +2 hand axe of the Badger {elec, Dex+3}
189301 | Zig:15   | Identified the ring "Wisy" {+Blink rCorr Str+6 Int+3
                  | Slay-5}
189302 | Zig:15   | Identified the +10 whip of the Rotten God {drain, rF+ rN+
                  | MP-9}
189303 | Zig:15   | Identified the +8 sling of Wu Jian's Whim {flame, Str+3
                  | Int+3}
189310 | Zig:15   | Identified the +8 war axe of the Foremost Servitors
                  | {freeze, *Rage rElec Int+8}
189314 | Zig:15   | Identified the +1 war axe of Xoeffoc {flame, rC+ Dex+3
                  | Stlth+}
189419 | Zig:16   | Entered Level 16 of a ziggurat
189423 | Zig:16   | Noticed Datyive the pandemonium lord
189426 | Zig:16   | Killed Datyive the pandemonium lord
189428 | Zig:16   | Noticed Urunkoumm the pandemonium lord
189428 | Zig:16   | Noticed Hilera the pandemonium lord
189429 | Zig:16   | Noticed Jyory the pandemonium lord
189429 | Zig:16   | Noticed Caif the pandemonium lord
189430 | Zig:16   | Noticed Vakk the pandemonium lord
189431 | Zig:16   | Killed Jyory the pandemonium lord
189431 | Zig:16   | Noticed Dugg the pandemonium lord
189431 | Zig:16   | Killed Vakk the pandemonium lord
189432 | Zig:16   | Noticed Vegg the pandemonium lord
189432 | Zig:16   | Killed Urunkoumm the pandemonium lord
189432 | Zig:16   | Killed Hilera the pandemonium lord
189432 | Zig:16   | Noticed Zoclaaz the pandemonium lord
189433 | Zig:16   | Noticed Nis Caog the pandemonium lord
189433 | Zig:16   | Noticed Vuyser the pandemonium lord
189433 | Zig:16   | Noticed Toikhluq the pandemonium lord
189434 | Zig:16   | Killed Vuyser the pandemonium lord
189435 | Zig:16   | Killed Zoclaaz the pandemonium lord
189436 | Zig:16   | Noticed Vuastruol the pandemonium lord
189437 | Zig:16   | Killed Caif the pandemonium lord
189438 | Zig:16   | Noticed Hiplissa the pandemonium lord
189438 | Zig:16   | Killed Dugg the pandemonium lord
189439 | Zig:16   | Killed Toikhluq the pandemonium lord
189439 | Zig:16   | Noticed Gyrghan the pandemonium lord
189439 | Zig:16   | Noticed Wadoabaj the pandemonium lord
189440 | Zig:16   | Killed Vuastruol the pandemonium lord
189440 | Zig:16   | Killed Vegg the pandemonium lord
189441 | Zig:16   | Killed Wadoabaj the pandemonium lord
189441 | Zig:16   | Killed Nis Caog the pandemonium lord
189442 | Zig:16   | Noticed Acrov the pandemonium lord
189442 | Zig:16   | Noticed Toeng the pandemonium lord
189442 | Zig:16   | Noticed Opruwum the pandemonium lord
189443 | Zig:16   | Killed Acrov the pandemonium lord
189444 | Zig:16   | Killed Hiplissa the pandemonium lord
189444 | Zig:16   | Noticed Loggis the pandemonium lord
189445 | Zig:16   | Killed Toeng the pandemonium lord
189446 | Zig:16   | Killed Opruwum the pandemonium lord
189447 | Zig:16   | Killed Loggis the pandemonium lord
189447 | Zig:16   | Noticed Sokoytha the pandemonium lord
189447 | Zig:16   | Noticed Diwonax the pandemonium lord
189449 | Zig:16   | Killed Sokoytha the pandemonium lord
189451 | Zig:16   | Killed Gyrghan the pandemonium lord
189451 | Zig:16   | Noticed Zafeiz the pandemonium lord
189453 | Zig:16   | Killed Zafeiz the pandemonium lord
189454 | Zig:16   | Killed Lofyeruf the pandemonium lord
189463 | Zig:16   | Killed Diwonax the pandemonium lord
189552 | Zig:16   | Identified the ring of Dawn {rC+ Will+}
189562 | Zig:16   | Identified the amulet "Jotsoroqyu" {Spirit rPois rC- rCorr
                  | Str+4}
189564 | Zig:16   | Identified the +9 plate armour of Xak Eki {Dex+2}
189577 | Zig:16   | Identified the ring "Ystoduv" {rN+ MP+9 Str+3 Dex-5}
189604 | Zig:17   | Entered Level 17 of a ziggurat
189604 | Zig:17   | Noticed a royal mummy
189608 | Zig:17   | Killed a royal mummy
189616 | Zig:17   | Noticed a royal mummy
189618 | Zig:17   | Killed a royal mummy
189623 | Zig:17   | Noticed an ancient lich
189625 | Zig:17   | Killed an ancient lich
189685 | Zig:17   | Noticed a dread lich
189688 | Zig:17   | Killed a dread lich
189820 | Zig:17   | Identified the ring "Tophoc" {Fly rF+ rN+ Int+2}
189821 | Zig:17   | Identified the staff of Resumed Hostilities {Dex-2 SInv
                  | Stlth+ Conj Earth}
189901 | Zig:18   | Entered Level 18 of a ziggurat
189905 | Zig:18   | Noticed a dread lich
189908 | Zig:18   | Killed a dread lich
189909 | Zig:18   | Noticed a dread lich
189909 | Zig:18   | Noticed a dread lich
189911 | Zig:18   | Killed a dread lich
189911 | Zig:18   | Killed a dread lich
189912 | Zig:18   | Noticed a dread lich
189912 | Zig:18   | Noticed an ancient lich
189912 | Zig:18   | Noticed a dread lich
189914 | Zig:18   | Killed an ancient lich
189915 | Zig:18   | Killed a dread lich
189915 | Zig:18   | Killed a dread lich
189916 | Zig:18   | Noticed an ancient lich
189916 | Zig:18   | Noticed a dread lich
189917 | Zig:18   | Killed a dread lich
189918 | Zig:18   | Killed an ancient lich
189949 | Zig:18   | Found the +18 shield of the Gong {Loud rN+ Will+ rCorr
                  | EV-5}
190094 | Zig:18   | Identified the +3 scale mail "Oschegie" {rElec rCorr}
190127 | Zig:19   | Entered Level 19 of a ziggurat
190157 | Zig:19   | Found the +8 frozen axe "Frostbite" {freeze, freezing
                  | cloud, *Noise Fly rC+}
190158 | Zig:19   | Found the +2 Maxwell's thermic engine {flame, freeze, rev}
190287 | Zig:19   | Identified the +0 pair of gloves "Jocaec" {Will- Str+3
                  | Slay+5}
190289 | Zig:19   | Identified the +7 great sword of Nemelex Xobeh's Scorn
                  | {elec, Dex+3}
190296 | Zig:19   | Identified the +5 broad axe of Ru, Changing {vamp, Str-2
                  | Int+5 Dex+8}
190301 | Zig:19   | Identified the +0 chain mail of the Serpent {Str+6 Int+4
                  | Dex+2}
190314 | Zig:19   | Identified the amulet "Asizikha" {RegenMP rN+ Dex+3 Stlth-}
190405 | Zig:20   | Entered Level 20 of a ziggurat
190424 | Zig:20   | Reached skill level 27 in Stealth
190430 | Zig:20   | Reached skill level 27 in Invocations
190523 | Zig:20   | Found the +6 Majin-Bo {spellvamp, MP+6 Int+6}
190628 | Zig:20   | Identified the +7 war axe of Untruth {flame, Dex+4}
190641 | Zig:20   | Identified the ring of Puurit Igeing {rF++ Will+ AC+4
                  | Dex+2}
190643 | Zig:20   | Identified the +0 pair of boots "Emesh" {rF- Str+4}
190644 | Zig:20   | Identified the +9 dagger "Deyhogad" {speed, ^Drain rElec
                  | Int+5}
190680 | Zig:21   | Entered Level 21 of a ziggurat
190739 | Zig:21   | Identified the amulet of Guid {Faith *Corrode rElec rN++
                  | Str+4}
190762 | Zig:21   | Identified the staff "Boubeug" {rC+ rCorr SInv Ice}
190819 | Zig:21   | Identified the +2 leather armour of the Old World {rC++ rN+
                  | Dex-2 Stlth+}
190822 | Zig:21   | Identified the staff of the Crushed Orbs {rF+ rC+ Fire}
190824 | Zig:21   | Identified the +1 shortbow "Beidwes" {drain, Dex+2}
191064 | Zig:22   | Entered Level 22 of a ziggurat
191087 | Zig:22   | Found the +8 Vampire's Tooth {megavamp}
191089 | Zig:22   | Found the +7 hand cannon "Mule" {flame, backblast, rF+}
191205 | Zig:22   | Identified the +3 great sword of Saltpetre {pain, Fly rElec
                  | MP+9 Dex-4}
191208 | Zig:22   | Identified the +1 plate armour of Lethargy {Regen+}
191308 | Zig:22   | Identified the +1 robe of the Durable God {+Inv Str+4 Int-5
                  | Archmagi}
191309 | Zig:22   | Identified the +1 leather armour of Snakes and Ladders
                  | {Will+}
191311 | Zig:22   | Identified the +5 spear of Misery {flame, Str+3}
191322 | Zig:22   | Identified the amulet of Bylyw {Reflect rF+ rC++ SH+5}
191325 | Zig:22   | Identified the +5 quarterstaff "Kusir" {elec, rC++ Str+6}
191326 | Zig:22   | Identified the staff of Eceduef {rElec Dex+3 Air}
191368 | Zig:23   | Entered Level 23 of a ziggurat
191388 | Zig:23   | Noticed Ifitzuc the pandemonium lord
191391 | Zig:23   | Killed Ifitzuc the pandemonium lord
191562 | Zig:23   | Identified the +0 scale mail "Maoryar" {+Inv rCorr Dex-5
                  | Slay+5}
191566 | Zig:23   | Identified the +6 great sword "Grim Tooth" {distort, rCorr}
191576 | Zig:23   | Identified the staff "Demonslayer" {Dex+2 Conj Air}
191612 | Zig:24   | Entered Level 24 of a ziggurat
191620 | Zig:24   | Noticed an ancient lich
191621 | Zig:24   | Killed an ancient lich
191622 | Zig:24   | Noticed an ancient lich
191622 | Zig:24   | Noticed a dread lich
191622 | Zig:24   | Noticed an ancient lich
191624 | Zig:24   | Noticed an ancient lich
191625 | Zig:24   | Reached skill level 27 in Shields
191625 | Zig:24   | Killed an ancient lich
191625 | Zig:24   | Killed an ancient lich
191625 | Zig:24   | Killed a dread lich
191625 | Zig:24   | Killed an ancient lich
191625 | Zig:24   | Noticed a dread lich
191626 | Zig:24   | Noticed a dread lich
191626 | Zig:24   | Noticed an ancient lich
191626 | Zig:24   | Noticed an ancient lich
191626 | Zig:24   | Noticed an ancient lich
191627 | Zig:24   | Noticed an ancient lich
191627 | Zig:24   | Noticed an ancient lich
191627 | Zig:24   | Noticed an ancient lich
191628 | Zig:24   | Killed an ancient lich
191629 | Zig:24   | Killed an ancient lich
191629 | Zig:24   | Killed a dread lich
191629 | Zig:24   | Killed a dread lich
191629 | Zig:24   | Killed an ancient lich
191629 | Zig:24   | Killed an ancient lich
191629 | Zig:24   | Killed an ancient lich
191629 | Zig:24   | Killed an ancient lich
191630 | Zig:24   | Noticed an ancient lich
191631 | Zig:24   | Noticed a dread lich
191633 | Zig:24   | Killed an ancient lich
191633 | Zig:24   | Killed a dread lich
191633 | Zig:24   | Noticed an ancient lich
191634 | Zig:24   | Noticed an ancient lich
191634 | Zig:24   | Noticed a dread lich
191635 | Zig:24   | Noticed an ancient lich
191635 | Zig:24   | Noticed an ancient lich
191637 | Zig:24   | Killed an ancient lich
191637 | Zig:24   | Killed an ancient lich
191637 | Zig:24   | Killed a dread lich
191637 | Zig:24   | Killed an ancient lich
191637 | Zig:24   | Killed an ancient lich
191818 | Zig:24   | Identified the ring "Xuwott" {Fly Int+3}
191830 | Zig:24   | Identified the +0 hand axe of Delick {heavy, *Slow rN+++
                  | Will+++ Dex-3}
191834 | Zig:24   | Identified the +6 great mace of Duty {flame, Str+3}
191837 | Zig:24   | Identified the +5 morningstar "Ogrebane" {pain, Will+ rCorr
                  | Int+5}
191861 | Zig:24   | Identified the amulet of Sisuy {Reflect Harm rPois Will-
                  | Int+3 SH+5}
191869 | Zig:24   | Identified the staff of Imbalance {rElec Will+ Int+5 Dex-2
                  | Fire Air}
191870 | Zig:24   | Identified the +0 long sword "Gukhluloi" {venom, rCorr}
191958 | Zig:25   | Entered Level 25 of a ziggurat
191966 | Zig:25   | Noticed a dread lich
191967 | Zig:25   | Noticed an ancient lich
191968 | Zig:25   | Noticed a dread lich
191968 | Zig:25   | Noticed an ancient lich
191972 | Zig:25   | Killed a dread lich
191972 | Zig:25   | Killed an ancient lich
191972 | Zig:25   | Killed an ancient lich
191972 | Zig:25   | Killed a dread lich
191972 | Zig:25   | Noticed a dread lich
191972 | Zig:25   | Noticed a dread lich
191974 | Zig:25   | Killed a dread lich
191974 | Zig:25   | Killed a dread lich
191974 | Zig:25   | Noticed a dread lich
191974 | Zig:25   | Noticed an ancient lich
191975 | Zig:25   | Noticed an ancient lich
191975 | Zig:25   | Noticed a dread lich
191976 | Zig:25   | Noticed a dread lich
191977 | Zig:25   | Killed a dread lich
191977 | Zig:25   | Killed an ancient lich
191977 | Zig:25   | Killed a dread lich
191978 | Zig:25   | Noticed a dread lich
191978 | Zig:25   | Noticed a dread lich
191978 | Zig:25   | Noticed an ancient lich
191979 | Zig:25   | Killed a dread lich
191979 | Zig:25   | Killed an ancient lich
191979 | Zig:25   | Killed a dread lich
191980 | Zig:25   | Killed a dread lich
191980 | Zig:25   | Killed an ancient lich
191981 | Zig:25   | Noticed a dread lich
191982 | Zig:25   | Noticed an ancient lich
191982 | Zig:25   | Killed an ancient lich
191984 | Zig:25   | Noticed a dread lich
191984 | Zig:25   | Noticed an ancient lich
191984 | Zig:25   | Noticed a dread lich
191984 | Zig:25   | Noticed an ancient lich
191986 | Zig:25   | Killed a dread lich
191986 | Zig:25   | Killed an ancient lich
191986 | Zig:25   | Killed a dread lich
191986 | Zig:25   | Killed an ancient lich
191986 | Zig:25   | Killed a dread lich
191986 | Zig:25   | Noticed a dread lich
191987 | Zig:25   | Noticed an ancient lich
191987 | Zig:25   | Noticed an ancient lich
191987 | Zig:25   | Noticed an ancient lich
191988 | Zig:25   | Killed a dread lich
191989 | Zig:25   | Killed an ancient lich
191989 | Zig:25   | Killed an ancient lich
191992 | Zig:25   | Killed an ancient lich
191993 | Zig:25   | Noticed an ancient lich
191993 | Zig:25   | Noticed a dread lich
191995 | Zig:25   | Killed an ancient lich
191995 | Zig:25   | Killed a dread lich
192232 | Zig:25   | Identified the +0 plate armour of Beixo {rElec Dex-2 SInv}
192234 | Zig:25   | Identified the quicksilver dragon scales of Autotheism
                  | {^Contam Will+ Int+3}
192235 | Zig:25   | Identified the staff of Lies {rF+ Dex+3 Summ Fire}
192239 | Zig:25   | Identified the +1 kite shield of the Other Side {+Inv Will-
                  | Regen+ MP+9}
192241 | Zig:25   | Identified the +5 broad axe of the Onslaught {heavy, rPois
                  | Will+ Str+5 Dex+2}
192316 | Zig:26   | Entered Level 26 of a ziggurat
192609 | Zig:26   | Identified the +1 executioner's axe "Requf" {flame, Int+3}
192612 | Zig:26   | Identified the +2 scale mail of Lueqe {rPois Str-5 Int+4
                  | Dex+2}
192614 | Zig:26   | Identified the +12 whip of Jeocsete {protect, rElec rC+
                  | Int+2}
192617 | Zig:26   | Identified the +7 spear "Ylughy" {freeze, rCorr Dex+3}
192618 | Zig:26   | Identified the ring of Ducsyelo {*Corrode ^Drain rElec
                  | Str+6 Dex+7}
192622 | Zig:26   | Identified the +2 chain mail of Saloxt {Str+3}
192626 | Zig:26   | Identified the +5 quick blade "Viry" {vamp, rPois rN+
                  | Will++}
192628 | Zig:26   | Identified the ring "Kixyitiw" {rC+ AC+4 Str+5}
192653 | Zig:26   | Identified the ring "Iqoirghehih" {rC+ rCorr SInv Stlth+}
192664 | Zig:26   | Identified the ring "Sixucs" {+Blink rF+ EV+5 Slay+6}
192667 | Zig:26   | Identified the +2 dagger of Res Ipsa Loquitur {venom, rElec
                  | Int+4 Dex-4}
192691 | Zig:26   | Identified the +5 dagger of the Ghostly God {drain, ^Drain
                  | rN++ Str+3 Int+3}
192695 | Zig:26   | Identified the +0 plate armour "Puximom" {Int+3}
192777 | Zig:26   | Identified the +1 helmet of Death's Door {rF++ Dex+2 SInv}
192782 | Zig:27   | Entered Level 27 of a ziggurat
192786 | Zig:27   | Noticed an orb of fire
192786 | Zig:27   | Noticed an orb of fire
192787 | Zig:27   | Noticed an orb of fire
192787 | Zig:27   | Noticed an orb of fire
192789 | Zig:27   | Noticed an orb of fire
192790 | Zig:27   | Killed an orb of fire
192790 | Zig:27   | Killed an orb of fire
192790 | Zig:27   | Killed an orb of fire
192790 | Zig:27   | Noticed an orb of fire
192791 | Zig:27   | Killed an orb of fire
192794 | Zig:27   | Noticed an orb of fire
192794 | Zig:27   | Killed an orb of fire
192796 | Zig:27   | Killed an orb of fire
192796 | Zig:27   | Noticed an orb of fire
192796 | Zig:27   | Noticed an orb of fire
192797 | Zig:27   | Noticed an orb of fire
192797 | Zig:27   | Noticed an orb of fire
192797 | Zig:27   | Noticed an orb of fire
192797 | Zig:27   | Noticed an orb of fire
192799 | Zig:27   | Noticed an orb of fire
192800 | Zig:27   | Noticed an orb of fire
192800 | Zig:27   | Noticed an orb of fire
192801 | Zig:27   | Killed an orb of fire
192802 | Zig:27   | Killed an orb of fire
192802 | Zig:27   | Killed an orb of fire
192802 | Zig:27   | Noticed an orb of fire
192802 | Zig:27   | Noticed an orb of fire
192803 | Zig:27   | Killed an orb of fire
192803 | Zig:27   | Killed an orb of fire
192803 | Zig:27   | Killed an orb of fire
192803 | Zig:27   | Noticed an orb of fire
192804 | Zig:27   | Noticed an orb of fire
192804 | Zig:27   | Noticed an orb of fire
192804 | Zig:27   | Noticed an orb of fire
192805 | Zig:27   | Killed an orb of fire
192805 | Zig:27   | Killed an orb of fire
192805 | Zig:27   | Killed an orb of fire
192805 | Zig:27   | Noticed an orb of fire
192805 | Zig:27   | Noticed an orb of fire
192805 | Zig:27   | Noticed an orb of fire
192806 | Zig:27   | Killed an orb of fire
192806 | Zig:27   | Killed an orb of fire
192806 | Zig:27   | Killed an orb of fire
192807 | Zig:27   | Killed an orb of fire
192807 | Zig:27   | Killed an orb of fire
192807 | Zig:27   | Noticed an orb of fire
192808 | Zig:27   | Killed an orb of fire
192808 | Zig:27   | Killed an orb of fire
192808 | Zig:27   | Killed an orb of fire
192808 | Zig:27   | Killed an orb of fire
192809 | Zig:27   | Killed an orb of fire
192810 | Zig:27   | Noticed an orb of fire
192811 | Zig:27   | Noticed an orb of fire
192812 | Zig:27   | Killed an orb of fire
192812 | Zig:27   | Noticed an orb of fire
192814 | Zig:27   | Killed an orb of fire
192814 | Zig:27   | Killed an orb of fire
192816 | Zig:27   | Noticed an orb of fire
192818 | Zig:27   | Killed an orb of fire
192822 | Zig:27   | Killed an orb of fire
193021 | Zig:27   | Found the +13 scythe of Curses {drain, curses, ^Drain}
193026 | Zig:27   | Identified the ring of Xom's Ringing Laughter {rC+ rN+
                  | Str-4 Dex+6 Stlth+}
193027 | Zig:27   | Identified the +9 long sword of Destiny {pain, rCorr Dex+3}
193037 | Zig:27   | Identified the +1 ring mail "Buffipti" {Regen+ Stlth+}
193046 | Zig:27   | Identified the amulet of Woycw {rElec Regen+ MP+9 Str+3}
193049 | Zig:27   | Identified the +11 plate armour of Twilight {Str+3}
193060 | Zig:27   | Identified the +5 ring mail of the Lumpy Beasts {rF- rC+++
                  | rCorr Dex+2}
193072 | Zig:1    | Entered Level 1 of a ziggurat
193101 | Zig:2    | Entered Level 2 of a ziggurat
193138 | Zig:3    | Entered Level 3 of a ziggurat
193138 | Zig:3    | Noticed a dread lich
193140 | Zig:3    | Killed a dread lich
193188 | Zig:4    | Entered Level 4 of a ziggurat
193188 | Zig:4    | Noticed an ancient lich
193188 | Zig:4    | Noticed a dread lich
193188 | Zig:4    | Noticed a dread lich
193189 | Zig:4    | Noticed a dread lich
193190 | Zig:4    | Killed a dread lich
193190 | Zig:4    | Killed a dread lich
193190 | Zig:4    | Killed an ancient lich
193190 | Zig:4    | Killed a dread lich
193190 | Zig:4    | Noticed a dread lich
193191 | Zig:4    | Noticed a dread lich
193194 | Zig:4    | Killed a dread lich
193194 | Zig:4    | Killed a dread lich
193218 | Zig:4    | Identified the +3 demon trident of the Crushed Violins
                  | {antimagic, rF+ rC+ rCorr Dex-3}
193245 | Zig:5    | Entered Level 5 of a ziggurat
193249 | Zig:5    | Reached skill level 27 in Axes
193249 | Zig:5    | Reached skill level 27 in Polearms
193280 | Zig:5    | Identified the ring of the Suburbs {Ice *Slow rPois rN+++
                  | Dex-5 SInv}
193297 | Zig:5    | Identified the +1 scale mail of Casy {Dex+3}
193311 | Zig:6    | Entered Level 6 of a ziggurat
193312 | Zig:6    | Noticed Horphebum the pandemonium lord
193312 | Zig:6    | Noticed Zaffygruowo the pandemonium lord
193313 | Zig:6    | Noticed Yvaxt the pandemonium lord
193314 | Zig:6    | Noticed Bemew the pandemonium lord
193314 | Zig:6    | Killed Horphebum the pandemonium lord
193315 | Zig:6    | Noticed Qeidd the pandemonium lord
193317 | Zig:6    | Killed Qeidd the pandemonium lord
193317 | Zig:6    | Killed Yvaxt the pandemonium lord
193320 | Zig:6    | Killed Zaffygruowo the pandemonium lord
193326 | Zig:6    | Killed Bemew the pandemonium lord
193379 | Zig:6    | Identified the +1 quarterstaff "Yvaqus" {antimagic, *Rage
                  | rPois rC+ Int+5}
193408 | Zig:7    | Entered Level 7 of a ziggurat
193416 | Zig:7    | Found the +6 arbalest "Damnation" {damnation}
193462 | Zig:7    | Identified the ring of the Past {Int+2 Dex+4 SInv}
193475 | Zig:7    | Identified the +6 halberd "Nadu" {vamp, rElec Str-4 Int+4
                  | Dex+3}
193509 | Zig:7    | Identified the ring "Yhelonta" {rC- Will+++ Int+3 Slay+4
                  | Stlth+}
193524 | Zig:8    | Entered Level 8 of a ziggurat
193605 | Zig:8    | Identified the +6 war axe of the Screaming Gods {flame,
                  | rCorr MP+9 Str+4 Stlth+}
193641 | Zig:9    | Entered Level 9 of a ziggurat
193643 | Zig:9    | Noticed Geriuch the pandemonium lord
193643 | Zig:9    | Noticed Fasobrei the pandemonium lord
193644 | Zig:9    | Noticed Oriaqeno the pandemonium lord
193645 | Zig:9    | Noticed Fowugizi the pandemonium lord
193647 | Zig:9    | Noticed Ifuomuti the pandemonium lord
193647 | Zig:9    | Noticed Tegouthroo the pandemonium lord
193650 | Zig:9    | Killed Fasobrei the pandemonium lord
193651 | Zig:9    | Killed Ifuomuti the pandemonium lord
193651 | Zig:9    | Killed Fowugizi the pandemonium lord
193652 | Zig:9    | Killed Tegouthroo the pandemonium lord
193653 | Zig:9    | Noticed Syefeh the pandemonium lord
193653 | Zig:9    | Noticed Vyxuor the pandemonium lord
193656 | Zig:9    | Killed Syefeh the pandemonium lord
193657 | Zig:9    | Reached skill level 27 in Unarmed Combat
193657 | Zig:9    | Killed Geriuch the pandemonium lord
193657 | Zig:9    | Killed Vyxuor the pandemonium lord
193662 | Zig:9    | Killed Oriaqeno the pandemonium lord
193677 | Zig:9    | Found the +8 trident of the Octopus King {venom, rElec
                  | rPois}
193739 | Zig:9    | Identified the +6 quick blade of Termination {flame, rC+}
193740 | Zig:9    | Identified the ring of Forod {rElec rPois rN+ rCorr SInv}
193766 | Zig:10   | Entered Level 10 of a ziggurat
193768 | Zig:10   | Noticed an ancient lich
193768 | Zig:10   | Noticed a dread lich
193768 | Zig:10   | Noticed a dread lich
193770 | Zig:10   | Noticed a dread lich
193771 | Zig:10   | Noticed a dread lich
193771 | Zig:10   | Killed an ancient lich
193771 | Zig:10   | Killed a dread lich
193771 | Zig:10   | Killed a dread lich
193772 | Zig:10   | Killed a dread lich
193772 | Zig:10   | Killed a dread lich
193773 | Zig:10   | Noticed a dread lich
193774 | Zig:10   | Noticed a dread lich
193775 | Zig:10   | Killed a dread lich
193775 | Zig:10   | Killed a dread lich
193776 | Zig:10   | Noticed an ancient lich
193778 | Zig:10   | Reached skill level 27 in Maces & Flails
193778 | Zig:10   | Reached skill level 27 in Ranged Weapons
193778 | Zig:10   | Killed an ancient lich
193781 | Zig:10   | Noticed a dread lich
193860 | Zig:10   | Identified the ring of Benevolence {rPois rF+}
193870 | Zig:10   | Identified the +2 helmet of Guluumof {Will+}
193911 | Zig:11   | Entered Level 11 of a ziggurat
193920 | Zig:11   | Reached skill level 27 in Staves
193923 | Zig:11   | Reached skill level 27 in Long Blades
193923 | Zig:11   | Reached skill level 1 in Hexes
193923 | Zig:11   | Noticed Sureim the pandemonium lord
193927 | Zig:11   | Killed Sureim the pandemonium lord
194022 | Zig:11   | Identified the +1 leather armour "Waleig" {+Inv Will+
                  | Dex+5}
194027 | Zig:11   | Identified the +0 helmet of Rulayxt {Fly}
194077 | Zig:12   | Entered Level 12 of a ziggurat
194265 | Zig:12   | Identified the +11 war axe of Bespelled Honour {spect,
                  | *Rage +Blink Stlth+}
194273 | Zig:12   | Identified the staff of Jiuqolus {*Slow rElec Will+++ Dex-2
                  | Summ Air}
194331 | Zig:13   | Entered Level 13 of a ziggurat
194343 | Zig:13   | Reached skill level 15 in Hexes
194361 | Zig:13   | Found the amulet of Elemental Vulnerability {rPois rF--
                  | rC-- AC+8}
194399 | Zig:13   | Identified the staff "Buqigikhi" {+Blink rElec Will+ Dex-4
                  | Conj}
194415 | Zig:13   | Identified the +3 long sword "Zaqeoje" {flame, rElec Will+}
194425 | Zig:13   | Identified the amulet "Kiyri" {Reflect rC- rN+++ Int-5
                  | Dex+4 SH+5}
194589 | Zig:14   | Entered Level 14 of a ziggurat
194615 | Zig:14   | Noticed Puhiumam the pandemonium lord
194643 | Zig:14   | Killed Puhiumam the pandemonium lord
194728 | Zig:14   | Identified the +4 chain mail "Kufuotucw" {Dex+2}
194730 | Zig:14   | Identified the +2 pair of boots "Boryav" {rPois Will+ Str+4
                  | Dex+3}
194732 | Zig:14   | Identified the +1 great sword "Baise" {flame, Str+7}
194736 | Zig:14   | Identified the ring of the Princess {Fire rPois rN+ Str+4
                  | Dex-2}
194756 | Zig:14   | Identified the ring of Ujul {rPois Int+3}
194760 | Zig:14   | Identified the +8 chain mail of the Carpenter {Fly Will+
                  | SInv}
194856 | Zig:15   | Entered Level 15 of a ziggurat
194862 | Zig:15   | Noticed a dread lich
194862 | Zig:15   | Noticed an ancient lich
194863 | Zig:15   | Noticed a dread lich
194865 | Zig:15   | Killed an ancient lich
194865 | Zig:15   | Killed a dread lich
194865 | Zig:15   | Killed a dread lich
194866 | Zig:15   | Noticed an ancient lich
194867 | Zig:15   | Noticed an ancient lich
194868 | Zig:15   | Noticed an ancient lich
194868 | Zig:15   | Noticed a dread lich
194868 | Zig:15   | Noticed an ancient lich
194869 | Zig:15   | Killed an ancient lich
194869 | Zig:15   | Killed an ancient lich
194869 | Zig:15   | Killed an ancient lich
194869 | Zig:15   | Killed a dread lich
194870 | Zig:15   | Noticed a dread lich
194870 | Zig:15   | Noticed a dread lich
194871 | Zig:15   | Noticed a dread lich
194871 | Zig:15   | Noticed a dread lich
194872 | Zig:15   | Killed an ancient lich
194872 | Zig:15   | Killed a dread lich
194872 | Zig:15   | Killed a dread lich
194872 | Zig:15   | Killed a dread lich
194872 | Zig:15   | Noticed an ancient lich
194872 | Zig:15   | Noticed an ancient lich
194873 | Zig:15   | Noticed an ancient lich
194873 | Zig:15   | Killed an ancient lich
194873 | Zig:15   | Killed a dread lich
194873 | Zig:15   | Killed an ancient lich
194873 | Zig:15   | Noticed an ancient lich
194874 | Zig:15   | Noticed an ancient lich
194874 | Zig:15   | Noticed a dread lich
194874 | Zig:15   | Noticed an ancient lich
194876 | Zig:15   | Killed an ancient lich
194876 | Zig:15   | Killed an ancient lich
194877 | Zig:15   | Killed a dread lich
194877 | Zig:15   | Killed an ancient lich
194877 | Zig:15   | Killed an ancient lich
195059 | Zig:15   | Identified the +3 mace of Wealth {freeze, Fly MP+9 Str+7
                  | Int-2}
195064 | Zig:15   | Identified the amulet of Osole {Faith rPois rC+ Stlth-}
195069 | Zig:15   | Identified the +0 pair of boots "Fozot" {rElec rF+ Dex-3
                  | SInv}
195077 | Zig:15   | Identified the staff of the Sandy God {*Corrode Str+5 Dex+8
                  | Earth}
195114 | Zig:16   | Entered Level 16 of a ziggurat
195124 | Zig:16   | Noticed an ancient lich
195124 | Zig:16   | Noticed an ancient lich
195126 | Zig:16   | Killed an ancient lich
195126 | Zig:16   | Killed an ancient lich
195127 | Zig:16   | Noticed a dread lich
195128 | Zig:16   | Noticed a dread lich
195129 | Zig:16   | Killed a dread lich
195130 | Zig:16   | Killed a dread lich
195131 | Zig:16   | Noticed a dread lich
195131 | Zig:16   | Noticed a dread lich
195131 | Zig:16   | Noticed an ancient lich
195132 | Zig:16   | Killed a dread lich
195133 | Zig:16   | Killed a dread lich
195133 | Zig:16   | Killed an ancient lich
195133 | Zig:16   | Noticed a dread lich
195133 | Zig:16   | Noticed an ancient lich
195136 | Zig:16   | Killed an ancient lich
195136 | Zig:16   | Noticed an ancient lich
195137 | Zig:16   | Killed a dread lich
195137 | Zig:16   | Noticed a dread lich
195138 | Zig:16   | Reached skill level 27 in Hexes
195138 | Zig:16   | Noticed a dread lich
195138 | Zig:16   | Noticed an ancient lich
195140 | Zig:16   | Killed an ancient lich
195140 | Zig:16   | Noticed a dread lich
195141 | Zig:16   | Killed a dread lich
195141 | Zig:16   | Killed a dread lich
195141 | Zig:16   | Killed an ancient lich
195141 | Zig:16   | Noticed an ancient lich
195141 | Zig:16   | Noticed a dread lich
195143 | Zig:16   | Killed a dread lich
195143 | Zig:16   | Killed an ancient lich
195143 | Zig:16   | Killed a dread lich
195172 | Zig:16   | Found the brooch of Shielding {Spirit SH+8}
195275 | Zig:16   | Identified the +8 trident "Ogre's Foe" {drain, +Blink}
195288 | Zig:16   | Identified the +5 rapier of Gugho {heavy, Str+3 Int+2}
195370 | Zig:17   | Entered Level 17 of a ziggurat
195390 | Zig:17   | Noticed a dread lich
195390 | Zig:17   | Noticed a dread lich
195392 | Zig:17   | Killed a dread lich
195392 | Zig:17   | Killed a dread lich
195392 | Zig:17   | Noticed a dread lich
195393 | Zig:17   | Noticed a dread lich
195393 | Zig:17   | Noticed a dread lich
195393 | Zig:17   | Noticed an ancient lich
195393 | Zig:17   | Noticed a dread lich
195393 | Zig:17   | Noticed an ancient lich
195394 | Zig:17   | Noticed an ancient lich
195395 | Zig:17   | Noticed a dread lich
195396 | Zig:17   | Killed a dread lich
195396 | Zig:17   | Killed an ancient lich
195396 | Zig:17   | Killed an ancient lich
195396 | Zig:17   | Killed a dread lich
195396 | Zig:17   | Killed a dread lich
195396 | Zig:17   | Noticed an ancient lich
195398 | Zig:17   | Killed an ancient lich
195398 | Zig:17   | Killed an ancient lich
195399 | Zig:17   | Noticed an ancient lich
195399 | Zig:17   | Noticed a dread lich
195400 | Zig:17   | Noticed a dread lich
195400 | Zig:17   | Noticed an ancient lich
195400 | Zig:17   | Noticed a dread lich
195400 | Zig:17   | Noticed a dread lich
195400 | Zig:17   | Noticed an ancient lich
195403 | Zig:17   | Noticed a dread lich
195404 | Zig:17   | Noticed an ancient lich
195405 | Zig:17   | Killed an ancient lich
195405 | Zig:17   | Killed a dread lich
195405 | Zig:17   | Killed a dread lich
195405 | Zig:17   | Killed an ancient lich
195407 | Zig:17   | Noticed an ancient lich
195407 | Zig:17   | Killed a dread lich
195407 | Zig:17   | Killed an ancient lich
195407 | Zig:17   | Killed a dread lich
195407 | Zig:17   | Noticed a dread lich
195407 | Zig:17   | Killed an ancient lich
195408 | Zig:17   | Killed a dread lich
195408 | Zig:17   | Killed an ancient lich
195409 | Zig:17   | Noticed an ancient lich
195409 | Zig:17   | Noticed an ancient lich
195411 | Zig:17   | Killed a dread lich
195411 | Zig:17   | Killed a dread lich
195412 | Zig:17   | Killed an ancient lich
195412 | Zig:17   | Killed an ancient lich
195412 | Zig:17   | Killed a dread lich
195416 | Zig:17   | Found the macabre finger necklace {Finger+ rN+}
195458 | Zig:17   | Identified the staff of the Countless Portals {rElec rC+
                  | Air}
195464 | Zig:17   | Identified the +3 robe of Calculation {rC+}
195488 | Zig:17   | Identified the amulet of Koduan {Faith Rampage *Slow Will+}
195667 | Zig:18   | Entered Level 18 of a ziggurat
195714 | Zig:18   | Identified the +2 tower shield "Niatul" {rF+ Int+2 Dex+3}
195722 | Zig:18   | Killed a starcursed mass
195988 | Zig:18   | Identified the +8 battleaxe "Zoshruthy" {vamp, ^Drain rPois
                  | rF+++ Int+3}
195996 | Zig:18   | Identified the +8 orcbow of Descent {flame, rN++}
196088 | Zig:19   | Entered Level 19 of a ziggurat
196108 | Zig:19   | Noticed a dread lich
196108 | Zig:19   | Noticed an ancient lich
196110 | Zig:19   | Killed an ancient lich
196110 | Zig:19   | Killed a dread lich
196110 | Zig:19   | Noticed a dread lich
196112 | Zig:19   | Killed a dread lich
196112 | Zig:19   | Noticed a dread lich
196114 | Zig:19   | Killed a dread lich
196114 | Zig:19   | Noticed an ancient lich
196116 | Zig:19   | Killed an ancient lich
196116 | Zig:19   | Noticed a dread lich
196116 | Zig:19   | Noticed an ancient lich
196117 | Zig:19   | Noticed an ancient lich
196118 | Zig:19   | Killed a dread lich
196118 | Zig:19   | Killed an ancient lich
196118 | Zig:19   | Killed an ancient lich
196118 | Zig:19   | Noticed a dread lich
196121 | Zig:19   | Killed a dread lich
196121 | Zig:19   | Noticed a dread lich
196121 | Zig:19   | Noticed a dread lich
196122 | Zig:19   | Noticed an ancient lich
196123 | Zig:19   | Killed an ancient lich
196123 | Zig:19   | Killed a dread lich
196123 | Zig:19   | Noticed an ancient lich
196123 | Zig:19   | Noticed an ancient lich
196125 | Zig:19   | Killed an ancient lich
196125 | Zig:19   | Killed an ancient lich
196125 | Zig:19   | Killed a dread lich
196125 | Zig:19   | Noticed a dread lich
196126 | Zig:19   | Noticed a dread lich
196127 | Zig:19   | Killed a dread lich
196127 | Zig:19   | Killed a dread lich
196127 | Zig:19   | Noticed an ancient lich
196129 | Zig:19   | Noticed an ancient lich
196129 | Zig:19   | Noticed an ancient lich
196130 | Zig:19   | Noticed an ancient lich
196131 | Zig:19   | Killed an ancient lich
196131 | Zig:19   | Killed an ancient lich
196131 | Zig:19   | Killed an ancient lich
196132 | Zig:19   | Killed an ancient lich
196132 | Zig:19   | Noticed an ancient lich
196134 | Zig:19   | Killed an ancient lich
196181 | Zig:19   | Identified the ring of Ashenzari's Generosity {AC+4 Int+2}
196197 | Zig:19   | Identified the staff of Malaise {Int+6 Conj}
196201 | Zig:19   | Identified the ring "Naus" {rF+ rC+++ AC+4 Str+4 Int-2}
196206 | Zig:19   | Identified the staff of Conflict {MP+9 Str-4 Int+6 Hexes
                  | Earth}
196353 | Zig:20   | Entered Level 20 of a ziggurat
196377 | Zig:20   | Noticed a seraph
196380 | Zig:20   | Noticed a seraph
196381 | Zig:20   | Noticed a seraph
196381 | Zig:20   | Noticed a seraph
196384 | Zig:20   | Killed a seraph
196385 | Zig:20   | Noticed a seraph
196386 | Zig:20   | Killed a seraph
196387 | Zig:20   | Noticed a seraph
196390 | Zig:20   | Killed a seraph
196392 | Zig:20   | Killed a seraph
196396 | Zig:20   | Killed a seraph
196404 | Zig:20   | Identified the +7 tower shield of Generosity {rPois Int+3}
196420 | Zig:20   | Killed a seraph
196543 | Zig:20   | Identified the +6 morningstar "Wewkoihau" {venom, Will+
                  | Str+4 Dex+3}
196563 | Zig:20   | Identified the +5 great sword of the Hierophant {flame,
                  | rPois rC+ MP-9 Int+2 Dex+3}
196572 | Zig:20   | Identified the ring "Qierr" {Fly rN+ rCorr Str-2 SInv}
196576 | Zig:20   | Identified the +5 chain mail of Atrol {rN++}
196585 | Zig:20   | Identified the staff of Gyepyoh {rF+ rC++ Dex+2 Fire}
196671 | Zig:21   | Entered Level 21 of a ziggurat
196687 | Zig:21   | Noticed an ancient lich
196688 | Zig:21   | Killed an ancient lich
196689 | Zig:21   | Noticed an ancient lich
196690 | Zig:21   | Killed an ancient lich
196701 | Zig:21   | Noticed an ancient lich
196701 | Zig:21   | Noticed an ancient lich
196702 | Zig:21   | Killed an ancient lich
196702 | Zig:21   | Noticed an ancient lich
196702 | Zig:21   | Noticed an ancient lich
196702 | Zig:21   | Noticed an ancient lich
196704 | Zig:21   | Killed an ancient lich
196704 | Zig:21   | Killed an ancient lich
196704 | Zig:21   | Killed an ancient lich
196704 | Zig:21   | Killed an ancient lich
196705 | Zig:21   | Noticed an ancient lich
196706 | Zig:21   | Killed an ancient lich
196712 | Zig:21   | Noticed an ancient lich
196715 | Zig:21   | Noticed an ancient lich
196715 | Zig:21   | Noticed an ancient lich
196717 | Zig:21   | Killed an ancient lich
196717 | Zig:21   | Killed an ancient lich
196720 | Zig:21   | Killed an ancient lich
196722 | Zig:21   | Noticed an ancient lich
196723 | Zig:21   | Noticed an ancient lich
196725 | Zig:21   | Killed an ancient lich
196725 | Zig:21   | Killed an ancient lich
196894 | Zig:21   | Identified the amulet of the Catfish {Acrobat rC+ rN+ Will-
                  | Str+3}
196899 | Zig:21   | Identified the +0 plate armour of Amuh {-Cast rElec rC+
                  | SInv}
196900 | Zig:21   | Identified the +3 sling "Zuixopra" {heavy, Dex+5}
196935 | Zig:22   | Entered Level 22 of a ziggurat
196950 | Zig:22   | Noticed a dread lich
196951 | Zig:22   | Noticed an ancient lich
196952 | Zig:22   | Noticed an ancient lich
196953 | Zig:22   | Killed a dread lich
196953 | Zig:22   | Killed an ancient lich
196954 | Zig:22   | Noticed an ancient lich
196954 | Zig:22   | Noticed an ancient lich
196955 | Zig:22   | Killed an ancient lich
196955 | Zig:22   | Killed an ancient lich
196956 | Zig:22   | Noticed a dread lich
196956 | Zig:22   | Noticed an ancient lich
196957 | Zig:22   | Killed an ancient lich
196957 | Zig:22   | Killed an ancient lich
196957 | Zig:22   | Noticed a dread lich
196957 | Zig:22   | Noticed a dread lich
196958 | Zig:22   | Noticed a dread lich
196959 | Zig:22   | Killed a dread lich
196959 | Zig:22   | Killed a dread lich
196959 | Zig:22   | Killed a dread lich
196959 | Zig:22   | Noticed a dread lich
196959 | Zig:22   | Noticed a dread lich
196959 | Zig:22   | Noticed a dread lich
196960 | Zig:22   | Killed a dread lich
196961 | Zig:22   | Killed a dread lich
196961 | Zig:22   | Killed a dread lich
196961 | Zig:22   | Killed a dread lich
196961 | Zig:22   | Noticed a dread lich
196961 | Zig:22   | Noticed a dread lich
196961 | Zig:22   | Noticed an ancient lich
196962 | Zig:22   | Noticed a dread lich
196963 | Zig:22   | Killed a dread lich
196963 | Zig:22   | Killed a dread lich
196963 | Zig:22   | Killed a dread lich
196964 | Zig:22   | Noticed a dread lich
196964 | Zig:22   | Noticed an ancient lich
196965 | Zig:22   | Killed an ancient lich
196965 | Zig:22   | Killed an ancient lich
196965 | Zig:22   | Killed a dread lich
196965 | Zig:22   | Noticed a dread lich
196965 | Zig:22   | Noticed a dread lich
196966 | Zig:22   | Paralysed by a dread lich for 5 turns
196967 | Zig:22   | Noticed an ancient lich
196967 | Zig:22   | Noticed an ancient lich
196970 | Zig:22   | Noticed a dread lich
196971 | Zig:22   | Killed a dread lich
196971 | Zig:22   | Killed a dread lich
196972 | Zig:22   | Killed an ancient lich
196972 | Zig:22   | Killed a dread lich
196972 | Zig:22   | Killed an ancient lich
196972 | Zig:22   | Noticed an ancient lich
196974 | Zig:22   | Killed an ancient lich
196974 | Zig:22   | Noticed a dread lich
196976 | Zig:22   | Killed a dread lich
196976 | Zig:22   | Noticed a dread lich
196980 | Zig:22   | Killed a dread lich
197202 | Zig:22   | Identified the amulet of the Ferocious God {Faith rElec rN+
                  | SInv}
197214 | Zig:22   | Identified the +11 hand axe of Hebrusta {venom, rC+ rCorr
                  | Str+3}
197292 | Zig:23   | Entered Level 23 of a ziggurat
197520 | Zig:23   | Found the +5 glaive of the Guard {elec, spectral}
197531 | Zig:23   | Identified the +15 plate armour of Quantum Leap {Slay+5}
197534 | Zig:23   | Identified the +4 plate armour "Ereuh" {Dex+2}
197536 | Zig:23   | Identified the +0 plate armour "Nokledyr" {rElec Str+3
                  | SInv}
197549 | Zig:23   | Identified the +1 broad axe of Responsibility {flame,
                  | Stlth+}
197567 | Zig:23   | Identified the amulet "Yceph" {Acrobat Harm +Inv rElec rF-}
197570 | Zig:23   | Identified the +2 war axe of the Magi {drain, *Rage rPois
                  | rCorr Int+4}
197634 | Zig:24   | Entered Level 24 of a ziggurat
197838 | Zig:24   | Found the +8 storm bow {elec, penet}
197857 | Zig:24   | Identified the +3 scale mail of Happiness {rElec Will+++
                  | Str-4 Dex+2}
197948 | Zig:25   | Entered Level 25 of a ziggurat
197961 | Zig:25   | Noticed an ancient lich
197965 | Zig:25   | Killed an ancient lich
197968 | Zig:25   | Noticed an ancient lich
197970 | Zig:25   | Killed an ancient lich
197973 | Zig:25   | Noticed an ancient lich
197973 | Zig:25   | Noticed a dread lich
197974 | Zig:25   | Noticed an ancient lich
197975 | Zig:25   | Killed an ancient lich
197975 | Zig:25   | Noticed a dread lich
197975 | Zig:25   | Noticed an ancient lich
197976 | Zig:25   | Killed a dread lich
197976 | Zig:25   | Killed an ancient lich
197977 | Zig:25   | Killed an ancient lich
197978 | Zig:25   | Killed a dread lich
197979 | Zig:25   | Noticed an ancient lich
197979 | Zig:25   | Noticed a dread lich
197980 | Zig:25   | Noticed a dread lich
197981 | Zig:25   | Killed a dread lich
197981 | Zig:25   | Killed a dread lich
197981 | Zig:25   | Noticed a dread lich
197982 | Zig:25   | Killed an ancient lich
197983 | Zig:25   | Killed a dread lich
197983 | Zig:25   | Noticed an ancient lich
197984 | Zig:25   | Noticed an ancient lich
197985 | Zig:25   | Killed an ancient lich
197985 | Zig:25   | Noticed an ancient lich
197985 | Zig:25   | Noticed an ancient lich
197985 | Zig:25   | Noticed a dread lich
197986 | Zig:25   | Killed an ancient lich
197986 | Zig:25   | Noticed a dread lich
197987 | Zig:25   | Killed an ancient lich
197987 | Zig:25   | Killed a dread lich
197987 | Zig:25   | Noticed a dread lich
197987 | Zig:25   | Noticed an ancient lich
197987 | Zig:25   | Noticed an ancient lich
197988 | Zig:25   | Killed a dread lich
197989 | Zig:25   | Killed an ancient lich
197989 | Zig:25   | Killed an ancient lich
197990 | Zig:25   | Killed a dread lich
197990 | Zig:25   | Noticed an ancient lich
197990 | Zig:25   | Noticed a dread lich
197991 | Zig:25   | Killed an ancient lich
197991 | Zig:25   | Noticed a dread lich
197991 | Zig:25   | Killed an ancient lich
197992 | Zig:25   | Killed a dread lich
197993 | Zig:25   | Killed a dread lich
197993 | Zig:25   | Noticed a dread lich
197993 | Zig:25   | Noticed a dread lich
197993 | Zig:25   | Noticed a dread lich
197994 | Zig:25   | Noticed an ancient lich
197995 | Zig:25   | Killed an ancient lich
197995 | Zig:25   | Noticed a dread lich
197995 | Zig:25   | Noticed a dread lich
197996 | Zig:25   | Killed a dread lich
197996 | Zig:25   | Killed a dread lich
197996 | Zig:25   | Killed a dread lich
197997 | Zig:25   | Killed a dread lich
197997 | Zig:25   | Killed a dread lich
197997 | Zig:25   | Noticed a dread lich
197997 | Zig:25   | Noticed an ancient lich
197998 | Zig:25   | Noticed a dread lich
197999 | Zig:25   | Killed a dread lich
197999 | Zig:25   | Killed a dread lich
198000 | Zig:25   | Killed an ancient lich
198001 | Zig:25   | Noticed an ancient lich
198002 | Zig:25   | Noticed a dread lich
198003 | Zig:25   | Killed an ancient lich
198005 | Zig:25   | Killed a dread lich
198005 | Zig:25   | Noticed an ancient lich
198007 | Zig:25   | Noticed a dread lich
198009 | Zig:25   | Killed a dread lich
198009 | Zig:25   | Noticed a dread lich
198011 | Zig:25   | Killed an ancient lich
198015 | Zig:25   | Killed a dread lich
198161 | Zig:25   | Identified the +7 quick blade of World's End {vamp, rElec
                  | rF+ Int+3 Dex-3}
198178 | Zig:25   | Identified the +5 long sword of Tajitiq {elec, ^Drain rF-
                  | Str+6}
198182 | Zig:25   | Identified the +0 battleaxe of the Bouncing Queens {venom,
                  | rF++ Str-3 Int+3 Dex+3}
198185 | Zig:25   | Identified the +0 flail of Oteokhleu {drain, rElec}
198186 | Zig:25   | Identified the +5 sling "Giyh" {freeze, rN+ Int+2}
198320 | Zig:26   | Entered Level 26 of a ziggurat
198330 | Zig:26   | Noticed a royal mummy
198332 | Zig:26   | Noticed a royal mummy
198332 | Zig:26   | Noticed a royal mummy
198334 | Zig:26   | Killed a royal mummy
198334 | Zig:26   | Noticed a royal mummy
198335 | Zig:26   | Killed a royal mummy
198335 | Zig:26   | Noticed an ancient lich
198336 | Zig:26   | Killed a royal mummy
198336 | Zig:26   | Killed an ancient lich
198336 | Zig:26   | Noticed a royal mummy
198336 | Zig:26   | Noticed a royal mummy
198336 | Zig:26   | Noticed a royal mummy
198336 | Zig:26   | Noticed a royal mummy
198337 | Zig:26   | Noticed a royal mummy
198338 | Zig:26   | Killed a royal mummy
198338 | Zig:26   | Noticed a royal mummy
198338 | Zig:26   | Noticed a royal mummy
198339 | Zig:26   | Killed a royal mummy
198339 | Zig:26   | Killed a royal mummy
198339 | Zig:26   | Killed a royal mummy
198339 | Zig:26   | Killed a royal mummy
198339 | Zig:26   | Noticed a royal mummy
198340 | Zig:26   | Killed a royal mummy
198340 | Zig:26   | Noticed a royal mummy
198340 | Zig:26   | Noticed a royal mummy
198340 | Zig:26   | Killed a royal mummy
198341 | Zig:26   | Killed a royal mummy
198341 | Zig:26   | Killed a royal mummy
198341 | Zig:26   | Killed a royal mummy
198341 | Zig:26   | Noticed a royal mummy
198343 | Zig:26   | Killed a royal mummy
198343 | Zig:26   | Killed a royal mummy
198343 | Zig:26   | Noticed a royal mummy
198343 | Zig:26   | Killed a royal mummy
198343 | Zig:26   | Noticed a royal mummy
198343 | Zig:26   | Noticed a royal mummy
198344 | Zig:26   | Killed a royal mummy
198344 | Zig:26   | Killed a royal mummy
198344 | Zig:26   | Killed a royal mummy
198345 | Zig:26   | Noticed a royal mummy
198346 | Zig:26   | Killed a royal mummy
198346 | Zig:26   | Killed a royal mummy
198347 | Zig:26   | Noticed a royal mummy
198347 | Zig:26   | Noticed a royal mummy
198348 | Zig:26   | Killed a royal mummy
198348 | Zig:26   | Killed a royal mummy
198349 | Zig:26   | Noticed a royal mummy
198349 | Zig:26   | Noticed a royal mummy
198349 | Zig:26   | Noticed a royal mummy
198349 | Zig:26   | Noticed a royal mummy
198350 | Zig:26   | Noticed a royal mummy
198350 | Zig:26   | Noticed a royal mummy
198351 | Zig:26   | Killed a royal mummy
198351 | Zig:26   | Killed a royal mummy
198351 | Zig:26   | Noticed a royal mummy
198352 | Zig:26   | Killed a royal mummy
198352 | Zig:26   | Killed a royal mummy
198353 | Zig:26   | Killed a royal mummy
198353 | Zig:26   | Killed a royal mummy
198353 | Zig:26   | Killed a royal mummy
198353 | Zig:26   | Noticed a royal mummy
198353 | Zig:26   | Noticed a royal mummy
198355 | Zig:26   | Killed a royal mummy
198355 | Zig:26   | Noticed a royal mummy
198355 | Zig:26   | Noticed a royal mummy
198355 | Zig:26   | Noticed a royal mummy
198356 | Zig:26   | Noticed a royal mummy
198357 | Zig:26   | Killed a royal mummy
198358 | Zig:26   | Killed a royal mummy
198358 | Zig:26   | Killed a royal mummy
198358 | Zig:26   | Killed a royal mummy
198358 | Zig:26   | Killed a royal mummy
198359 | Zig:26   | Noticed a royal mummy
198359 | Zig:26   | Noticed a royal mummy
198360 | Zig:26   | Killed a royal mummy
198360 | Zig:26   | Noticed a royal mummy
198361 | Zig:26   | Killed a royal mummy
198361 | Zig:26   | Noticed a royal mummy
198361 | Zig:26   | Noticed a royal mummy
198361 | Zig:26   | Noticed a royal mummy
198362 | Zig:26   | Killed a royal mummy
198362 | Zig:26   | Noticed a royal mummy
198363 | Zig:26   | Killed a royal mummy
198363 | Zig:26   | Killed a royal mummy
198363 | Zig:26   | Noticed a royal mummy
198363 | Zig:26   | Noticed a royal mummy
198363 | Zig:26   | Noticed a royal mummy
198364 | Zig:26   | Killed a royal mummy
198364 | Zig:26   | Killed a royal mummy
198364 | Zig:26   | Noticed a royal mummy
198365 | Zig:26   | Killed a royal mummy
198365 | Zig:26   | Killed a royal mummy
198365 | Zig:26   | Killed a royal mummy
198365 | Zig:26   | Killed a royal mummy
198366 | Zig:26   | Killed a royal mummy
198367 | Zig:26   | Noticed a royal mummy
198367 | Zig:26   | Noticed a royal mummy
198369 | Zig:26   | Killed a royal mummy
198369 | Zig:26   | Noticed a royal mummy
198369 | Zig:26   | Noticed a royal mummy
198369 | Zig:26   | Noticed a royal mummy
198370 | Zig:26   | Killed a royal mummy
198371 | Zig:26   | Killed a royal mummy
198371 | Zig:26   | Killed a royal mummy
198371 | Zig:26   | Killed a royal mummy
198371 | Zig:26   | Noticed a royal mummy
198373 | Zig:26   | Noticed a royal mummy
198373 | Zig:26   | Noticed a royal mummy
198373 | Zig:26   | Noticed a royal mummy
198374 | Zig:26   | Killed a royal mummy
198374 | Zig:26   | Killed a royal mummy
198374 | Zig:26   | Killed a royal mummy
198374 | Zig:26   | Noticed a royal mummy
198376 | Zig:26   | Killed a royal mummy
198377 | Zig:26   | Killed a royal mummy
198377 | Zig:26   | Noticed a royal mummy
198379 | Zig:26   | Killed a royal mummy
198379 | Zig:26   | Noticed a royal mummy
198380 | Zig:26   | Killed a royal mummy
198382 | Zig:26   | Noticed a royal mummy
198385 | Zig:26   | Killed a royal mummy
198646 | Zig:26   | Identified the amulet "Nizawah" {Spirit Fly Regen+ Dex+4}
198657 | Zig:26   | Identified the ring "Onwyeddy" {rC+ Dex+6 SInv}
198658 | Zig:26   | Identified the ring "Passaq" {rElec rF+ Will+ Int+5}
198668 | Zig:26   | Identified the +5 rapier of Jatenohu {spect, Will+}
198672 | Zig:26   | Identified the +10 plate armour of Wiycwoum {rF+}
198677 | Zig:26   | Identified the +6 quarterstaff of Ruutoebetz {flame, rElec
                  | rPois Str-2 Int+4}
198781 | Zig:27   | Entered Level 27 of a ziggurat
198837 | Zig:27   | Found the sphere of Battle
199231 | Zig:27   | Found the ring of the Tortoise {AC+8}
199249 | Zig:27   | Identified the ring "Synt" {Fire rPois rN+}
199257 | Zig:27   | Identified the +6 arbalest of Guile {elec, rF++}
199262 | Zig:27   | Identified the +3 falchion of Kipn {protect, rN+ rCorr}
199274 | Zig:27   | Identified the ring of Noil {rF- rCorr Dex+6 Slay+3}
199278 | Zig:27   | Identified the amulet of Idexar {Reflect Slay+5 SH+5
                  | Stlth-}
199469 | Zig:1    | Entered Level 1 of a ziggurat
199470 | Zig:1    | Noticed Heosufar the pandemonium lord
199471 | Zig:1    | Killed Heosufar the pandemonium lord
199499 | Zig:2    | Entered Level 2 of a ziggurat
199500 | Zig:2    | Noticed Seacwam the pandemonium lord
199503 | Zig:2    | Killed Seacwam the pandemonium lord
199552 | Zig:3    | Entered Level 3 of a ziggurat
199552 | Zig:3    | Noticed an ancient lich
199555 | Zig:3    | Killed an ancient lich
199585 | Zig:3    | Identified the staff of the Endless Expanse {^Drain rF++
                  | rN+ Will+ Necro Fire}
199611 | Zig:4    | Entered Level 4 of a ziggurat
199749 | Zig:5    | Entered Level 5 of a ziggurat
199749 | Zig:5    | Noticed a dread lich
199750 | Zig:5    | Noticed an ancient lich
199750 | Zig:5    | Noticed an ancient lich
199750 | Zig:5    | Noticed a dread lich
199751 | Zig:5    | Killed an ancient lich
199751 | Zig:5    | Killed an ancient lich
199751 | Zig:5    | Killed a dread lich
199752 | Zig:5    | Killed a dread lich
199780 | Zig:5    | Identified the +6 arbalest of the Desert {elec, rC- Dex+3
                  | Stlth+}
199834 | Zig:6    | Entered Level 6 of a ziggurat
199836 | Zig:6    | Noticed Kaut's ghost (legendary HuCj)
199837 | Zig:6    | Noticed Puerubac's ghost (legendary GrFi)
199837 | Zig:6    | Noticed Hinur's ghost (legendary TeBe)
199837 | Zig:6    | Noticed Lithraos's ghost (legendary OpSh)
199837 | Zig:6    | Noticed Qihuus's ghost (legendary GrFi)
199837 | Zig:6    | Noticed Heseo's ghost (legendary GrFi)
199843 | Zig:6    | Killed Hinur's ghost
199844 | Zig:6    | Killed Kaut's ghost
199844 | Zig:6    | Killed Heseo's ghost
199844 | Zig:6    | Killed Lithraos's ghost
199845 | Zig:6    | Killed Puerubac's ghost
199845 | Zig:6    | Killed Qihuus's ghost
199911 | Zig:6    | Identified the ring "Vankiqa Dedu" {Fly rPois}
199967 | Zig:7    | Entered Level 7 of a ziggurat
199969 | Zig:7    | Noticed a dread lich
199969 | Zig:7    | Noticed a dread lich
199969 | Zig:7    | Noticed an ancient lich
199969 | Zig:7    | Noticed a dread lich
199969 | Zig:7    | Noticed a dread lich
199969 | Zig:7    | Noticed an ancient lich
199969 | Zig:7    | Noticed an ancient lich
199969 | Zig:7    | Noticed an ancient lich
199970 | Zig:7    | Killed an ancient lich
199970 | Zig:7    | Killed a dread lich
199970 | Zig:7    | Killed an ancient lich
199970 | Zig:7    | Killed an ancient lich
199971 | Zig:7    | Killed a dread lich
199971 | Zig:7    | Killed an ancient lich
199971 | Zig:7    | Killed a dread lich
199971 | Zig:7    | Killed a dread lich
199971 | Zig:7    | Noticed an ancient lich
199973 | Zig:7    | Killed an ancient lich
200010 | Zig:7    | Identified the staff of Zehuclos {rElec rC- Str+9 Fire Air}
200078 | Zig:8    | Entered Level 8 of a ziggurat
200084 | Zig:8    | Noticed Syinodi the pandemonium lord
200087 | Zig:8    | Killed Syinodi the pandemonium lord
200193 | Zig:8    | Identified the +2 scale mail of Anarchy {+Blink rPois rF-
                  | Int-2}
200222 | Zig:9    | Entered Level 9 of a ziggurat
200224 | Zig:9    | Noticed a dread lich
200224 | Zig:9    | Noticed a dread lich
200225 | Zig:9    | Noticed an ancient lich
200225 | Zig:9    | Noticed an ancient lich
200225 | Zig:9    | Noticed a dread lich
200225 | Zig:9    | Noticed a dread lich
200226 | Zig:9    | Noticed an ancient lich
200227 | Zig:9    | Killed a dread lich
200227 | Zig:9    | Killed a dread lich
200227 | Zig:9    | Killed an ancient lich
200227 | Zig:9    | Killed a dread lich
200227 | Zig:9    | Killed an ancient lich
200227 | Zig:9    | Noticed a dread lich
200228 | Zig:9    | Killed a dread lich
200228 | Zig:9    | Killed an ancient lich
200228 | Zig:9    | Killed a dread lich
200230 | Zig:9    | Noticed an ancient lich
200232 | Zig:9    | Killed an ancient lich
200281 | Zig:9    | Identified the +5 flail "Beastbane" {freeze, rPois rN+
                  | Dex+3}
200286 | Zig:9    | Identified the amulet "Juniewiasm" {Faith rC+ rN+}
200292 | Zig:9    | Identified the +2 pair of boots of Ithrineoc {Int+3}
200382 | Zig:10   | Entered Level 10 of a ziggurat
200383 | Zig:10   | Noticed an ancient lich
200385 | Zig:10   | Killed an ancient lich
200541 | Zig:10   | Identified the +5 shortbow "Lecuhog" {heavy, rC+ Int+2
                  | Dex+2}
200560 | Zig:11   | Entered Level 11 of a ziggurat
200560 | Zig:11   | Noticed a royal mummy
200560 | Zig:11   | Noticed a royal mummy
200560 | Zig:11   | Noticed a royal mummy
200560 | Zig:11   | Noticed a royal mummy
200561 | Zig:11   | Killed a royal mummy
200561 | Zig:11   | Killed a royal mummy
200561 | Zig:11   | Killed a royal mummy
200562 | Zig:11   | Noticed a royal mummy
200563 | Zig:11   | Killed a royal mummy
200563 | Zig:11   | Killed a royal mummy
200563 | Zig:11   | Noticed an ancient lich
200564 | Zig:11   | Killed an ancient lich
200567 | Zig:11   | Noticed a royal mummy
200567 | Zig:11   | Noticed a royal mummy
200568 | Zig:11   | Killed a royal mummy
200568 | Zig:11   | Noticed a royal mummy
200568 | Zig:11   | Noticed a royal mummy
200569 | Zig:11   | Killed a royal mummy
200569 | Zig:11   | Noticed a royal mummy
200569 | Zig:11   | Noticed a royal mummy
200570 | Zig:11   | Killed a royal mummy
200570 | Zig:11   | Killed a royal mummy
200571 | Zig:11   | Killed a royal mummy
200571 | Zig:11   | Noticed a royal mummy
200572 | Zig:11   | Killed a royal mummy
200572 | Zig:11   | Killed a royal mummy
200572 | Zig:11   | Noticed a royal mummy
200573 | Zig:11   | Noticed a royal mummy
200574 | Zig:11   | Killed a royal mummy
200574 | Zig:11   | Noticed a royal mummy
200575 | Zig:11   | Killed a royal mummy
200577 | Zig:11   | Killed a royal mummy
200776 | Zig:11   | Identified the +1 broad axe "Anaep" {holy, Dex+3 Stlth+}
200780 | Zig:11   | Identified the +2 robe of the Arena {Will- Int+6}
200781 | Zig:11   | Identified the +11 arbalest "Goimiu" {speed, rElec Int+2}
200787 | Zig:11   | Identified the +12 halberd of Geadeten {heavy, rElec Str+2}
200791 | Zig:11   | Identified the +1 whip of Hepliaklqana {drain, rF+++ Int-5}
200817 | Zig:12   | Entered Level 12 of a ziggurat
200824 | Zig:12   | Found the dreamshard necklace {Acrobat *Dream}
201005 | Zig:12   | Identified the ring "Witoih" {rC+ Will+ Int+6 Dex+2}
201024 | Zig:12   | Identified the +5 plate armour of Amorality {Will++}
201027 | Zig:12   | Identified the +0 scale mail of Ehabbur {-Cast rElec Will+
                  | Dex+7}
201056 | Zig:13   | Entered Level 13 of a ziggurat
201116 | Zig:13   | Identified the +5 scimitar "Jonn" {elec, rC+}
201124 | Zig:13   | Identified the +9 great sword of the Hurling Gods {spect,
                  | rElec rPois}
201126 | Zig:13   | Identified the +1 troll leather armour of the Apprentice
                  | {rF+ Regen+}
201270 | Zig:14   | Entered Level 14 of a ziggurat
201272 | Zig:14   | Noticed a dread lich
201272 | Zig:14   | Noticed an ancient lich
201273 | Zig:14   | Noticed a dread lich
201273 | Zig:14   | Noticed an ancient lich
201274 | Zig:14   | Noticed a dread lich
201274 | Zig:14   | Noticed a dread lich
201274 | Zig:14   | Noticed an ancient lich
201274 | Zig:14   | Noticed a dread lich
201274 | Zig:14   | Noticed a dread lich
201274 | Zig:14   | Noticed a dread lich
201274 | Zig:14   | Noticed an ancient lich
201274 | Zig:14   | Noticed a dread lich
201274 | Zig:14   | Noticed an ancient lich
201274 | Zig:14   | Noticed a dread lich
201274 | Zig:14   | Noticed an ancient lich
201274 | Zig:14   | Noticed an ancient lich
201274 | Zig:14   | Noticed an ancient lich
201274 | Zig:14   | Noticed an ancient lich
201274 | Zig:14   | Noticed an ancient lich
201275 | Zig:14   | Killed a dread lich
201275 | Zig:14   | Killed a dread lich
201275 | Zig:14   | Killed an ancient lich
201275 | Zig:14   | Killed an ancient lich
201275 | Zig:14   | Killed an ancient lich
201275 | Zig:14   | Killed a dread lich
201276 | Zig:14   | Killed an ancient lich
201276 | Zig:14   | Killed a dread lich
201276 | Zig:14   | Killed an ancient lich
201276 | Zig:14   | Killed an ancient lich
201276 | Zig:14   | Killed an ancient lich
201276 | Zig:14   | Killed a dread lich
201276 | Zig:14   | Killed an ancient lich
201276 | Zig:14   | Killed an ancient lich
201276 | Zig:14   | Killed a dread lich
201276 | Zig:14   | Killed a dread lich
201276 | Zig:14   | Killed a dread lich
201276 | Zig:14   | Killed an ancient lich
201276 | Zig:14   | Killed a dread lich
201277 | Zig:14   | Noticed an ancient lich
201277 | Zig:14   | Noticed a dread lich
201277 | Zig:14   | Noticed a dread lich
201277 | Zig:14   | Noticed an ancient lich
201277 | Zig:14   | Found the +6 lightning scales {swift, rElec}
201278 | Zig:14   | Killed a dread lich
201278 | Zig:14   | Killed an ancient lich
201278 | Zig:14   | Killed a dread lich
201279 | Zig:14   | Killed an ancient lich
201472 | Zig:14   | Identified the ring "Doafiaq" {Str+6 Int+7}
201482 | Zig:14   | Identified the +1 buckler "Haokhlysu" {rPois rF+}
201510 | Zig:15   | Entered Level 15 of a ziggurat
201794 | Zig:16   | Entered Level 16 of a ziggurat
202003 | Zig:16   | Identified the +2 leather armour "Votox" {rCorr MP+9 Str-2}
202030 | Zig:16   | Identified the amulet of Meuguk {Reflect Rampage rElec
                  | Dex-4 SH+5}
202033 | Zig:16   | Identified the amulet of Balance {Reflect Int+2 SH+5}
202048 | Zig:16   | Identified the +9 long sword of the Sun {flame, ^Drain
                  | Int+5}
202052 | Zig:16   | Identified the +3 mace "Peickopn" {drain, rPois rF+ Str+3}
202064 | Zig:16   | Identified the staff of Gehenna {rF+ rN+ Int-4 Dex+4 Necro
                  | Tloc}
202066 | Zig:16   | Identified the staff of Diniaxza {Fly rPois Alchemy}
202069 | Zig:16   | Identified the +0 pair of boots of the Rhinotaur {rF- rN+
                  | Str+2 Dex+4}
202085 | Zig:16   | Identified the ring of Beauty {Fly Int+4}
202091 | Zig:16   | Identified the +4 scale mail "Rupuiq" {rC+ rN+++ rCorr}
202127 | Zig:17   | Entered Level 17 of a ziggurat
202129 | Zig:17   | Noticed Ysocryme the pandemonium lord
202129 | Zig:17   | Noticed Ceomenel the pandemonium lord
202129 | Zig:17   | Noticed Ageram the pandemonium lord
202130 | Zig:17   | Noticed Igohajus the pandemonium lord
202130 | Zig:17   | Noticed Tyveden the pandemonium lord
202130 | Zig:17   | Noticed Jaig the pandemonium lord
202130 | Zig:17   | Noticed Syxoj the pandemonium lord
202130 | Zig:17   | Noticed Vofuph the pandemonium lord
202130 | Zig:17   | Noticed Viuptiqu the pandemonium lord
202130 | Zig:17   | Noticed Reryxy the pandemonium lord
202130 | Zig:17   | Noticed Aki Bied the pandemonium lord
202131 | Zig:17   | Noticed Yxenaas the pandemonium lord
202131 | Zig:17   | Noticed Ushret Vuar the pandemonium lord
202131 | Zig:17   | Noticed Ryihuck the pandemonium lord
202131 | Zig:17   | Noticed Ublafuot the pandemonium lord
202132 | Zig:17   | Noticed Weplig the pandemonium lord
202132 | Zig:17   | Noticed Sifobrem the pandemonium lord
202133 | Zig:17   | Noticed Otzi the pandemonium lord
202134 | Zig:17   | Noticed Zuvu the pandemonium lord
202136 | Zig:17   | Noticed Loxeita the pandemonium lord
202137 | Zig:17   | Noticed Ixkofuf the pandemonium lord
202137 | Zig:17   | Noticed Wiufor the pandemonium lord
202137 | Zig:17   | Noticed Zuno the pandemonium lord
202138 | Zig:17   | Noticed Jinn the pandemonium lord
202138 | Zig:17   | Noticed Waiwnoafry the pandemonium lord
202138 | Zig:17   | Noticed Tir Huad the pandemonium lord
202138 | Zig:17   | Noticed Epneg the pandemonium lord
202138 | Zig:17   | Noticed Pejif the pandemonium lord
202138 | Zig:17   | Noticed Telysud the pandemonium lord
202138 | Zig:17   | Noticed Zifoedoqecw the pandemonium lord
202138 | Zig:17   | Noticed Liuph the pandemonium lord
202138 | Zig:17   | Noticed Ceoghil the pandemonium lord
202138 | Zig:17   | Noticed Zaipni the pandemonium lord
202138 | Zig:17   | Noticed Fommiu the pandemonium lord
202138 | Zig:17   | Noticed Kitup the pandemonium lord
202138 | Zig:17   | Noticed Ytoexach the pandemonium lord
202138 | Zig:17   | Noticed Diethu the pandemonium lord
202138 | Zig:17   | Noticed Gamokad the pandemonium lord
202138 | Zig:17   | Noticed Ziezume the pandemonium lord
202142 | Zig:17   | Noticed Douleany the pandemonium lord
202142 | Zig:17   | Killed Ceomenel the pandemonium lord
202143 | Zig:17   | Killed Zaipni the pandemonium lord
202143 | Zig:17   | Killed Diethu the pandemonium lord
202143 | Zig:17   | Killed Pejif the pandemonium lord
202143 | Zig:17   | Killed Liuph the pandemonium lord
202143 | Zig:17   | Killed Telysud the pandemonium lord
202143 | Zig:17   | Killed Ceoghil the pandemonium lord
202143 | Zig:17   | Killed Gamokad the pandemonium lord
202143 | Zig:17   | Killed Ushret Vuar the pandemonium lord
202143 | Zig:17   | Killed Ytoexach the pandemonium lord
202143 | Zig:17   | Killed Waiwnoafry the pandemonium lord
202143 | Zig:17   | Killed Vofuph the pandemonium lord
202143 | Zig:17   | Killed Ixkofuf the pandemonium lord
202143 | Zig:17   | Killed Ublafuot the pandemonium lord
202143 | Zig:17   | Killed Syxoj the pandemonium lord
202143 | Zig:17   | Killed Weplig the pandemonium lord
202143 | Zig:17   | Killed Wiufor the pandemonium lord
202143 | Zig:17   | Killed Viuptiqu the pandemonium lord
202143 | Zig:17   | Killed Ageram the pandemonium lord
202143 | Zig:17   | Killed Yxenaas the pandemonium lord
202144 | Zig:17   | Killed Zuno the pandemonium lord
202144 | Zig:17   | Killed Jinn the pandemonium lord
202144 | Zig:17   | Killed Tyveden the pandemonium lord
202144 | Zig:17   | Killed Fommiu the pandemonium lord
202144 | Zig:17   | Killed Ryihuck the pandemonium lord
202144 | Zig:17   | Killed Reryxy the pandemonium lord
202144 | Zig:17   | Killed Jaig the pandemonium lord
202144 | Zig:17   | Killed Ziezume the pandemonium lord
202144 | Zig:17   | Killed Loxeita the pandemonium lord
202145 | Zig:17   | Killed Tir Huad the pandemonium lord
202145 | Zig:17   | Killed Zifoedoqecw the pandemonium lord
202145 | Zig:17   | Killed Aki Bied the pandemonium lord
202146 | Zig:17   | Killed Sifobrem the pandemonium lord
202146 | Zig:17   | Killed Zuvu the pandemonium lord
202146 | Zig:17   | Killed Ysocryme the pandemonium lord
202146 | Zig:17   | Killed Igohajus the pandemonium lord
202147 | Zig:17   | Noticed Miwiga the pandemonium lord
202147 | Zig:17   | Killed Otzi the pandemonium lord
202151 | Zig:17   | Killed Kitup the pandemonium lord
202152 | Zig:17   | Killed Epneg the pandemonium lord
202152 | Zig:17   | Killed Douleany the pandemonium lord
202164 | Zig:17   | Killed Miwiga the pandemonium lord
202168 | Zig:17   | Noticed Ihukezo the pandemonium lord
202169 | Zig:17   | Killed Ihukezo the pandemonium lord
202224 | Zig:17   | Found the ring of the Octopus King
202246 | Zig:17   | Identified the ring of the Seer {rElec rN+ Will+ Str+6}
202261 | Zig:17   | Identified a ring of the Octopus King {Wiz HP+2 AC+2 EV+2
                  | SH+2}
202263 | Zig:17   | Identified the +0 great sword of Pain and Death {flame,
                  | Will+ Dex+3}
202271 | Zig:17   | Identified the +5 hand axe of Zusoc {antimagic, +Blink rF+
                  | Str+7 Dex-3}
202286 | Zig:17   | Identified the +0 cloak of Haihofusk {Str+8}
202493 | Zig:18   | Entered Level 18 of a ziggurat
202516 | Zig:18   | Noticed an ancient lich
202516 | Zig:18   | Killed an ancient lich
202683 | Zig:18   | Identified the ring "Ishroegia" {rCorr Dex+5}
202700 | Zig:18   | Identified the +0 chain mail "Ryustos" {rCorr Int+2 Stlth+}
202705 | Zig:18   | Identified the +4 quick blade of Lap Gosu {freeze, Int+5}
202714 | Zig:18   | Identified the ring of Polytheism {rElec Str+3 Dex+6}
202721 | Zig:19   | Entered Level 19 of a ziggurat
202934 | Zig:19   | Identified the +9 halberd "Demonslayer" {holy, rPois Str+3}
202943 | Zig:19   | Identified the +8 trident of the Shining Light {venom,
                  | rF++}
202944 | Zig:19   | Identified the +1 robe of Mesm {Rampage rPois Str+3 Int+5}
202966 | Zig:20   | Entered Level 20 of a ziggurat
203191 | Zig:20   | Found the +7 staff of the Meek {protect, meekguard}
203246 | Zig:21   | Entered Level 21 of a ziggurat
203345 | Zig:21   | Identified the +1 quick blade "Feigar" {freeze, *Noise
                  | rCorr MP+9 Int+2}
203347 | Zig:21   | Identified the staff of Spontaneous Combustion {rF+ Int+5
                  | Tloc Fire Ice}
203348 | Zig:21   | Identified the ring of Bedyf {+Blink rPois EV+5 Str-5
                  | Dex+8}
203354 | Zig:21   | Identified the +2 orcbow of Wyrd {speed, ^Drain rPois
                  | rCorr}
203355 | Zig:21   | Identified the +5 quick blade "Ifrusino" {heavy, rPois rF-
                  | rCorr Dex+4}
203357 | Zig:21   | Identified the +0 ring mail "Geuno" {rF+}
203367 | Zig:21   | Identified the +5 plate armour of Peidu {MP+9}
203494 | Zig:21   | Identified the ring "Temaitt" {Ice rElec Str+3}
203513 | Zig:21   | Identified the staff of Tyorazit {*Slow rPois Str+4 Conj
                  | Hexes}
203528 | Zig:22   | Entered Level 22 of a ziggurat
203528 | Zig:22   | Noticed a juggernaut
203528 | Zig:22   | Noticed a juggernaut
203529 | Zig:22   | Killed a juggernaut
203529 | Zig:22   | Noticed a juggernaut
203530 | Zig:22   | Killed a juggernaut
203532 | Zig:22   | Noticed a juggernaut
203532 | Zig:22   | Noticed a juggernaut
203532 | Zig:22   | Noticed a juggernaut
203532 | Zig:22   | Noticed a juggernaut
203533 | Zig:22   | Killed a juggernaut
203533 | Zig:22   | Killed a juggernaut
203533 | Zig:22   | Killed a juggernaut
203534 | Zig:22   | Killed a juggernaut
203534 | Zig:22   | Noticed a juggernaut
203534 | Zig:22   | Killed a juggernaut
203535 | Zig:22   | Noticed a juggernaut
203535 | Zig:22   | Noticed a juggernaut
203535 | Zig:22   | Noticed a juggernaut
203535 | Zig:22   | Noticed a juggernaut
203535 | Zig:22   | Noticed a juggernaut
203535 | Zig:22   | Noticed a juggernaut
203536 | Zig:22   | Killed a juggernaut
203536 | Zig:22   | Killed a juggernaut
203536 | Zig:22   | Killed a juggernaut
203536 | Zig:22   | Killed a juggernaut
203536 | Zig:22   | Killed a juggernaut
203537 | Zig:22   | Killed a juggernaut
203538 | Zig:22   | Noticed a juggernaut
203540 | Zig:22   | Killed a juggernaut
203540 | Zig:22   | Killed a juggernaut
204079 | Zig:22   | Identified the +0 quarterstaff of the Median {protect,
                  | Will+}
204080 | Zig:22   | Identified the +10 scimitar "Guckiq" {drain, rC+}
204146 | Zig:23   | Entered Level 23 of a ziggurat
204146 | Zig:23   | Noticed a royal mummy
204146 | Zig:23   | Noticed a royal mummy
204146 | Zig:23   | Noticed a royal mummy
204146 | Zig:23   | Noticed a royal mummy
204146 | Zig:23   | Noticed a royal mummy
204146 | Zig:23   | Noticed a royal mummy
204146 | Zig:23   | Noticed a royal mummy
204146 | Zig:23   | Noticed a royal mummy
204146 | Zig:23   | Noticed a royal mummy
204146 | Zig:23   | Noticed a royal mummy
204147 | Zig:23   | Killed a royal mummy
204147 | Zig:23   | Killed a royal mummy
204147 | Zig:23   | Killed a royal mummy
204147 | Zig:23   | Killed a royal mummy
204147 | Zig:23   | Killed a royal mummy
204148 | Zig:23   | Killed a royal mummy
204148 | Zig:23   | Killed a royal mummy
204148 | Zig:23   | Killed a royal mummy
204148 | Zig:23   | Killed a royal mummy
204148 | Zig:23   | Killed a royal mummy
204149 | Zig:23   | Noticed a royal mummy
204149 | Zig:23   | Noticed a royal mummy
204149 | Zig:23   | Noticed a royal mummy
204150 | Zig:23   | Killed a royal mummy
204150 | Zig:23   | Killed a royal mummy
204150 | Zig:23   | Noticed a royal mummy
204150 | Zig:23   | Noticed a royal mummy
204151 | Zig:23   | Killed a royal mummy
204151 | Zig:23   | Noticed a royal mummy
204151 | Zig:23   | Noticed a royal mummy
204152 | Zig:23   | Killed a royal mummy
204152 | Zig:23   | Killed a royal mummy
204152 | Zig:23   | Noticed a royal mummy
204153 | Zig:23   | Killed a royal mummy
204153 | Zig:23   | Killed a royal mummy
204153 | Zig:23   | Noticed a royal mummy
204153 | Zig:23   | Killed a royal mummy
204153 | Zig:23   | Killed a royal mummy
204153 | Zig:23   | Noticed a royal mummy
204154 | Zig:23   | Killed a royal mummy
204154 | Zig:23   | Killed a royal mummy
204154 | Zig:23   | Noticed a royal mummy
204155 | Zig:23   | Killed a royal mummy
204155 | Zig:23   | Killed a royal mummy
204155 | Zig:23   | Noticed a royal mummy
204155 | Zig:23   | Noticed a royal mummy
204155 | Zig:23   | Noticed a royal mummy
204156 | Zig:23   | Killed a royal mummy
204156 | Zig:23   | Killed a royal mummy
204156 | Zig:23   | Noticed a royal mummy
204157 | Zig:23   | Noticed a royal mummy
204157 | Zig:23   | Noticed a royal mummy
204157 | Zig:23   | Noticed a royal mummy
204157 | Zig:23   | Noticed a royal mummy
204157 | Zig:23   | Noticed a royal mummy
204157 | Zig:23   | Noticed a royal mummy
204157 | Zig:23   | Noticed a royal mummy
204157 | Zig:23   | Noticed a royal mummy
204157 | Zig:23   | Noticed a royal mummy
204157 | Zig:23   | Noticed a royal mummy
204157 | Zig:23   | Noticed a royal mummy
204157 | Zig:23   | Noticed a royal mummy
204157 | Zig:23   | Noticed a royal mummy
204157 | Zig:23   | Noticed a royal mummy
204158 | Zig:23   | Killed a royal mummy
204158 | Zig:23   | Killed a royal mummy
204158 | Zig:23   | Killed a royal mummy
204158 | Zig:23   | Killed a royal mummy
204158 | Zig:23   | Killed a royal mummy
204158 | Zig:23   | Killed a royal mummy
204158 | Zig:23   | Killed a royal mummy
204158 | Zig:23   | Killed a royal mummy
204158 | Zig:23   | Killed a royal mummy
204158 | Zig:23   | Killed a royal mummy
204158 | Zig:23   | Killed a royal mummy
204158 | Zig:23   | Killed a royal mummy
204158 | Zig:23   | Noticed a royal mummy
204158 | Zig:23   | Noticed a royal mummy
204159 | Zig:23   | Killed a royal mummy
204159 | Zig:23   | Killed a royal mummy
204159 | Zig:23   | Killed a royal mummy
204159 | Zig:23   | Killed a royal mummy
204159 | Zig:23   | Killed a royal mummy
204159 | Zig:23   | Killed a royal mummy
204159 | Zig:23   | Noticed a royal mummy
204160 | Zig:23   | Noticed a royal mummy
204160 | Zig:23   | Noticed a royal mummy
204160 | Zig:23   | Noticed a royal mummy
204160 | Zig:23   | Noticed a royal mummy
204160 | Zig:23   | Noticed a royal mummy
204160 | Zig:23   | Noticed a royal mummy
204160 | Zig:23   | Noticed a royal mummy
204160 | Zig:23   | Noticed a royal mummy
204160 | Zig:23   | Noticed a royal mummy
204160 | Zig:23   | Noticed a royal mummy
204160 | Zig:23   | Killed a royal mummy
204160 | Zig:23   | Noticed a royal mummy
204161 | Zig:23   | Killed a royal mummy
204161 | Zig:23   | Killed a royal mummy
204161 | Zig:23   | Killed a royal mummy
204161 | Zig:23   | Killed a royal mummy
204161 | Zig:23   | Killed a royal mummy
204161 | Zig:23   | Killed a royal mummy
204161 | Zig:23   | Killed a royal mummy
204161 | Zig:23   | Killed a royal mummy
204161 | Zig:23   | Killed a royal mummy
204161 | Zig:23   | Killed a royal mummy
204161 | Zig:23   | Killed a royal mummy
204162 | Zig:23   | Killed a royal mummy
204162 | Zig:23   | Noticed a royal mummy
204162 | Zig:23   | Noticed a royal mummy
204162 | Zig:23   | Noticed a royal mummy
204162 | Zig:23   | Noticed a royal mummy
204163 | Zig:23   | Noticed a royal mummy
204164 | Zig:23   | Found the +7 Throatcutter {drain, coup de grace}
204165 | Zig:23   | Killed a royal mummy
204165 | Zig:23   | Killed a royal mummy
204165 | Zig:23   | Killed a royal mummy
204166 | Zig:23   | Killed a royal mummy
204168 | Zig:23   | Killed a royal mummy
204185 | Zig:23   | Found the ring of the Octopus King
204240 | Zig:23   | Identified the +0 ring mail of Uskayaw's Outrage {rElec rN+
                  | Str+5}
204255 | Zig:23   | Identified a ring of the Octopus King {rCorr HP+2 AC+2 EV+2
                  | SH+2}
204258 | Zig:23   | Identified the +11 quick blade of the Fray {chaos, rElec
                  | Will+++ Dex-3 Stlth-}
204301 | Zig:23   | Identified the +2 pair of boots of Resonance {Str+4 SInv}
204318 | Zig:23   | Identified the +1 great sword "Beivit" {distort, Str+3
                  | SInv}
204720 | Zig:24   | Entered Level 24 of a ziggurat
205013 | Zig:24   | Identified the +0 helmet of Zoidah {Slay+3}
205025 | Zig:24   | Identified the staff of Ywoipif {rElec Dex+5 Necro Air}
205096 | Zig:24   | Identified the ring "Suka" {Ice rPois rCorr Int-2 Slay+5}
205150 | Zig:25   | Entered Level 25 of a ziggurat
205172 | Zig:25   | Noticed Xutuf the pandemonium lord
205173 | Zig:25   | Killed Xutuf the pandemonium lord
205258 | Zig:25   | Identified the +4 hand axe of Day {freeze, Will+}
205259 | Zig:25   | Identified the amulet of Leossateomp {Reflect -Cast +Blink
                  | rF++ MP-9 SH+5}
205260 | Zig:25   | Identified the +0 cloak of the Thirteen Youths {Rampage
                  | rPois Regen+ Dex-4}
205272 | Zig:25   | Identified the staff "Runlin" {rElec Will+ Summ Air}
205279 | Zig:25   | Identified the +9 quick blade "Gizedwe" {vamp, rPois rF+}
205634 | Zig:26   | Entered Level 26 of a ziggurat
205639 | Zig:26   | Noticed a seraph
205639 | Zig:26   | Noticed a seraph
205640 | Zig:26   | Noticed a seraph
205642 | Zig:26   | Noticed a seraph
205642 | Zig:26   | Noticed a seraph
205643 | Zig:26   | Noticed a seraph
205644 | Zig:26   | Noticed a seraph
205645 | Zig:26   | Noticed a seraph
205646 | Zig:26   | Identified the +1 tower shield of the Garden {+Blink rC-
                  | Dex+4}
205646 | Zig:26   | Killed a seraph
205646 | Zig:26   | Killed a seraph
205648 | Zig:26   | Killed a seraph
205648 | Zig:26   | Killed a seraph
205650 | Zig:26   | Killed a seraph
205651 | Zig:26   | Killed a seraph
205651 | Zig:26   | Killed a seraph
205651 | Zig:26   | Killed a seraph
205652 | Zig:26   | Identified the +4 tower shield of Grace {+Blink Str+2
                  | Dex-2}
205653 | Zig:26   | Noticed a seraph
205653 | Zig:26   | Noticed a seraph
205655 | Zig:26   | Noticed a seraph
205655 | Zig:26   | Noticed a seraph
205655 | Zig:26   | Noticed a seraph
205656 | Zig:26   | Killed a seraph
205656 | Zig:26   | Killed a seraph
205657 | Zig:26   | Noticed a seraph
205657 | Zig:26   | Identified the +10 tower shield of the Harvest {rN+ Regen+
                  | Str-2 SInv}
205657 | Zig:26   | Killed a seraph
205658 | Zig:26   | Noticed a seraph
205659 | Zig:26   | Killed a seraph
205661 | Zig:26   | Killed a seraph
205661 | Zig:26   | Killed a seraph
205661 | Zig:26   | Identified the +2 tower shield of Nuthuim {rN+}
205667 | Zig:26   | Killed a seraph
205677 | Zig:26   | Killed a seraph
205951 | Zig:26   | Identified the +4 tower shield of Louwn {Fly rElec rC+++
                  | Int-2} (You took it off a daeva on level 26 of a ziggurat)
206030 | Zig:27   | Entered Level 27 of a ziggurat
206045 | Zig:27   | Found the +3 crown of Dyrovepreva {rElec Int+2 SInv}
206150 | Zig:27   | Identified the +5 quarterstaff of the Key {speed, ^Drain
                  | rElec Will- rCorr}
206154 | Zig:27   | Identified the +6 quick blade of Uncertain Death {spect,
                  | rF+ rCorr Int+6 Stlth-}
206155 | Zig:27   | Identified the staff "Emeih" {*Corrode rPois rN+ Conj
                  | Necro}
206160 | Zig:27   | Identified the ring "Recrun" {rF++ rCorr MP+9 Str+3 SInv}
206173 | Zig:27   | Identified the ring of the Leaf {Str+3 Dex+6}
206178 | Zig:27   | Identified the ring "Ilojup" {rC+ Slay+4}
206191 | Zig:27   | Identified the +9 long sword "Begesk" {drain, rElec rPois
                  | rC+ Dex-2}
206208 | Zig:27   | Identified the +2 scale mail of Ignis's Supremacy {rC+
                  | Int+6}
206214 | Zig:27   | Identified the +0 pair of gloves "Sousez" {Harm rC+}
206705 | Zig:1    | Entered Level 1 of a ziggurat
206710 | Zig:1    | Identified the +0 helmet of Kikubaaqudgha, Burning {rN+}
206731 | Zig:2    | Entered Level 2 of a ziggurat
206784 | Zig:3    | Entered Level 3 of a ziggurat
206874 | Zig:4    | Entered Level 4 of a ziggurat
206874 | Zig:4    | Noticed a dread lich
206874 | Zig:4    | Noticed a dread lich
206875 | Zig:4    | Killed a dread lich
206875 | Zig:4    | Killed a dread lich
206875 | Zig:4    | Noticed an ancient lich
206876 | Zig:4    | Noticed an ancient lich
206877 | Zig:4    | Killed an ancient lich
206878 | Zig:4    | Killed an ancient lich
206894 | Zig:4    | Identified the +1 hand axe of the Endless March {freeze,
                  | rElec rF+ Int+4}
206942 | Zig:4    | Identified the +4 broad axe of Res Nullius {drain, Str+4
                  | Stlth+}
206948 | Zig:4    | Identified the amulet "Xang" {Reflect rCorr SH+5}
206963 | Zig:5    | Entered Level 5 of a ziggurat
206967 | Zig:5    | Found the +4 Cigotuvi's embrace {Corpsefed rMiasma ^Drain
                  | rN+}
206994 | Zig:5    | Identified the +6 dagger of Doom {spect, SInv}
207096 | Zig:6    | Entered Level 6 of a ziggurat
207218 | Zig:7    | Entered Level 7 of a ziggurat
207283 | Zig:7    | Identified the +9 hand axe of the King {protect, Str+2
                  | Stlth+}
207297 | Zig:7    | Identified the +4 quick blade of Fundamental Breach
                  | {antimagic, rPois rF+ Will- rCorr}
207301 | Zig:7    | Identified the +1 quick blade of the Shoals {flame, rElec
                  | rF+++ rN+ Str-2}
207382 | Zig:8    | Entered Level 8 of a ziggurat
207383 | Zig:8    | Noticed Meunuosch the pandemonium lord
207384 | Zig:8    | Noticed Enydghed the pandemonium lord
207384 | Zig:8    | Noticed Wiquott Loon the pandemonium lord
207384 | Zig:8    | Noticed Fireown the pandemonium lord
207384 | Zig:8    | Noticed Omuth the pandemonium lord
207384 | Zig:8    | Noticed Ritoaw the pandemonium lord
207384 | Zig:8    | Noticed Wifef the pandemonium lord
207384 | Zig:8    | Noticed Tuojo the pandemonium lord
207384 | Zig:8    | Noticed Oguefoh the pandemonium lord
207384 | Zig:8    | Noticed Cacweplo the pandemonium lord
207384 | Zig:8    | Noticed Rieraa the pandemonium lord
207384 | Zig:8    | Noticed Tudodyc the pandemonium lord
207384 | Zig:8    | Noticed Bunatt the pandemonium lord
207384 | Zig:8    | Noticed Dyralu the pandemonium lord
207384 | Zig:8    | Noticed Fefinukhaus the pandemonium lord
207384 | Zig:8    | Noticed Utea the pandemonium lord
207384 | Zig:8    | Noticed Dimorej the pandemonium lord
207384 | Zig:8    | Noticed Kyzxes the pandemonium lord
207385 | Zig:8    | Killed Wifef the pandemonium lord
207385 | Zig:8    | Killed Dyralu the pandemonium lord
207385 | Zig:8    | Killed Utea the pandemonium lord
207385 | Zig:8    | Killed Wiquott Loon the pandemonium lord
207386 | Zig:8    | Killed Cacweplo the pandemonium lord
207387 | Zig:8    | Killed Ritoaw the pandemonium lord
207387 | Zig:8    | Killed Tuojo the pandemonium lord
207387 | Zig:8    | Killed Enydghed the pandemonium lord
207387 | Zig:8    | Killed Dimorej the pandemonium lord
207388 | Zig:8    | Killed Fireown the pandemonium lord
207388 | Zig:8    | Killed Meunuosch the pandemonium lord
207388 | Zig:8    | Killed Fefinukhaus the pandemonium lord
207388 | Zig:8    | Killed Kyzxes the pandemonium lord
207388 | Zig:8    | Killed Rieraa the pandemonium lord
207388 | Zig:8    | Killed Omuth the pandemonium lord
207388 | Zig:8    | Killed Oguefoh the pandemonium lord
207390 | Zig:8    | Killed Bunatt the pandemonium lord
207391 | Zig:8    | Killed Tudodyc the pandemonium lord
207491 | Zig:8    | Identified the +7 dagger "Ymil" {vamp, rF+}
207560 | Zig:9    | Entered Level 9 of a ziggurat
207561 | Zig:9    | Noticed a royal mummy
207561 | Zig:9    | Noticed a royal mummy
207561 | Zig:9    | Noticed a royal mummy
207561 | Zig:9    | Noticed a royal mummy
207561 | Zig:9    | Noticed a royal mummy
207561 | Zig:9    | Noticed a royal mummy
207561 | Zig:9    | Noticed a royal mummy
207561 | Zig:9    | Noticed a royal mummy
207562 | Zig:9    | Killed a royal mummy
207562 | Zig:9    | Killed a royal mummy
207562 | Zig:9    | Killed a royal mummy
207562 | Zig:9    | Killed a royal mummy
207562 | Zig:9    | Killed a royal mummy
207562 | Zig:9    | Killed a royal mummy
207562 | Zig:9    | Killed a royal mummy
207562 | Zig:9    | Killed a royal mummy
207563 | Zig:9    | Noticed a royal mummy
207563 | Zig:9    | Noticed a royal mummy
207566 | Zig:9    | Killed a royal mummy
207568 | Zig:9    | Noticed a royal mummy
207568 | Zig:9    | Noticed a royal mummy
207569 | Zig:9    | Killed a royal mummy
207569 | Zig:9    | Killed a royal mummy
207569 | Zig:9    | Killed a royal mummy
207641 | Zig:9    | Identified the +0 scale mail of the Foremost Xenops {rElec
                  | rC- Will+++ Dex-2}
207651 | Zig:9    | Identified the +0 great sword of Mayhem {heavy, Dex+3}
207818 | Zig:10   | Entered Level 10 of a ziggurat
207818 | Zig:10   | Noticed a juggernaut
207819 | Zig:10   | Noticed a juggernaut
207820 | Zig:10   | Killed a juggernaut
207820 | Zig:10   | Noticed a juggernaut
207821 | Zig:10   | Killed a juggernaut
207825 | Zig:10   | Killed a juggernaut
207845 | Zig:10   | Identified the +5 rapier "Acana" {drain, rPois}
208117 | Zig:10   | Identified the amulet of False Hope {Faith rF+ rC+}
208172 | Zig:11   | Entered Level 11 of a ziggurat
208180 | Zig:11   | Noticed Wedd the pandemonium lord
208182 | Zig:11   | Killed Wedd the pandemonium lord
208223 | Zig:11   | Identified the +9 sling of Immorality {flame, rC++ Str+5
                  | Int-4}
208231 | Zig:11   | Identified the amulet of Nalicui {RegenMP rF+}
208391 | Zig:12   | Entered Level 12 of a ziggurat
208605 | Zig:12   | Identified the ring "Xastux" {Dex+4 SInv}
208652 | Zig:13   | Entered Level 13 of a ziggurat
208799 | Zig:13   | Identified the +2 morningstar "Diroxu" {heavy, rC+}
208800 | Zig:13   | Identified the +5 quick blade of the Mashing Gnat
                  | {antimagic, +Blink rN++ Str-2 Stlth+}
208801 | Zig:13   | Identified the staff of Infinite Pain {rElec rCorr Int+2
                  | Stlth+ Summ Air}
208815 | Zig:13   | Identified the granite talisman of Prudence {Stlth+}
208834 | Zig:13   | Identified the ring "Epiwuviy" {Ice rN+ Str+3}
209000 | Zig:14   | Entered Level 14 of a ziggurat
209020 | Zig:14   | Found the +15 Maxwell's patent armour {-Cast -Tele rElec
                  | Will+ rCorr}
209257 | Zig:14   | Identified the ring "Qedo" {rElec rCorr Int+3 Stlth+}
209261 | Zig:14   | Identified the +0 leather armour of Integrity {Regen+ Str+2
                  | Stlth+}
209262 | Zig:14   | Identified the +11 falchion "Xeaf" {speed, rPois rC- Will+
                  | Str+4}
209263 | Zig:14   | Identified the +2 quarterstaff of Wisdom {flame, rElec}
209346 | Zig:15   | Entered Level 15 of a ziggurat
209356 | Zig:15   | Noticed an ancient lich
209356 | Zig:15   | Noticed a dread lich
209356 | Zig:15   | Noticed a dread lich
209356 | Zig:15   | Noticed a dread lich
209357 | Zig:15   | Noticed a dread lich
209357 | Zig:15   | Noticed a dread lich
209357 | Zig:15   | Noticed a dread lich
209357 | Zig:15   | Noticed a dread lich
209357 | Zig:15   | Noticed a dread lich
209357 | Zig:15   | Noticed an ancient lich
209357 | Zig:15   | Noticed an ancient lich
209357 | Zig:15   | Noticed a dread lich
209357 | Zig:15   | Noticed an ancient lich
209357 | Zig:15   | Noticed an ancient lich
209357 | Zig:15   | Noticed an ancient lich
209357 | Zig:15   | Noticed an ancient lich
209357 | Zig:15   | Noticed a dread lich
209357 | Zig:15   | Noticed a dread lich
209357 | Zig:15   | Noticed a dread lich
209357 | Zig:15   | Noticed a dread lich
209357 | Zig:15   | Noticed an ancient lich
209357 | Zig:15   | Noticed a dread lich
209358 | Zig:15   | Killed a dread lich
209358 | Zig:15   | Killed a dread lich
209358 | Zig:15   | Killed an ancient lich
209358 | Zig:15   | Killed an ancient lich
209358 | Zig:15   | Killed an ancient lich
209358 | Zig:15   | Killed an ancient lich
209358 | Zig:15   | Killed an ancient lich
209358 | Zig:15   | Killed an ancient lich
209358 | Zig:15   | Killed a dread lich
209358 | Zig:15   | Killed a dread lich
209358 | Zig:15   | Killed a dread lich
209358 | Zig:15   | Killed a dread lich
209358 | Zig:15   | Killed an ancient lich
209358 | Zig:15   | Noticed an ancient lich
209358 | Zig:15   | Noticed a dread lich
209359 | Zig:15   | Killed a dread lich
209359 | Zig:15   | Killed a dread lich
209359 | Zig:15   | Killed a dread lich
209359 | Zig:15   | Killed a dread lich
209359 | Zig:15   | Killed a dread lich
209359 | Zig:15   | Killed a dread lich
209359 | Zig:15   | Killed a dread lich
209359 | Zig:15   | Killed a dread lich
209359 | Zig:15   | Killed a dread lich
209359 | Zig:15   | Killed an ancient lich
209359 | Zig:15   | Killed an ancient lich
209359 | Zig:15   | Noticed a dread lich
209359 | Zig:15   | Noticed an ancient lich
209359 | Zig:15   | Noticed a dread lich
209360 | Zig:15   | Killed an ancient lich
209360 | Zig:15   | Killed a dread lich
209360 | Zig:15   | Killed a dread lich
209360 | Zig:15   | Noticed an ancient lich
209361 | Zig:15   | Noticed a dread lich
209363 | Zig:15   | Noticed a dread lich
209365 | Zig:15   | Killed a dread lich
209365 | Zig:15   | Killed an ancient lich
209365 | Zig:15   | Killed a dread lich
209421 | Zig:15   | Identified the +0 plate armour of Dishonour {MP+9 Dex+3}
209428 | Zig:15   | Identified the +8 fire dragon scales of a bailey {rF++ rC-
                  | Str-3 Int+5}
209435 | Zig:15   | Identified the ring of Niucec {Fly rCorr MP+9 Dex-5}
209440 | Zig:15   | Identified the +5 pair of gloves "Lemnaum" {-Cast rN+ SInv}
209461 | Zig:15   | Identified the +5 battleaxe "Beetlebane" {protect, +Blink
                  | Int+2 SInv}
209683 | Zig:16   | Entered Level 16 of a ziggurat
209884 | Zig:16   | Identified the +4 ring mail of Compression {rElec Dex+2}
209885 | Zig:16   | Identified the staff "Hix Ebb" {Will+ Str+3 Dex-4 Earth}
209886 | Zig:16   | Identified the +8 morningstar of Kindness {pain, *Noise rF-
                  | Will+++ Stlth+}
209895 | Zig:16   | Identified the +9 crystal plate armour of Ennui {SInv
                  | Stlth+}
209909 | Zig:16   | Identified the +7 flail of Collusion {freeze, ^Fragile
                  | rF+++ rC- rCorr}
209948 | Zig:17   | Entered Level 17 of a ziggurat
209966 | Zig:17   | Found the +5 Storm Queen's Shield {shock, Fly rElec}
210038 | Zig:17   | Identified the amulet of Utsuech {RegenMP *Slow rF+ Dex+3
                  | Slay+3}
210051 | Zig:17   | Identified the +10 sling of Eminent Domain {heavy, Dex+4}
210060 | Zig:17   | Identified the ring of Cueqewav {rElec AC+4 Str+2}
210068 | Zig:17   | Identified the +5 dagger "Newtslayer" {freeze, Dex+3}
210085 | Zig:17   | Identified the +2 robe of Privacy {Int+3 Dex+4}
210097 | Zig:17   | Identified the scarf of the Last Stories {repulsion,
                  | Rampage Fly rF- Regen+}
210363 | Zig:18   | Entered Level 18 of a ziggurat
210376 | Zig:18   | Noticed an ancient lich
210376 | Zig:18   | Noticed a dread lich
210376 | Zig:18   | Noticed an ancient lich
210376 | Zig:18   | Noticed a dread lich
210376 | Zig:18   | Noticed a dread lich
210376 | Zig:18   | Noticed an ancient lich
210376 | Zig:18   | Noticed an ancient lich
210376 | Zig:18   | Noticed an ancient lich
210376 | Zig:18   | Noticed an ancient lich
210376 | Zig:18   | Noticed an ancient lich
210376 | Zig:18   | Noticed an ancient lich
210377 | Zig:18   | Killed an ancient lich
210377 | Zig:18   | Killed a dread lich
210377 | Zig:18   | Killed an ancient lich
210377 | Zig:18   | Killed a dread lich
210377 | Zig:18   | Killed an ancient lich
210377 | Zig:18   | Noticed a dread lich
210378 | Zig:18   | Killed an ancient lich
210378 | Zig:18   | Killed an ancient lich
210378 | Zig:18   | Killed an ancient lich
210378 | Zig:18   | Killed an ancient lich
210378 | Zig:18   | Killed a dread lich
210378 | Zig:18   | Killed a dread lich
210378 | Zig:18   | Killed an ancient lich
210378 | Zig:18   | Noticed a dread lich
210378 | Zig:18   | Noticed a dread lich
210379 | Zig:18   | Noticed a dread lich
210379 | Zig:18   | Noticed an ancient lich
210379 | Zig:18   | Noticed a dread lich
210379 | Zig:18   | Noticed an ancient lich
210380 | Zig:18   | Noticed a dread lich
210380 | Zig:18   | Noticed a dread lich
210380 | Zig:18   | Noticed an ancient lich
210380 | Zig:18   | Noticed a dread lich
210380 | Zig:18   | Noticed an ancient lich
210380 | Zig:18   | Noticed a dread lich
210381 | Zig:18   | Killed a dread lich
210381 | Zig:18   | Killed a dread lich
210381 | Zig:18   | Killed a dread lich
210381 | Zig:18   | Killed a dread lich
210381 | Zig:18   | Noticed a dread lich
210382 | Zig:18   | Killed a dread lich
210382 | Zig:18   | Killed a dread lich
210382 | Zig:18   | Killed an ancient lich
210382 | Zig:18   | Killed an ancient lich
210382 | Zig:18   | Killed an ancient lich
210382 | Zig:18   | Killed an ancient lich
210383 | Zig:18   | Killed a dread lich
210383 | Zig:18   | Killed a dread lich
210383 | Zig:18   | Killed a dread lich
210383 | Zig:18   | Noticed an ancient lich
210384 | Zig:18   | Killed an ancient lich
210564 | Zig:18   | Identified the ring "Qirr" {Fly Will+}
210647 | Zig:18   | Identified the +9 quick blade of Equilibrium {vamp, *Rage
                  | rPois Int+5}
210648 | Zig:18   | Identified the +3 dagger of Usuwn {vamp, Int-3 Dex+4}
210731 | Zig:19   | Entered Level 19 of a ziggurat
210736 | Zig:19   | Noticed a juggernaut
210738 | Zig:19   | Noticed a juggernaut
210738 | Zig:19   | Noticed a juggernaut
210738 | Zig:19   | Noticed a juggernaut
210739 | Zig:19   | Killed a juggernaut
210739 | Zig:19   | Killed a juggernaut
210739 | Zig:19   | Killed a juggernaut
210739 | Zig:19   | Noticed a juggernaut
210740 | Zig:19   | Noticed a juggernaut
210741 | Zig:19   | Noticed a juggernaut
210741 | Zig:19   | Noticed a juggernaut
210742 | Zig:19   | Killed a juggernaut
210742 | Zig:19   | Killed a juggernaut
210742 | Zig:19   | Killed a juggernaut
210742 | Zig:19   | Noticed a juggernaut
210742 | Zig:19   | Noticed a juggernaut
210743 | Zig:19   | Noticed a juggernaut
210743 | Zig:19   | Noticed a juggernaut
210743 | Zig:19   | Noticed a juggernaut
210744 | Zig:19   | Noticed a juggernaut
210745 | Zig:19   | Killed a juggernaut
210745 | Zig:19   | Killed a juggernaut
210745 | Zig:19   | Killed a juggernaut
210745 | Zig:19   | Killed a juggernaut
210746 | Zig:19   | Killed a juggernaut
210746 | Zig:19   | Noticed a juggernaut
210747 | Zig:19   | Killed a juggernaut
210747 | Zig:19   | Killed a juggernaut
210760 | Zig:19   | Killed a juggernaut
210760 | Zig:19   | Killed a juggernaut
210886 | Zig:19   | Identified the orb "Vyapotul" {guile, Rampage rPois rCorr
                  | Dex-2}
210888 | Zig:19   | Identified the +11 shortbow of Dim Light {heavy, ^Contam
                  | rPois Str+6}
210890 | Zig:19   | Identified the +1 plate armour of the Great Game {rF+ rCorr
                  | Dex-5}
210902 | Zig:19   | Identified the +4 mace "Jut Dim" {freeze, rF+}
210904 | Zig:19   | Identified the +5 scale mail "Kujyah" {rC+}
211365 | Zig:20   | Entered Level 20 of a ziggurat
211744 | Zig:20   | Identified the +0 chain mail of Watchfulness {rC+ Dex+4}
211790 | Zig:20   | Identified the +9 dagger "Huminiaps" {venom, rElec Int+3
                  | Dex+2 Stlth+}
211801 | Zig:20   | Identified the ring "Hokhli" {rF+ rC+ rCorr Str+3 Int-2}
211900 | Zig:21   | Entered Level 21 of a ziggurat
211974 | Zig:21   | Identified the amulet of Greed {Reflect rN+ Regen+ rCorr
                  | SH+5}
212013 | Zig:21   | Identified the staff of Gacsan {Int+3 Dex+3 Conj Earth}
212030 | Zig:21   | Identified the +6 dire flail of Leasuodd {distort, rN+
                  | Will+ Stlth+}
212038 | Zig:21   | Identified the +4 chain mail of Bitterness {rElec rPois
                  | Will+ Str-5}
212046 | Zig:21   | Identified the +6 morningstar of the Unspeakable One
                  | {freeze, Fly rN++ Will- MP-9}
212048 | Zig:21   | Identified the +10 plate armour of Tortelloni {rPois rCorr}
212074 | Zig:21   | Identified the ring of Getuiref {Wiz rF- rCorr Str+3}
212131 | Zig:21   | Identified the +11 executioner's axe of Opsap {protect,
                  | Dex+5}
212214 | Zig:22   | Entered Level 22 of a ziggurat
212224 | Zig:22   | Noticed a juggernaut
212224 | Zig:22   | Noticed a juggernaut
212224 | Zig:22   | Noticed a juggernaut
212225 | Zig:22   | Killed a juggernaut
212225 | Zig:22   | Killed a juggernaut
212225 | Zig:22   | Noticed a juggernaut
212226 | Zig:22   | Noticed a juggernaut
212226 | Zig:22   | Noticed a juggernaut
212226 | Zig:22   | Killed a juggernaut
212227 | Zig:22   | Noticed a juggernaut
212227 | Zig:22   | Noticed a juggernaut
212227 | Zig:22   | Noticed a juggernaut
212227 | Zig:22   | Noticed a juggernaut
212228 | Zig:22   | Noticed a juggernaut
212228 | Zig:22   | Noticed a juggernaut
212228 | Zig:22   | Killed a juggernaut
212228 | Zig:22   | Killed a juggernaut
212228 | Zig:22   | Killed a juggernaut
212228 | Zig:22   | Killed a juggernaut
212228 | Zig:22   | Killed a juggernaut
212229 | Zig:22   | Noticed a juggernaut
212229 | Zig:22   | Noticed a juggernaut
212229 | Zig:22   | Noticed a juggernaut
212230 | Zig:22   | Noticed a juggernaut
212230 | Zig:22   | Noticed a juggernaut
212230 | Zig:22   | Found the +6 shillelagh "Devastator" {shatter}
212230 | Zig:22   | Found the +5 Force Lance {heavy, knockback}
212231 | Zig:22   | Killed a juggernaut
212231 | Zig:22   | Killed a juggernaut
212231 | Zig:22   | Killed a juggernaut
212231 | Zig:22   | Killed a juggernaut
212231 | Zig:22   | Killed a juggernaut
212231 | Zig:22   | Killed a juggernaut
212232 | Zig:22   | Identified the +8 dagger "Tibytuse" {antimagic, *Rage rF++
                  | rCorr}
212233 | Zig:22   | Killed a juggernaut
212233 | Zig:22   | Killed a juggernaut
212233 | Zig:22   | Killed a juggernaut
212251 | Zig:22   | Killed a juggernaut
212282 | Zig:22   | Identified the +2 robe "Hodyg Ciupt" {+Inv}
212283 | Zig:22   | Identified the amulet "Ting" {RegenMP Will+ Regen+ Dex+2}
212285 | Zig:22   | Identified the +1 short sword of the Swamp {pain, *Noise
                  | rC+ Will++ SInv}
212293 | Zig:23   | Entered Level 23 of a ziggurat
212305 | Zig:23   | Identified the +6 tower shield of the Destroying Gods
                  | {rPois}
212309 | Zig:23   | Noticed a seraph
212311 | Zig:23   | Noticed a seraph
212312 | Zig:23   | Killed a seraph
212314 | Zig:23   | Noticed a seraph
212315 | Zig:23   | Killed a seraph
212318 | Zig:23   | Noticed a seraph
212318 | Zig:23   | Identified the +4 tower shield of the Monkey's Uncle
                  | {Dex+3}
212319 | Zig:23   | Killed a seraph
212319 | Zig:23   | Noticed a seraph
212321 | Zig:23   | Killed a seraph
212325 | Zig:23   | Noticed a seraph
212326 | Zig:23   | Noticed a seraph
212327 | Zig:23   | Noticed a seraph
212328 | Zig:23   | Killed a seraph
212328 | Zig:23   | Killed a seraph
212328 | Zig:23   | Noticed a seraph
212329 | Zig:23   | Noticed a seraph
212330 | Zig:23   | Killed a seraph
212331 | Zig:23   | Killed a seraph
212331 | Zig:23   | Killed a seraph
212331 | Zig:23   | Noticed a seraph
212335 | Zig:23   | Killed a seraph
212340 | Zig:23   | Killed a seraph
212346 | Zig:23   | Identified the +1 tower shield of Surprise {SInv}
212348 | Zig:23   | Identified the +1 tower shield of the Gate {+Blink Int+3}
212348 | Zig:23   | Identified the +7 tower shield of Calculation {Str+2}
212420 | Zig:23   | Identified the +6 flail of Purpose {freeze, Will- rCorr
                  | Int+4}
212427 | Zig:23   | Identified the ring of Akeumpang {Fly rPois rC+ Will+ SInv}
212429 | Zig:23   | Identified the ring of Fedhas's Delight {rElec rPois rF+++
                  | EV+5 Str-3}
212435 | Zig:24   | Entered Level 24 of a ziggurat
212488 | Zig:25   | Entered Level 25 of a ziggurat
212511 | Zig:25   | Found the +3 hat of Pondering {ponderous, Will+ MP+10
                  | Int+5}
212511 | Zig:25   | Found the -2 hat of the Alchemist {rElec rPois rF+ rC+ rN+
                  | Will+ rMut rCorr}
212544 | Zig:25   | Identified the +6 quarterstaff of Incongruity {speed,
                  | ^Fragile rElec rF++ Dex+8}
212553 | Zig:26   | Entered Level 26 of a ziggurat
212562 | Zig:26   | Noticed a dread lich
212563 | Zig:26   | Noticed a royal mummy
212563 | Zig:26   | Noticed a royal mummy
212564 | Zig:26   | Killed a dread lich
212565 | Zig:26   | Noticed a royal mummy
212565 | Zig:26   | Noticed a royal mummy
212565 | Zig:26   | Noticed a royal mummy
212565 | Zig:26   | Noticed a royal mummy
212565 | Zig:26   | Noticed a royal mummy
212566 | Zig:26   | Killed a royal mummy
212566 | Zig:26   | Killed a royal mummy
212566 | Zig:26   | Killed a royal mummy
212566 | Zig:26   | Killed a royal mummy
212566 | Zig:26   | Noticed a royal mummy
212566 | Zig:26   | Noticed a royal mummy
212567 | Zig:26   | Noticed a royal mummy
212567 | Zig:26   | Noticed a royal mummy
212568 | Zig:26   | Noticed a royal mummy
212568 | Zig:26   | Noticed a royal mummy
212568 | Zig:26   | Killed a royal mummy
212568 | Zig:26   | Noticed a royal mummy
212569 | Zig:26   | Noticed a royal mummy
212569 | Zig:26   | Noticed a royal mummy
212569 | Zig:26   | Noticed a royal mummy
212569 | Zig:26   | Noticed a royal mummy
212569 | Zig:26   | Noticed a royal mummy
212569 | Zig:26   | Noticed a royal mummy
212569 | Zig:26   | Noticed a royal mummy
212569 | Zig:26   | Noticed a royal mummy
212569 | Zig:26   | Killed a royal mummy
212570 | Zig:26   | Killed a royal mummy
212570 | Zig:26   | Killed a royal mummy
212570 | Zig:26   | Killed a royal mummy
212570 | Zig:26   | Killed a royal mummy
212570 | Zig:26   | Killed a royal mummy
212570 | Zig:26   | Killed a royal mummy
212570 | Zig:26   | Killed a royal mummy
212570 | Zig:26   | Killed a royal mummy
212570 | Zig:26   | Killed a royal mummy
212570 | Zig:26   | Killed a royal mummy
212570 | Zig:26   | Killed a royal mummy
212570 | Zig:26   | Killed a royal mummy
212570 | Zig:26   | Lost strength.
212570 | Zig:26   | Killed a royal mummy
212570 | Zig:26   | Noticed a royal mummy
212570 | Zig:26   | Noticed a royal mummy
212570 | Zig:26   | Noticed a royal mummy
212570 | Zig:26   | Noticed a royal mummy
212572 | Zig:26   | Noticed a royal mummy
212572 | Zig:26   | Noticed a royal mummy
212572 | Zig:26   | Noticed a royal mummy
212572 | Zig:26   | Noticed a royal mummy
212572 | Zig:26   | Noticed a royal mummy
212572 | Zig:26   | Noticed a royal mummy
212572 | Zig:26   | Noticed a royal mummy
212572 | Zig:26   | Noticed a royal mummy
212572 | Zig:26   | Noticed a royal mummy
212572 | Zig:26   | Noticed a royal mummy
212572 | Zig:26   | Noticed a royal mummy
212572 | Zig:26   | Found the +8 orange crystal plate armour {Archmagi, Int+3
                  | Clar}
212572 | Zig:26   | Killed a royal mummy
212573 | Zig:26   | Killed a royal mummy
212573 | Zig:26   | Killed a royal mummy
212573 | Zig:26   | Killed a royal mummy
212573 | Zig:26   | Killed a royal mummy
212573 | Zig:26   | Killed a royal mummy
212573 | Zig:26   | Killed a royal mummy
212573 | Zig:26   | Killed a royal mummy
212573 | Zig:26   | Killed a royal mummy
212573 | Zig:26   | Killed a royal mummy
212573 | Zig:26   | Killed a royal mummy
212573 | Zig:26   | Killed a royal mummy
212573 | Zig:26   | Killed a royal mummy
212573 | Zig:26   | Killed a royal mummy
212573 | Zig:26   | Killed a royal mummy
212573 | Zig:26   | Killed a royal mummy
212573 | Zig:26   | Killed a royal mummy
212573 | Zig:26   | Killed a royal mummy
212573 | Zig:26   | Killed a royal mummy
212573 | Zig:26   | Noticed a royal mummy
212573 | Zig:26   | Noticed a royal mummy
212574 | Zig:26   | Noticed a royal mummy
212574 | Zig:26   | Noticed a royal mummy
212574 | Zig:26   | Noticed a royal mummy
212574 | Zig:26   | Noticed a royal mummy
212574 | Zig:26   | Noticed a royal mummy
212575 | Zig:26   | Killed a royal mummy
212575 | Zig:26   | Killed a royal mummy
212575 | Zig:26   | Killed a royal mummy
212575 | Zig:26   | Killed a royal mummy
212575 | Zig:26   | Noticed a royal mummy
212576 | Zig:26   | Killed a royal mummy
212576 | Zig:26   | Killed a royal mummy
212576 | Zig:26   | Killed a royal mummy
212576 | Zig:26   | Noticed a royal mummy
212576 | Zig:26   | Noticed a royal mummy
212578 | Zig:26   | Noticed a royal mummy
212579 | Zig:26   | Noticed a royal mummy
212579 | Zig:26   | Noticed a royal mummy
212579 | Zig:26   | Noticed a royal mummy
212579 | Zig:26   | Noticed a royal mummy
212579 | Zig:26   | Noticed a royal mummy
212580 | Zig:26   | Killed a royal mummy
212580 | Zig:26   | Killed a royal mummy
212580 | Zig:26   | Killed a royal mummy
212580 | Zig:26   | Killed a royal mummy
212580 | Zig:26   | Killed a royal mummy
212580 | Zig:26   | Killed a royal mummy
212580 | Zig:26   | Killed a royal mummy
212580 | Zig:26   | Noticed a royal mummy
212580 | Zig:26   | Killed a royal mummy
212580 | Zig:26   | Noticed a royal mummy
212581 | Zig:26   | Killed a royal mummy
212581 | Zig:26   | Killed a royal mummy
212581 | Zig:26   | Noticed a royal mummy
212582 | Zig:26   | Killed a royal mummy
212582 | Zig:26   | Killed a royal mummy
212582 | Zig:26   | Killed a royal mummy
212583 | Zig:26   | Killed a royal mummy
212583 | Zig:26   | Killed a royal mummy
212584 | Zig:26   | Killed a royal mummy
212584 | Zig:26   | Noticed a royal mummy
212584 | Zig:26   | Killed a royal mummy
212584 | Zig:26   | Noticed a royal mummy
212585 | Zig:26   | Killed a royal mummy
212585 | Zig:26   | Killed a royal mummy
212585 | Zig:26   | Noticed a royal mummy
212585 | Zig:26   | Noticed a royal mummy
212585 | Zig:26   | Noticed a royal mummy
212586 | Zig:26   | Noticed a royal mummy
212587 | Zig:26   | Killed a royal mummy
212588 | Zig:26   | Noticed a royal mummy
212590 | Zig:26   | Noticed a royal mummy
212592 | Zig:26   | Killed a royal mummy
212592 | Zig:26   | Killed a royal mummy
212593 | Zig:26   | Killed a royal mummy
212593 | Zig:26   | Killed a royal mummy
212593 | Zig:26   | Killed a royal mummy
212593 | Zig:26   | Killed a royal mummy
213019 | Zig:26   | Identified the amulet of Fuarunomn {Spirit rElec Slay+2}
213085 | Zig:26   | Identified the +2 pair of boots of the End {+Blink rCorr}
213102 | Zig:26   | Identified the +7 hand axe of the Throat {flame, Int-5
                  | Dex+6}
213131 | Zig:26   | Identified the +8 sling of the Antique God {freeze, *Slow
                  | rElec Str+3}
213134 | Zig:26   | Identified the +2 quarterstaff of occam's Dismemberment
                  | {antimagic, rF+ rN+ Int+3}
213151 | Zig:26   | Identified the +6 orcbow "Iplyrefae" {freeze, Fly}
213164 | Zig:26   | Identified the +6 quarterstaff "Fuynigg" {vamp, Str+2}
213165 | Zig:26   | Identified the +3 glaive of Disorder {flame, rPois Stlth+}
213339 | Zig:27   | Entered Level 27 of a ziggurat
213441 | Zig:27   | Identified the +1 long sword of Dithmenos, Blushing {drain,
                  | Str+2}
213449 | Zig:27   | Identified the ring "Hutteax" {rElec Will+ Dex+2}
213703 | Depths:1 | Acquired 1042 gold pieces
213704 | Depths:1 | Acquired 1031 gold pieces
213705 | Depths:1 | Acquired the scarf of Malifuc {harm, Int+4 Dex+3 Stlth+}
213706 | Depths:1 | Acquired 378 gold pieces
213707 | Depths:1 | Acquired 575 gold pieces
213708 | Depths:1 | Acquired 435 gold pieces
213709 | Depths:1 | Acquired 1089 gold pieces
213710 | Depths:1 | Acquired 896 gold pieces
213711 | Depths:1 | Acquired the ring "Nisas" {rPois rC++ Dex-2 SInv Stlth+}
213712 | Depths:1 | Acquired the ring "Kirgh" {+Blink Fly rPois rC+ Stlth-}
213713 | Depths:1 | Acquired 498 gold pieces
213755 | Zig:1    | Entered Level 1 of a ziggurat
213792 | Zig:2    | Entered Level 2 of a ziggurat
213815 | Zig:3    | Entered Level 3 of a ziggurat
213863 | Zig:3    | Identified the +1 ring mail "Vomefuor" {*Corrode MP+9 Str+3
                  | Stlth+}
213908 | Zig:4    | Entered Level 4 of a ziggurat
214024 | Zig:5    | Entered Level 5 of a ziggurat
214024 | Zig:5    | Noticed Wistreti the pandemonium lord
214024 | Zig:5    | Noticed Hofeclob the pandemonium lord
214024 | Zig:5    | Noticed Lajukke the pandemonium lord
214024 | Zig:5    | Noticed Naedubamp the pandemonium lord
214024 | Zig:5    | Noticed Heuphyes the pandemonium lord
214024 | Zig:5    | Noticed Iczofil the pandemonium lord
214025 | Zig:5    | Killed Iczofil the pandemonium lord
214025 | Zig:5    | Killed Heuphyes the pandemonium lord
214026 | Zig:5    | Killed Hofeclob the pandemonium lord
214026 | Zig:5    | Killed Naedubamp the pandemonium lord
214027 | Zig:5    | Noticed Gonkaz the pandemonium lord
214027 | Zig:5    | Noticed Noplirch the pandemonium lord
214027 | Zig:5    | Noticed Amenatao the pandemonium lord
214027 | Zig:5    | Noticed Bijeercheo the pandemonium lord
214028 | Zig:5    | Killed Gonkaz the pandemonium lord
214028 | Zig:5    | Killed Wistreti the pandemonium lord
214030 | Zig:5    | Killed Bijeercheo the pandemonium lord
214031 | Zig:5    | Killed Lajukke the pandemonium lord
214031 | Zig:5    | Killed Amenatao the pandemonium lord
214031 | Zig:5    | Killed Noplirch the pandemonium lord
214036 | Zig:5    | Identified the ring of the Enormous Longan {+Blink rPois
                  | rF- rCorr Str+4}
214042 | Zig:6    | Entered Level 6 of a ziggurat
214055 | Zig:7    | Entered Level 7 of a ziggurat
214073 | Zig:8    | Entered Level 8 of a ziggurat
214087 | Zig:9    | Entered Level 9 of a ziggurat
214116 | Zig:9    | Identified the +2 plate armour "Carrad" {-Tele Dex+4
                  | Slay+2}
214121 | Zig:10   | Entered Level 10 of a ziggurat
214124 | Zig:10   | Noticed Xigypat the pandemonium lord
214124 | Zig:10   | Noticed Cium the pandemonium lord
214124 | Zig:10   | Noticed Ifi Tali the pandemonium lord
214124 | Zig:10   | Noticed Ruatanib the pandemonium lord
214125 | Zig:10   | Noticed Enolitt the pandemonium lord
214125 | Zig:10   | Noticed Siyzupe the pandemonium lord
214125 | Zig:10   | Noticed Amied the pandemonium lord
214125 | Zig:10   | Noticed Uddaxe the pandemonium lord
214125 | Zig:10   | Noticed Zohiq the pandemonium lord
214125 | Zig:10   | Noticed Fuliseat the pandemonium lord
214125 | Zig:10   | Noticed Qichuepp the pandemonium lord
214125 | Zig:10   | Noticed Rachy the pandemonium lord
214125 | Zig:10   | Noticed Yleduare the pandemonium lord
214125 | Zig:10   | Noticed Qeeg the pandemonium lord
214125 | Zig:10   | Noticed Ysseh the pandemonium lord
214125 | Zig:10   | Noticed Ijuga the pandemonium lord
214125 | Zig:10   | Noticed Isopputua the pandemonium lord
214125 | Zig:10   | Noticed Tavoesad the pandemonium lord
214125 | Zig:10   | Noticed Retrutonk the pandemonium lord
214125 | Zig:10   | Noticed Zuhilug the pandemonium lord
214125 | Zig:10   | Noticed Hecwaemp the pandemonium lord
214125 | Zig:10   | Noticed Efigir the pandemonium lord
214126 | Zig:10   | Noticed Gyeduy the pandemonium lord
214126 | Zig:10   | Killed Qeeg the pandemonium lord
214126 | Zig:10   | Killed Ijuga the pandemonium lord
214126 | Zig:10   | Killed Yleduare the pandemonium lord
214126 | Zig:10   | Killed Cium the pandemonium lord
214126 | Zig:10   | Killed Hecwaemp the pandemonium lord
214126 | Zig:10   | Killed Isopputua the pandemonium lord
214126 | Zig:10   | Killed Ifi Tali the pandemonium lord
214126 | Zig:10   | Killed Siyzupe the pandemonium lord
214126 | Zig:10   | Noticed Xoosue Soego the pandemonium lord
214126 | Zig:10   | Noticed Imoazet the pandemonium lord
214127 | Zig:10   | Killed Ysseh the pandemonium lord
214127 | Zig:10   | Killed Enolitt the pandemonium lord
214127 | Zig:10   | Killed Uddaxe the pandemonium lord
214127 | Zig:10   | Killed Amied the pandemonium lord
214127 | Zig:10   | Killed Fuliseat the pandemonium lord
214128 | Zig:10   | Killed Xoosue Soego the pandemonium lord
214128 | Zig:10   | Killed Rachy the pandemonium lord
214128 | Zig:10   | Killed Xigypat the pandemonium lord
214128 | Zig:10   | Killed Efigir the pandemonium lord
214128 | Zig:10   | Killed Retrutonk the pandemonium lord
214129 | Zig:10   | Killed Qichuepp the pandemonium lord
214129 | Zig:10   | Killed Imoazet the pandemonium lord
214129 | Zig:10   | Killed Gyeduy the pandemonium lord
214129 | Zig:10   | Killed Tavoesad the pandemonium lord
214129 | Zig:10   | Killed Zuhilug the pandemonium lord
214130 | Zig:10   | Killed Ruatanib the pandemonium lord
214130 | Zig:10   | Killed Zohiq the pandemonium lord
214143 | Zig:10   | Identified the ring "Xeahuc" {^Drain rElec Will+ rCorr
                  | SInv}
214150 | Zig:11   | Entered Level 11 of a ziggurat
214153 | Zig:11   | Noticed an ancient lich
214153 | Zig:11   | Noticed a dread lich
214153 | Zig:11   | Noticed a dread lich
214154 | Zig:11   | Noticed a dread lich
214154 | Zig:11   | Noticed a dread lich
214154 | Zig:11   | Noticed an ancient lich
214154 | Zig:11   | Noticed a dread lich
214154 | Zig:11   | Noticed a dread lich
214154 | Zig:11   | Noticed an ancient lich
214154 | Zig:11   | Noticed an ancient lich
214154 | Zig:11   | Noticed a dread lich
214154 | Zig:11   | Noticed an ancient lich
214154 | Zig:11   | Noticed a dread lich
214154 | Zig:11   | Noticed an ancient lich
214154 | Zig:11   | Noticed an ancient lich
214154 | Zig:11   | Noticed an ancient lich
214154 | Zig:11   | Noticed a dread lich
214154 | Zig:11   | Noticed an ancient lich
214154 | Zig:11   | Noticed an ancient lich
214154 | Zig:11   | Noticed a dread lich
214155 | Zig:11   | Killed a dread lich
214155 | Zig:11   | Killed a dread lich
214155 | Zig:11   | Killed a dread lich
214155 | Zig:11   | Killed a dread lich
214155 | Zig:11   | Killed an ancient lich
214155 | Zig:11   | Killed an ancient lich
214155 | Zig:11   | Killed an ancient lich
214155 | Zig:11   | Killed an ancient lich
214155 | Zig:11   | Killed a dread lich
214155 | Zig:11   | Killed an ancient lich
214155 | Zig:11   | Killed an ancient lich
214155 | Zig:11   | Killed an ancient lich
214155 | Zig:11   | Killed an ancient lich
214155 | Zig:11   | Killed a dread lich
214155 | Zig:11   | Killed an ancient lich
214156 | Zig:11   | Noticed a dread lich
214156 | Zig:11   | Killed an ancient lich
214157 | Zig:11   | Noticed a dread lich
214157 | Zig:11   | Killed a dread lich
214158 | Zig:11   | Killed a dread lich
214158 | Zig:11   | Killed a dread lich
214159 | Zig:11   | Killed a dread lich
214159 | Zig:11   | Killed a dread lich
214159 | Zig:11   | Killed a dread lich
214176 | Zig:11   | Identified the ring of Kuuwke Rool {MP+9 Str+3}
214182 | Zig:11   | Identified the orb of Durable Salvation {*channel, +Inv
                  | rPois Str+2}
214185 | Zig:12   | Entered Level 12 of a ziggurat
214189 | Zig:12   | Noticed a juggernaut
214189 | Zig:12   | Noticed a juggernaut
214189 | Zig:12   | Noticed a juggernaut
214189 | Zig:12   | Noticed a juggernaut
214189 | Zig:12   | Noticed a juggernaut
214189 | Zig:12   | Noticed a juggernaut
214189 | Zig:12   | Noticed a juggernaut
214189 | Zig:12   | Noticed a juggernaut
214190 | Zig:12   | Killed a juggernaut
214190 | Zig:12   | Killed a juggernaut
214190 | Zig:12   | Killed a juggernaut
214190 | Zig:12   | Killed a juggernaut
214190 | Zig:12   | Killed a juggernaut
214190 | Zig:12   | Killed a juggernaut
214190 | Zig:12   | Killed a juggernaut
214190 | Zig:12   | Noticed a juggernaut
214191 | Zig:12   | Killed a juggernaut
214191 | Zig:12   | Killed a juggernaut
214191 | Zig:12   | Noticed a juggernaut
214192 | Zig:12   | Noticed a juggernaut
214192 | Zig:12   | Noticed a juggernaut
214193 | Zig:12   | Killed a juggernaut
214193 | Zig:12   | Killed a juggernaut
214193 | Zig:12   | Killed a juggernaut
214196 | Zig:12   | Identified the ring "Seosufay" {rF+ rN++ AC+4 Stlth+}
214200 | Zig:12   | Identified the +0 spear of Doom {flame, rN+}
214204 | Zig:12   | Identified the ring "Wicid" {Wiz Str+6}
214213 | Zig:13   | Entered Level 13 of a ziggurat
214215 | Zig:13   | Noticed a juggernaut
214215 | Zig:13   | Noticed a juggernaut
214215 | Zig:13   | Noticed a juggernaut
214215 | Zig:13   | Noticed a juggernaut
214216 | Zig:13   | Noticed a juggernaut
214216 | Zig:13   | Noticed a juggernaut
214217 | Zig:13   | Noticed a juggernaut
214217 | Zig:13   | Noticed a juggernaut
214217 | Zig:13   | Noticed a juggernaut
214217 | Zig:13   | Noticed a juggernaut
214217 | Zig:13   | Noticed a juggernaut
214217 | Zig:13   | Noticed a juggernaut
214217 | Zig:13   | Noticed a juggernaut
214217 | Zig:13   | Noticed a juggernaut
214217 | Zig:13   | Noticed a juggernaut
214217 | Zig:13   | Noticed a juggernaut
214217 | Zig:13   | Noticed a juggernaut
214218 | Zig:13   | Killed a juggernaut
214218 | Zig:13   | Killed a juggernaut
214218 | Zig:13   | Killed a juggernaut
214218 | Zig:13   | Killed a juggernaut
214218 | Zig:13   | Killed a juggernaut
214218 | Zig:13   | Killed a juggernaut
214218 | Zig:13   | Killed a juggernaut
214218 | Zig:13   | Killed a juggernaut
214218 | Zig:13   | Killed a juggernaut
214218 | Zig:13   | Killed a juggernaut
214218 | Zig:13   | Killed a juggernaut
214218 | Zig:13   | Killed a juggernaut
214218 | Zig:13   | Killed a juggernaut
214218 | Zig:13   | Killed a juggernaut
214218 | Zig:13   | Noticed a juggernaut
214218 | Zig:13   | Killed a juggernaut
214219 | Zig:13   | Noticed a juggernaut
214220 | Zig:13   | Killed a juggernaut
214220 | Zig:13   | Noticed a juggernaut
214221 | Zig:13   | Noticed a juggernaut
214221 | Zig:13   | Noticed a juggernaut
214221 | Zig:13   | Noticed a juggernaut
214221 | Zig:13   | Killed a juggernaut
214222 | Zig:13   | Killed a juggernaut
214222 | Zig:13   | Killed a juggernaut
214222 | Zig:13   | Killed a juggernaut
214222 | Zig:13   | Killed a juggernaut
214222 | Zig:13   | Killed a juggernaut
214223 | Zig:13   | Killed a juggernaut
214228 | Zig:13   | Identified the amulet "Elinteg" {Acrobat Harm Str+3 Stlth+}
214233 | Zig:13   | Identified the ring "Besutoik" {Str+2 Int+6}
214239 | Zig:14   | Entered Level 14 of a ziggurat
214244 | Zig:14   | Noticed a dread lich
214244 | Zig:14   | Noticed a dread lich
214244 | Zig:14   | Noticed an ancient lich
214244 | Zig:14   | Noticed a dread lich
214244 | Zig:14   | Noticed an ancient lich
214244 | Zig:14   | Noticed an ancient lich
214244 | Zig:14   | Noticed an ancient lich
214244 | Zig:14   | Noticed an ancient lich
214244 | Zig:14   | Noticed an ancient lich
214244 | Zig:14   | Noticed an ancient lich
214244 | Zig:14   | Noticed an ancient lich
214244 | Zig:14   | Noticed an ancient lich
214244 | Zig:14   | Noticed a dread lich
214245 | Zig:14   | Killed an ancient lich
214245 | Zig:14   | Killed an ancient lich
214245 | Zig:14   | Killed an ancient lich
214245 | Zig:14   | Killed a dread lich
214245 | Zig:14   | Killed a dread lich
214245 | Zig:14   | Killed a dread lich
214245 | Zig:14   | Killed an ancient lich
214245 | Zig:14   | Killed an ancient lich
214245 | Zig:14   | Killed an ancient lich
214245 | Zig:14   | Noticed an ancient lich
214245 | Zig:14   | Noticed an ancient lich
214246 | Zig:14   | Noticed a dread lich
214246 | Zig:14   | Noticed an ancient lich
214246 | Zig:14   | Noticed an ancient lich
214246 | Zig:14   | Noticed a dread lich
214246 | Zig:14   | Noticed an ancient lich
214246 | Zig:14   | Noticed an ancient lich
214246 | Zig:14   | Noticed an ancient lich
214246 | Zig:14   | Noticed an ancient lich
214246 | Zig:14   | Noticed a dread lich
214247 | Zig:14   | Killed a dread lich
214247 | Zig:14   | Killed an ancient lich
214247 | Zig:14   | Killed an ancient lich
214247 | Zig:14   | Killed an ancient lich
214247 | Zig:14   | Killed an ancient lich
214247 | Zig:14   | Killed an ancient lich
214247 | Zig:14   | Killed an ancient lich
214247 | Zig:14   | Killed an ancient lich
214247 | Zig:14   | Killed an ancient lich
214247 | Zig:14   | Killed an ancient lich
214247 | Zig:14   | Killed an ancient lich
214247 | Zig:14   | Killed a dread lich
214248 | Zig:14   | Killed a dread lich
214248 | Zig:14   | Killed an ancient lich
214248 | Zig:14   | Killed a dread lich
214259 | Zig:14   | Identified the ring of Xintip {rPois Will- rCorr Int+6
                  | SInv}
214264 | Zig:15   | Entered Level 15 of a ziggurat
214281 | Zig:15   | Identified the amulet "Toec Biu" {Acrobat rCorr Dex+3}
214284 | Zig:15   | Identified the +4 crystal plate armour "Pupteel" {rElec rF-
                  | Will- Str+9}
214290 | Zig:16   | Entered Level 16 of a ziggurat
214290 | Zig:16   | Noticed a dread lich
214291 | Zig:16   | Killed a dread lich
214315 | Zig:16   | Identified the +1 war axe of the Pyrrhic Victory {vamp,
                  | rElec Dex+3}
214318 | Zig:17   | Entered Level 17 of a ziggurat
214359 | Zig:17   | Identified the ring of Zyutiosm {rPois rF+ Int-5 Dex+4
                  | Slay-4}
214364 | Zig:17   | Identified the staff "Otidilor" {+Blink rElec Air}
214371 | Zig:17   | Identified the staff of the Pyrrhic Victory {rPois rCorr
                  | Alchemy}
214377 | Zig:18   | Entered Level 18 of a ziggurat
214413 | Zig:18   | Identified the ring of Fiwky {Fly rF+ rCorr Str-4}
214423 | Zig:19   | Entered Level 19 of a ziggurat
214431 | Zig:19   | Noticed an ancient lich
214431 | Zig:19   | Noticed a dread lich
214431 | Zig:19   | Noticed an ancient lich
214432 | Zig:19   | Killed a dread lich
214432 | Zig:19   | Killed an ancient lich
214432 | Zig:19   | Killed an ancient lich
214432 | Zig:19   | Noticed a dread lich
214432 | Zig:19   | Noticed a dread lich
214433 | Zig:19   | Noticed a dread lich
214433 | Zig:19   | Noticed a dread lich
214433 | Zig:19   | Noticed a dread lich
214434 | Zig:19   | Noticed a dread lich
214435 | Zig:19   | Noticed an ancient lich
214435 | Zig:19   | Noticed a dread lich
214435 | Zig:19   | Noticed an ancient lich
214435 | Zig:19   | Noticed a dread lich
214435 | Zig:19   | Noticed a dread lich
214435 | Zig:19   | Noticed a dread lich
214435 | Zig:19   | Noticed a dread lich
214435 | Zig:19   | Noticed a dread lich
214435 | Zig:19   | Noticed a dread lich
214436 | Zig:19   | Killed a dread lich
214436 | Zig:19   | Killed a dread lich
214436 | Zig:19   | Killed a dread lich
214436 | Zig:19   | Killed a dread lich
214437 | Zig:19   | Killed a dread lich
214437 | Zig:19   | Killed a dread lich
214437 | Zig:19   | Killed a dread lich
214437 | Zig:19   | Killed a dread lich
214437 | Zig:19   | Killed a dread lich
214437 | Zig:19   | Killed a dread lich
214437 | Zig:19   | Killed a dread lich
214437 | Zig:19   | Killed an ancient lich
214437 | Zig:19   | Killed an ancient lich
214437 | Zig:19   | Noticed a dread lich
214437 | Zig:19   | Noticed an ancient lich
214437 | Zig:19   | Noticed an ancient lich
214437 | Zig:19   | Noticed a dread lich
214437 | Zig:19   | Noticed a dread lich
214439 | Zig:19   | Killed a dread lich
214439 | Zig:19   | Killed a dread lich
214439 | Zig:19   | Killed an ancient lich
214439 | Zig:19   | Killed a dread lich
214439 | Zig:19   | Noticed a dread lich
214439 | Zig:19   | Noticed an ancient lich
214440 | Zig:19   | Noticed a dread lich
214440 | Zig:19   | Noticed a dread lich
214440 | Zig:19   | Noticed a dread lich
214440 | Zig:19   | Noticed a dread lich
214440 | Zig:19   | Noticed a dread lich
214440 | Zig:19   | Noticed a dread lich
214440 | Zig:19   | Noticed a dread lich
214440 | Zig:19   | Noticed a dread lich
214440 | Zig:19   | Noticed a dread lich
214440 | Zig:19   | Noticed a dread lich
214441 | Zig:19   | Killed a dread lich
214441 | Zig:19   | Killed a dread lich
214441 | Zig:19   | Killed a dread lich
214441 | Zig:19   | Killed an ancient lich
214441 | Zig:19   | Killed an ancient lich
214441 | Zig:19   | Killed a dread lich
214441 | Zig:19   | Killed a dread lich
214441 | Zig:19   | Killed a dread lich
214441 | Zig:19   | Killed a dread lich
214442 | Zig:19   | Killed a dread lich
214442 | Zig:19   | Killed a dread lich
214443 | Zig:19   | Killed a dread lich
214443 | Zig:19   | Killed a dread lich
214448 | Zig:19   | Killed a dread lich
214448 | Zig:19   | Killed a dread lich
214454 | Zig:19   | Noticed an ancient lich
214455 | Zig:19   | Killed an ancient lich
214461 | Zig:19   | Identified the +8 pearl dragon scales of Curiosity {rN+
                  | Int+6}
214468 | Zig:19   | Identified the staff of Vanity {rF+ Will+ Str+8 Dex-4 Fire}
214480 | Zig:20   | Entered Level 20 of a ziggurat
214515 | Zig:20   | Identified the ring "Seqy" {rC+ rCorr Int+2}
214521 | Zig:20   | Identified the +7 morningstar of Havoc {vamp, Str-3 Dex+2
                  | SInv}
214526 | Zig:21   | Entered Level 21 of a ziggurat
214530 | Zig:21   | Noticed a royal mummy
214531 | Zig:21   | Noticed a royal mummy
214531 | Zig:21   | Noticed a royal mummy
214531 | Zig:21   | Noticed a royal mummy
214531 | Zig:21   | Noticed a royal mummy
214531 | Zig:21   | Noticed a royal mummy
214531 | Zig:21   | Noticed a royal mummy
214531 | Zig:21   | Noticed a royal mummy
214532 | Zig:21   | Killed a royal mummy
214532 | Zig:21   | Killed a royal mummy
214532 | Zig:21   | Killed a royal mummy
214532 | Zig:21   | Killed a royal mummy
214532 | Zig:21   | Noticed a royal mummy
214532 | Zig:21   | Noticed a royal mummy
214532 | Zig:21   | Noticed a royal mummy
214533 | Zig:21   | Noticed a royal mummy
214533 | Zig:21   | Noticed a royal mummy
214533 | Zig:21   | Noticed a royal mummy
214533 | Zig:21   | Noticed a royal mummy
214533 | Zig:21   | Noticed a royal mummy
214533 | Zig:21   | Noticed a royal mummy
214533 | Zig:21   | Noticed a royal mummy
214533 | Zig:21   | Noticed a royal mummy
214533 | Zig:21   | Noticed a royal mummy
214533 | Zig:21   | Noticed a royal mummy
214533 | Zig:21   | Noticed a royal mummy
214534 | Zig:21   | Killed a royal mummy
214534 | Zig:21   | Killed a royal mummy
214534 | Zig:21   | Killed a royal mummy
214534 | Zig:21   | Killed a royal mummy
214534 | Zig:21   | Killed a royal mummy
214534 | Zig:21   | Killed a royal mummy
214534 | Zig:21   | Killed a royal mummy
214534 | Zig:21   | Killed a royal mummy
214534 | Zig:21   | Killed a royal mummy
214534 | Zig:21   | Killed a royal mummy
214534 | Zig:21   | Killed a royal mummy
214534 | Zig:21   | Killed a royal mummy
214534 | Zig:21   | Killed a royal mummy
214534 | Zig:21   | Killed a royal mummy
214534 | Zig:21   | Killed a royal mummy
214534 | Zig:21   | Killed a royal mummy
214534 | Zig:21   | Noticed a royal mummy
214534 | Zig:21   | Noticed a royal mummy
214534 | Zig:21   | Noticed a royal mummy
214534 | Zig:21   | Noticed a royal mummy
214535 | Zig:21   | Noticed a royal mummy
214535 | Zig:21   | Noticed a royal mummy
214535 | Zig:21   | Noticed a royal mummy
214535 | Zig:21   | Noticed a royal mummy
214535 | Zig:21   | Noticed a royal mummy
214536 | Zig:21   | Noticed a royal mummy
214536 | Zig:21   | Noticed a royal mummy
214536 | Zig:21   | Noticed a royal mummy
214536 | Zig:21   | Noticed a royal mummy
214536 | Zig:21   | Noticed a royal mummy
214536 | Zig:21   | Noticed a royal mummy
214536 | Zig:21   | Noticed a royal mummy
214536 | Zig:21   | Noticed a royal mummy
214536 | Zig:21   | Noticed a royal mummy
214537 | Zig:21   | Killed a royal mummy
214537 | Zig:21   | Killed a royal mummy
214537 | Zig:21   | Killed a royal mummy
214537 | Zig:21   | Killed a royal mummy
214537 | Zig:21   | Killed a royal mummy
214537 | Zig:21   | Killed a royal mummy
214537 | Zig:21   | Killed a royal mummy
214537 | Zig:21   | Killed a royal mummy
214537 | Zig:21   | Killed a royal mummy
214537 | Zig:21   | Killed a royal mummy
214537 | Zig:21   | Killed a royal mummy
214537 | Zig:21   | Killed a royal mummy
214537 | Zig:21   | Noticed a royal mummy
214537 | Zig:21   | Noticed a royal mummy
214537 | Zig:21   | Noticed a royal mummy
214537 | Zig:21   | Noticed a royal mummy
214537 | Zig:21   | Killed a royal mummy
214538 | Zig:21   | Noticed a royal mummy
214538 | Zig:21   | Noticed a royal mummy
214538 | Zig:21   | Killed a royal mummy
214538 | Zig:21   | Killed a royal mummy
214538 | Zig:21   | Noticed a royal mummy
214539 | Zig:21   | Killed a royal mummy
214539 | Zig:21   | Killed a royal mummy
214539 | Zig:21   | Killed a royal mummy
214539 | Zig:21   | Killed a royal mummy
214539 | Zig:21   | Killed a royal mummy
214539 | Zig:21   | Killed a royal mummy
214539 | Zig:21   | Killed a royal mummy
214539 | Zig:21   | Killed a royal mummy
214539 | Zig:21   | Killed a royal mummy
214539 | Zig:21   | Noticed a royal mummy
214539 | Zig:21   | Killed a royal mummy
214539 | Zig:21   | Killed a royal mummy
214540 | Zig:21   | Killed a royal mummy
214540 | Zig:21   | Killed a royal mummy
214540 | Zig:21   | Killed a royal mummy
214540 | Zig:21   | Noticed a royal mummy
214540 | Zig:21   | Noticed a royal mummy
214540 | Zig:21   | Noticed a royal mummy
214540 | Zig:21   | Noticed a royal mummy
214540 | Zig:21   | Noticed a royal mummy
214541 | Zig:21   | Noticed a royal mummy
214541 | Zig:21   | Noticed a royal mummy
214542 | Zig:21   | Killed a royal mummy
214542 | Zig:21   | Killed a royal mummy
214542 | Zig:21   | Killed a royal mummy
214543 | Zig:21   | Killed a royal mummy
214545 | Zig:21   | Killed a royal mummy
214545 | Zig:21   | Killed a royal mummy
214550 | Zig:21   | Killed a royal mummy
214560 | Zig:21   | Identified the amulet "Jahiof" {Spirit Int+6}
214565 | Zig:21   | Identified the staff of Breach {rPois Dex+6 Alchemy}
214567 | Zig:21   | Identified the +4 longbow "Uhantof" {freeze, rF- Int+2
                  | Dex+3 Stlth+}
214572 | Zig:21   | Identified the ring of Zinlumof {rC+ Dex+5}
214581 | Zig:21   | Identified the staff of Sunlight {rC+ rN+ Will+ Necro}
214645 | Zig:22   | Entered Level 22 of a ziggurat
214661 | Zig:22   | Found the +1 robe of Vines {NoPotionHeal Regen++++}
214679 | Zig:22   | Identified the +1 plate armour of Cexkac {rN+ rCorr Dex+2}
214685 | Zig:22   | Identified the +1 pair of gloves of the Game of Kings {Fly
                  | rElec rPois Dex-5}
214687 | Zig:22   | Identified the ring of Disaster {Str+6 Dex+2}
214689 | Zig:22   | Identified the +0 ring mail of Jexiel {Str+2}
214699 | Zig:22   | Identified the ring "Vibriuno" {rN++ MP+9 Slay-3}
214712 | Zig:23   | Entered Level 23 of a ziggurat
214769 | Zig:23   | Noticed a dread lich
214776 | Zig:23   | Noticed an ancient lich
214794 | Zig:23   | Killed a dread lich
214801 | Zig:23   | Killed an ancient lich
215008 | Zig:23   | Identified the +9 orcbow of Outrage {freeze, Fly rElec
                  | rPois Str+4 Int-5}
215021 | Zig:23   | Identified the +5 orcbow "Botwah" {drain, ^Contam rPois rC+
                  | Stlth+}
215037 | Zig:23   | Identified the staff of Pride {rPois rC+ Dex-5 Summ Ice}
215053 | Zig:23   | Identified the +5 shortbow "Gamyoloi" {speed, rF+ rC- Str+4
                  | Dex+2}
215056 | Zig:23   | Identified the +4 quick blade "Goblin's Undoing" {holy, rF-
                  | Will++ Int+3}
215058 | Zig:23   | Identified the +2 pair of gloves of Polish {+Blink rPois}
215059 | Zig:23   | Identified the +6 whip "Toseseim" {freeze, rPois Dex+3
                  | Stlth-}
215360 | Zig:24   | Entered Level 24 of a ziggurat
215379 | Zig:24   | Noticed Casaam the pandemonium lord
215380 | Zig:24   | Killed Casaam the pandemonium lord
215423 | Zig:24   | Identified the +0 pearl dragon scales "Forget-Me-Not"
                  | {rPois rN+ Dex+2}
215425 | Zig:24   | Identified the staff of Peace {rElec MP+9 Air}
215431 | Zig:25   | Entered Level 25 of a ziggurat
215442 | Zig:25   | Noticed a seraph
215445 | Zig:25   | Killed a seraph
215445 | Zig:25   | Noticed a seraph
215447 | Zig:25   | Noticed a seraph
215450 | Zig:25   | Killed a seraph
215450 | Zig:25   | Noticed a seraph
215451 | Zig:25   | Noticed a seraph
215452 | Zig:25   | Noticed a seraph
215453 | Zig:25   | Noticed a seraph
215453 | Zig:25   | Noticed a seraph
215453 | Zig:25   | Noticed a seraph
215453 | Zig:25   | Noticed a seraph
215453 | Zig:25   | Noticed a seraph
215453 | Zig:25   | Noticed a seraph
215453 | Zig:25   | Identified the +0 tower shield "Dateh" {rN+ Will- rCorr
                  | Dex+4}
215453 | Zig:25   | Noticed a seraph
215454 | Zig:25   | Killed a seraph
215454 | Zig:25   | Killed a seraph
215455 | Zig:25   | Killed a seraph
215455 | Zig:25   | Killed a seraph
215456 | Zig:25   | Killed a seraph
215458 | Zig:25   | Killed a seraph
215461 | Zig:25   | Noticed a seraph
215461 | Zig:25   | Killed a seraph
215462 | Zig:25   | Killed a seraph
215462 | Zig:25   | Noticed a seraph
215463 | Zig:25   | Killed a seraph
215464 | Zig:25   | Killed a seraph
215464 | Zig:25   | Noticed a seraph
215465 | Zig:25   | Killed a seraph
215465 | Zig:25   | Killed a seraph
215474 | Zig:25   | Killed a seraph
215488 | Zig:25   | Killed a seraph
215741 | Zig:26   | Entered Level 26 of a ziggurat
215797 | Zig:26   | Identified the +2 robe of Gestures {rF+ Will+ Str+4 Int-5}
215807 | Zig:26   | Identified the +9 dagger of Arcadian Tender Mercy {heavy,
                  | rPois}
215816 | Zig:27   | Entered Level 27 of a ziggurat
215879 | Zig:27   | Identified the ring "Taih" {Will+ Str+6}
215881 | Zig:27   | Identified the +7 quick blade "Spiderbane" {venom, rF+ rN+}
215883 | Zig:27   | Identified the amulet "Ixav" {Reflect Dex+5 SH+5}
215889 | Zig:27   | Identified the ring "Luifugrunea" {rElec rN+ Int+6}
215890 | Zig:27   | Identified the +0 cloak of Qunlop Baru {rN+ Regen+ Int+3
                  | Slay-6}
215894 | Zig:27   | Identified the ring "Suupp" {Wiz Will- Dex+3}
215919 | Zig:1    | Entered Level 1 of a ziggurat
215930 | Zig:2    | Entered Level 2 of a ziggurat
215945 | Zig:3    | Entered Level 3 of a ziggurat
215946 | Zig:3    | Noticed Qoniz the pandemonium lord
215947 | Zig:3    | Killed Qoniz the pandemonium lord
215966 | Zig:4    | Entered Level 4 of a ziggurat
215966 | Zig:4    | Noticed a dread lich
215966 | Zig:4    | Noticed a dread lich
215966 | Zig:4    | Noticed an ancient lich
215966 | Zig:4    | Noticed a dread lich
215966 | Zig:4    | Noticed a dread lich
215967 | Zig:4    | Noticed an ancient lich
215967 | Zig:4    | Noticed an ancient lich
215967 | Zig:4    | Found the amulet of the Air {Inacc Air Fly rElec RMsl}
215968 | Zig:4    | Killed an ancient lich
215968 | Zig:4    | Killed a dread lich
215968 | Zig:4    | Killed a dread lich
215968 | Zig:4    | Killed an ancient lich
215968 | Zig:4    | Killed a dread lich
215969 | Zig:4    | Killed a dread lich
215969 | Zig:4    | Killed an ancient lich
215985 | Zig:5    | Entered Level 5 of a ziggurat
216009 | Zig:5    | Identified the +1 robe "Tohal" {^Contam rC++}
216014 | Zig:6    | Entered Level 6 of a ziggurat
216063 | Zig:7    | Entered Level 7 of a ziggurat
216063 | Zig:7    | Noticed a royal mummy
216063 | Zig:7    | Noticed a royal mummy
216063 | Zig:7    | Noticed a royal mummy
216063 | Zig:7    | Noticed a royal mummy
216063 | Zig:7    | Noticed a royal mummy
216063 | Zig:7    | Noticed a royal mummy
216064 | Zig:7    | Killed a royal mummy
216064 | Zig:7    | Killed a royal mummy
216064 | Zig:7    | Killed a royal mummy
216064 | Zig:7    | Killed a royal mummy
216064 | Zig:7    | Killed a royal mummy
216064 | Zig:7    | Killed a royal mummy
216065 | Zig:7    | Noticed a royal mummy
216066 | Zig:7    | Noticed a dread lich
216066 | Zig:7    | Noticed a royal mummy
216066 | Zig:7    | Noticed a royal mummy
216067 | Zig:7    | Killed a dread lich
216067 | Zig:7    | Killed a royal mummy
216067 | Zig:7    | Killed a royal mummy
216068 | Zig:7    | Killed a royal mummy
216071 | Zig:7    | Killed a royal mummy
216087 | Zig:8    | Entered Level 8 of a ziggurat
216107 | Zig:9    | Entered Level 9 of a ziggurat
216107 | Zig:9    | Noticed an ancient lich
216107 | Zig:9    | Noticed an ancient lich
216107 | Zig:9    | Noticed an ancient lich
216107 | Zig:9    | Noticed an ancient lich
216107 | Zig:9    | Noticed a dread lich
216108 | Zig:9    | Noticed an ancient lich
216108 | Zig:9    | Noticed a dread lich
216108 | Zig:9    | Noticed an ancient lich
216108 | Zig:9    | Noticed a dread lich
216108 | Zig:9    | Noticed an ancient lich
216108 | Zig:9    | Noticed a dread lich
216108 | Zig:9    | Noticed a dread lich
216108 | Zig:9    | Noticed a dread lich
216108 | Zig:9    | Noticed a dread lich
216108 | Zig:9    | Noticed a dread lich
216109 | Zig:9    | Killed a dread lich
216109 | Zig:9    | Killed an ancient lich
216109 | Zig:9    | Killed a dread lich
216109 | Zig:9    | Killed a dread lich
216109 | Zig:9    | Killed an ancient lich
216109 | Zig:9    | Killed a dread lich
216109 | Zig:9    | Killed a dread lich
216109 | Zig:9    | Killed a dread lich
216109 | Zig:9    | Killed an ancient lich
216109 | Zig:9    | Killed a dread lich
216109 | Zig:9    | Killed an ancient lich
216109 | Zig:9    | Killed an ancient lich
216109 | Zig:9    | Killed an ancient lich
216109 | Zig:9    | Killed an ancient lich
216109 | Zig:9    | Noticed a dread lich
216110 | Zig:9    | Noticed a dread lich
216110 | Zig:9    | Noticed a dread lich
216110 | Zig:9    | Noticed an ancient lich
216110 | Zig:9    | Noticed an ancient lich
216110 | Zig:9    | Noticed an ancient lich
216110 | Zig:9    | Noticed a dread lich
216111 | Zig:9    | Killed a dread lich
216111 | Zig:9    | Killed an ancient lich
216111 | Zig:9    | Killed an ancient lich
216111 | Zig:9    | Killed a dread lich
216111 | Zig:9    | Killed a dread lich
216111 | Zig:9    | Killed a dread lich
216111 | Zig:9    | Killed a dread lich
216113 | Zig:9    | Killed an ancient lich
216125 | Zig:10   | Entered Level 10 of a ziggurat
216125 | Zig:10   | Noticed an ancient lich
216125 | Zig:10   | Noticed an ancient lich
216125 | Zig:10   | Noticed a dread lich
216125 | Zig:10   | Noticed an ancient lich
216125 | Zig:10   | Noticed an ancient lich
216125 | Zig:10   | Noticed a dread lich
216126 | Zig:10   | Noticed an ancient lich
216126 | Zig:10   | Noticed a dread lich
216126 | Zig:10   | Noticed a dread lich
216126 | Zig:10   | Noticed an ancient lich
216126 | Zig:10   | Noticed an ancient lich
216126 | Zig:10   | Noticed a dread lich
216126 | Zig:10   | Noticed a dread lich
216126 | Zig:10   | Noticed an ancient lich
216126 | Zig:10   | Noticed an ancient lich
216126 | Zig:10   | Noticed a dread lich
216127 | Zig:10   | Killed an ancient lich
216127 | Zig:10   | Killed a dread lich
216127 | Zig:10   | Killed an ancient lich
216127 | Zig:10   | Killed an ancient lich
216127 | Zig:10   | Killed a dread lich
216127 | Zig:10   | Killed a dread lich
216127 | Zig:10   | Killed an ancient lich
216127 | Zig:10   | Killed an ancient lich
216127 | Zig:10   | Killed an ancient lich
216127 | Zig:10   | Killed a dread lich
216127 | Zig:10   | Killed an ancient lich
216127 | Zig:10   | Killed an ancient lich
216127 | Zig:10   | Noticed an ancient lich
216127 | Zig:10   | Noticed an ancient lich
216128 | Zig:10   | Noticed an ancient lich
216128 | Zig:10   | Noticed a dread lich
216128 | Zig:10   | Noticed an ancient lich
216128 | Zig:10   | Noticed a dread lich
216128 | Zig:10   | Noticed an ancient lich
216129 | Zig:10   | Killed an ancient lich
216129 | Zig:10   | Killed a dread lich
216129 | Zig:10   | Killed a dread lich
216129 | Zig:10   | Killed an ancient lich
216129 | Zig:10   | Killed an ancient lich
216129 | Zig:10   | Killed an ancient lich
216129 | Zig:10   | Killed a dread lich
216129 | Zig:10   | Killed an ancient lich
216130 | Zig:10   | Killed an ancient lich
216130 | Zig:10   | Killed a dread lich
216131 | Zig:10   | Killed a dread lich
216147 | Zig:11   | Entered Level 11 of a ziggurat
216153 | Zig:11   | Noticed a dread lich
216154 | Zig:11   | Killed a dread lich
216172 | Zig:11   | Identified the +4 glaive "Wote" {flame, Will+ rCorr}
216174 | Zig:12   | Entered Level 12 of a ziggurat
216174 | Zig:12   | Noticed a dread lich
216174 | Zig:12   | Noticed a dread lich
216174 | Zig:12   | Noticed a dread lich
216174 | Zig:12   | Noticed an ancient lich
216174 | Zig:12   | Noticed an ancient lich
216174 | Zig:12   | Noticed a dread lich
216174 | Zig:12   | Noticed a dread lich
216174 | Zig:12   | Noticed a dread lich
216174 | Zig:12   | Noticed a dread lich
216175 | Zig:12   | Noticed an ancient lich
216175 | Zig:12   | Noticed a dread lich
216175 | Zig:12   | Noticed an ancient lich
216175 | Zig:12   | Noticed a dread lich
216175 | Zig:12   | Noticed a dread lich
216175 | Zig:12   | Noticed a dread lich
216175 | Zig:12   | Noticed an ancient lich
216176 | Zig:12   | Killed a dread lich
216176 | Zig:12   | Killed a dread lich
216176 | Zig:12   | Killed a dread lich
216176 | Zig:12   | Killed an ancient lich
216177 | Zig:12   | Killed an ancient lich
216177 | Zig:12   | Killed a dread lich
216177 | Zig:12   | Killed a dread lich
216177 | Zig:12   | Killed a dread lich
216177 | Zig:12   | Killed an ancient lich
216177 | Zig:12   | Killed a dread lich
216177 | Zig:12   | Killed an ancient lich
216177 | Zig:12   | Killed a dread lich
216178 | Zig:12   | Killed a dread lich
216178 | Zig:12   | Killed an ancient lich
216178 | Zig:12   | Killed a dread lich
216178 | Zig:12   | Noticed a dread lich
216179 | Zig:12   | Killed a dread lich
216179 | Zig:12   | Killed a dread lich
216180 | Zig:12   | Noticed a dread lich
216180 | Zig:12   | Noticed a dread lich
216180 | Zig:12   | Noticed a dread lich
216180 | Zig:12   | Noticed a dread lich
216180 | Zig:12   | Noticed an ancient lich
216180 | Zig:12   | Noticed a dread lich
216180 | Zig:12   | Noticed an ancient lich
216180 | Zig:12   | Noticed a dread lich
216181 | Zig:12   | Killed a dread lich
216181 | Zig:12   | Killed a dread lich
216181 | Zig:12   | Killed a dread lich
216182 | Zig:12   | Killed an ancient lich
216182 | Zig:12   | Killed a dread lich
216182 | Zig:12   | Killed a dread lich
216182 | Zig:12   | Killed an ancient lich
216182 | Zig:12   | Killed a dread lich
216199 | Zig:13   | Entered Level 13 of a ziggurat
216199 | Zig:13   | Noticed an ancient lich
216199 | Zig:13   | Noticed an ancient lich
216199 | Zig:13   | Noticed a dread lich
216199 | Zig:13   | Noticed an ancient lich
216199 | Zig:13   | Noticed a dread lich
216199 | Zig:13   | Noticed an ancient lich
216199 | Zig:13   | Noticed an ancient lich
216199 | Zig:13   | Noticed a dread lich
216199 | Zig:13   | Noticed an ancient lich
216199 | Zig:13   | Noticed an ancient lich
216200 | Zig:13   | Killed a dread lich
216200 | Zig:13   | Killed an ancient lich
216200 | Zig:13   | Killed an ancient lich
216200 | Zig:13   | Killed a dread lich
216200 | Zig:13   | Killed an ancient lich
216200 | Zig:13   | Killed an ancient lich
216200 | Zig:13   | Noticed an ancient lich
216200 | Zig:13   | Noticed a dread lich
216200 | Zig:13   | Noticed a dread lich
216201 | Zig:13   | Noticed a dread lich
216201 | Zig:13   | Noticed a dread lich
216201 | Zig:13   | Noticed a dread lich
216201 | Zig:13   | Noticed an ancient lich
216201 | Zig:13   | Noticed a dread lich
216201 | Zig:13   | Noticed an ancient lich
216201 | Zig:13   | Noticed a dread lich
216201 | Zig:13   | Noticed a dread lich
216201 | Zig:13   | Noticed an ancient lich
216201 | Zig:13   | Noticed a dread lich
216201 | Zig:13   | Noticed a dread lich
216201 | Zig:13   | Noticed a dread lich
216201 | Zig:13   | Noticed an ancient lich
216201 | Zig:13   | Noticed an ancient lich
216201 | Zig:13   | Found the ring of the Octopus King
216202 | Zig:13   | Killed an ancient lich
216202 | Zig:13   | Killed an ancient lich
216202 | Zig:13   | Killed a dread lich
216202 | Zig:13   | Killed a dread lich
216202 | Zig:13   | Killed a dread lich
216202 | Zig:13   | Killed a dread lich
216202 | Zig:13   | Killed an ancient lich
216202 | Zig:13   | Killed a dread lich
216202 | Zig:13   | Killed an ancient lich
216202 | Zig:13   | Killed a dread lich
216202 | Zig:13   | Killed a dread lich
216202 | Zig:13   | Killed a dread lich
216202 | Zig:13   | Killed a dread lich
216202 | Zig:13   | Killed a dread lich
216202 | Zig:13   | Killed an ancient lich
216202 | Zig:13   | Killed a dread lich
216202 | Zig:13   | Noticed a dread lich
216203 | Zig:13   | Killed an ancient lich
216203 | Zig:13   | Killed a dread lich
216203 | Zig:13   | Killed an ancient lich
216203 | Zig:13   | Killed an ancient lich
216203 | Zig:13   | Killed an ancient lich
216203 | Zig:13   | Killed a dread lich
216203 | Zig:13   | Noticed a dread lich
216203 | Zig:13   | Noticed a dread lich
216204 | Zig:13   | Noticed a dread lich
216204 | Zig:13   | Noticed an ancient lich
216204 | Zig:13   | Noticed an ancient lich
216204 | Zig:13   | Noticed a dread lich
216204 | Zig:13   | Found the +5 moon troll leather armour {Spirit, Regen++
                  | MP+5}
216205 | Zig:13   | Killed an ancient lich
216205 | Zig:13   | Killed a dread lich
216205 | Zig:13   | Killed a dread lich
216206 | Zig:13   | Killed a dread lich
216206 | Zig:13   | Killed a dread lich
216206 | Zig:13   | Killed an ancient lich
216220 | Zig:14   | Entered Level 14 of a ziggurat
216242 | Zig:14   | Identified the +10 broad axe of Huboven {speed, Dex+4}
216246 | Zig:15   | Entered Level 15 of a ziggurat
216265 | Zig:16   | Entered Level 16 of a ziggurat
216265 | Zig:16   | Noticed a dread lich
216265 | Zig:16   | Noticed a dread lich
216265 | Zig:16   | Noticed an ancient lich
216265 | Zig:16   | Noticed a dread lich
216265 | Zig:16   | Noticed an ancient lich
216265 | Zig:16   | Noticed a dread lich
216265 | Zig:16   | Noticed a dread lich
216265 | Zig:16   | Noticed an ancient lich
216265 | Zig:16   | Noticed an ancient lich
216266 | Zig:16   | Noticed a dread lich
216266 | Zig:16   | Noticed an ancient lich
216266 | Zig:16   | Noticed an ancient lich
216266 | Zig:16   | Noticed a dread lich
216266 | Zig:16   | Noticed an ancient lich
216266 | Zig:16   | Noticed an ancient lich
216266 | Zig:16   | Noticed a dread lich
216266 | Zig:16   | Noticed a dread lich
216266 | Zig:16   | Noticed a dread lich
216266 | Zig:16   | Noticed a dread lich
216266 | Zig:16   | Noticed an ancient lich
216267 | Zig:16   | Killed a dread lich
216267 | Zig:16   | Killed a dread lich
216267 | Zig:16   | Killed an ancient lich
216267 | Zig:16   | Killed an ancient lich
216267 | Zig:16   | Killed an ancient lich
216267 | Zig:16   | Killed a dread lich
216267 | Zig:16   | Killed a dread lich
216267 | Zig:16   | Killed a dread lich
216267 | Zig:16   | Killed a dread lich
216267 | Zig:16   | Killed a dread lich
216267 | Zig:16   | Killed an ancient lich
216267 | Zig:16   | Killed a dread lich
216267 | Zig:16   | Killed a dread lich
216267 | Zig:16   | Killed a dread lich
216267 | Zig:16   | Killed an ancient lich
216267 | Zig:16   | Killed an ancient lich
216267 | Zig:16   | Killed a dread lich
216267 | Zig:16   | Noticed an ancient lich
216268 | Zig:16   | Noticed a dread lich
216268 | Zig:16   | Killed an ancient lich
216269 | Zig:16   | Killed an ancient lich
216269 | Zig:16   | Killed a dread lich
216269 | Zig:16   | Killed an ancient lich
216269 | Zig:16   | Noticed an ancient lich
216269 | Zig:16   | Noticed a dread lich
216270 | Zig:16   | Noticed a dread lich
216270 | Zig:16   | Noticed a dread lich
216270 | Zig:16   | Noticed a dread lich
216270 | Zig:16   | Noticed an ancient lich
216270 | Zig:16   | Noticed a dread lich
216270 | Zig:16   | Noticed a dread lich
216270 | Zig:16   | Noticed an ancient lich
216270 | Zig:16   | Noticed a dread lich
216270 | Zig:16   | Noticed an ancient lich
216270 | Zig:16   | Noticed an ancient lich
216270 | Zig:16   | Noticed an ancient lich
216270 | Zig:16   | Noticed an ancient lich
216270 | Zig:16   | Noticed an ancient lich
216270 | Zig:16   | Noticed a dread lich
216271 | Zig:16   | Noticed a dread lich
216271 | Zig:16   | Killed a dread lich
216271 | Zig:16   | Killed a dread lich
216271 | Zig:16   | Killed a dread lich
216271 | Zig:16   | Killed an ancient lich
216271 | Zig:16   | Killed an ancient lich
216271 | Zig:16   | Killed a dread lich
216271 | Zig:16   | Killed an ancient lich
216271 | Zig:16   | Killed an ancient lich
216271 | Zig:16   | Killed a dread lich
216271 | Zig:16   | Killed an ancient lich
216271 | Zig:16   | Killed an ancient lich
216271 | Zig:16   | Killed an ancient lich
216271 | Zig:16   | Killed a dread lich
216271 | Zig:16   | Killed a dread lich
216271 | Zig:16   | Killed an ancient lich
216271 | Zig:16   | Noticed a dread lich
216273 | Zig:16   | Killed a dread lich
216273 | Zig:16   | Killed a dread lich
216273 | Zig:16   | Killed an ancient lich
216274 | Zig:16   | Killed a dread lich
216281 | Zig:17   | Entered Level 17 of a ziggurat
216298 | Zig:18   | Entered Level 18 of a ziggurat
216319 | Zig:18   | Identified the +8 quick blade of the Median {antimagic,
                  | rPois rC+ Int+3}
216329 | Zig:19   | Entered Level 19 of a ziggurat
216329 | Zig:19   | Noticed a dread lich
216329 | Zig:19   | Noticed a royal mummy
216329 | Zig:19   | Noticed a royal mummy
216329 | Zig:19   | Noticed a royal mummy
216329 | Zig:19   | Noticed a royal mummy
216329 | Zig:19   | Noticed a royal mummy
216330 | Zig:19   | Killed a royal mummy
216330 | Zig:19   | Killed a royal mummy
216330 | Zig:19   | Killed a royal mummy
216330 | Zig:19   | Killed a royal mummy
216330 | Zig:19   | Killed a royal mummy
216330 | Zig:19   | Noticed a royal mummy
216330 | Zig:19   | Noticed a royal mummy
216331 | Zig:19   | Noticed a royal mummy
216331 | Zig:19   | Noticed a royal mummy
216331 | Zig:19   | Noticed a royal mummy
216331 | Zig:19   | Noticed a royal mummy
216331 | Zig:19   | Noticed a royal mummy
216331 | Zig:19   | Noticed a royal mummy
216331 | Zig:19   | Noticed a royal mummy
216331 | Zig:19   | Noticed a royal mummy
216331 | Zig:19   | Noticed a royal mummy
216331 | Zig:19   | Noticed a royal mummy
216331 | Zig:19   | Noticed a royal mummy
216331 | Zig:19   | Noticed a royal mummy
216332 | Zig:19   | Killed a dread lich
216332 | Zig:19   | Killed a royal mummy
216332 | Zig:19   | Killed a royal mummy
216332 | Zig:19   | Killed a royal mummy
216332 | Zig:19   | Killed a royal mummy
216332 | Zig:19   | Killed a royal mummy
216332 | Zig:19   | Killed a royal mummy
216332 | Zig:19   | Killed a royal mummy
216332 | Zig:19   | Killed a royal mummy
216332 | Zig:19   | Killed a royal mummy
216332 | Zig:19   | Killed a royal mummy
216332 | Zig:19   | Killed a royal mummy
216332 | Zig:19   | Killed a royal mummy
216332 | Zig:19   | Killed a royal mummy
216332 | Zig:19   | Killed a royal mummy
216332 | Zig:19   | Killed a royal mummy
216332 | Zig:19   | Noticed a royal mummy
216333 | Zig:19   | Killed a royal mummy
216333 | Zig:19   | Noticed a royal mummy
216333 | Zig:19   | Noticed a royal mummy
216334 | Zig:19   | Killed a royal mummy
216334 | Zig:19   | Noticed a royal mummy
216334 | Zig:19   | Noticed a royal mummy
216334 | Zig:19   | Noticed a royal mummy
216335 | Zig:19   | Killed a royal mummy
216335 | Zig:19   | Killed a royal mummy
216336 | Zig:19   | Killed a royal mummy
216336 | Zig:19   | Killed a royal mummy
216336 | Zig:19   | Killed a royal mummy
216336 | Zig:19   | Noticed a royal mummy
216337 | Zig:19   | Noticed a royal mummy
216338 | Zig:19   | Killed a royal mummy
216339 | Zig:19   | Killed a royal mummy
216339 | Zig:19   | Killed a royal mummy
216339 | Zig:19   | Noticed a royal mummy
216340 | Zig:19   | Killed a royal mummy
216340 | Zig:19   | Noticed a royal mummy
216340 | Zig:19   | Noticed a royal mummy
216342 | Zig:19   | Killed a royal mummy
216342 | Zig:19   | Noticed a royal mummy
216343 | Zig:19   | Killed a royal mummy
216347 | Zig:19   | Noticed a royal mummy
216348 | Zig:19   | Killed a royal mummy
216349 | Zig:19   | Killed a royal mummy
216359 | Zig:19   | Identified the +0 leather armour "Nups" {^Drain rPois rCorr
                  | Dex+2}
216367 | Zig:20   | Entered Level 20 of a ziggurat
216367 | Zig:20   | Noticed a dread lich
216367 | Zig:20   | Noticed a dread lich
216367 | Zig:20   | Noticed a dread lich
216367 | Zig:20   | Noticed an ancient lich
216368 | Zig:20   | Noticed an ancient lich
216368 | Zig:20   | Noticed an ancient lich
216368 | Zig:20   | Noticed a dread lich
216368 | Zig:20   | Noticed an ancient lich
216368 | Zig:20   | Noticed an ancient lich
216368 | Zig:20   | Noticed an ancient lich
216368 | Zig:20   | Noticed a dread lich
216368 | Zig:20   | Noticed an ancient lich
216368 | Zig:20   | Noticed an ancient lich
216368 | Zig:20   | Noticed an ancient lich
216368 | Zig:20   | Noticed a dread lich
216368 | Zig:20   | Noticed an ancient lich
216368 | Zig:20   | Noticed a dread lich
216368 | Zig:20   | Noticed a dread lich
216368 | Zig:20   | Noticed a dread lich
216368 | Zig:20   | Noticed a dread lich
216368 | Zig:20   | Noticed an ancient lich
216369 | Zig:20   | Killed an ancient lich
216369 | Zig:20   | Killed a dread lich
216369 | Zig:20   | Killed an ancient lich
216369 | Zig:20   | Killed an ancient lich
216369 | Zig:20   | Killed an ancient lich
216369 | Zig:20   | Killed an ancient lich
216369 | Zig:20   | Killed a dread lich
216369 | Zig:20   | Killed a dread lich
216369 | Zig:20   | Killed a dread lich
216369 | Zig:20   | Killed an ancient lich
216369 | Zig:20   | Killed a dread lich
216369 | Zig:20   | Killed an ancient lich
216369 | Zig:20   | Killed a dread lich
216369 | Zig:20   | Killed a dread lich
216369 | Zig:20   | Killed a dread lich
216369 | Zig:20   | Killed an ancient lich
216369 | Zig:20   | Killed an ancient lich
216369 | Zig:20   | Noticed an ancient lich
216369 | Zig:20   | Noticed an ancient lich
216369 | Zig:20   | Noticed a dread lich
216369 | Zig:20   | Noticed an ancient lich
216370 | Zig:20   | Killed a dread lich
216370 | Zig:20   | Killed a dread lich
216370 | Zig:20   | Killed a dread lich
216370 | Zig:20   | Killed an ancient lich
216370 | Zig:20   | Killed an ancient lich
216370 | Zig:20   | Killed an ancient lich
216370 | Zig:20   | Killed an ancient lich
216370 | Zig:20   | Killed an ancient lich
216370 | Zig:20   | Noticed a dread lich
216370 | Zig:20   | Noticed a dread lich
216371 | Zig:20   | Noticed an ancient lich
216372 | Zig:20   | Noticed an ancient lich
216372 | Zig:20   | Noticed a dread lich
216372 | Zig:20   | Noticed a dread lich
216372 | Zig:20   | Noticed an ancient lich
216372 | Zig:20   | Noticed a dread lich
216372 | Zig:20   | Noticed an ancient lich
216372 | Zig:20   | Noticed an ancient lich
216372 | Zig:20   | Noticed a dread lich
216372 | Zig:20   | Noticed a dread lich
216372 | Zig:20   | Noticed an ancient lich
216372 | Zig:20   | Noticed an ancient lich
216372 | Zig:20   | Noticed an ancient lich
216372 | Zig:20   | Noticed a dread lich
216372 | Zig:20   | Noticed a dread lich
216372 | Zig:20   | Noticed a dread lich
216372 | Zig:20   | Noticed a dread lich
216372 | Zig:20   | Noticed a dread lich
216372 | Zig:20   | Noticed an ancient lich
216372 | Zig:20   | Noticed a dread lich
216372 | Zig:20   | Noticed a dread lich
216373 | Zig:20   | Noticed a dread lich
216373 | Zig:20   | Killed a dread lich
216373 | Zig:20   | Killed a dread lich
216373 | Zig:20   | Killed a dread lich
216373 | Zig:20   | Killed a dread lich
216373 | Zig:20   | Killed a dread lich
216373 | Zig:20   | Killed a dread lich
216373 | Zig:20   | Killed a dread lich
216373 | Zig:20   | Killed a dread lich
216373 | Zig:20   | Killed a dread lich
216373 | Zig:20   | Killed an ancient lich
216373 | Zig:20   | Killed an ancient lich
216373 | Zig:20   | Killed an ancient lich
216373 | Zig:20   | Killed a dread lich
216373 | Zig:20   | Killed a dread lich
216373 | Zig:20   | Killed an ancient lich
216374 | Zig:20   | Killed a dread lich
216374 | Zig:20   | Killed an ancient lich
216374 | Zig:20   | Killed an ancient lich
216374 | Zig:20   | Killed an ancient lich
216374 | Zig:20   | Killed an ancient lich
216374 | Zig:20   | Killed a dread lich
216374 | Zig:20   | Killed a dread lich
216374 | Zig:20   | Killed an ancient lich
216374 | Zig:20   | Killed a dread lich
216375 | Zig:20   | Noticed an ancient lich
216376 | Zig:20   | Noticed a dread lich
216376 | Zig:20   | Noticed a dread lich
216376 | Zig:20   | Noticed a dread lich
216377 | Zig:20   | Killed a dread lich
216377 | Zig:20   | Killed a dread lich
216378 | Zig:20   | Killed a dread lich
216379 | Zig:20   | Killed an ancient lich
216398 | Zig:21   | Entered Level 21 of a ziggurat
216398 | Zig:21   | Noticed a juggernaut
216398 | Zig:21   | Noticed a juggernaut
216398 | Zig:21   | Noticed a juggernaut
216398 | Zig:21   | Noticed a juggernaut
216398 | Zig:21   | Noticed a juggernaut
216398 | Zig:21   | Noticed a juggernaut
216399 | Zig:21   | Killed a juggernaut
216399 | Zig:21   | Killed a juggernaut
216399 | Zig:21   | Killed a juggernaut
216399 | Zig:21   | Killed a juggernaut
216399 | Zig:21   | Killed a juggernaut
216399 | Zig:21   | Killed a juggernaut
216399 | Zig:21   | Noticed a juggernaut
216402 | Zig:21   | Killed a juggernaut
216402 | Zig:21   | Noticed a juggernaut
216403 | Zig:21   | Noticed a juggernaut
216405 | Zig:21   | Noticed a juggernaut
216405 | Zig:21   | Noticed a juggernaut
216405 | Zig:21   | Noticed a juggernaut
216405 | Zig:21   | Noticed a juggernaut
216405 | Zig:21   | Noticed a juggernaut
216405 | Zig:21   | Noticed a juggernaut
216405 | Zig:21   | Noticed a juggernaut
216406 | Zig:21   | Killed a juggernaut
216406 | Zig:21   | Killed a juggernaut
216406 | Zig:21   | Killed a juggernaut
216406 | Zig:21   | Killed a juggernaut
216406 | Zig:21   | Killed a juggernaut
216406 | Zig:21   | Killed a juggernaut
216406 | Zig:21   | Killed a juggernaut
216406 | Zig:21   | Noticed a juggernaut
216406 | Zig:21   | Noticed a juggernaut
216407 | Zig:21   | Noticed a juggernaut
216407 | Zig:21   | Noticed a juggernaut
216407 | Zig:21   | Noticed a juggernaut
216408 | Zig:21   | Killed a juggernaut
216408 | Zig:21   | Killed a juggernaut
216408 | Zig:21   | Killed a juggernaut
216408 | Zig:21   | Killed a juggernaut
216408 | Zig:21   | Killed a juggernaut
216409 | Zig:21   | Killed a juggernaut
216409 | Zig:21   | Killed a juggernaut
216410 | Zig:21   | Noticed a juggernaut
216411 | Zig:21   | Noticed a juggernaut
216412 | Zig:21   | Killed a juggernaut
216412 | Zig:21   | Killed a juggernaut
216419 | Zig:21   | Found the ring of the Octopus King
216440 | Zig:22   | Entered Level 22 of a ziggurat
216465 | Zig:22   | Identified the +2 orcbow "Nomueladd" {flame, rF+ Dex+2}
216473 | Zig:23   | Entered Level 23 of a ziggurat
216489 | Zig:24   | Entered Level 24 of a ziggurat
216512 | Zig:24   | Identified the ring "Jihung" {rF+ rN+ rCorr Int-4}
216518 | Zig:25   | Entered Level 25 of a ziggurat
216521 | Zig:25   | Noticed a dread lich
216529 | Zig:25   | Noticed an ancient lich
216547 | Zig:25   | Killed a dread lich
216557 | Zig:25   | Killed an ancient lich
216560 | Zig:25   | Noticed an ancient lich
216578 | Zig:25   | Killed an ancient lich
216609 | Zig:25   | Identified the ring of Conformity {Str+6 Dex-5 Slay+4}
216623 | Zig:25   | Identified the staff "Riurr" {rPois MP+9 Conj Air}
216629 | Zig:25   | Identified the ring "Mixzooz" {+Blink rN+ Will+ Dex+6
                  | Slay-2}
216632 | Zig:26   | Entered Level 26 of a ziggurat
216649 | Zig:26   | Identified the +1 helmet of Snakes and Ladders {rElec rF+
                  | Int+3}
216656 | Zig:27   | Entered Level 27 of a ziggurat
216672 | Zig:27   | Identified the +2 orcbow of Gunoatuty {drain, rF+ Dex+2
                  | SInv}
216719 | Zig:27   | Identified the ring of Itzes {rPois rF+ Will+}
216747 | Zig:1    | Entered Level 1 of a ziggurat
216758 | Zig:2    | Entered Level 2 of a ziggurat
216776 | Zig:3    | Entered Level 3 of a ziggurat
216788 | Zig:4    | Entered Level 4 of a ziggurat
216788 | Zig:4    | Noticed a dread lich
216788 | Zig:4    | Noticed a dread lich
216788 | Zig:4    | Noticed an ancient lich
216788 | Zig:4    | Noticed a dread lich
216788 | Zig:4    | Noticed a dread lich
216788 | Zig:4    | Noticed a dread lich
216789 | Zig:4    | Noticed an ancient lich
216789 | Zig:4    | Noticed an ancient lich
216789 | Zig:4    | Noticed a dread lich
216789 | Zig:4    | Noticed a dread lich
216790 | Zig:4    | Killed an ancient lich
216790 | Zig:4    | Killed a dread lich
216790 | Zig:4    | Killed an ancient lich
216790 | Zig:4    | Killed a dread lich
216790 | Zig:4    | Killed a dread lich
216790 | Zig:4    | Killed a dread lich
216790 | Zig:4    | Killed a dread lich
216791 | Zig:4    | Killed a dread lich
216791 | Zig:4    | Killed a dread lich
216791 | Zig:4    | Killed an ancient lich
216814 | Zig:5    | Entered Level 5 of a ziggurat
216837 | Zig:6    | Entered Level 6 of a ziggurat
216848 | Zig:6    | Identified the staff of Responsibility {rElec rPois Dex+2
                  | Earth}
216856 | Zig:7    | Entered Level 7 of a ziggurat
216876 | Zig:8    | Entered Level 8 of a ziggurat
216884 | Zig:8    | Identified the amulet of Incredulity {Spirit rC++ rN+ Str-4
                  | SInv}
216886 | Zig:8    | Identified the +5 battleaxe of the Extremes {freeze, Int+3}
216897 | Zig:9    | Entered Level 9 of a ziggurat
216912 | Zig:10   | Entered Level 10 of a ziggurat
216929 | Zig:10   | Found the +4 robe of Augmentation {Str+4 Int+4 Dex+4}
216944 | Zig:11   | Entered Level 11 of a ziggurat
216958 | Zig:12   | Entered Level 12 of a ziggurat
216958 | Zig:12   | Noticed a dread lich
216958 | Zig:12   | Noticed an ancient lich
216958 | Zig:12   | Noticed an ancient lich
216958 | Zig:12   | Noticed an ancient lich
216958 | Zig:12   | Noticed an ancient lich
216958 | Zig:12   | Noticed an ancient lich
216958 | Zig:12   | Noticed an ancient lich
216959 | Zig:12   | Noticed a dread lich
216959 | Zig:12   | Noticed a dread lich
216959 | Zig:12   | Noticed a dread lich
216959 | Zig:12   | Noticed a dread lich
216959 | Zig:12   | Noticed a dread lich
216959 | Zig:12   | Noticed a dread lich
216961 | Zig:12   | Killed a dread lich
216961 | Zig:12   | Killed a dread lich
216961 | Zig:12   | Killed a dread lich
216961 | Zig:12   | Killed a dread lich
216961 | Zig:12   | Killed an ancient lich
216961 | Zig:12   | Killed a dread lich
216961 | Zig:12   | Killed an ancient lich
216961 | Zig:12   | Killed an ancient lich
216961 | Zig:12   | Noticed a dread lich
216962 | Zig:12   | Killed an ancient lich
216962 | Zig:12   | Killed an ancient lich
216962 | Zig:12   | Killed an ancient lich
216962 | Zig:12   | Killed a dread lich
216962 | Zig:12   | Killed a dread lich
216962 | Zig:12   | Killed a dread lich
216962 | Zig:12   | Noticed a dread lich
216962 | Zig:12   | Noticed a dread lich
216962 | Zig:12   | Noticed an ancient lich
216962 | Zig:12   | Noticed an ancient lich
216963 | Zig:12   | Noticed a dread lich
216963 | Zig:12   | Noticed a dread lich
216963 | Zig:12   | Noticed a dread lich
216963 | Zig:12   | Noticed a dread lich
216963 | Zig:12   | Noticed an ancient lich
216963 | Zig:12   | Noticed a dread lich
216963 | Zig:12   | Noticed an ancient lich
216963 | Zig:12   | Noticed an ancient lich
216963 | Zig:12   | Noticed a dread lich
216963 | Zig:12   | Found the +2 cloak of the Thief {*Fog Slay-2 SInv Stlth+}
216964 | Zig:12   | Killed a dread lich
216964 | Zig:12   | Killed a dread lich
216964 | Zig:12   | Killed a dread lich
216964 | Zig:12   | Killed a dread lich
216964 | Zig:12   | Killed an ancient lich
216964 | Zig:12   | Killed an ancient lich
216964 | Zig:12   | Killed a dread lich
216965 | Zig:12   | Killed an ancient lich
216965 | Zig:12   | Killed an ancient lich
216965 | Zig:12   | Killed a dread lich
216965 | Zig:12   | Killed a dread lich
216965 | Zig:12   | Killed a dread lich
216967 | Zig:12   | Killed an ancient lich
216974 | Zig:13   | Entered Level 13 of a ziggurat
216974 | Zig:13   | Noticed an ancient lich
216974 | Zig:13   | Noticed an ancient lich
216974 | Zig:13   | Noticed a dread lich
216974 | Zig:13   | Noticed a dread lich
216974 | Zig:13   | Noticed an ancient lich
216974 | Zig:13   | Noticed an ancient lich
216974 | Zig:13   | Noticed an ancient lich
216974 | Zig:13   | Noticed an ancient lich
216975 | Zig:13   | Killed an ancient lich
216975 | Zig:13   | Killed an ancient lich
216975 | Zig:13   | Killed a dread lich
216975 | Zig:13   | Killed a dread lich
216975 | Zig:13   | Killed an ancient lich
216975 | Zig:13   | Killed an ancient lich
216976 | Zig:13   | Killed an ancient lich
216976 | Zig:13   | Killed an ancient lich
216976 | Zig:13   | Noticed a dread lich
216976 | Zig:13   | Noticed an ancient lich
216977 | Zig:13   | Noticed an ancient lich
216977 | Zig:13   | Noticed a dread lich
216977 | Zig:13   | Noticed an ancient lich
216977 | Zig:13   | Noticed an ancient lich
216977 | Zig:13   | Noticed a dread lich
216977 | Zig:13   | Noticed an ancient lich
216977 | Zig:13   | Noticed a dread lich
216977 | Zig:13   | Noticed a dread lich
216977 | Zig:13   | Noticed an ancient lich
216977 | Zig:13   | Noticed an ancient lich
216977 | Zig:13   | Noticed an ancient lich
216977 | Zig:13   | Noticed an ancient lich
216977 | Zig:13   | Noticed a dread lich
216977 | Zig:13   | Noticed a dread lich
216977 | Zig:13   | Noticed a dread lich
216977 | Zig:13   | Noticed a dread lich
216977 | Zig:13   | Noticed a dread lich
216977 | Zig:13   | Noticed an ancient lich
216977 | Zig:13   | Killed an ancient lich
216978 | Zig:13   | Killed a dread lich
216978 | Zig:13   | Killed an ancient lich
216978 | Zig:13   | Killed an ancient lich
216978 | Zig:13   | Killed an ancient lich
216978 | Zig:13   | Killed a dread lich
216978 | Zig:13   | Killed an ancient lich
216978 | Zig:13   | Killed a dread lich
216978 | Zig:13   | Killed an ancient lich
216978 | Zig:13   | Killed a dread lich
216978 | Zig:13   | Killed a dread lich
216978 | Zig:13   | Killed an ancient lich
216978 | Zig:13   | Killed a dread lich
216979 | Zig:13   | Killed a dread lich
216979 | Zig:13   | Killed a dread lich
216979 | Zig:13   | Killed a dread lich
216979 | Zig:13   | Killed an ancient lich
216979 | Zig:13   | Killed an ancient lich
216979 | Zig:13   | Killed a dread lich
216979 | Zig:13   | Killed an ancient lich
216981 | Zig:13   | Noticed an ancient lich
216981 | Zig:13   | Noticed a dread lich
216982 | Zig:13   | Killed a dread lich
216982 | Zig:13   | Killed an ancient lich
216994 | Zig:13   | Identified the +2 robe of the Merwolf {rCorr Str+7 Int-4
                  | Archmagi}
216997 | Zig:14   | Entered Level 14 of a ziggurat
217004 | Zig:14   | Paralysed by an air elemental for 1 turns
217014 | Zig:14   | Identified the +1 glaive of Lies {pain, Dex+4}
217020 | Zig:14   | Identified the +0 scale mail "Roirghamn" {Dex+4 SInv
                  | Stlth+}
217022 | Zig:14   | Identified the +5 triple sword of the Extremes {holy,
                  | +Blink rN+ Will- rCorr}
217029 | Zig:15   | Entered Level 15 of a ziggurat
217047 | Zig:16   | Entered Level 16 of a ziggurat
217060 | Zig:16   | Noticed Simoa the pandemonium lord
217062 | Zig:16   | Killed Simoa the pandemonium lord
217074 | Zig:16   | Identified the ring of the Duke {Wiz Will+ SInv}
217077 | Zig:17   | Entered Level 17 of a ziggurat
217077 | Zig:17   | Identified the +1 buckler "Put-Me-On" {rC++ Will- Int+6}
217077 | Zig:17   | Noticed a seraph
217077 | Zig:17   | Noticed a seraph
217077 | Zig:17   | Noticed a seraph
217077 | Zig:17   | Noticed a seraph
217078 | Zig:17   | Killed a seraph
217080 | Zig:17   | Killed a seraph
217081 | Zig:17   | Killed a seraph
217084 | Zig:17   | Killed a seraph
217086 | Zig:17   | Noticed a seraph
217086 | Zig:17   | Noticed a seraph
217086 | Zig:17   | Identified the +6 tower shield "Miraik" {rC- Regen+ Str+3
                  | Stlth+}
217086 | Zig:17   | Noticed a seraph
217088 | Zig:17   | Noticed a seraph
217088 | Zig:17   | Killed a seraph
217089 | Zig:17   | Killed a seraph
217091 | Zig:17   | Killed a seraph
217092 | Zig:17   | Killed a seraph
217120 | Zig:18   | Entered Level 18 of a ziggurat
217144 | Zig:19   | Entered Level 19 of a ziggurat
217163 | Zig:20   | Entered Level 20 of a ziggurat
217187 | Zig:21   | Entered Level 21 of a ziggurat
217193 | Zig:21   | Noticed a dread lich
217194 | Zig:21   | Killed a dread lich
217213 | Zig:22   | Entered Level 22 of a ziggurat
217213 | Zig:22   | Noticed Laoggix the pandemonium lord
217213 | Zig:22   | Noticed Qyon the pandemonium lord
217213 | Zig:22   | Noticed Ziweug the pandemonium lord
217213 | Zig:22   | Noticed Popuk the pandemonium lord
217213 | Zig:22   | Noticed Viesel Tyot the pandemonium lord
217213 | Zig:22   | Noticed Yhoitipu the pandemonium lord
217213 | Zig:22   | Noticed Batobuer the pandemonium lord
217213 | Zig:22   | Noticed Math the pandemonium lord
217213 | Zig:22   | Noticed Heicvaoq the pandemonium lord
217214 | Zig:22   | Noticed Hirchat the pandemonium lord
217214 | Zig:22   | Noticed Jecvi the pandemonium lord
217214 | Zig:22   | Noticed Olas the pandemonium lord
217214 | Zig:22   | Noticed Zeob the pandemonium lord
217214 | Zig:22   | Noticed Heqeel the pandemonium lord
217214 | Zig:22   | Noticed Achunomm the pandemonium lord
217214 | Zig:22   | Noticed Xaosmadu the pandemonium lord
217214 | Zig:22   | Noticed Wiuppeteo the pandemonium lord
217214 | Zig:22   | Noticed Datiraog the pandemonium lord
217214 | Zig:22   | Noticed Pecudyis the pandemonium lord
217214 | Zig:22   | Noticed Coeplucw the pandemonium lord
217214 | Zig:22   | Noticed Feolloaps the pandemonium lord
217214 | Zig:22   | Noticed Ubirchini the pandemonium lord
217214 | Zig:22   | Noticed Olozxov the pandemonium lord
217214 | Zig:22   | Noticed Luaschets the pandemonium lord
217214 | Zig:22   | Noticed Elaliaf the pandemonium lord
217214 | Zig:22   | Noticed Ulups the pandemonium lord
217214 | Zig:22   | Noticed Areih the pandemonium lord
217214 | Zig:22   | Noticed Wubeati the pandemonium lord
217214 | Zig:22   | Noticed Joumeysy the pandemonium lord
217214 | Zig:22   | Noticed Mahef the pandemonium lord
217214 | Zig:22   | Noticed Eryet the pandemonium lord
217214 | Zig:22   | Noticed Uloul the pandemonium lord
217214 | Zig:22   | Noticed Eneskor the pandemonium lord
217214 | Zig:22   | Noticed Uqeolio the pandemonium lord
217214 | Zig:22   | Noticed Gada the pandemonium lord
217214 | Zig:22   | Noticed Geasua the pandemonium lord
217214 | Zig:22   | Noticed Foss the pandemonium lord
217214 | Zig:22   | Noticed Giruf the pandemonium lord
217214 | Zig:22   | Noticed Luxutuv the pandemonium lord
217214 | Zig:22   | Noticed Gutycsep the pandemonium lord
217214 | Zig:22   | Noticed Zesawa the pandemonium lord
217215 | Zig:22   | Killed Jecvi the pandemonium lord
217215 | Zig:22   | Killed Eryet the pandemonium lord
217215 | Zig:22   | Killed Ulups the pandemonium lord
217215 | Zig:22   | Killed Eneskor the pandemonium lord
217215 | Zig:22   | Killed Ziweug the pandemonium lord
217215 | Zig:22   | Killed Batobuer the pandemonium lord
217215 | Zig:22   | Killed Heicvaoq the pandemonium lord
217215 | Zig:22   | Killed Zesawa the pandemonium lord
217215 | Zig:22   | Killed Qyon the pandemonium lord
217215 | Zig:22   | Noticed Pefiaxt the pandemonium lord
217215 | Zig:22   | Noticed Luifu the pandemonium lord
217215 | Zig:22   | Killed Achunomm the pandemonium lord
217216 | Zig:22   | Noticed Xacei the pandemonium lord
217216 | Zig:22   | Killed Laoggix the pandemonium lord
217216 | Zig:22   | Killed Math the pandemonium lord
217216 | Zig:22   | Killed Luxutuv the pandemonium lord
217216 | Zig:22   | Killed Uqeolio the pandemonium lord
217216 | Zig:22   | Killed Geasua the pandemonium lord
217216 | Zig:22   | Killed Coeplucw the pandemonium lord
217216 | Zig:22   | Killed Joumeysy the pandemonium lord
217216 | Zig:22   | Killed Giruf the pandemonium lord
217216 | Zig:22   | Noticed Fehoxen the pandemonium lord
217216 | Zig:22   | Noticed Qeoff the pandemonium lord
217216 | Zig:22   | Noticed Usiohut the pandemonium lord
217216 | Zig:22   | Noticed Baynlu the pandemonium lord
217216 | Zig:22   | Noticed Xixtos the pandemonium lord
217216 | Zig:22   | Noticed Zooliuw the pandemonium lord
217217 | Zig:22   | Killed Popuk the pandemonium lord
217217 | Zig:22   | Killed Gutycsep the pandemonium lord
217217 | Zig:22   | Killed Gada the pandemonium lord
217217 | Zig:22   | Killed Uloul the pandemonium lord
217217 | Zig:22   | Killed Olas the pandemonium lord
217217 | Zig:22   | Killed Xaosmadu the pandemonium lord
217217 | Zig:22   | Killed Elaliaf the pandemonium lord
217217 | Zig:22   | Killed Hirchat the pandemonium lord
217217 | Zig:22   | Killed Mahef the pandemonium lord
217217 | Zig:22   | Killed Zooliuw the pandemonium lord
217217 | Zig:22   | Killed Pefiaxt the pandemonium lord
217217 | Zig:22   | Killed Feolloaps the pandemonium lord
217217 | Zig:22   | Noticed Bilu the pandemonium lord
217217 | Zig:22   | Noticed Deqew the pandemonium lord
217217 | Zig:22   | Noticed Atug the pandemonium lord
217218 | Zig:22   | Killed Wubeati the pandemonium lord
217218 | Zig:22   | Killed Pecudyis the pandemonium lord
217218 | Zig:22   | Killed Datiraog the pandemonium lord
217218 | Zig:22   | Killed Olozxov the pandemonium lord
217218 | Zig:22   | Killed Fehoxen the pandemonium lord
217218 | Zig:22   | Killed Deqew the pandemonium lord
217218 | Zig:22   | Noticed Mirher the pandemonium lord
217218 | Zig:22   | Noticed Micoih the pandemonium lord
217218 | Zig:22   | Noticed Cirrataosm the pandemonium lord
217219 | Zig:22   | Noticed Filigg the pandemonium lord
217219 | Zig:22   | Noticed Meicoxt the pandemonium lord
217219 | Zig:22   | Noticed Reucue the pandemonium lord
217219 | Zig:22   | Noticed Seirgh the pandemonium lord
217219 | Zig:22   | Noticed Pedid the pandemonium lord
217219 | Zig:22   | Noticed Sibuu the pandemonium lord
217219 | Zig:22   | Noticed Rohyr the pandemonium lord
217219 | Zig:22   | Noticed Jomeh the pandemonium lord
217219 | Zig:22   | Noticed Qiwkusmiu the pandemonium lord
217219 | Zig:22   | Noticed Rexinne the pandemonium lord
217219 | Zig:22   | Noticed Duthi the pandemonium lord
217219 | Zig:22   | Noticed Xexocrog the pandemonium lord
217219 | Zig:22   | Noticed Kegeset the pandemonium lord
217219 | Zig:22   | Noticed Nulesekk the pandemonium lord
217219 | Zig:22   | Noticed Ynkew the pandemonium lord
217219 | Zig:22   | Noticed Buoxih the pandemonium lord
217219 | Zig:22   | Noticed Xadoas the pandemonium lord
217219 | Zig:22   | Noticed Baukat the pandemonium lord
217219 | Zig:22   | Noticed Oceuhoko the pandemonium lord
217219 | Zig:22   | Noticed Wuosm the pandemonium lord
217219 | Zig:22   | Noticed Fameck the pandemonium lord
217219 | Zig:22   | Noticed Coqigruo the pandemonium lord
217219 | Zig:22   | Noticed Plog the pandemonium lord
217219 | Zig:22   | Noticed Lesoptoa the pandemonium lord
217219 | Zig:22   | Noticed Hob Kit the pandemonium lord
217219 | Zig:22   | Noticed Papurub the pandemonium lord
217219 | Zig:22   | Noticed Reumufof the pandemonium lord
217219 | Zig:22   | Noticed Wam Loapt the pandemonium lord
217219 | Zig:22   | Noticed Meujis Piaf the pandemonium lord
217219 | Zig:22   | Noticed Poadubul the pandemonium lord
217219 | Zig:22   | Noticed Awuipp the pandemonium lord
217219 | Zig:22   | Noticed Pesiffao the pandemonium lord
217219 | Zig:22   | Noticed Ciruc the pandemonium lord
217219 | Zig:22   | Noticed Okhliph the pandemonium lord
217219 | Zig:22   | Killed Xixtos the pandemonium lord
217219 | Zig:22   | Killed Qeoff the pandemonium lord
217219 | Zig:22   | Killed Heqeel the pandemonium lord
217220 | Zig:22   | Noticed Lapiv the pandemonium lord
217220 | Zig:22   | Noticed Wyecw the pandemonium lord
217220 | Zig:22   | Noticed Mauwol the pandemonium lord
217220 | Zig:22   | Killed Pesiffao the pandemonium lord
217220 | Zig:22   | Killed Micoih the pandemonium lord
217220 | Zig:22   | Killed Wyecw the pandemonium lord
217220 | Zig:22   | Killed Cotsob the pandemonium lord
217220 | Zig:22   | Killed Coqigruo the pandemonium lord
217220 | Zig:22   | Killed Baukat the pandemonium lord
217220 | Zig:22   | Killed Reucue the pandemonium lord
217220 | Zig:22   | Killed Awuipp the pandemonium lord
217220 | Zig:22   | Killed Meujis Piaf the pandemonium lord
217220 | Zig:22   | Killed Nulesekk the pandemonium lord
217220 | Zig:22   | Killed Papurub the pandemonium lord
217220 | Zig:22   | Killed Xadoas the pandemonium lord
217220 | Zig:22   | Killed Buxeih the pandemonium lord
217220 | Zig:22   | Killed Ciruc the pandemonium lord
217220 | Zig:22   | Killed Luifu the pandemonium lord
217220 | Zig:22   | Killed Reumufof the pandemonium lord
217220 | Zig:22   | Killed Usiohut the pandemonium lord
217220 | Zig:22   | Killed Fameck the pandemonium lord
217220 | Zig:22   | Killed Ynkew the pandemonium lord
217220 | Zig:22   | Killed Xacei the pandemonium lord
217220 | Zig:22   | Killed Ubirchini the pandemonium lord
217220 | Zig:22   | Killed Mirher the pandemonium lord
217220 | Zig:22   | Killed Baynlu the pandemonium lord
217220 | Zig:22   | Noticed Udorch the pandemonium lord
217221 | Zig:22   | Noticed Rezal the pandemonium lord
217221 | Zig:22   | Killed Hob Kit the pandemonium lord
217221 | Zig:22   | Killed Bilu the pandemonium lord
217221 | Zig:22   | Killed Atug the pandemonium lord
217221 | Zig:22   | Killed Okhliph the pandemonium lord
217221 | Zig:22   | Killed Pedid the pandemonium lord
217221 | Zig:22   | Killed Duthi the pandemonium lord
217221 | Zig:22   | Killed Seirgh the pandemonium lord
217221 | Zig:22   | Killed Zeob the pandemonium lord
217221 | Zig:22   | Killed Xexocrog the pandemonium lord
217221 | Zig:22   | Noticed Huatume the pandemonium lord
217221 | Zig:22   | Killed Rohyr the pandemonium lord
217221 | Zig:22   | Noticed Xiug the pandemonium lord
217222 | Zig:22   | Killed Rezal the pandemonium lord
217222 | Zig:22   | Killed Wam Loapt the pandemonium lord
217222 | Zig:22   | Killed Sibuu the pandemonium lord
217222 | Zig:22   | Killed Qiwkusmiu the pandemonium lord
217222 | Zig:22   | Killed Lapiv the pandemonium lord
217222 | Zig:22   | Killed Rexinne the pandemonium lord
217222 | Zig:22   | Killed Cirrataosm the pandemonium lord
217222 | Zig:22   | Noticed Awuilaod the pandemonium lord
217222 | Zig:22   | Banished Xezo the pandemonium lord
217222 | Zig:22   | Killed Lesoptoa the pandemonium lord
217222 | Zig:22   | Noticed Itiwk the pandemonium lord
217222 | Zig:22   | Noticed Kueseitu the pandemonium lord
217223 | Zig:22   | Noticed Wimuzekoch the pandemonium lord
217223 | Zig:22   | Noticed Paaniy the pandemonium lord
217223 | Zig:22   | Noticed Xecu the pandemonium lord
217223 | Zig:22   | Noticed Dyatuas the pandemonium lord
217223 | Zig:22   | Noticed Owimun the pandemonium lord
217223 | Zig:22   | Noticed Seaddad the pandemonium lord
217224 | Zig:22   | Killed Jomeh the pandemonium lord
217224 | Zig:22   | Killed Awuilaod the pandemonium lord
217224 | Zig:22   | Killed Udorch the pandemonium lord
217224 | Zig:22   | Killed Buoxih the pandemonium lord
217224 | Zig:22   | Killed Plog the pandemonium lord
217224 | Zig:22   | Killed Wiuppeteo the pandemonium lord
217224 | Zig:22   | Killed Paaniy the pandemonium lord
217224 | Zig:22   | Killed Meicoxt the pandemonium lord
217224 | Zig:22   | Killed Yhoitipu the pandemonium lord
217224 | Zig:22   | Killed Kegeset the pandemonium lord
217224 | Zig:22   | Noticed Regustea the pandemonium lord
217224 | Zig:22   | Killed Wimuzekoch the pandemonium lord
217224 | Zig:22   | Noticed Ysaogrucli the pandemonium lord
217224 | Zig:22   | Killed Poadubul the pandemonium lord
217224 | Zig:22   | Killed Areih the pandemonium lord
217225 | Zig:22   | Killed Wuosm the pandemonium lord
217225 | Zig:22   | Killed Filigg the pandemonium lord
217225 | Zig:22   | Killed Xecu the pandemonium lord
217225 | Zig:22   | Killed Mauwol the pandemonium lord
217225 | Zig:22   | Killed Kueseitu the pandemonium lord
217225 | Zig:22   | Noticed Etrubb the pandemonium lord
217226 | Zig:22   | Killed Oceuhoko the pandemonium lord
217226 | Zig:22   | Killed Dyatuas the pandemonium lord
217227 | Zig:22   | Killed Foss the pandemonium lord
217228 | Zig:22   | Noticed Hutolet the pandemonium lord
217228 | Zig:22   | Noticed Qoeqez the pandemonium lord
217228 | Zig:22   | Noticed Dosune the pandemonium lord
217228 | Zig:22   | Noticed Ytalic the pandemonium lord
217228 | Zig:22   | Found the +2 shield of Resistance {rF++ rC++ Will++}
217228 | Zig:22   | Killed Huatume the pandemonium lord
217229 | Zig:22   | Killed Xiug the pandemonium lord
217229 | Zig:22   | Killed Regustea the pandemonium lord
217229 | Zig:22   | Killed Ysaogrucli the pandemonium lord
217229 | Zig:22   | Killed Viesel Tyot the pandemonium lord
217231 | Zig:22   | Killed Ytalic the pandemonium lord
217231 | Zig:22   | Killed Dosune the pandemonium lord
217231 | Zig:22   | Killed Etrubb the pandemonium lord
217231 | Zig:22   | Killed Qoeqez the pandemonium lord
217232 | Zig:22   | Killed Hutolet the pandemonium lord
217232 | Zig:22   | Killed Owimun the pandemonium lord
217232 | Zig:22   | Killed Seaddad the pandemonium lord
217232 | Zig:22   | Killed Itiwk the pandemonium lord
217236 | Zig:22   | Killed Luaschets the pandemonium lord
217249 | Zig:23   | Entered Level 23 of a ziggurat
217249 | Zig:23   | Noticed a dread lich
217249 | Zig:23   | Noticed a dread lich
217249 | Zig:23   | Noticed an ancient lich
217249 | Zig:23   | Noticed an ancient lich
217249 | Zig:23   | Noticed an ancient lich
217249 | Zig:23   | Noticed an ancient lich
217250 | Zig:23   | Noticed a dread lich
217250 | Zig:23   | Noticed a dread lich
217250 | Zig:23   | Noticed an ancient lich
217250 | Zig:23   | Noticed a dread lich
217250 | Zig:23   | Noticed an ancient lich
217250 | Zig:23   | Noticed an ancient lich
217250 | Zig:23   | Noticed a dread lich
217250 | Zig:23   | Noticed a dread lich
217250 | Zig:23   | Noticed an ancient lich
217250 | Zig:23   | Noticed an ancient lich
217251 | Zig:23   | Killed a dread lich
217251 | Zig:23   | Killed an ancient lich
217251 | Zig:23   | Killed a dread lich
217251 | Zig:23   | Killed a dread lich
217251 | Zig:23   | Killed an ancient lich
217251 | Zig:23   | Killed a dread lich
217251 | Zig:23   | Killed an ancient lich
217251 | Zig:23   | Killed an ancient lich
217251 | Zig:23   | Killed an ancient lich
217251 | Zig:23   | Killed a dread lich
217251 | Zig:23   | Killed an ancient lich
217251 | Zig:23   | Killed an ancient lich
217251 | Zig:23   | Killed a dread lich
217251 | Zig:23   | Killed a dread lich
217251 | Zig:23   | Noticed an ancient lich
217251 | Zig:23   | Noticed an ancient lich
217252 | Zig:23   | Noticed a dread lich
217252 | Zig:23   | Noticed an ancient lich
217252 | Zig:23   | Noticed an ancient lich
217252 | Zig:23   | Noticed an ancient lich
217252 | Zig:23   | Noticed a dread lich
217253 | Zig:23   | Noticed a dread lich
217253 | Zig:23   | Noticed an ancient lich
217253 | Zig:23   | Noticed a dread lich
217253 | Zig:23   | Noticed an ancient lich
217253 | Zig:23   | Noticed a dread lich
217253 | Zig:23   | Noticed a dread lich
217253 | Zig:23   | Noticed a dread lich
217253 | Zig:23   | Noticed an ancient lich
217253 | Zig:23   | Noticed an ancient lich
217253 | Zig:23   | Noticed an ancient lich
217253 | Zig:23   | Noticed a dread lich
217253 | Zig:23   | Noticed an ancient lich
217253 | Zig:23   | Noticed an ancient lich
217253 | Zig:23   | Noticed an ancient lich
217253 | Zig:23   | Noticed a dread lich
217253 | Zig:23   | Noticed an ancient lich
217253 | Zig:23   | Noticed an ancient lich
217253 | Zig:23   | Noticed an ancient lich
217253 | Zig:23   | Noticed a dread lich
217254 | Zig:23   | Killed a dread lich
217254 | Zig:23   | Killed an ancient lich
217254 | Zig:23   | Killed a dread lich
217254 | Zig:23   | Killed an ancient lich
217254 | Zig:23   | Killed a dread lich
217254 | Zig:23   | Killed a dread lich
217254 | Zig:23   | Killed an ancient lich
217254 | Zig:23   | Killed an ancient lich
217254 | Zig:23   | Killed an ancient lich
217254 | Zig:23   | Killed an ancient lich
217254 | Zig:23   | Killed an ancient lich
217254 | Zig:23   | Killed a dread lich
217254 | Zig:23   | Killed an ancient lich
217254 | Zig:23   | Killed an ancient lich
217254 | Zig:23   | Killed an ancient lich
217254 | Zig:23   | Killed a dread lich
217254 | Zig:23   | Killed a dread lich
217254 | Zig:23   | Killed an ancient lich
217254 | Zig:23   | Killed an ancient lich
217254 | Zig:23   | Killed an ancient lich
217254 | Zig:23   | Killed a dread lich
217254 | Zig:23   | Killed an ancient lich
217255 | Zig:23   | Noticed a dread lich
217255 | Zig:23   | Noticed an ancient lich
217255 | Zig:23   | Noticed a dread lich
217255 | Zig:23   | Noticed an ancient lich
217255 | Zig:23   | Noticed a dread lich
217255 | Zig:23   | Noticed an ancient lich
217255 | Zig:23   | Noticed a dread lich
217255 | Zig:23   | Noticed a dread lich
217255 | Zig:23   | Noticed a dread lich
217255 | Zig:23   | Noticed an ancient lich
217255 | Zig:23   | Noticed a dread lich
217255 | Zig:23   | Killed an ancient lich
217256 | Zig:23   | Killed a dread lich
217256 | Zig:23   | Killed an ancient lich
217256 | Zig:23   | Killed a dread lich
217256 | Zig:23   | Killed a dread lich
217256 | Zig:23   | Killed a dread lich
217256 | Zig:23   | Killed an ancient lich
217256 | Zig:23   | Killed a dread lich
217256 | Zig:23   | Killed a dread lich
217256 | Zig:23   | Killed an ancient lich
217257 | Zig:23   | Killed an ancient lich
217257 | Zig:23   | Killed a dread lich
217257 | Zig:23   | Killed an ancient lich
217257 | Zig:23   | Killed a dread lich
217257 | Zig:23   | Killed a dread lich
217257 | Zig:23   | Noticed a dread lich
217257 | Zig:23   | Killed an ancient lich
217257 | Zig:23   | Noticed an ancient lich
217257 | Zig:23   | Noticed an ancient lich
217257 | Zig:23   | Noticed a dread lich
217258 | Zig:23   | Noticed a dread lich
217258 | Zig:23   | Noticed a dread lich
217258 | Zig:23   | Noticed an ancient lich
217258 | Zig:23   | Noticed an ancient lich
217259 | Zig:23   | Killed an ancient lich
217259 | Zig:23   | Killed an ancient lich
217259 | Zig:23   | Killed a dread lich
217259 | Zig:23   | Killed an ancient lich
217260 | Zig:23   | Killed a dread lich
217260 | Zig:23   | Killed a dread lich
217260 | Zig:23   | Killed a dread lich
217260 | Zig:23   | Killed an ancient lich
217260 | Zig:23   | Killed an ancient lich
217261 | Zig:23   | Identified the staff of the Heavens {rPois rN+ Str+2 Dex-2
                  | Conj}
217262 | Zig:23   | Identified the +6 orcbow of Naimi {drain, Fly rN+ Will+
                  | Dex-3}
217266 | Zig:24   | Entered Level 24 of a ziggurat
217266 | Zig:24   | Noticed a dread lich
217266 | Zig:24   | Noticed a dread lich
217266 | Zig:24   | Noticed an ancient lich
217266 | Zig:24   | Noticed an ancient lich
217266 | Zig:24   | Noticed a dread lich
217266 | Zig:24   | Noticed an ancient lich
217266 | Zig:24   | Noticed an ancient lich
217266 | Zig:24   | Noticed an ancient lich
217266 | Zig:24   | Noticed a dread lich
217266 | Zig:24   | Noticed a dread lich
217266 | Zig:24   | Noticed a dread lich
217266 | Zig:24   | Noticed an ancient lich
217266 | Zig:24   | Noticed a dread lich
217266 | Zig:24   | Noticed a dread lich
217266 | Zig:24   | Noticed a dread lich
217266 | Zig:24   | Noticed a dread lich
217266 | Zig:24   | Noticed a dread lich
217266 | Zig:24   | Noticed a dread lich
217267 | Zig:24   | Killed a dread lich
217267 | Zig:24   | Killed an ancient lich
217267 | Zig:24   | Killed an ancient lich
217267 | Zig:24   | Killed a dread lich
217267 | Zig:24   | Killed a dread lich
217267 | Zig:24   | Killed a dread lich
217267 | Zig:24   | Killed a dread lich
217267 | Zig:24   | Killed a dread lich
217268 | Zig:24   | Noticed an ancient lich
217268 | Zig:24   | Noticed an ancient lich
217268 | Zig:24   | Noticed an ancient lich
217268 | Zig:24   | Noticed a dread lich
217268 | Zig:24   | Noticed a dread lich
217268 | Zig:24   | Noticed an ancient lich
217268 | Zig:24   | Noticed an ancient lich
217268 | Zig:24   | Noticed a dread lich
217268 | Zig:24   | Noticed a dread lich
217268 | Zig:24   | Noticed a dread lich
217268 | Zig:24   | Noticed an ancient lich
217268 | Zig:24   | Noticed a dread lich
217268 | Zig:24   | Killed a dread lich
217268 | Zig:24   | Noticed an ancient lich
217268 | Zig:24   | Noticed a dread lich
217268 | Zig:24   | Noticed a dread lich
217269 | Zig:24   | Noticed a dread lich
217269 | Zig:24   | Killed an ancient lich
217269 | Zig:24   | Killed a dread lich
217269 | Zig:24   | Killed an ancient lich
217269 | Zig:24   | Killed an ancient lich
217269 | Zig:24   | Killed an ancient lich
217269 | Zig:24   | Killed a dread lich
217269 | Zig:24   | Killed an ancient lich
217269 | Zig:24   | Killed a dread lich
217269 | Zig:24   | Killed a dread lich
217269 | Zig:24   | Killed a dread lich
217269 | Zig:24   | Killed an ancient lich
217269 | Zig:24   | Killed an ancient lich
217269 | Zig:24   | Killed a dread lich
217269 | Zig:24   | Killed a dread lich
217269 | Zig:24   | Killed a dread lich
217269 | Zig:24   | Killed a dread lich
217269 | Zig:24   | Killed a dread lich
217270 | Zig:24   | Killed an ancient lich
217270 | Zig:24   | Killed an ancient lich
217270 | Zig:24   | Killed a dread lich
217270 | Zig:24   | Killed a dread lich
217270 | Zig:24   | Killed an ancient lich
217270 | Zig:24   | Killed an ancient lich
217270 | Zig:24   | Killed a dread lich
217270 | Zig:24   | Killed a dread lich
217270 | Zig:24   | Noticed an ancient lich
217270 | Zig:24   | Noticed a dread lich
217270 | Zig:24   | Noticed a dread lich
217271 | Zig:24   | Noticed an ancient lich
217271 | Zig:24   | Noticed a dread lich
217271 | Zig:24   | Noticed a dread lich
217271 | Zig:24   | Noticed a dread lich
217271 | Zig:24   | Noticed an ancient lich
217271 | Zig:24   | Noticed a dread lich
217271 | Zig:24   | Noticed a dread lich
217271 | Zig:24   | Noticed an ancient lich
217271 | Zig:24   | Noticed an ancient lich
217271 | Zig:24   | Noticed an ancient lich
217271 | Zig:24   | Noticed a dread lich
217271 | Zig:24   | Noticed a dread lich
217271 | Zig:24   | Noticed a dread lich
217271 | Zig:24   | Noticed an ancient lich
217271 | Zig:24   | Noticed a dread lich
217271 | Zig:24   | Noticed an ancient lich
217271 | Zig:24   | Noticed an ancient lich
217271 | Zig:24   | Killed a dread lich
217272 | Zig:24   | Killed a dread lich
217272 | Zig:24   | Killed a dread lich
217272 | Zig:24   | Killed an ancient lich
217272 | Zig:24   | Killed a dread lich
217272 | Zig:24   | Killed a dread lich
217272 | Zig:24   | Killed a dread lich
217272 | Zig:24   | Killed an ancient lich
217272 | Zig:24   | Killed an ancient lich
217272 | Zig:24   | Killed an ancient lich
217272 | Zig:24   | Killed an ancient lich
217272 | Zig:24   | Killed an ancient lich
217272 | Zig:24   | Killed an ancient lich
217272 | Zig:24   | Noticed a dread lich
217272 | Zig:24   | Noticed an ancient lich
217272 | Zig:24   | Noticed a dread lich
217273 | Zig:24   | Killed a dread lich
217273 | Zig:24   | Killed a dread lich
217273 | Zig:24   | Killed an ancient lich
217273 | Zig:24   | Killed a dread lich
217273 | Zig:24   | Killed a dread lich
217273 | Zig:24   | Killed an ancient lich
217273 | Zig:24   | Killed a dread lich
217273 | Zig:24   | Killed an ancient lich
217273 | Zig:24   | Killed a dread lich
217273 | Zig:24   | Noticed an ancient lich
217273 | Zig:24   | Noticed an ancient lich
217274 | Zig:24   | Noticed a dread lich
217274 | Zig:24   | Noticed a dread lich
217274 | Zig:24   | Noticed a dread lich
217274 | Zig:24   | Noticed an ancient lich
217274 | Zig:24   | Noticed an ancient lich
217274 | Zig:24   | Noticed an ancient lich
217274 | Zig:24   | Noticed a dread lich
217275 | Zig:24   | Noticed an ancient lich
217275 | Zig:24   | Noticed a dread lich
217275 | Zig:24   | Noticed a dread lich
217275 | Zig:24   | Noticed an ancient lich
217275 | Zig:24   | Noticed a dread lich
217276 | Zig:24   | Killed an ancient lich
217276 | Zig:24   | Killed a dread lich
217276 | Zig:24   | Killed a dread lich
217276 | Zig:24   | Killed an ancient lich
217276 | Zig:24   | Killed an ancient lich
217276 | Zig:24   | Killed a dread lich
217276 | Zig:24   | Killed a dread lich
217276 | Zig:24   | Killed a dread lich
217277 | Zig:24   | Killed a dread lich
217277 | Zig:24   | Killed a dread lich
217277 | Zig:24   | Killed an ancient lich
217277 | Zig:24   | Killed a dread lich
217277 | Zig:24   | Killed an ancient lich
217277 | Zig:24   | Killed an ancient lich
217278 | Zig:24   | Killed an ancient lich
217278 | Zig:24   | Noticed a dread lich
217279 | Zig:24   | Noticed an ancient lich
217279 | Zig:24   | Killed a dread lich
217279 | Zig:24   | Killed an ancient lich
217279 | Zig:24   | Noticed an ancient lich
217279 | Zig:24   | Noticed an ancient lich
217280 | Zig:24   | Killed an ancient lich
217280 | Zig:24   | Killed an ancient lich
217281 | Zig:24   | Noticed a dread lich
217282 | Zig:24   | Killed a dread lich
217292 | Zig:25   | Entered Level 25 of a ziggurat
217315 | Zig:26   | Entered Level 26 of a ziggurat
217344 | Zig:26   | Identified the ring "Yjez Hudi" {rElec EV+5 Str+5}
217353 | Zig:27   | Entered Level 27 of a ziggurat
217390 | Zig:1    | Entered Level 1 of a ziggurat
217401 | Zig:2    | Entered Level 2 of a ziggurat
217410 | Zig:2    | Identified the +6 orcbow "Maihieli" {drain, rF++ SInv}
217413 | Zig:3    | Entered Level 3 of a ziggurat
217430 | Zig:4    | Entered Level 4 of a ziggurat
217445 | Zig:5    | Entered Level 5 of a ziggurat
217445 | Zig:5    | Noticed an ancient lich
217445 | Zig:5    | Noticed a dread lich
217445 | Zig:5    | Noticed a dread lich
217445 | Zig:5    | Noticed an ancient lich
217445 | Zig:5    | Noticed a dread lich
217445 | Zig:5    | Noticed an ancient lich
217445 | Zig:5    | Noticed an ancient lich
217445 | Zig:5    | Noticed a dread lich
217445 | Zig:5    | Noticed a dread lich
217446 | Zig:5    | Killed an ancient lich
217446 | Zig:5    | Killed an ancient lich
217446 | Zig:5    | Killed a dread lich
217446 | Zig:5    | Killed an ancient lich
217446 | Zig:5    | Killed a dread lich
217446 | Zig:5    | Killed an ancient lich
217447 | Zig:5    | Killed a dread lich
217447 | Zig:5    | Killed a dread lich
217447 | Zig:5    | Killed a dread lich
217449 | Zig:5    | Noticed a dread lich
217450 | Zig:5    | Killed a dread lich
217452 | Zig:5    | Identified the ring of Eshydghoecs {rC+ Int+3}
217455 | Zig:6    | Entered Level 6 of a ziggurat
217476 | Zig:7    | Entered Level 7 of a ziggurat
217496 | Zig:8    | Entered Level 8 of a ziggurat
217511 | Zig:9    | Entered Level 9 of a ziggurat
217527 | Zig:10   | Entered Level 10 of a ziggurat
217528 | Zig:10   | Identified the +7 tower shield of Resourcefulness {^Contam
                  | rN++ Int+4}
217528 | Zig:10   | Identified the +1 tower shield of the Dice {Rampage ^Drain
                  | rF+ Slay+3}
217528 | Zig:10   | Noticed a seraph
217528 | Zig:10   | Noticed a seraph
217528 | Zig:10   | Noticed a seraph
217528 | Zig:10   | Identified the +1 tower shield of Context {Int+3}
217528 | Zig:10   | Noticed a seraph
217529 | Zig:10   | Identified the +4 tower shield of Salvation {rF++}
217532 | Zig:10   | Killed a seraph
217533 | Zig:10   | Killed a seraph
217536 | Zig:10   | Killed a seraph
217537 | Zig:10   | Found the +3 pair of gauntlets of War {Slay+5}
217541 | Zig:10   | Killed a seraph
217551 | Zig:11   | Entered Level 11 of a ziggurat
217551 | Zig:11   | Noticed a dread lich
217551 | Zig:11   | Noticed a dread lich
217552 | Zig:11   | Noticed an ancient lich
217552 | Zig:11   | Noticed an ancient lich
217552 | Zig:11   | Noticed an ancient lich
217552 | Zig:11   | Noticed a dread lich
217552 | Zig:11   | Noticed a dread lich
217552 | Zig:11   | Noticed an ancient lich
217552 | Zig:11   | Noticed an ancient lich
217552 | Zig:11   | Noticed a dread lich
217552 | Zig:11   | Noticed an ancient lich
217552 | Zig:11   | Noticed an ancient lich
217552 | Zig:11   | Noticed a dread lich
217552 | Zig:11   | Noticed a dread lich
217552 | Zig:11   | Noticed a dread lich
217552 | Zig:11   | Noticed a dread lich
217552 | Zig:11   | Noticed a dread lich
217552 | Zig:11   | Noticed an ancient lich
217552 | Zig:11   | Noticed a dread lich
217552 | Zig:11   | Noticed a dread lich
217552 | Zig:11   | Noticed a dread lich
217552 | Zig:11   | Noticed a dread lich
217553 | Zig:11   | Killed an ancient lich
217553 | Zig:11   | Killed an ancient lich
217553 | Zig:11   | Killed an ancient lich
217553 | Zig:11   | Killed a dread lich
217553 | Zig:11   | Killed an ancient lich
217553 | Zig:11   | Killed a dread lich
217553 | Zig:11   | Killed an ancient lich
217553 | Zig:11   | Killed a dread lich
217553 | Zig:11   | Killed a dread lich
217553 | Zig:11   | Killed a dread lich
217553 | Zig:11   | Killed a dread lich
217553 | Zig:11   | Killed an ancient lich
217553 | Zig:11   | Killed a dread lich
217554 | Zig:11   | Noticed a dread lich
217554 | Zig:11   | Noticed a dread lich
217554 | Zig:11   | Noticed a dread lich
217554 | Zig:11   | Noticed an ancient lich
217554 | Zig:11   | Noticed a dread lich
217554 | Zig:11   | Noticed a dread lich
217554 | Zig:11   | Noticed a dread lich
217554 | Zig:11   | Noticed a dread lich
217554 | Zig:11   | Noticed an ancient lich
217554 | Zig:11   | Noticed an ancient lich
217554 | Zig:11   | Noticed a dread lich
217554 | Zig:11   | Noticed an ancient lich
217554 | Zig:11   | Noticed an ancient lich
217554 | Zig:11   | Noticed an ancient lich
217554 | Zig:11   | Killed an ancient lich
217555 | Zig:11   | Killed a dread lich
217555 | Zig:11   | Killed a dread lich
217555 | Zig:11   | Killed a dread lich
217555 | Zig:11   | Killed a dread lich
217555 | Zig:11   | Killed a dread lich
217555 | Zig:11   | Killed a dread lich
217555 | Zig:11   | Killed an ancient lich
217555 | Zig:11   | Killed a dread lich
217555 | Zig:11   | Killed an ancient lich
217555 | Zig:11   | Killed a dread lich
217555 | Zig:11   | Killed a dread lich
217555 | Zig:11   | Killed an ancient lich
217555 | Zig:11   | Killed a dread lich
217555 | Zig:11   | Killed an ancient lich
217555 | Zig:11   | Killed a dread lich
217555 | Zig:11   | Killed a dread lich
217555 | Zig:11   | Killed a dread lich
217556 | Zig:11   | Killed an ancient lich
217556 | Zig:11   | Killed an ancient lich
217556 | Zig:11   | Killed a dread lich
217556 | Zig:11   | Killed an ancient lich
217556 | Zig:11   | Killed a dread lich
217571 | Zig:12   | Entered Level 12 of a ziggurat
217573 | Zig:12   | Noticed an ancient lich
217574 | Zig:12   | Noticed an ancient lich
217574 | Zig:12   | Noticed an ancient lich
217574 | Zig:12   | Noticed an ancient lich
217574 | Zig:12   | Noticed an ancient lich
217574 | Zig:12   | Noticed an ancient lich
217574 | Zig:12   | Noticed an ancient lich
217574 | Zig:12   | Noticed an ancient lich
217574 | Zig:12   | Noticed an ancient lich
217575 | Zig:12   | Killed an ancient lich
217575 | Zig:12   | Killed an ancient lich
217575 | Zig:12   | Killed an ancient lich
217575 | Zig:12   | Killed an ancient lich
217575 | Zig:12   | Killed an ancient lich
217575 | Zig:12   | Killed an ancient lich
217575 | Zig:12   | Killed an ancient lich
217575 | Zig:12   | Killed an ancient lich
217575 | Zig:12   | Killed an ancient lich
217576 | Zig:12   | Noticed an ancient lich
217576 | Zig:12   | Noticed an ancient lich
217578 | Zig:12   | Noticed an ancient lich
217578 | Zig:12   | Noticed an ancient lich
217578 | Zig:12   | Noticed an ancient lich
217579 | Zig:12   | Killed an ancient lich
217580 | Zig:12   | Killed an ancient lich
217580 | Zig:12   | Killed an ancient lich
217580 | Zig:12   | Killed an ancient lich
217580 | Zig:12   | Killed an ancient lich
217584 | Zig:12   | Identified the +1 leather armour of the Black Skies {Int+3}
217590 | Zig:13   | Entered Level 13 of a ziggurat
217597 | Zig:13   | Noticed Nowem the pandemonium lord
217601 | Zig:13   | Killed Nowem the pandemonium lord
217614 | Zig:14   | Entered Level 14 of a ziggurat
217617 | Zig:14   | Noticed Beppor the pandemonium lord
217618 | Zig:14   | Noticed Mutiyr the pandemonium lord
217618 | Zig:14   | Noticed Egrel the pandemonium lord
217618 | Zig:14   | Noticed Umpeo the pandemonium lord
217618 | Zig:14   | Noticed Eqoarresh the pandemonium lord
217619 | Zig:14   | Noticed Van Oqos the pandemonium lord
217619 | Zig:14   | Noticed Wuoniu the pandemonium lord
217619 | Zig:14   | Noticed Beyx the pandemonium lord
217619 | Zig:14   | Noticed Qenteu the pandemonium lord
217619 | Zig:14   | Noticed Qocung the pandemonium lord
217619 | Zig:14   | Noticed Xuhuyjaff the pandemonium lord
217619 | Zig:14   | Noticed Juph the pandemonium lord
217619 | Zig:14   | Noticed Heanteib the pandemonium lord
217619 | Zig:14   | Noticed Fosh the pandemonium lord
217619 | Zig:14   | Noticed Gut Paogg the pandemonium lord
217619 | Zig:14   | Noticed Zioheing the pandemonium lord
217620 | Zig:14   | Noticed Hatwat the pandemonium lord
217620 | Zig:14   | Killed Wuoniu the pandemonium lord
217620 | Zig:14   | Noticed Syecoonn the pandemonium lord
217622 | Zig:14   | Noticed Dusus the pandemonium lord
217622 | Zig:14   | Noticed Weumm the pandemonium lord
217622 | Zig:14   | Noticed Hieg the pandemonium lord
217622 | Zig:14   | Noticed Hyshroci the pandemonium lord
217622 | Zig:14   | Killed Juph the pandemonium lord
217622 | Zig:14   | Killed Beppor the pandemonium lord
217622 | Zig:14   | Killed Mutiyr the pandemonium lord
217622 | Zig:14   | Killed Van Oqos the pandemonium lord
217622 | Zig:14   | Killed Syecoonn the pandemonium lord
217622 | Zig:14   | Killed Beyx the pandemonium lord
217622 | Zig:14   | Killed Qocung the pandemonium lord
217622 | Zig:14   | Killed Zioheing the pandemonium lord
217622 | Zig:14   | Killed Qenteu the pandemonium lord
217622 | Zig:14   | Killed Egrel the pandemonium lord
217622 | Zig:14   | Killed Eqoarresh the pandemonium lord
217622 | Zig:14   | Noticed Qupsois the pandemonium lord
217622 | Zig:14   | Noticed Wes Ruse the pandemonium lord
217622 | Zig:14   | Noticed Ilosos the pandemonium lord
217622 | Zig:14   | Noticed Nuwymosm the pandemonium lord
217623 | Zig:14   | Killed Weumm the pandemonium lord
217623 | Zig:14   | Killed Umpeo the pandemonium lord
217623 | Zig:14   | Killed Hatwat the pandemonium lord
217623 | Zig:14   | Noticed Zoipnemna the pandemonium lord
217624 | Zig:14   | Killed Dusus the pandemonium lord
217624 | Zig:14   | Killed Hieg the pandemonium lord
217624 | Zig:14   | Noticed Uqeut the pandemonium lord
217624 | Zig:14   | Killed Xuhuyjaff the pandemonium lord
217624 | Zig:14   | Noticed Orietemp the pandemonium lord
217624 | Zig:14   | Noticed Oschu Wutzaet the pandemonium lord
217624 | Zig:14   | Noticed Puess the pandemonium lord
217625 | Zig:14   | Killed Ilosos the pandemonium lord
217625 | Zig:14   | Noticed Vyklioj the pandemonium lord
217626 | Zig:14   | Noticed Veomysor the pandemonium lord
217626 | Zig:14   | Noticed Yweonne the pandemonium lord
217626 | Zig:14   | Killed Orietemp the pandemonium lord
217626 | Zig:14   | Killed Gut Paogg the pandemonium lord
217626 | Zig:14   | Killed Vyklioj the pandemonium lord
217626 | Zig:14   | Killed Heanteib the pandemonium lord
217626 | Zig:14   | Noticed Justusea the pandemonium lord
217626 | Zig:14   | Noticed Ahar the pandemonium lord
217626 | Zig:14   | Noticed Zoeqierch the pandemonium lord
217626 | Zig:14   | Noticed Wousanlea the pandemonium lord
217627 | Zig:14   | Killed Fosh the pandemonium lord
217627 | Zig:14   | Noticed Miuhum Kuergh the pandemonium lord
217628 | Zig:14   | Noticed Caceig the pandemonium lord
217628 | Zig:14   | Noticed Molo the pandemonium lord
217628 | Zig:14   | Noticed Ysosull the pandemonium lord
217628 | Zig:14   | Noticed Jitenk the pandemonium lord
217628 | Zig:14   | Noticed Lerobb the pandemonium lord
217628 | Zig:14   | Noticed Rosadd the pandemonium lord
217628 | Zig:14   | Killed Oschu Wutzaet the pandemonium lord
217629 | Zig:14   | Killed Yweonne the pandemonium lord
217629 | Zig:14   | Killed Puess the pandemonium lord
217629 | Zig:14   | Killed Miuhum Kuergh the pandemonium lord
217629 | Zig:14   | Killed Wes Ruse the pandemonium lord
217629 | Zig:14   | Killed Rosadd the pandemonium lord
217629 | Zig:14   | Noticed Geatra the pandemonium lord
217629 | Zig:14   | Noticed Siovi the pandemonium lord
217629 | Zig:14   | Noticed Guklim the pandemonium lord
217629 | Zig:14   | Noticed Qaleirez the pandemonium lord
217629 | Zig:14   | Killed Ysosull the pandemonium lord
217629 | Zig:14   | Noticed Sot Siabb the pandemonium lord
217630 | Zig:14   | Noticed Ymavonun the pandemonium lord
217630 | Zig:14   | Noticed Gejeh the pandemonium lord
217630 | Zig:14   | Killed Hyshroci the pandemonium lord
217630 | Zig:14   | Noticed Qudant the pandemonium lord
217630 | Zig:14   | Noticed Rierec Syahi the pandemonium lord
217630 | Zig:14   | Noticed Fukul the pandemonium lord
217631 | Zig:14   | Killed Ahar the pandemonium lord
217631 | Zig:14   | Killed Justusea the pandemonium lord
217631 | Zig:14   | Killed Qupsois the pandemonium lord
217631 | Zig:14   | Killed Qudant the pandemonium lord
217631 | Zig:14   | Noticed Umum the pandemonium lord
217632 | Zig:14   | Noticed Wauwk the pandemonium lord
217632 | Zig:14   | Noticed Zyafaas the pandemonium lord
217632 | Zig:14   | Noticed Utacaic the pandemonium lord
217632 | Zig:14   | Noticed Roepor the pandemonium lord
217632 | Zig:14   | Noticed Joafoig the pandemonium lord
217632 | Zig:14   | Noticed Ypsiddeo the pandemonium lord
217632 | Zig:14   | Noticed Tokuteoj the pandemonium lord
217632 | Zig:14   | Noticed Koad the pandemonium lord
217632 | Zig:14   | Noticed Piepiros the pandemonium lord
217632 | Zig:14   | Noticed Bafick the pandemonium lord
217632 | Zig:14   | Noticed Edeom the pandemonium lord
217632 | Zig:14   | Killed Uqeut the pandemonium lord
217633 | Zig:14   | Killed Veomysor the pandemonium lord
217633 | Zig:14   | Killed Rierec Syahi the pandemonium lord
217633 | Zig:14   | Killed Umum the pandemonium lord
217633 | Zig:14   | Killed Qaleirez the pandemonium lord
217633 | Zig:14   | Killed Edeom the pandemonium lord
217633 | Zig:14   | Killed Tokuteoj the pandemonium lord
217633 | Zig:14   | Noticed Iqienl Zuwn the pandemonium lord
217633 | Zig:14   | Killed Jitenk the pandemonium lord
217634 | Zig:14   | Noticed Xusuth the pandemonium lord
217634 | Zig:14   | Noticed Ysiarghe the pandemonium lord
217634 | Zig:14   | Noticed Doghyjen the pandemonium lord
217634 | Zig:14   | Noticed Ruchyt the pandemonium lord
217634 | Zig:14   | Noticed Vetofaf the pandemonium lord
217634 | Zig:14   | Noticed Xouz the pandemonium lord
217634 | Zig:14   | Noticed Hyreon the pandemonium lord
217636 | Zig:14   | Killed Siovi the pandemonium lord
217636 | Zig:14   | Killed Nuwymosm the pandemonium lord
217636 | Zig:14   | Killed Guklim the pandemonium lord
217636 | Zig:14   | Killed Fukul the pandemonium lord
217636 | Zig:14   | Killed Wauwk the pandemonium lord
217636 | Zig:14   | Killed Geatra the pandemonium lord
217636 | Zig:14   | Killed Zoeqierch the pandemonium lord
217636 | Zig:14   | Killed Wousanlea the pandemonium lord
217637 | Zig:14   | Killed Molo the pandemonium lord
217637 | Zig:14   | Killed Koad the pandemonium lord
217637 | Zig:14   | Killed Zyafaas the pandemonium lord
217637 | Zig:14   | Killed Caceig the pandemonium lord
217637 | Zig:14   | Killed Sot Siabb the pandemonium lord
217637 | Zig:14   | Killed Zoipnemna the pandemonium lord
217637 | Zig:14   | Killed Bafick the pandemonium lord
217637 | Zig:14   | Killed Doghyjen the pandemonium lord
217637 | Zig:14   | Killed Lerobb the pandemonium lord
217637 | Zig:14   | Noticed Exuhaa the pandemonium lord
217638 | Zig:14   | Killed Roepor the pandemonium lord
217638 | Zig:14   | Killed Ymavonun the pandemonium lord
217638 | Zig:14   | Killed Ysiarghe the pandemonium lord
217638 | Zig:14   | Killed Joafoig the pandemonium lord
217638 | Zig:14   | Killed Ypsiddeo the pandemonium lord
217639 | Zig:14   | Killed Utacaic the pandemonium lord
217639 | Zig:14   | Killed Xouz the pandemonium lord
217639 | Zig:14   | Killed Hyreon the pandemonium lord
217639 | Zig:14   | Killed Ruchyt the pandemonium lord
217639 | Zig:14   | Killed Iqienl Zuwn the pandemonium lord
217639 | Zig:14   | Noticed Quselen the pandemonium lord
217639 | Zig:14   | Noticed Wixoum the pandemonium lord
217640 | Zig:14   | Killed Exuhaa the pandemonium lord
217640 | Zig:14   | Killed Gejeh the pandemonium lord
217640 | Zig:14   | Killed Xusuth the pandemonium lord
217640 | Zig:14   | Killed Vetofaf the pandemonium lord
217641 | Zig:14   | Noticed Numafful the pandemonium lord
217642 | Zig:14   | Killed Quselen the pandemonium lord
217642 | Zig:14   | Killed Piepiros the pandemonium lord
217642 | Zig:14   | Killed Wixoum the pandemonium lord
217642 | Zig:14   | Noticed Nuthrus the pandemonium lord
217643 | Zig:14   | Noticed Dusm the pandemonium lord
217648 | Zig:14   | Killed Dusm the pandemonium lord
217648 | Zig:14   | Killed Nuthrus the pandemonium lord
217650 | Zig:14   | Killed Numafful the pandemonium lord
217660 | Zig:15   | Entered Level 15 of a ziggurat
217667 | Zig:15   | Noticed a dread lich
217672 | Zig:15   | Killed a dread lich
217687 | Zig:16   | Entered Level 16 of a ziggurat
217692 | Zig:16   | Noticed a dread lich
217693 | Zig:16   | Killed a dread lich
217696 | Zig:16   | Noticed an ancient lich
217697 | Zig:16   | Killed an ancient lich
217717 | Zig:17   | Entered Level 17 of a ziggurat
217720 | Zig:17   | Noticed an ancient lich
217725 | Zig:17   | Killed an ancient lich
217748 | Zig:17   | Identified the ring "Hiluohin" {rElec rC+ rN+ Int+9}
217752 | Zig:18   | Entered Level 18 of a ziggurat
217752 | Zig:18   | Noticed a royal mummy
217752 | Zig:18   | Noticed a royal mummy
217752 | Zig:18   | Noticed a royal mummy
217752 | Zig:18   | Noticed a royal mummy
217752 | Zig:18   | Noticed a royal mummy
217752 | Zig:18   | Noticed a royal mummy
217752 | Zig:18   | Noticed a royal mummy
217752 | Zig:18   | Noticed a royal mummy
217752 | Zig:18   | Noticed a royal mummy
217752 | Zig:18   | Noticed a royal mummy
217752 | Zig:18   | Noticed a royal mummy
217752 | Zig:18   | Noticed a royal mummy
217752 | Zig:18   | Noticed a royal mummy
217752 | Zig:18   | Noticed a royal mummy
217752 | Zig:18   | Noticed a royal mummy
217753 | Zig:18   | Killed a royal mummy
217753 | Zig:18   | Killed a royal mummy
217753 | Zig:18   | Killed a royal mummy
217753 | Zig:18   | Killed a royal mummy
217753 | Zig:18   | Killed a royal mummy
217753 | Zig:18   | Killed a royal mummy
217753 | Zig:18   | Killed a royal mummy
217753 | Zig:18   | Killed a royal mummy
217753 | Zig:18   | Killed a royal mummy
217753 | Zig:18   | Killed a royal mummy
217753 | Zig:18   | Killed a royal mummy
217753 | Zig:18   | Killed a royal mummy
217753 | Zig:18   | Killed a royal mummy
217753 | Zig:18   | Killed a royal mummy
217753 | Zig:18   | Killed a royal mummy
217754 | Zig:18   | Noticed a royal mummy
217754 | Zig:18   | Noticed a royal mummy
217754 | Zig:18   | Noticed a royal mummy
217755 | Zig:18   | Noticed a royal mummy
217755 | Zig:18   | Noticed a royal mummy
217755 | Zig:18   | Noticed a royal mummy
217755 | Zig:18   | Noticed a royal mummy
217755 | Zig:18   | Killed a royal mummy
217756 | Zig:18   | Killed a royal mummy
217756 | Zig:18   | Killed a royal mummy
217756 | Zig:18   | Killed a royal mummy
217756 | Zig:18   | Killed a royal mummy
217756 | Zig:18   | Killed a royal mummy
217756 | Zig:18   | Killed a royal mummy
217757 | Zig:18   | Noticed a royal mummy
217757 | Zig:18   | Noticed a royal mummy
217758 | Zig:18   | Noticed a royal mummy
217758 | Zig:18   | Noticed a royal mummy
217758 | Zig:18   | Noticed a royal mummy
217758 | Zig:18   | Noticed a royal mummy
217758 | Zig:18   | Noticed a royal mummy
217758 | Zig:18   | Noticed a royal mummy
217759 | Zig:18   | Noticed a royal mummy
217759 | Zig:18   | Noticed a royal mummy
217759 | Zig:18   | Killed a royal mummy
217759 | Zig:18   | Noticed a royal mummy
217759 | Zig:18   | Noticed a royal mummy
217760 | Zig:18   | Noticed a royal mummy
217760 | Zig:18   | Noticed a royal mummy
217761 | Zig:18   | Killed a royal mummy
217761 | Zig:18   | Killed a royal mummy
217761 | Zig:18   | Killed a royal mummy
217761 | Zig:18   | Killed a royal mummy
217761 | Zig:18   | Killed a royal mummy
217761 | Zig:18   | Killed a royal mummy
217761 | Zig:18   | Killed a royal mummy
217761 | Zig:18   | Killed a royal mummy
217761 | Zig:18   | Killed a royal mummy
217762 | Zig:18   | Killed a royal mummy
217762 | Zig:18   | Killed a royal mummy
217762 | Zig:18   | Noticed a royal mummy
217762 | Zig:18   | Noticed a royal mummy
217763 | Zig:18   | Noticed a royal mummy
217763 | Zig:18   | Noticed a royal mummy
217763 | Zig:18   | Noticed a royal mummy
217763 | Zig:18   | Noticed a royal mummy
217763 | Zig:18   | Noticed a royal mummy
217764 | Zig:18   | Noticed a royal mummy
217764 | Zig:18   | Killed a royal mummy
217764 | Zig:18   | Killed a royal mummy
217764 | Zig:18   | Killed a royal mummy
217764 | Zig:18   | Killed a royal mummy
217764 | Zig:18   | Killed a royal mummy
217764 | Zig:18   | Killed a royal mummy
217764 | Zig:18   | Noticed a royal mummy
217765 | Zig:18   | Killed a royal mummy
217765 | Zig:18   | Noticed a royal mummy
217766 | Zig:18   | Killed a royal mummy
217766 | Zig:18   | Noticed a royal mummy
217766 | Zig:18   | Noticed a royal mummy
217767 | Zig:18   | Noticed a royal mummy
217768 | Zig:18   | Killed a royal mummy
217768 | Zig:18   | Killed a royal mummy
217769 | Zig:18   | Killed a royal mummy
217769 | Zig:18   | Killed a royal mummy
217770 | Zig:18   | Killed a royal mummy
217771 | Zig:18   | Killed a royal mummy
217771 | Zig:18   | Killed a royal mummy
217773 | Zig:19   | Entered Level 19 of a ziggurat
217789 | Zig:19   | Identified the staff "Lirraroc" {rF+ rC- Str-3 Int+9 Fire
                  | Earth}
217820 | Zig:20   | Entered Level 20 of a ziggurat
217837 | Zig:20   | Found the +3 salamander hide armour {Flames, rFlCloud rF++
                  | rC--}
217848 | Zig:21   | Entered Level 21 of a ziggurat
217879 | Zig:22   | Entered Level 22 of a ziggurat
217911 | Zig:23   | Entered Level 23 of a ziggurat
217914 | Zig:23   | Noticed a juggernaut
217914 | Zig:23   | Noticed a juggernaut
217915 | Zig:23   | Noticed a juggernaut
217916 | Zig:23   | Noticed a juggernaut
217916 | Zig:23   | Noticed a juggernaut
217916 | Zig:23   | Noticed a juggernaut
217916 | Zig:23   | Noticed a juggernaut
217916 | Zig:23   | Noticed a juggernaut
217916 | Zig:23   | Noticed a juggernaut
217916 | Zig:23   | Noticed a juggernaut
217917 | Zig:23   | Killed a juggernaut
217917 | Zig:23   | Killed a juggernaut
217917 | Zig:23   | Killed a juggernaut
217917 | Zig:23   | Killed a juggernaut
217917 | Zig:23   | Killed a juggernaut
217917 | Zig:23   | Killed a juggernaut
217917 | Zig:23   | Noticed a juggernaut
217917 | Zig:23   | Killed a juggernaut
217917 | Zig:23   | Noticed a juggernaut
217918 | Zig:23   | Noticed a juggernaut
217919 | Zig:23   | Noticed a juggernaut
217919 | Zig:23   | Noticed a juggernaut
217919 | Zig:23   | Killed a juggernaut
217919 | Zig:23   | Noticed a juggernaut
217919 | Zig:23   | Noticed a juggernaut
217920 | Zig:23   | Noticed a juggernaut
217920 | Zig:23   | Noticed a juggernaut
217920 | Zig:23   | Noticed a juggernaut
217920 | Zig:23   | Noticed a juggernaut
217920 | Zig:23   | Noticed a juggernaut
217920 | Zig:23   | Noticed a juggernaut
217920 | Zig:23   | Noticed a juggernaut
217921 | Zig:23   | Killed a juggernaut
217921 | Zig:23   | Killed a juggernaut
217921 | Zig:23   | Killed a juggernaut
217921 | Zig:23   | Killed a juggernaut
217921 | Zig:23   | Killed a juggernaut
217921 | Zig:23   | Killed a juggernaut
217921 | Zig:23   | Killed a juggernaut
217921 | Zig:23   | Killed a juggernaut
217921 | Zig:23   | Noticed a juggernaut
217921 | Zig:23   | Noticed a juggernaut
217922 | Zig:23   | Noticed a juggernaut
217922 | Zig:23   | Killed a juggernaut
217922 | Zig:23   | Noticed a juggernaut
217922 | Zig:23   | Noticed a juggernaut
217923 | Zig:23   | Noticed a juggernaut
217923 | Zig:23   | Noticed a juggernaut
217923 | Zig:23   | Noticed a juggernaut
217923 | Zig:23   | Noticed a juggernaut
217923 | Zig:23   | Noticed a juggernaut
217923 | Zig:23   | Noticed a juggernaut
217923 | Zig:23   | Noticed a juggernaut
217923 | Zig:23   | Noticed a juggernaut
217923 | Zig:23   | Noticed a juggernaut
217924 | Zig:23   | Killed a juggernaut
217924 | Zig:23   | Killed a juggernaut
217924 | Zig:23   | Killed a juggernaut
217924 | Zig:23   | Killed a juggernaut
217924 | Zig:23   | Killed a juggernaut
217924 | Zig:23   | Killed a juggernaut
217924 | Zig:23   | Killed a juggernaut
217924 | Zig:23   | Killed a juggernaut
217924 | Zig:23   | Killed a juggernaut
217924 | Zig:23   | Killed a juggernaut
217924 | Zig:23   | Noticed a juggernaut
217924 | Zig:23   | Noticed a juggernaut
217924 | Zig:23   | Noticed a juggernaut
217925 | Zig:23   | Noticed a juggernaut
217925 | Zig:23   | Noticed a juggernaut
217925 | Zig:23   | Noticed a juggernaut
217926 | Zig:23   | Noticed a juggernaut
217926 | Zig:23   | Noticed a juggernaut
217926 | Zig:23   | Noticed a juggernaut
217926 | Zig:23   | Noticed a juggernaut
217927 | Zig:23   | Killed a juggernaut
217927 | Zig:23   | Killed a juggernaut
217927 | Zig:23   | Killed a juggernaut
217927 | Zig:23   | Killed a juggernaut
217927 | Zig:23   | Killed a juggernaut
217927 | Zig:23   | Killed a juggernaut
217927 | Zig:23   | Killed a juggernaut
217927 | Zig:23   | Killed a juggernaut
217927 | Zig:23   | Killed a juggernaut
217928 | Zig:23   | Killed a juggernaut
217928 | Zig:23   | Noticed a juggernaut
217928 | Zig:23   | Killed a juggernaut
217928 | Zig:23   | Noticed a juggernaut
217929 | Zig:23   | Killed a juggernaut
217929 | Zig:23   | Killed a juggernaut
217930 | Zig:23   | Identified the ring of Bomas {*Corrode rPois rC+ Int+3}
217930 | Zig:23   | Noticed a juggernaut
217931 | Zig:23   | Killed a juggernaut
217931 | Zig:23   | Killed a juggernaut
217931 | Zig:23   | Killed a juggernaut
217932 | Zig:23   | Killed a juggernaut
217932 | Zig:23   | Killed a juggernaut
217933 | Zig:23   | Noticed a juggernaut
217934 | Zig:23   | Killed a juggernaut
217934 | Zig:23   | Killed a juggernaut
217937 | Zig:23   | Killed a juggernaut
217938 | Zig:23   | Killed a juggernaut
217942 | Zig:24   | Entered Level 24 of a ziggurat
217967 | Zig:24   | Found the ring of the Octopus King
217970 | Zig:24   | Found the ring of the Octopus King
217980 | Zig:25   | Entered Level 25 of a ziggurat
217994 | Zig:25   | Found the +7 Kryia's mail coat {PotionHeal*2 rC+}
217999 | Zig:25   | Identified the +2 sling "Jellybane" {antimagic, Int+4}
218014 | Zig:26   | Entered Level 26 of a ziggurat
218039 | Zig:26   | Identified the +6 battleaxe of the Crafting Shark {flame,
                  | rF+ Dex+5}
218043 | Zig:27   | Entered Level 27 of a ziggurat
218051 | Zig:27   | Noticed a juggernaut
218051 | Zig:27   | Noticed a juggernaut
218052 | Zig:27   | Noticed a juggernaut
218052 | Zig:27   | Noticed a juggernaut
218052 | Zig:27   | Noticed a juggernaut
218053 | Zig:27   | Killed a juggernaut
218053 | Zig:27   | Killed a juggernaut
218053 | Zig:27   | Noticed a juggernaut
218054 | Zig:27   | Noticed a juggernaut
218054 | Zig:27   | Killed a juggernaut
218054 | Zig:27   | Killed a juggernaut
218055 | Zig:27   | Noticed a juggernaut
218055 | Zig:27   | Noticed a juggernaut
218055 | Zig:27   | Noticed a juggernaut
218055 | Zig:27   | Noticed a juggernaut
218055 | Zig:27   | Noticed a juggernaut
218055 | Zig:27   | Noticed a juggernaut
218056 | Zig:27   | Killed a juggernaut
218056 | Zig:27   | Killed a juggernaut
218056 | Zig:27   | Killed a juggernaut
218056 | Zig:27   | Killed a juggernaut
218056 | Zig:27   | Killed a juggernaut
218057 | Zig:27   | Killed a juggernaut
218057 | Zig:27   | Killed a juggernaut
218057 | Zig:27   | Killed a juggernaut
218057 | Zig:27   | Noticed a juggernaut
218058 | Zig:27   | Noticed a juggernaut
218058 | Zig:27   | Noticed a juggernaut
218058 | Zig:27   | Noticed a juggernaut
218059 | Zig:27   | Noticed a juggernaut
218059 | Zig:27   | Noticed a juggernaut
218059 | Zig:27   | Noticed a juggernaut
218059 | Zig:27   | Noticed a juggernaut
218059 | Zig:27   | Noticed a juggernaut
218059 | Zig:27   | Noticed a juggernaut
218059 | Zig:27   | Noticed a juggernaut
218059 | Zig:27   | Noticed a juggernaut
218059 | Zig:27   | Noticed a juggernaut
218059 | Zig:27   | Noticed a juggernaut
218059 | Zig:27   | Noticed a juggernaut
218059 | Zig:27   | Noticed a juggernaut
218060 | Zig:27   | Killed a juggernaut
218060 | Zig:27   | Killed a juggernaut
218060 | Zig:27   | Killed a juggernaut
218060 | Zig:27   | Killed a juggernaut
218060 | Zig:27   | Killed a juggernaut
218060 | Zig:27   | Killed a juggernaut
218060 | Zig:27   | Killed a juggernaut
218060 | Zig:27   | Killed a juggernaut
218060 | Zig:27   | Killed a juggernaut
218060 | Zig:27   | Killed a juggernaut
218060 | Zig:27   | Killed a juggernaut
218060 | Zig:27   | Killed a juggernaut
218060 | Zig:27   | Killed a juggernaut
218060 | Zig:27   | Noticed a juggernaut
218060 | Zig:27   | Noticed a juggernaut
218061 | Zig:27   | Killed a juggernaut
218061 | Zig:27   | Killed a juggernaut
218061 | Zig:27   | Killed a juggernaut
218061 | Zig:27   | Killed a juggernaut
218061 | Zig:27   | Killed a juggernaut
218061 | Zig:27   | Killed a juggernaut
218061 | Zig:27   | Noticed a juggernaut
218061 | Zig:27   | Noticed a juggernaut
218061 | Zig:27   | Noticed a juggernaut
218062 | Zig:27   | Noticed a juggernaut
218062 | Zig:27   | Noticed a juggernaut
218062 | Zig:27   | Noticed a juggernaut
218062 | Zig:27   | Noticed a juggernaut
218062 | Zig:27   | Noticed a juggernaut
218063 | Zig:27   | Killed a juggernaut
218063 | Zig:27   | Killed a juggernaut
218063 | Zig:27   | Killed a juggernaut
218063 | Zig:27   | Noticed a juggernaut
218063 | Zig:27   | Noticed a juggernaut
218064 | Zig:27   | Noticed a juggernaut
218064 | Zig:27   | Killed a juggernaut
218064 | Zig:27   | Killed a juggernaut
218064 | Zig:27   | Killed a juggernaut
218064 | Zig:27   | Killed a juggernaut
218064 | Zig:27   | Killed a juggernaut
218064 | Zig:27   | Killed a juggernaut
218064 | Zig:27   | Noticed a juggernaut
218064 | Zig:27   | Noticed a juggernaut
218065 | Zig:27   | Noticed a juggernaut
218065 | Zig:27   | Noticed a juggernaut
218065 | Zig:27   | Noticed a juggernaut
218065 | Zig:27   | Killed a juggernaut
218066 | Zig:27   | Noticed a juggernaut
218066 | Zig:27   | Noticed a juggernaut
218066 | Zig:27   | Noticed a juggernaut
218066 | Zig:27   | Noticed a juggernaut
218066 | Zig:27   | Noticed a juggernaut
218066 | Zig:27   | Noticed a juggernaut
218066 | Zig:27   | Noticed a juggernaut
218066 | Zig:27   | Noticed a juggernaut
218066 | Zig:27   | Noticed a juggernaut
218066 | Zig:27   | Killed a juggernaut
218067 | Zig:27   | Killed a juggernaut
218067 | Zig:27   | Killed a juggernaut
218067 | Zig:27   | Killed a juggernaut
218067 | Zig:27   | Killed a juggernaut
218067 | Zig:27   | Killed a juggernaut
218067 | Zig:27   | Killed a juggernaut
218067 | Zig:27   | Killed a juggernaut
218067 | Zig:27   | Killed a juggernaut
218067 | Zig:27   | Killed a juggernaut
218067 | Zig:27   | Killed a juggernaut
218067 | Zig:27   | Killed a juggernaut
218067 | Zig:27   | Killed a juggernaut
218067 | Zig:27   | Killed a juggernaut
218067 | Zig:27   | Killed a juggernaut
218067 | Zig:27   | Noticed a juggernaut
218067 | Zig:27   | Noticed a juggernaut
218068 | Zig:27   | Killed a juggernaut
218068 | Zig:27   | Killed a juggernaut
218068 | Zig:27   | Killed a juggernaut
218068 | Zig:27   | Noticed a juggernaut
218069 | Zig:27   | Noticed a juggernaut
218070 | Zig:27   | Killed a juggernaut
218070 | Zig:27   | Killed a juggernaut
218070 | Zig:27   | Killed a juggernaut
218073 | Zig:27   | Noticed a juggernaut
218073 | Zig:27   | Noticed a juggernaut
218076 | Zig:27   | Noticed a juggernaut
218079 | Zig:27   | Noticed a juggernaut
218080 | Zig:27   | Killed a juggernaut
218081 | Zig:27   | Killed a juggernaut
218081 | Zig:27   | Killed a juggernaut
218081 | Zig:27   | Killed a juggernaut
218081 | Zig:27   | Killed a juggernaut
218115 | Depths:1 | Lost mutation: Your flesh is cold resistant. (rC+) [potion
                  | of mutation]
218115 | Depths:1 | Lost mutation: You are very robust. (+20% HP) [potion of
                  | mutation]
218115 | Depths:1 | Lost mutation: Your body sometimes deteriorates upon taking
                  | damage. [potion of mutation]
218115 | Depths:1 | Lost mutation: You are robust. (+10% HP) [potion of
                  | mutation]
218115 | Depths:1 | Gained mutation: Your flesh is heat resistant. (rF+)
                  | [potion of mutation]
218116 | Depths:1 | Lost mutation: You have supernaturally acute eyesight.
                  | (SInv) [potion of mutation]
218116 | Depths:1 | Lost mutation: You occasionally shout uncontrollably at
                  | your foes. [potion of mutation]
218116 | Depths:1 | Lost mutation: You are weak. (Str -2) [potion of mutation]
218116 | Depths:1 | Gained mutation: Your movements are slightly less
                  | encumbered by armour. (ER -2) [potion of mutation]
218117 | Depths:1 | Lost mutation: Your movements are slightly less encumbered
                  | by armour. (ER -2) [potion of mutation]
218117 | Depths:1 | Lost mutation: You sometimes lose your temper in combat.
                  | [potion of mutation]
218117 | Depths:1 | Lost mutation: Your flesh is heat resistant. (rF+) [potion
                  | of mutation]
218117 | Depths:1 | Gained mutation: You are frail. (-10% HP) [potion of
                  | mutation]
218118 | Depths:1 | Lost mutation: You are frail. (-10% HP) [potion of
                  | mutation]
218118 | Depths:1 | Gained mutation: You possess an exceptional clarity of
                  | mind. [potion of mutation]
218118 | Depths:1 | Gained mutation: You are clumsy. (Dex -2) [potion of
                  | mutation]
218118 | Depths:1 | Gained mutation: You are partially covered in large bone
                  | plates. (SH +4) [potion of mutation]
218119 | Depths:1 | Lost mutation: You are clumsy. (Dex -2) [potion of
                  | mutation]
218119 | Depths:1 | Lost mutation: You possess an exceptional clarity of mind.
                  | [potion of mutation]
218119 | Depths:1 | Gained mutation: Your body sometimes deteriorates upon
                  | taking damage. [potion of mutation]
218119 | Depths:1 | Gained mutation: You have supernaturally acute eyesight.
                  | (SInv) [potion of mutation]
218120 | Depths:1 | Lost mutation: Your body sometimes deteriorates upon taking
                  | damage. [potion of mutation]
218120 | Depths:1 | Lost mutation: You have supernaturally acute eyesight.
                  | (SInv) [potion of mutation]
218120 | Depths:1 | Lost mutation: You are partially covered in large bone
                  | plates. (SH +4) [potion of mutation]
218120 | Depths:1 | Gained mutation: You have large cloven feet. [potion of
                  | mutation]
218121 | Depths:1 | Lost mutation: You have large cloven feet. [potion of
                  | mutation]
218121 | Depths:1 | Gained mutation: You are agile. (Dex +4, Str/Int -1)
                  | [potion of mutation]
218121 | Depths:1 | Gained mutation: You occasionally lose the ability to drink
                  | potions when taking damage. [potion of mutation]
218121 | Depths:1 | Gained mutation: Your spells are a little harder to cast,
                  | but a little more powerful. [potion of mutation]
218122 | Depths:1 | Lost mutation: You are agile. (Dex +4, Str/Int -1) [potion
                  | of mutation]
218122 | Depths:1 | Lost mutation: Your spells are a little harder to cast, but
                  | a little more powerful. [potion of mutation]
218122 | Depths:1 | Lost mutation: You occasionally lose the ability to drink
                  | potions when taking damage. [potion of mutation]
218122 | Depths:1 | Gained mutation: You sometimes lose your temper in combat.
                  | [potion of mutation]
218122 | Depths:1 | Gained mutation: You are robust. (+10% HP) [potion of
                  | mutation]
218123 | Depths:1 | Lost mutation: You are robust. (+10% HP) [potion of
                  | mutation]
218123 | Depths:1 | Lost mutation: You sometimes lose your temper in combat.
                  | [potion of mutation]
218123 | Depths:1 | Gained mutation: You possess an exceptional clarity of
                  | mind. [potion of mutation]
218123 | Depths:1 | Gained mutation: Your spells are a little harder to cast,
                  | but a little more powerful. [potion of mutation]
218123 | Depths:1 | Gained mutation: Your mind is acute. (Int +4, Str/Dex -1)
                  | [potion of mutation]
218124 | Depths:1 | Lost mutation: You possess an exceptional clarity of mind.
                  | [potion of mutation]
218124 | Depths:1 | Lost mutation: Your mind is acute. (Int +4, Str/Dex -1)
                  | [potion of mutation]
218124 | Depths:1 | Gained mutation: You are strong-willed. (Will+) [potion of
                  | mutation]
218124 | Depths:1 | Gained mutation: You possess an exceptional clarity of
                  | mind. [potion of mutation]
218124 | Depths:1 | Gained mutation: Armour fits poorly on your strangely
                  | shaped body. [potion of mutation]
218124 | Depths:1 | Gained mutation: You have very sharp teeth. [potion of
                  | mutation]
218125 | Depths:1 | Lost mutation: You are strong-willed. (Will+) [potion of
                  | mutation]
218125 | Depths:1 | Lost mutation: Your spells are a little harder to cast, but
                  | a little more powerful. [potion of mutation]
218125 | Depths:1 | Gained mutation: Your magical capacity is low. (-10% MP)
                  | [potion of mutation]
218125 | Depths:1 | Gained mutation: Your flesh is heat resistant. (rF+)
                  | [potion of mutation]
218125 | Depths:1 | Gained mutation: Your flesh is very heat resistant. (rF++)
                  | [potion of mutation]
218126 | Depths:1 | Lost mutation: Your flesh is very heat resistant. (rF++)
                  | [potion of mutation]
218126 | Depths:1 | Lost mutation: Armour fits poorly on your strangely shaped
                  | body. [potion of mutation]
218126 | Depths:1 | Gained mutation: You occasionally shout uncontrollably at
                  | your foes. [potion of mutation]
218126 | Depths:1 | Gained mutation: Your spells are a little easier to cast,
                  | but a little less powerful. [potion of mutation]
218126 | Depths:1 | Lost mutation: You occasionally shout uncontrollably at
                  | your foes. [potion of mutation]
218127 | Depths:1 | Lost mutation: You possess an exceptional clarity of mind.
                  | [potion of mutation]
218127 | Depths:1 | Lost mutation: Your magical capacity is low. (-10% MP)
                  | [potion of mutation]
218127 | Depths:1 | Lost mutation: Your spells are a little easier to cast, but
                  | a little less powerful. [potion of mutation]
218127 | Depths:1 | Gained mutation: You have large cloven feet. [potion of
                  | mutation]
218127 | Depths:1 | Gained mutation: Your health recovers twice as slowly from
                  | being drained. [potion of mutation]
218127 | Depths:1 | Gained mutation: Your movements are slightly less
                  | encumbered by armour. (ER -2) [potion of mutation]
218128 | Depths:1 | Lost mutation: Your movements are slightly less encumbered
                  | by armour. (ER -2) [potion of mutation]
218128 | Depths:1 | Lost mutation: Your health recovers twice as slowly from
                  | being drained. [potion of mutation]
218128 | Depths:1 | Lost mutation: You have large cloven feet. [potion of
                  | mutation]
218128 | Depths:1 | Gained mutation: You are somewhat resistant to further
                  | mutation. [potion of mutation]
218129 | Depths:1 | Lost mutation: You have very sharp teeth. [potion of
                  | mutation]
218129 | Depths:1 | Lost mutation: Your flesh is heat resistant. (rF+) [potion
                  | of mutation]
218129 | Depths:1 | Lost mutation: You are somewhat resistant to further
                  | mutation. [potion of mutation]
218129 | Depths:1 | Gained mutation: Your body sometimes deteriorates upon
                  | taking damage. [potion of mutation]
218129 | Depths:1 | Gained mutation: You are strong-willed. (Will+) [potion of
                  | mutation]
218130 | Depths:1 | Lost mutation: You are strong-willed. (Will+) [potion of
                  | mutation]
218130 | Depths:1 | Lost mutation: Your body sometimes deteriorates upon taking
                  | damage. [potion of mutation]
218130 | Depths:1 | Gained mutation: You passively map a small area around you.
                  | [potion of mutation]
218131 | Depths:1 | Lost mutation: You passively map a small area around you.
                  | [potion of mutation]
218131 | Depths:1 | Gained mutation: You are frail. (-10% HP) [potion of
                  | mutation]
218131 | Depths:1 | Gained mutation: You have supernaturally acute eyesight.
                  | (SInv) [potion of mutation]
218131 | Depths:1 | Gained mutation: You have very sharp teeth. [potion of
                  | mutation]
218132 | Depths:1 | Lost mutation: You have very sharp teeth. [potion of
                  | mutation]
218132 | Depths:1 | Lost mutation: You have supernaturally acute eyesight.
                  | (SInv) [potion of mutation]
218132 | Depths:1 | Lost mutation: You are frail. (-10% HP) [potion of
                  | mutation]
218132 | Depths:1 | Gained mutation: Your mind is acute. (Int +4, Str/Dex -1)
                  | [potion of mutation]
218132 | Depths:1 | Gained mutation: You are agile. (Dex +4, Str/Int -1)
                  | [potion of mutation]
218132 | Depths:1 | Gained mutation: You are somewhat resistant to further
                  | mutation. [potion of mutation]
218133 | Depths:1 | Lost mutation: Your mind is acute. (Int +4, Str/Dex -1)
                  | [potion of mutation]
218133 | Depths:1 | Lost mutation: You are somewhat resistant to further
                  | mutation. [potion of mutation]
218133 | Depths:1 | Gained mutation: Your body sometimes deteriorates upon
                  | taking damage. [potion of mutation]
218133 | Depths:1 | Gained mutation: You expend magic power (3 MP) to
                  | strengthen your wands. [potion of mutation]
218133 | Depths:1 | Gained mutation: You are partially covered in large bone
                  | plates. (SH +4) [potion of mutation]
218134 | Depths:1 | Lost mutation: Your body sometimes deteriorates upon taking
                  | damage. [potion of mutation]
218134 | Depths:1 | Lost mutation: You are agile. (Dex +4, Str/Int -1) [potion
                  | of mutation]
218134 | Depths:1 | Lost mutation: You are partially covered in large bone
                  | plates. (SH +4) [potion of mutation]
218134 | Depths:1 | Gained mutation: Your muscles are strong. (Str +4, Int/Dex
                  | -1) [potion of mutation]
218134 | Depths:1 | Gained mutation: You have hidden genetic potential. [potion
                  | of mutation]
218134 | Depths:1 | Gained mutation: You are robust. (+10% HP) [potion of
                  | mutation]
218135 | Depths:1 | Lost mutation: You expend magic power (3 MP) to strengthen
                  | your wands. [potion of mutation]
218135 | Depths:1 | Lost mutation: You have hidden genetic potential. [potion
                  | of mutation]
218135 | Depths:1 | Lost mutation: You are robust. (+10% HP) [potion of
                  | mutation]
218135 | Depths:1 | Lost mutation: Your muscles are strong. (Str +4, Int/Dex
                  | -1) [potion of mutation]
218135 | Depths:1 | Gained mutation: Armour fits poorly on your strangely
                  | shaped body. [potion of mutation]
218136 | Depths:1 | Lost mutation: Armour fits poorly on your strangely shaped
                  | body. [potion of mutation]
218136 | Depths:1 | Gained mutation: You sometimes lose your temper in combat.
                  | [potion of mutation]
218136 | Depths:1 | Gained mutation: Your movements are slightly less
                  | encumbered by armour. (ER -2) [potion of mutation]
218136 | Depths:1 | Gained mutation: You occasionally lose the ability to drink
                  | potions when taking damage. [potion of mutation]
218136 | Depths:1 | Gained mutation: You have hidden genetic potential. [potion
                  | of mutation]
218137 | Depths:1 | Lost mutation: Your movements are slightly less encumbered
                  | by armour. (ER -2) [potion of mutation]
218137 | Depths:1 | Lost mutation: You sometimes lose your temper in combat.
                  | [potion of mutation]
218137 | Depths:1 | Gained mutation: You possess an exceptional clarity of
                  | mind. [potion of mutation]
218138 | Depths:1 | Lost mutation: You possess an exceptional clarity of mind.
                  | [potion of mutation]
218138 | Depths:1 | Lost mutation: You occasionally lose the ability to drink
                  | potions when taking damage. [potion of mutation]
218138 | Depths:1 | Lost mutation: You have hidden genetic potential. [potion
                  | of mutation]
218138 | Depths:1 | Gained mutation: You do not regenerate when monsters are
                  | visible. [potion of mutation]
218138 | Depths:1 | Gained mutation: You have sharp fingernails. [potion of
                  | mutation]
218138 | Depths:1 | Gained mutation: Your body sometimes deteriorates upon
                  | taking damage. [potion of mutation]
218138 | Depths:1 | Gained mutation: Your mind is acute. (Int +4, Str/Dex -1)
                  | [potion of mutation]
218139 | Depths:1 | Lost mutation: You have sharp fingernails. [potion of
                  | mutation]
218139 | Depths:1 | Lost mutation: You do not regenerate when monsters are
                  | visible. [potion of mutation]
218139 | Depths:1 | Lost mutation: Your mind is acute. (Int +4, Str/Dex -1)
                  | [potion of mutation]
218139 | Depths:1 | Gained mutation: You possess an exceptional clarity of
                  | mind. [potion of mutation]
218139 | Depths:1 | Gained mutation: Your system is resistant to poisons.
                  | (rPois) [potion of mutation]
218140 | Depths:1 | Lost mutation: Your body sometimes deteriorates upon taking
                  | damage. [potion of mutation]
218140 | Depths:1 | Lost mutation: You possess an exceptional clarity of mind.
                  | [potion of mutation]
218140 | Depths:1 | Gained mutation: You are agile. (Dex +4, Str/Int -1)
                  | [potion of mutation]
218140 | Depths:1 | Gained mutation: Your spells are a little harder to cast,
                  | but a little more powerful. [potion of mutation]
218141 | Depths:1 | Lost mutation: Your system is resistant to poisons. (rPois)
                  | [potion of mutation]
218141 | Depths:1 | Lost mutation: You are agile. (Dex +4, Str/Int -1) [potion
                  | of mutation]
218141 | Depths:1 | Lost mutation: Your spells are a little harder to cast, but
                  | a little more powerful. [potion of mutation]
218141 | Depths:1 | Gained mutation: You have hidden genetic potential. [potion
                  | of mutation]
218142 | Depths:1 | Lost mutation: You have hidden genetic potential. [potion
                  | of mutation]
218142 | Depths:1 | Gained mutation: You are dopey. (Int -2) [potion of
                  | mutation]
218142 | Depths:1 | Gained mutation: You possess an exceptional clarity of
                  | mind. [potion of mutation]
218142 | Depths:1 | Gained mutation: Your flesh is heat resistant. (rF+)
                  | [potion of mutation]
218143 | Depths:1 | Lost mutation: You are dopey. (Int -2) [potion of mutation]
218143 | Depths:1 | Lost mutation: Your flesh is heat resistant. (rF+) [potion
                  | of mutation]
218143 | Depths:1 | Lost mutation: You possess an exceptional clarity of mind.
                  | [potion of mutation]
218143 | Depths:1 | Gained mutation: You occasionally lose the ability to read
                  | scrolls when taking damage. [potion of mutation]
218143 | Depths:1 | Gained mutation: You are agile. (Dex +4, Str/Int -1)
                  | [potion of mutation]
218143 | Depths:1 | Gained mutation: You are somewhat resistant to further
                  | mutation. [potion of mutation]
218144 | Depths:1 | Lost mutation: You occasionally lose the ability to read
                  | scrolls when taking damage. [potion of mutation]
218144 | Depths:1 | Lost mutation: You are agile. (Dex +4, Str/Int -1) [potion
                  | of mutation]
218144 | Depths:1 | Lost mutation: You are somewhat resistant to further
                  | mutation. [potion of mutation]
218144 | Depths:1 | Gained mutation: You are vulnerable to cold. (rC-) [potion
                  | of mutation]
218145 | Depths:1 | Lost mutation: You are vulnerable to cold. (rC-) [potion of
                  | mutation]
218145 | Depths:1 | Gained mutation: You are robust. (+10% HP) [potion of
                  | mutation]
218145 | Depths:1 | Gained mutation: You have hidden genetic potential. [potion
                  | of mutation]
218146 | Depths:1 | Lost mutation: You are robust. (+10% HP) [potion of
                  | mutation]
218146 | Depths:1 | Lost mutation: You have hidden genetic potential. [potion
                  | of mutation]
218146 | Depths:1 | Gained mutation: You have hidden genetic potential. [potion
                  | of mutation]
218146 | Depths:1 | Gained mutation: You are frail. (-10% HP) [potion of
                  | mutation]
218146 | Depths:1 | Gained mutation: Your spells are a little harder to cast,
                  | but a little more powerful. [potion of mutation]
218147 | Depths:1 | Lost mutation: You have hidden genetic potential. [potion
                  | of mutation]
218147 | Depths:1 | Lost mutation: You are frail. (-10% HP) [potion of
                  | mutation]
218147 | Depths:1 | Lost mutation: Your spells are a little harder to cast, but
                  | a little more powerful. [potion of mutation]
218147 | Depths:1 | Gained mutation: Your mind is acute. (Int +4, Str/Dex -1)
                  | [potion of mutation]
218147 | Depths:1 | Gained mutation: You occasionally shout uncontrollably at
                  | your foes. [potion of mutation]
218148 | Depths:1 | Lost mutation: Your mind is acute. (Int +4, Str/Dex -1)
                  | [potion of mutation]
218148 | Depths:1 | Lost mutation: You occasionally shout uncontrollably at
                  | your foes. [potion of mutation]
218148 | Depths:1 | Gained mutation: You are dopey. (Int -2) [potion of
                  | mutation]
218148 | Depths:1 | Gained mutation: You expend magic power (3 MP) to
                  | strengthen your wands. [potion of mutation]
218148 | Depths:1 | Gained mutation: You have very sharp teeth. [potion of
                  | mutation]
218148 | Depths:1 | Gained mutation: You have sharp toenails. [potion of
                  | mutation]
218149 | Depths:1 | Lost mutation: You expend magic power (3 MP) to strengthen
                  | your wands. [potion of mutation]
218149 | Depths:1 | Lost mutation: You have very sharp teeth. [potion of
                  | mutation]
218149 | Depths:1 | Lost mutation: You have sharp toenails. [potion of
                  | mutation]
218149 | Depths:1 | Gained mutation: You have a somewhat thin skeletal
                  | structure. (Dex +2, Stealth+) [potion of mutation]
218149 | Depths:1 | Lost mutation: You have a somewhat thin skeletal structure.
                  | (Dex +2, Stealth+) [potion of mutation]
218149 | Depths:1 | Gained mutation: Your muscles are strong. (Str +4, Int/Dex
                  | -1) [potion of mutation]
218149 | Depths:1 | Gained mutation: You have sharp toenails. [potion of
                  | mutation]
218150 | Depths:1 | Lost mutation: Your muscles are strong. (Str +4, Int/Dex
                  | -1) [potion of mutation]
218150 | Depths:1 | Lost mutation: You have sharp toenails. [potion of
                  | mutation]
218150 | Depths:1 | Lost mutation: You are dopey. (Int -2) [potion of mutation]
218150 | Depths:1 | Gained mutation: You are robust. (+10% HP) [potion of
                  | mutation]
218150 | Depths:1 | Lost mutation: You are robust. (+10% HP) [potion of
                  | mutation]
218150 | Depths:1 | Gained mutation: You have sharp toenails. [potion of
                  | mutation]
218150 | Depths:1 | Gained mutation: You have razor-sharp toenails. [potion of
                  | mutation]
218151 | Depths:1 | Lost mutation: You have razor-sharp toenails. [potion of
                  | mutation]
218151 | Depths:1 | Lost mutation: You have sharp toenails. [potion of
                  | mutation]
218151 | Depths:1 | Gained mutation: Potions are less effective at restoring
                  | your health. [potion of mutation]
218151 | Depths:1 | Gained mutation: Your mind is acute. (Int +4, Str/Dex -1)
                  | [potion of mutation]
218151 | Depths:1 | Gained mutation: You are frail. (-10% HP) [potion of
                  | mutation]
218152 | Depths:1 | Lost mutation: You are frail. (-10% HP) [potion of
                  | mutation]
218152 | Depths:1 | Lost mutation: Your mind is acute. (Int +4, Str/Dex -1)
                  | [potion of mutation]
218152 | Depths:1 | Gained mutation: You have large cloven feet. [potion of
                  | mutation]
218152 | Depths:1 | Gained mutation: You have a somewhat thin skeletal
                  | structure. (Dex +2, Stealth+) [potion of mutation]
218152 | Depths:1 | Lost mutation: You have large cloven feet. [potion of
                  | mutation]
218153 | Depths:1 | Lost mutation: You have a somewhat thin skeletal structure.
                  | (Dex +2, Stealth+) [potion of mutation]
218153 | Depths:1 | Lost mutation: Potions are less effective at restoring your
                  | health. [potion of mutation]
218153 | Depths:1 | Gained mutation: You are vulnerable to cold. (rC-) [potion
                  | of mutation]
218153 | Depths:1 | Gained mutation: Your flesh is heat resistant. (rF+)
                  | [potion of mutation]
218154 | Depths:1 | Lost mutation: You are vulnerable to cold. (rC-) [potion of
                  | mutation]
218154 | Depths:1 | Lost mutation: Your flesh is heat resistant. (rF+) [potion
                  | of mutation]
218154 | Depths:1 | Gained mutation: Armour fits poorly on your strangely
                  | shaped body. [potion of mutation]
218154 | Depths:1 | Gained mutation: You are agile. (Dex +4, Str/Int -1)
                  | [potion of mutation]
218155 | Depths:1 | Lost mutation: Armour fits poorly on your strangely shaped
                  | body. [potion of mutation]
218155 | Depths:1 | Lost mutation: You are agile. (Dex +4, Str/Int -1) [potion
                  | of mutation]
218155 | Depths:1 | Gained mutation: You are covered in fur. (AC +1) [potion of
                  | mutation]
218156 | Depths:1 | Lost mutation: You are covered in fur. (AC +1) [potion of
                  | mutation]
218156 | Depths:1 | Gained mutation: You are occasionally teleported next to
                  | monsters. [potion of mutation]
218156 | Depths:1 | Gained mutation: Armour fits poorly on your strangely
                  | shaped body. [potion of mutation]
218156 | Depths:1 | Gained mutation: You are clumsy. (Dex -2) [potion of
                  | mutation]
218156 | Depths:1 | Gained mutation: You have large cloven feet. [potion of
                  | mutation]
218157 | Depths:1 | Lost mutation: You have large cloven feet. [potion of
                  | mutation]
218157 | Depths:1 | Lost mutation: You are clumsy. (Dex -2) [potion of
                  | mutation]
218157 | Depths:1 | Gained mutation: Your system is resistant to poisons.
                  | (rPois) [potion of mutation]
218158 | Depths:1 | Lost mutation: Your system is resistant to poisons. (rPois)
                  | [potion of mutation]
218158 | Depths:1 | Lost mutation: Armour fits poorly on your strangely shaped
                  | body. [potion of mutation]
218158 | Depths:1 | Lost mutation: You are occasionally teleported next to
                  | monsters. [potion of mutation]
218158 | Depths:1 | Gained mutation: You are occasionally teleported next to
                  | monsters. [potion of mutation]
218158 | Depths:1 | Gained mutation: You are agile. (Dex +4, Str/Int -1)
                  | [potion of mutation]
218159 | Depths:1 | Lost mutation: You are agile. (Dex +4, Str/Int -1) [potion
                  | of mutation]
218159 | Depths:1 | Lost mutation: You are occasionally teleported next to
                  | monsters. [potion of mutation]
218159 | Depths:1 | Gained mutation: You are dopey. (Int -2) [potion of
                  | mutation]
218159 | Depths:1 | Gained mutation: You are strong-willed. (Will+) [potion of
                  | mutation]
218160 | Depths:1 | Lost mutation: You are dopey. (Int -2) [potion of mutation]
218160 | Depths:1 | Lost mutation: You are strong-willed. (Will+) [potion of
                  | mutation]
218160 | Depths:1 | Gained mutation: Your magical capacity is low. (-10% MP)
                  | [potion of mutation]
218160 | Depths:1 | Gained mutation: You are dopey. (Int -2) [potion of
                  | mutation]
218160 | Depths:1 | Gained mutation: You are partially covered in large bone
                  | plates. (SH +4) [potion of mutation]
218161 | Depths:1 | Lost mutation: Your magical capacity is low. (-10% MP)
                  | [potion of mutation]
218161 | Depths:1 | Lost mutation: You are dopey. (Int -2) [potion of mutation]
218161 | Depths:1 | Gained mutation: You passively map a small area around you.
                  | [potion of mutation]
218161 | Depths:1 | Gained mutation: Your natural rate of healing is unusually
                  | fast. [potion of mutation]
218162 | Depths:1 | Lost mutation: You are partially covered in large bone
                  | plates. (SH +4) [potion of mutation]
218162 | Depths:1 | Lost mutation: You passively map a small area around you.
                  | [potion of mutation]
218162 | Depths:1 | Lost mutation: Your natural rate of healing is unusually
                  | fast. [potion of mutation]
218162 | Depths:1 | Gained mutation: You occasionally lose the ability to drink
                  | potions when taking damage. [potion of mutation]
218162 | Depths:1 | Gained mutation: You possess an exceptional clarity of
                  | mind. [potion of mutation]
218162 | Depths:1 | Gained mutation: You are vulnerable to cold. (rC-) [potion
                  | of mutation]
218162 | Depths:1 | Gained mutation: You are strong-willed. (Will+) [potion of
                  | mutation]
218163 | Depths:1 | Lost mutation: You occasionally lose the ability to drink
                  | potions when taking damage. [potion of mutation]
218163 | Depths:1 | Lost mutation: You are vulnerable to cold. (rC-) [potion of
                  | mutation]
218163 | Depths:1 | Lost mutation: You are strong-willed. (Will+) [potion of
                  | mutation]
218163 | Depths:1 | Gained mutation: You occasionally lose the ability to drink
                  | potions when taking damage. [potion of mutation]
218163 | Depths:1 | Gained mutation: You are partially covered in large bone
                  | plates. (SH +4) [potion of mutation]
218164 | Depths:1 | Lost mutation: You possess an exceptional clarity of mind.
                  | [potion of mutation]
218164 | Depths:1 | Lost mutation: You occasionally lose the ability to drink
                  | potions when taking damage. [potion of mutation]
218164 | Depths:1 | Lost mutation: You are partially covered in large bone
                  | plates. (SH +4) [potion of mutation]
218164 | Depths:1 | Gained mutation: You are covered in fur. (AC +1) [potion of
                  | mutation]
218165 | Depths:1 | Lost mutation: You are covered in fur. (AC +1) [potion of
                  | mutation]
218165 | Depths:1 | Gained mutation: You are occasionally teleported next to
                  | monsters. [potion of mutation]
218165 | Depths:1 | Gained mutation: You possess an exceptional clarity of
                  | mind. [potion of mutation]
218165 | Depths:1 | Gained mutation: You are agile. (Dex +4, Str/Int -1)
                  | [potion of mutation]
218166 | Depths:1 | Lost mutation: You are occasionally teleported next to
                  | monsters. [potion of mutation]
218166 | Depths:1 | Lost mutation: You possess an exceptional clarity of mind.
                  | [potion of mutation]
218166 | Depths:1 | Lost mutation: You are agile. (Dex +4, Str/Int -1) [potion
                  | of mutation]
218166 | Depths:1 | Gained mutation: Your mind is acute. (Int +4, Str/Dex -1)
                  | [potion of mutation]
218167 | Depths:1 | Lost mutation: Your mind is acute. (Int +4, Str/Dex -1)
                  | [potion of mutation]
218167 | Depths:1 | Gained mutation: You are dopey. (Int -2) [potion of
                  | mutation]
218167 | Depths:1 | Gained mutation: You are weak. (Str -2) [potion of
                  | mutation]
218168 | Depths:1 | Lost mutation: You are dopey. (Int -2) [potion of mutation]
218168 | Depths:1 | Lost mutation: You are weak. (Str -2) [potion of mutation]
218168 | Depths:1 | Gained mutation: You occasionally shout uncontrollably at
                  | your foes. [potion of mutation]
218168 | Depths:1 | Gained mutation: Your flesh is cold resistant. (rC+)
                  | [potion of mutation]
218169 | Depths:1 | Lost mutation: You occasionally shout uncontrollably at
                  | your foes. [potion of mutation]
218169 | Depths:1 | Lost mutation: Your flesh is cold resistant. (rC+) [potion
                  | of mutation]
218169 | Depths:1 | Gained mutation: Your muscles are strong. (Str +4, Int/Dex
                  | -1) [potion of mutation]
218169 | Depths:1 | Gained mutation: Your flesh is heat resistant. (rF+)
                  | [potion of mutation]
218169 | Depths:1 | Gained mutation: Your flesh is very heat resistant. (rF++)
                  | [potion of mutation]
218170 | Depths:1 | Lost mutation: Your flesh is very heat resistant. (rF++)
                  | [potion of mutation]
218170 | Depths:1 | Lost mutation: Your flesh is heat resistant. (rF+) [potion
                  | of mutation]
218170 | Depths:1 | Gained mutation: You are vulnerable to heat. (rF-) [potion
                  | of mutation]
218170 | Depths:1 | Gained mutation: Your mind is acute. (Int +4, Str/Dex -1)
                  | [potion of mutation]
218417 | Zot:5    | Got the Orb of Zot
218520 | Zot:3    | Noticed Yderawux the pandemonium lord
218523 | Zot:3    | Killed Yderawux the pandemonium lord
218886 | D:6      | Noticed Taumephoto the pandemonium lord
218887 | D:6      | Killed Taumephoto the pandemonium lord
218959 | D:1      | Noticed Vejukoud the pandemonium lord
218961 | D:1      | Killed Vejukoud the pandemonium lord
219005 | D:$      | Escaped with the Orb!

Illustrated notes

Levels and vault maps discovered:
D:1:      amcnicky_arrival_feature_with_door, layout_loops_ring,
          dilly_ecumenical_altar_fadedgnrine, minmay_tiny_reverse_x
D:2:      layout_basic, basic_altar
D:3:      layout_loops_corners, hangedman_abyss_or_decor_lesser_grid
D:4:      layout_rooms, kennysheep_pointless_box,
          nicolae_shop_sticking_my_neck_out
D:5:      layout_basic, kennysheep_little_box, uniq_blork_the_orc, uniq_menkaure
D:6:      layout_loops_ring, cheibrodos_ashenzari_chains, temple_doors_e,
          minmay_fractal_squares_diagonal_5
D:7:      layout_gridville, marbit_many_paths,
          mainiacjoe_overflow_concentric_impassable
D:8:      layout_basic, grunt_temple_overflow_cloverleaf
D:9:      layout_cave_pods, david_lair_generic, serial_shops, shop,
          kennysheep_generic_room_5
D:10:     layout_basic, david_orc_4
D:11:     layout_loops_ring, gammafunk_ghost_cemetery,
          minmay_guarded_unrand_finisher, uniq_grum
D:12:     minmay_bad_star, layout_basic, trove_entry_hex_spiral,
          portal_ice_cave_entry_imps, uniq_gastronok, uniq_rupert
D:13:     layout_basic
D:14:     layout_roguey, hellmonk_vaults_keyhole, minmay_misc_feat_room,
          minivault_22, chequers_serial_rivers_micro_e, tso_altar
D:15:     hellmonk_depths_entry_around_the_bend, layout_irregular_city,
          gammafunk_ghost_split, amcnicky_mini_pool_small, serial_rivers,
          chequers_serial_rivers_micro_d, chequers_serial_rivers_micro_a,
          chequers_serial_rivers_large_b, chequers_serial_rivers_small_3,
          chequers_serial_rivers_micro_c, uniq_kirke, uniq_josephine
Temple:   nicolae_temple_two_arcs
Lair:1:   dreamdust_cave_troll, layout_regular_city,
          gammafunk_ghost_berserking_beasts, serial_bayou_pond_c,
          dreamdust_wasp_nest, grunt_megastairs_1, uniq_amaemon
Lair:2:   nzn_winding_woodlands_three_and_one
          [nzn_winding_woodlands_5x15_crooked,
          nzn_winding_woodlands_5x15_jagged, nzn_winding_woodlands_5x15_zeroes,
          nzn_winding_woodlands_center_triple_pond], layout_chaotic_city,
          minmay_shoals_entry_lonely_mermaid,
          nicolae_spider_entry_lesser_pyramids, basic_altar,
          hellmonk_ghost_happy_afterlife
Lair:3:   layout_cave_shapes
Lair:4:   layout_concentric_octagons, lemuel_fruit_fields
Lair:5:   hangedman_lair_tendril_chambers, layout_regular_city, slime_entry_2
Shoals:1: layout_shoals, serial_shops, shop, nicolae_shoals_lost_giant_temple
Shoals:2: nzn_motion_control, layout_shoals, nicolae_shoals_loop_pool
Shoals:3: layout_shoals, serial_shops, shop, uniq_polyphemus, uniq_ilsuiw
Shoals:4: shoals_end_simple, layout_shoals, nicolae_shoals_kraken_intersection
Spider:1: layout_chambers, nicolae_spider_twisty_arc_passages, uniq_mlioglotl
Spider:2: layout_spider_delve, uniq_arachne
Spider:3: layout_spider_delve
Spider:4: grunt_spider_rune_parallel
Slime:1:  cheibrodos_slime_lost_civilization_2, layout_caves,
          cheibrodos_slime_lost_civilization_5
Slime:2:  layout_caves, uniq_donald
Slime:3:  layout_caves
Slime:4:  layout_caves
Slime:5:  slime_pit
Orc:1:    layout_diamond_mine, nicolae_volcano_entry_batcave
Orc:2:    grunt_orc_community_town_hall, layout_caves,
          grunt_orc_community_big_house_2, grunt_orc_community_big_house_1,
          grunt_orc_community_house_2, grunt_orc_community_house_2,
          grunt_orc_community_house_2, grunt_orc_community_house_3,
          grunt_orc_community_house_1, mines2_david
Elf:1:    nicolae_elf_arrival_no_cutting_in_line, layout_loops_ring,
          gammafunk_ghost_cemetery, hangedman_elf_disciples, minmay_shop_grove
Elf:2:    elven_hall_of_blades_hangedman_original
          [nicolae_blade_entry_area_security], layout_loops_ring,
          gammafunk_ghost_wrathful_warriors, st_stairs_6, nicolae_stop_n_shop_1,
          uniq_zenata
Elf:3:    elf_hall_gauntlet_wide, layout_loops_cross, serial_shops,
          bzr_entry_road, shop, shop, shop, nicolae_shop_statue_plus,
          serial_co_window_serial, co_window_paths_b, co_window_paths_a,
          co_window_cross_1, co_window_paths_a, co_window_paths_b,
          co_window_corner_a, co_window_of_opportunity_b, co_window_cross_2,
          co_window_unsneaky_path_e, co_window_2corner, co_window_corner_cb
Vaults:1: grunt_vaults_trifunnel, vaults_dpeg_hooks,
          nicolae_vaults_more_shelving_1, vaults_room_grunt_arrival_ludios,
          vaults_room_octagon, vaults_room_stairs_pillars,
          nicolae_vaults_storage_room_statues, nicolae_vaults_mini_display_case,
          nicolae_vaults_house_1, nicolae_vaults_windows_and_doors_thing,
          nicolae_vaults_surprise_closet, nicolae_vaults_theta,
          nicolae_vaults_offset_grid_hallway_3, layout_vaults_big_room,
          serial_shops, shop
Vaults:2: hangedman_vaults_pinch, nicolae_vaults_prndl,
          nicolae_vaults_off_center_swirl, grunt_vaults_hallway_short,
          nicolae_vaults_surprise_closet, nicolae_vaults_house_2,
          layout_vaults_omnigrid
Vaults:3: gammafunk_ghost_fury_of_okawaru, v_rooms_4, vaults_room_octagon,
          minmay_crypt_entry_simple_sparse, nicolae_vaults_sesquioval_fish,
          nicolae_vaults_network_barrier, vaults_mumra_hex,
          nicolae_vaults_little_squares_4, nicolae_vaults_octagons,
          ontoclasm_vaults_eye, vaults_room_fours, ontoclasm_vaults_fault,
          nicolae_vaults_angled_halls, nicolae_vaults_tetromino_Z_2, v_misc_24,
          layout_vaults_omnicross
Vaults:4: portal_desolation_entry_nicolae_slug, v_alt_pattern_4,
          nicolae_vaults_trapezoid_4, v_pattern_5, v_rooms_1,
          nicolae_vaults_house_3, v_rooms_3, ontoclasm_vaults_pinch,
          nicolae_vaults_tetromino_Z_2, nicolae_vaults_tetromino_L_2,
          layout_vaults_ring
Vaults:5
Crypt:1:  layout_gridlike, serial_library, serial_library_regret_index_closets,
          serial_library_hellmonk_room_a, serial_library_hellmonk_semicircle,
          serial_library_hellmonk_angled_corner,
          serial_library_hellmonk_metal_room,
          serial_library_hellmonk_statue_hall, uniq_margery
Crypt:2:  layout_gridlike, serial_sigils_hangedman_scratch, st_small_mortuary
Crypt:3:  due_elkab, layout_chaotic_city, nicolae_tomb_entry_grand_gallery,
          hex_medium, st_stairs_6
Tomb:1:   uniq_khufu
Tomb:2
Tomb:3
Depths:1: layout_honeycomb, enter_ziggurat_d, okawaru_ov_weapons_minmay,
          gammafunk_ghost_grave, hell_entry, kennysheep_generic_room_7
Depths:2: minmay_crescents, layout_honeycomb, hellmouth_1,
          rand_demon_pan_entry_9, roderic_lattice_a, vehumet_crystals,
          infiniplex_staircase_hallway_doors
Depths:3: minmay_textured_paths, layout_cave_shapes, serial_shops,
          bzr_entry_safe, hell_entry, abyss_entry,
          infiniplex_staircase_spiral_double, uniq_vv
Depths:4: grunt_twist_and_shout, layout_cave_pools, serial_co_window_serial,
          co_window_of_opportunity_a, co_window_cross_1, co_window_corner_a,
          co_window_of_opportunity_a, co_window_of_opportunity_a,
          co_window_paths_a, co_window_corner_a, co_window_broadway_b,
          co_window_2corner, co_window_corner_b, co_window_paths_d,
          minmay_hedge_maze, hell_entry, uniq_josephina
Hell
Dis:1:    layout_overlapping_boxes
Dis:2:    layout_gridville, nicolae_dis_big_boring_drill
Dis:3:    nicolae_dis_metal_hellway, layout_subdivisions, lemuel_dis_dragons
Dis:4:    nicolae_hells_demon_pit, layout_overlapping_boxes
Dis:5:    layout_subdivisions, door_vault
Dis:6:    tekkud_dis_hexagon_chokepoint, layout_subdivisions,
          nrook_loot_triangle
Dis:7:    iron_city_of_dis [dis_old, dis_wall_2], layout_gridville,
          nicolae_hells_fiendish_ambush
Geh:1:    layout_gehenna_lava_caves
Geh:2:    nicolae_geh_split_lavaduct, layout_gehenna_lava_caves
Geh:3:    layout_gehenna_pools_basic
Geh:4:    layout_gehenna_lava_caves
Geh:5:    layout_gehenna_pools_basic
Geh:6:    layout_gehenna_pools_box
Geh:7:    geh_hangedman
Coc:1:    layout_cocytus_delve
Coc:2:    layout_cocytus_water_paths
Coc:3:    layout_ice_bergs
Coc:4:    layout_ice_bergs
Coc:5:    nicolae_coc_city_of_iceburg
Coc:6:    layout_cocytus_delve
Coc:7:    coc_old
Tar:1:    layout_honeycomb
Tar:2:    layout_honeycomb
Tar:3:    layout_cathedral_of_symmetry, nicolae_tar_combstack
Tar:4:    layout_cathedral_of_symmetry, nicolae_tar_four_comb_rooms
Tar:5:    layout_honeycomb, nicolae_tar_just_some_guys
Tar:6:    layout_catacombs
Tar:7:    tar_grunt_cathedral
Zot:1:    layout_cathedral_of_symmetry
Zot:2:    layout_gridlike
Zot:3:    layout_twisted_circle, skrybe_zot_glass_2
Zot:4:    layout_misc_corridors, regret_index_zotdec_serpentine_coiled,
          drop_trap, uniq_tiamat
Zot:5:    layout_onion, nicolae_zig_zag_zippers

Skill      XL: |  1  2  3  4  5  6  7  8  9 10 11 12 13 14 15 16 17 18 19 20 21 22 23 24 25 26 27 |
---------------+----------------------------------------------------------------------------------+-----
Stealth        | 2 27 | 27.0
Conjurations   | 2 3 4 5 6 7 9 11 12 13 16 18 20 23 25 27 | 27.0
Spellcasting   | 3 4 6 7 9 10 12 13 27 | 27.0
Alchemy        | 4 5 6 7 8 10 12 15 16 27 | 27.0
Air Magic      | 1 2 9 12 14 15 17 19 21 22 27 | 27.0
Fire Magic     | 2 5 6 8 9 10 11 12 14 16 27 | 27.0
Dodging        | 3 4 5 7 10 12 14 16 27 | 27.0
Fighting       | 3 4 6 8 10 11 12 15 16 27 | 27.0
Translocations | 1 3 5 6 27 | 27.0
Shields        | 8 27 | 27.0
Armour         | 4 27 | 27.0
Shapeshifting  | 27 | 27.0
Throwing       | 27 | 27.0
Ice Magic      | 27 | 27.0
Earth Magic    | 27 | 27.0
Necromancy     | 27 | 27.0
Summonings     | 27 | 27.0
Short Blades   | 27 | 27.0
Axes           | 27 | 27.0
Maces & Flails | 27 | 27.0
Polearms       | 27 | 27.0
Staves         | 27 | 27.0
Ranged Weapons | 27 | 27.0
Invocations    | 27 | 27.0
Evocations     | 27 | 27.0
Unarmed Combat | 27 | 27.0
Long Blades    | 27 | 27.0
Hexes          | 27 | 27.0

Action                     |  1- 3 |  4- 6 |  7- 9 | 10-12 | 13-15 | 16-18 | 19-21 | 22-24 | 25-27 || total
---------------------------+-------+-------+-------+-------+-------+-------+-------+-------+-------++-------
  Melee: Unarmed           |     3 |       |       |       |       |       |       |       |       ||     3
         Dagger            |     3 |    25 |    45 |       |       |       |       |       |       ||    73
         Headbutt          |       |     7 |     3 |    13 |    25 |     8 |    12 |     3 |   162 ||   233
         Punch             |       |       |     1 |       |     2 |       |       |       |       ||     3
         Staff             |       |       |     3 |    53 |   116 |    37 |    38 |    19 |   419 ||   685
  Throw: Javelin           |       |       |       |       |       |       |       |       |   112 ||   112
   Cast: Sting             |    87 |   102 |   135 |    58 |    28 |    16 |     1 |       |       ||   427
         Mephitic Cloud    |       |     5 |     7 |       |       |     1 |       |       |       ||    13
         Mercury Vapours   |       |     2 |     7 |     2 |     6 |     9 |     1 |       |       ||    27
         Momentum Strike   |       |     3 |     4 |       |       |     4 |       |       |       ||    11
         Olgreb's Toxic Ra |       |       |    34 |    70 |   263 |   357 |   283 |   129 |     6 ||  1142
         Ignite Poison     |       |       |    13 |    35 |   130 |   248 |   178 |   117 |     1 ||   722
         Fulminant Prism   |       |       |       |    50 |   129 |   180 |   230 |    81 |   113 ||   783
         Eringya's Noxious |       |       |       |       |       |    20 |     6 |     4 |       ||    30
         Blink             |       |       |       |       |       |     1 |     2 |     4 |    10 ||    17
         Plasma Beam       |       |       |       |       |       |       |   142 |   554 |   958 ||  1654
         Fireball          |       |       |       |       |       |       |       |       |    62 ||    62
         Chain Lightning   |       |       |       |       |       |       |       |       |  6021 ||  6021
         Ignition          |       |       |       |       |       |       |       |       |  1641 ||  1641
         Shatter           |       |       |       |       |       |       |       |       |  1745 ||  1745
         Polar Vortex      |       |       |       |       |       |       |       |       |    16 ||    16
         Passage of Golubr |       |       |       |       |       |       |       |       |     4 ||     4
 Invoke: Potion Petition   |       |       |       |       |       |     1 |     1 |     3 |   227 ||   232
         Call Merchant     |       |       |       |       |       |       |     8 |       |     1 ||     9
         Bribe Branch      |       |       |       |       |       |       |       |       |     2 ||     2
Ability: Evoke Blink       |       |       |       |       |       |       |       |       |    11 ||    11
  Evoke: Wand              |       |       |    26 |       |     3 |    22 |       |     5 |    20 ||    76
         Phantom mirror    |       |       |       |       |       |     1 |       |     1 |     1 ||     3
         Figurine of a zig |       |       |       |       |       |       |       |       |    12 ||    12
         Tin of tremorston |       |       |       |       |       |       |       |       |     7 ||     7
    Use: Scroll            |       |     6 |    12 |     5 |    10 |     4 |     6 |    12 |    63 ||   118
         Potion            |       |     3 |     2 |       |     3 |     8 |     7 |     2 |    82 ||   107
   Stab: Confused          |       |     5 |     1 |       |       |       |       |       |       ||     6
         Distracted        |       |       |       |       |     2 |       |       |       |    11 ||    13
         Invisible         |       |       |       |       |     1 |       |       |       |    13 ||    14
 Armour: Robe              |    19 |    44 |    52 |    16 |       |    44 |    32 |       |  2225 ||  2432
         Skin              |       |       |    23 |       |       |       |       |       |       ||    23
         Leather armour    |       |       |    11 |    98 |    15 |       |       |       |       ||   124
         Ring mail         |       |       |       |       |   294 |   468 |   309 |   362 |    79 ||  1512
         Crystal plate arm |       |       |       |       |       |       |       |       |   900 ||   900
  Dodge: Dodged            |    37 |    46 |    74 |   198 |   438 |   326 |   216 |   192 |  1614 ||  3141
  Block: Buckler           |       |       |       |       |       |   131 |    86 |    10 |    97 ||   324
         Kite shield       |       |       |       |       |       |       |       |   153 |   117 ||   270
         Reflection        |       |       |       |       |       |       |       |       |     1 ||     1
   Form: Death             |       |       |       |       |       |       |       |       |     6 ||     6
                           |       |       |       |       |       |       |       |       |     5 ||     5
